Workbook
Name \0: #REF!
Name \b: #REF!
Name \b: #REF!
Name \d: #REF!
Name \g: #REF!
Name \i: #REF!
Name \i: #REF!
Name \m: #REF!
Name \m: #REF!
Name \n: #REF!
Name \PX: #REF!
Name \PX: #REF!
Name \PX: #REF!
Name \PX: #REF!
Name \PX: #REF!
Name \r: #REF!
Name \t: #REF!
Name \X: #N/A
Name \Z: #N/A
Name ____________________________________APU221: #REF!
Name ____________________________________APU465: #REF!
Name ____________________________________APU465: #REF!
Name ____________________________________APU465: #REF!
Name ____________________________________APU465: #REF!
Name ____________________________________APU465: #REF!
Name ____________________________________APU465: #REF!
Name ____________________________________APU465: #REF!
Name ____________________________________APU465: #REF!
Name ____________________________________APU465: #REF!
Name ____________________________________APU465: #REF!
Name ____________________________________PJ50: #REF!
Name ____________________________________pj51: #REF!
Name __________________________________APU221: #REF!
Name __________________________________APU465: #REF!
Name __________________________________APU465: #REF!
Name __________________________________APU465: #REF!
Name __________________________________APU465: #REF!
Name __________________________________APU465: #REF!
Name __________________________________APU465: #REF!
Name __________________________________APU465: #REF!
Name __________________________________APU465: #REF!
Name __________________________________APU465: #REF!
Name __________________________________APU465: #REF!
Name __________________________________PJ50: #REF!
Name __________________________________pj51: #REF!
Name _________________________________APU221: #REF!
Name _________________________________APU465: #REF!
Name _________________________________APU465: #REF!
Name _________________________________APU465: #REF!
Name _________________________________APU465: #REF!
Name _________________________________APU465: #REF!
Name _________________________________APU465: #REF!
Name _________________________________APU465: #REF!
Name _________________________________APU465: #REF!
Name _________________________________APU465: #REF!
Name _________________________________APU465: #REF!
Name _________________________________PJ50: #REF!
Name _________________________________pj51: #REF!
Name ________________________________APU221: #REF!
Name ________________________________APU465: #REF!

Sheet PRIORIZADA
A1: "PAVIMENTACIÓN DE VÍAS URBANAS EN EL MUNICIPIO DE IBAGUE - DEPARTAMENTO DEL TOLIMA”
A5: ITEM | B5: ITEM DE PAGO | C5: DESCRIPCION | D5: UN | E5: CANTIDAD | F5: VR UNITARIO | G5: VR.TOTAL
C6: PRELIMINARES Y EXPLANACIONES
A7: 1 | B7: =#REF! -> #REF! | C7: =#REF! -> #REF! | D7: =#REF! -> #REF! | E7: =_xlfn.IFNA(VLOOKUP(B7,#REF!,4,0),0)+_xlfn.IFNA(VLOOKUP(B7,#REF!,4,0),0)+_xlfn.IFNA(VLOOKUP(B7,#REF!,4,0),0)+_xlfn.IFNA(VLOOKUP(B7,#REF!,4,0),0)+_xlfn.IFNA(VLOOKUP(B7,#REF!,4,0),0)+_xlfn.IFNA(VLOOKUP(B7,#REF!,4,0),0)+_xlfn.IFNA(VLOOKUP(B7,#REF!,4,0),0)+_xlfn.IFNA(VLOOKUP(B7,#REF!,4,0),0)+_xlfn.IFNA(VLOOKUP(B7,#REF!,4,0),0)+_xlfn.IFNA(VLOOKUP(B7,#REF!,4,0),0)+_xlfn.IFNA(VLOOKUP(B7,#REF!,4,0),0)+_xlfn.IFNA(VLOOKUP(B7,#REF!,4,0),0)+_xlfn.IFNA(VLOOKUP(B7,#REF!,4,0),0)+_xlfn.IFNA(VLOOKUP(B7,#REF!,4,0),0)+_xlfn.IFNA(VLOOKUP(B7,#REF!,4,0),0)+_xlfn.IFNA(VLOOKUP(B7,#REF!,4,0),0)+_xlfn.IFNA(VLOOKUP(B7,#REF!,4,0),0)+_xlfn.IFNA(VLOOKUP(B7,#REF!,4,0),0)+_xlfn.IFNA(VLOOKUP(B7,#REF!,4,0),0)+_xlfn.IFNA(VLOOKUP(B7,#REF!,4,0),0)+_xlfn.IFNA(VLOOKUP(B7,#REF!,4,0),0)+_xlfn.IFNA(VLOOKUP(B7,#REF!,4,0),0)+_xlfn.IFNA(VLOOKUP(B7,#REF!,4,0),0)+_xlfn.IFNA(VLOOKUP(B7,#REF!,4,0),0)+_xlfn.IFNA(VLOOKUP(B7,#REF!,4,0),0) -> #REF! | F7: =+#REF! -> #REF! | G7: =ROUND(E7*F7,0) -> #REF!
A8: 2 | B8: =#REF! -> #REF! | C8: =#REF! -> #REF! | D8: =#REF! -> #REF! | E8: =_xlfn.IFNA(VLOOKUP(B8,#REF!,4,0),0)+_xlfn.IFNA(VLOOKUP(B8,#REF!,4,0),0)+_xlfn.IFNA(VLOOKUP(B8,#REF!,4,0),0)+_xlfn.IFNA(VLOOKUP(B8,#REF!,4,0),0)+_xlfn.IFNA(VLOOKUP(B8,#REF!,4,0),0)+_xlfn.IFNA(VLOOKUP(B8,#REF!,4,0),0)+_xlfn.IFNA(VLOOKUP(B8,#REF!,4,0),0)+_xlfn.IFNA(VLOOKUP(B8,#REF!,4,0),0)+_xlfn.IFNA(VLOOKUP(B8,#REF!,4,0),0)+_xlfn.IFNA(VLOOKUP(B8,#REF!,4,0),0)+_xlfn.IFNA(VLOOKUP(B8,#REF!,4,0),0)+_xlfn.IFNA(VLOOKUP(B8,#REF!,4,0),0)+_xlfn.IFNA(VLOOKUP(B8,#REF!,4,0),0)+_xlfn.IFNA(VLOOKUP(B8,#REF!,4,0),0)+_xlfn.IFNA(VLOOKUP(B8,#REF!,4,0),0)+_xlfn.IFNA(VLOOKUP(B8,#REF!,4,0),0)+_xlfn.IFNA(VLOOKUP(B8,#REF!,4,0),0)+_xlfn.IFNA(VLOOKUP(B8,#REF!,4,0),0)+_xlfn.IFNA(VLOOKUP(B8,#REF!,4,0),0)+_xlfn.IFNA(VLOOKUP(B8,#REF!,4,0),0)+_xlfn.IFNA(VLOOKUP(B8,#REF!,4,0),0)+_xlfn.IFNA(VLOOKUP(B8,#REF!,4,0),0)+_xlfn.IFNA(VLOOKUP(B8,#REF!,4,0),0)+_xlfn.IFNA(VLOOKUP(B8,#REF!,4,0),0)+_xlfn.IFNA(VLOOKUP(B8,#REF!,4,0),0) -> #REF! | F8: =#REF! -> #REF! | G8: =ROUND(E8*F8,0) -> #REF!
A9: 3 | B9: =#REF! -> #REF! | C9: =#REF! -> #REF! | D9: =#REF! -> #REF! | E9: =_xlfn.IFNA(VLOOKUP(B9,#REF!,4,0),0)+_xlfn.IFNA(VLOOKUP(B9,#REF!,4,0),0)+_xlfn.IFNA(VLOOKUP(B9,#REF!,4,0),0)+_xlfn.IFNA(VLOOKUP(B9,#REF!,4,0),0)+_xlfn.IFNA(VLOOKUP(B9,#REF!,4,0),0)+_xlfn.IFNA(VLOOKUP(B9,#REF!,4,0),0)+_xlfn.IFNA(VLOOKUP(B9,#REF!,4,0),0)+_xlfn.IFNA(VLOOKUP(B9,#REF!,4,0),0)+_xlfn.IFNA(VLOOKUP(B9,#REF!,4,0),0)+_xlfn.IFNA(VLOOKUP(B9,#REF!,4,0),0)+_xlfn.IFNA(VLOOKUP(B9,#REF!,4,0),0)+_xlfn.IFNA(VLOOKUP(B9,#REF!,4,0),0)+_xlfn.IFNA(VLOOKUP(B9,#REF!,4,0),0)+_xlfn.IFNA(VLOOKUP(B9,#REF!,4,0),0)+_xlfn.IFNA(VLOOKUP(B9,#REF!,4,0),0)+_xlfn.IFNA(VLOOKUP(B9,#REF!,4,0),0)+_xlfn.IFNA(VLOOKUP(B9,#REF!,4,0),0)+_xlfn.IFNA(VLOOKUP(B9,#REF!,4,0),0)+_xlfn.IFNA(VLOOKUP(B9,#REF!,4,0),0)+_xlfn.IFNA(VLOOKUP(B9,#REF!,4,0),0)+_xlfn.IFNA(VLOOKUP(B9,#REF!,4,0),0)+_xlfn.IFNA(VLOOKUP(B9,#REF!,4,0),0)+_xlfn.IFNA(VLOOKUP(B9,#REF!,4,0),0)+_xlfn.IFNA(VLOOKUP(B9,#REF!,4,0),0)+_xlfn.IFNA(VLOOKUP(B9,#REF!,4,0),0) -> #REF! | F9: =#REF! -> #REF! | G9: =ROUND(E9*F9,0) -> #REF!
A10: 4 | B10: =#REF! -> #REF! | C10: =#REF! -> #REF! | D10: =#REF! -> #REF! | E10: =_xlfn.IFNA(VLOOKUP(B10,#REF!,4,0),0)+_xlfn.IFNA(VLOOKUP(B10,#REF!,4,0),0)+_xlfn.IFNA(VLOOKUP(B10,#REF!,4,0),0)+_xlfn.IFNA(VLOOKUP(B10,#REF!,4,0),0)+_xlfn.IFNA(VLOOKUP(B10,#REF!,4,0),0)+_xlfn.IFNA(VLOOKUP(B10,#REF!,4,0),0)+_xlfn.IFNA(VLOOKUP(B10,#REF!,4,0),0)+_xlfn.IFNA(VLOOKUP(B10,#REF!,4,0),0)+_xlfn.IFNA(VLOOKUP(B10,#REF!,4,0),0)+_xlfn.IFNA(VLOOKUP(B10,#REF!,4,0),0)+_xlfn.IFNA(VLOOKUP(B10,#REF!,4,0),0)+_xlfn.IFNA(VLOOKUP(B10,#REF!,4,0),0)+_xlfn.IFNA(VLOOKUP(B10,#REF!,4,0),0)+_xlfn.IFNA(VLOOKUP(B10,#REF!,4,0),0)+_xlfn.IFNA(VLOOKUP(B10,#REF!,4,0),0)+_xlfn.IFNA(VLOOKUP(B10,#REF!,4,0),0)+_xlfn.IFNA(VLOOKUP(B10,#REF!,4,0),0)+_xlfn.IFNA(VLOOKUP(B10,#REF!,4,0),0)+_xlfn.IFNA(VLOOKUP(B10,#REF!,4,0),0)+_xlfn.IFNA(VLOOKUP(B10,#REF!,4,0),0)+_xlfn.IFNA(VLOOKUP(B10,#REF!,4,0),0)+_xlfn.IFNA(VLOOKUP(B10,#REF!,4,0),0)+_xlfn.IFNA(VLOOKUP(B10,#REF!,4,0),0)+_xlfn.IFNA(VLOOKUP(B10,#REF!,4,0),0)+_xlfn.IFNA(VLOOKUP(B10,#REF!,4,0),0) -> #REF! | F10: =#REF! -> #REF! | G10: =ROUND(E10*F10,0) -> #REF!
A11: 5 | B11: =#REF! -> #REF! | C11: =#REF! -> #REF! | D11: =#REF! -> #REF! | E11: =_xlfn.IFNA(VLOOKUP(B11,#REF!,4,0),0)+_xlfn.IFNA(VLOOKUP(B11,#REF!,4,0),0)+_xlfn.IFNA(VLOOKUP(B11,#REF!,4,0),0)+_xlfn.IFNA(VLOOKUP(B11,#REF!,4,0),0)+_xlfn.IFNA(VLOOKUP(B11,#REF!,4,0),0)+_xlfn.IFNA(VLOOKUP(B11,#REF!,4,0),0)+_xlfn.IFNA(VLOOKUP(B11,#REF!,4,0),0)+_xlfn.IFNA(VLOOKUP(B11,#REF!,4,0),0)+_xlfn.IFNA(VLOOKUP(B11,#REF!,4,0),0)+_xlfn.IFNA(VLOOKUP(B11,#REF!,4,0),0)+_xlfn.IFNA(VLOOKUP(B11,#REF!,4,0),0)+_xlfn.IFNA(VLOOKUP(B11,#REF!,4,0),0)+_xlfn.IFNA(VLOOKUP(B11,#REF!,4,0),0)+_xlfn.IFNA(VLOOKUP(B11,#REF!,4,0),0)+_xlfn.IFNA(VLOOKUP(B11,#REF!,4,0),0)+_xlfn.IFNA(VLOOKUP(B11,#REF!,4,0),0)+_xlfn.IFNA(VLOOKUP(B11,#REF!,4,0),0)+_xlfn.IFNA(VLOOKUP(B11,#REF!,4,0),0)+_xlfn.IFNA(VLOOKUP(B11,#REF!,4,0),0)+_xlfn.IFNA(VLOOKUP(B11,#REF!,4,0),0)+_xlfn.IFNA(VLOOKUP(B11,#REF!,4,0),0)+_xlfn.IFNA(VLOOKUP(B11,#REF!,4,0),0)+_xlfn.IFNA(VLOOKUP(B11,#REF!,4,0),0)+_xlfn.IFNA(VLOOKUP(B11,#REF!,4,0),0)+_xlfn.IFNA(VLOOKUP(B11,#REF!,4,0),0) -> #REF! | F11: =#REF! -> #REF! | G11: =ROUND(E11*F11,0) -> #REF!
A12: 6 | B12: =#REF! -> #REF! | C12: =#REF! -> #REF! | D12: =#REF! -> #REF! | E12: =_xlfn.IFNA(VLOOKUP(B12,#REF!,4,0),0)+_xlfn.IFNA(VLOOKUP(B12,#REF!,4,0),0)+_xlfn.IFNA(VLOOKUP(B12,#REF!,4,0),0)+_xlfn.IFNA(VLOOKUP(B12,#REF!,4,0),0)+_xlfn.IFNA(VLOOKUP(B12,#REF!,4,0),0)+_xlfn.IFNA(VLOOKUP(B12,#REF!,4,0),0)+_xlfn.IFNA(VLOOKUP(B12,#REF!,4,0),0)+_xlfn.IFNA(VLOOKUP(B12,#REF!,4,0),0)+_xlfn.IFNA(VLOOKUP(B12,#REF!,4,0),0)+_xlfn.IFNA(VLOOKUP(B12,#REF!,4,0),0)+_xlfn.IFNA(VLOOKUP(B12,#REF!,4,0),0)+_xlfn.IFNA(VLOOKUP(B12,#REF!,4,0),0)+_xlfn.IFNA(VLOOKUP(B12,#REF!,4,0),0)+_xlfn.IFNA(VLOOKUP(B12,#REF!,4,0),0)+_xlfn.IFNA(VLOOKUP(B12,#REF!,4,0),0)+_xlfn.IFNA(VLOOKUP(B12,#REF!,4,0),0)+_xlfn.IFNA(VLOOKUP(B12,#REF!,4,0),0)+_xlfn.IFNA(VLOOKUP(B12,#REF!,4,0),0)+_xlfn.IFNA(VLOOKUP(B12,#REF!,4,0),0)+_xlfn.IFNA(VLOOKUP(B12,#REF!,4,0),0)+_xlfn.IFNA(VLOOKUP(B12,#REF!,4,0),0)+_xlfn.IFNA(VLOOKUP(B12,#REF!,4,0),0)+_xlfn.IFNA(VLOOKUP(B12,#REF!,4,0),0)+_xlfn.IFNA(VLOOKUP(B12,#REF!,4,0),0)+_xlfn.IFNA(VLOOKUP(B12,#REF!,4,0),0) -> #REF! | F12: ='201.3P'!N50 -> #REF! | G12: =ROUND(E12*F12,0) -> #REF!
A13: 7 | B13: =#REF! -> #REF! | C13: =#REF! -> #REF! | D13: =#REF! -> #REF! | E13: =_xlfn.IFNA(VLOOKUP(B13,#REF!,4,0),0)+_xlfn.IFNA(VLOOKUP(B13,#REF!,4,0),0)+_xlfn.IFNA(VLOOKUP(B13,#REF!,4,0),0)+_xlfn.IFNA(VLOOKUP(B13,#REF!,4,0),0)+_xlfn.IFNA(VLOOKUP(B13,#REF!,4,0),0)+_xlfn.IFNA(VLOOKUP(B13,#REF!,4,0),0)+_xlfn.IFNA(VLOOKUP(B13,#REF!,4,0),0)+_xlfn.IFNA(VLOOKUP(B13,#REF!,4,0),0)+_xlfn.IFNA(VLOOKUP(B13,#REF!,4,0),0)+_xlfn.IFNA(VLOOKUP(B13,#REF!,4,0),0)+_xlfn.IFNA(VLOOKUP(B13,#REF!,4,0),0)+_xlfn.IFNA(VLOOKUP(B13,#REF!,4,0),0)+_xlfn.IFNA(VLOOKUP(B13,#REF!,4,0),0)+_xlfn.IFNA(VLOOKUP(B13,#REF!,4,0),0)+_xlfn.IFNA(VLOOKUP(B13,#REF!,4,0),0)+_xlfn.IFNA(VLOOKUP(B13,#REF!,4,0),0)+_xlfn.IFNA(VLOOKUP(B13,#REF!,4,0),0)+_xlfn.IFNA(VLOOKUP(B13,#REF!,4,0),0)+_xlfn.IFNA(VLOOKUP(B13,#REF!,4,0),0)+_xlfn.IFNA(VLOOKUP(B13,#REF!,4,0),0)+_xlfn.IFNA(VLOOKUP(B13,#REF!,4,0),0)+_xlfn.IFNA(VLOOKUP(B13,#REF!,4,0),0)+_xlfn.IFNA(VLOOKUP(B13,#REF!,4,0),0)+_xlfn.IFNA(VLOOKUP(B13,#REF!,4,0),0)+_xlfn.IFNA(VLOOKUP(B13,#REF!,4,0),0) -> #REF! | F13: ='201.3'!N50 -> #REF! | G13: =ROUND(E13*F13,0) -> #REF!
A14: 8 | B14: =#REF! -> #REF! | C14: =#REF! -> #REF! | D14: =#REF! -> #REF! | E14: =_xlfn.IFNA(VLOOKUP(B14,#REF!,4,0),0)+_xlfn.IFNA(VLOOKUP(B14,#REF!,4,0),0)+_xlfn.IFNA(VLOOKUP(B14,#REF!,4,0),0)+_xlfn.IFNA(VLOOKUP(B14,#REF!,4,0),0)+_xlfn.IFNA(VLOOKUP(B14,#REF!,4,0),0)+_xlfn.IFNA(VLOOKUP(B14,#REF!,4,0),0)+_xlfn.IFNA(VLOOKUP(B14,#REF!,4,0),0)+_xlfn.IFNA(VLOOKUP(B14,#REF!,4,0),0)+_xlfn.IFNA(VLOOKUP(B14,#REF!,4,0),0)+_xlfn.IFNA(VLOOKUP(B14,#REF!,4,0),0)+_xlfn.IFNA(VLOOKUP(B14,#REF!,4,0),0)+_xlfn.IFNA(VLOOKUP(B14,#REF!,4,0),0)+_xlfn.IFNA(VLOOKUP(B14,#REF!,4,0),0)+_xlfn.IFNA(VLOOKUP(B14,#REF!,4,0),0)+_xlfn.IFNA(VLOOKUP(B14,#REF!,4,0),0)+_xlfn.IFNA(VLOOKUP(B14,#REF!,4,0),0)+_xlfn.IFNA(VLOOKUP(B14,#REF!,4,0),0)+_xlfn.IFNA(VLOOKUP(B14,#REF!,4,0),0)+_xlfn.IFNA(VLOOKUP(B14,#REF!,4,0),0)+_xlfn.IFNA(VLOOKUP(B14,#REF!,4,0),0)+_xlfn.IFNA(VLOOKUP(B14,#REF!,4,0),0)+_xlfn.IFNA(VLOOKUP(B14,#REF!,4,0),0)+_xlfn.IFNA(VLOOKUP(B14,#REF!,4,0),0)+_xlfn.IFNA(VLOOKUP(B14,#REF!,4,0),0)+_xlfn.IFNA(VLOOKUP(B14,#REF!,4,0),0) -> #REF! | F14: =#REF! -> #REF! | G14: =ROUND(E14*F14,0) -> #REF!
B15: =#REF! -> #REF! | C15: SUBTOTAL PRELIMINARES Y EXPLANACIONES | D15: =#REF! -> #REF! | E15: =_xlfn.IFNA(VLOOKUP(B15,#REF!,4,0),0)+_xlfn.IFNA(VLOOKUP(B15,#REF!,4,0),0)+_xlfn.IFNA(VLOOKUP(B15,#REF!,4,0),0)+_xlfn.IFNA(VLOOKUP(B15,#REF!,4,0),0)+_xlfn.IFNA(VLOOKUP(B15,#REF!,4,0),0)+_xlfn.IFNA(VLOOKUP(B15,#REF!,4,0),0)+_xlfn.IFNA(VLOOKUP(B15,#REF!,4,0),0)+_xlfn.IFNA(VLOOKUP(B15,#REF!,4,0),0)+_xlfn.IFNA(VLOOKUP(B15,#REF!,4,0),0)+_xlfn.IFNA(VLOOKUP(B15,#REF!,4,0),0)+_xlfn.IFNA(VLOOKUP(B15,#REF!,4,0),0)+_xlfn.IFNA(VLOOKUP(B15,#REF!,4,0),0)+_xlfn.IFNA(VLOOKUP(B15,#REF!,4,0),0)+_xlfn.IFNA(VLOOKUP(B15,#REF!,4,0),0)+_xlfn.IFNA(VLOOKUP(B15,#REF!,4,0),0)+_xlfn.IFNA(VLOOKUP(B15,#REF!,4,0),0)+_xlfn.IFNA(VLOOKUP(B15,#REF!,4,0),0)+_xlfn.IFNA(VLOOKUP(B15,#REF!,4,0),0)+_xlfn.IFNA(VLOOKUP(B15,#REF!,4,0),0)+_xlfn.IFNA(VLOOKUP(B15,#REF!,4,0),0)+_xlfn.IFNA(VLOOKUP(B15,#REF!,4,0),0)+_xlfn.IFNA(VLOOKUP(B15,#REF!,4,0),0)+_xlfn.IFNA(VLOOKUP(B15,#REF!,4,0),0)+_xlfn.IFNA(VLOOKUP(B15,#REF!,4,0),0)+_xlfn.IFNA(VLOOKUP(B15,#REF!,4,0),0) -> #REF! | G15: =SUM(G7:G14) -> #REF!
B16: =#REF! -> #REF! | C16: EXCAVACIONES | D16: =#REF! -> #REF! | E16: =_xlfn.IFNA(VLOOKUP(B16,#REF!,4,0),0)+_xlfn.IFNA(VLOOKUP(B16,#REF!,4,0),0)+_xlfn.IFNA(VLOOKUP(B16,#REF!,4,0),0)+_xlfn.IFNA(VLOOKUP(B16,#REF!,4,0),0)+_xlfn.IFNA(VLOOKUP(B16,#REF!,4,0),0)+_xlfn.IFNA(VLOOKUP(B16,#REF!,4,0),0)+_xlfn.IFNA(VLOOKUP(B16,#REF!,4,0),0)+_xlfn.IFNA(VLOOKUP(B16,#REF!,4,0),0)+_xlfn.IFNA(VLOOKUP(B16,#REF!,4,0),0)+_xlfn.IFNA(VLOOKUP(B16,#REF!,4,0),0)+_xlfn.IFNA(VLOOKUP(B16,#REF!,4,0),0)+_xlfn.IFNA(VLOOKUP(B16,#REF!,4,0),0)+_xlfn.IFNA(VLOOKUP(B16,#REF!,4,0),0)+_xlfn.IFNA(VLOOKUP(B16,#REF!,4,0),0)+_xlfn.IFNA(VLOOKUP(B16,#REF!,4,0),0)+_xlfn.IFNA(VLOOKUP(B16,#REF!,4,0),0)+_xlfn.IFNA(VLOOKUP(B16,#REF!,4,0),0)+_xlfn.IFNA(VLOOKUP(B16,#REF!,4,0),0)+_xlfn.IFNA(VLOOKUP(B16,#REF!,4,0),0)+_xlfn.IFNA(VLOOKUP(B16,#REF!,4,0),0)+_xlfn.IFNA(VLOOKUP(B16,#REF!,4,0),0)+_xlfn.IFNA(VLOOKUP(B16,#REF!,4,0),0)+_xlfn.IFNA(VLOOKUP(B16,#REF!,4,0),0)+_xlfn.IFNA(VLOOKUP(B16,#REF!,4,0),0)+_xlfn.IFNA(VLOOKUP(B16,#REF!,4,0),0) -> #REF!
A17: 9 | B17: =#REF! -> #REF! | C17: =#REF! -> #REF! | D17: =#REF! -> #REF! | E17: =_xlfn.IFNA(VLOOKUP(B17,#REF!,4,0),0)+_xlfn.IFNA(VLOOKUP(B17,#REF!,4,0),0)+_xlfn.IFNA(VLOOKUP(B17,#REF!,4,0),0)+_xlfn.IFNA(VLOOKUP(B17,#REF!,4,0),0)+_xlfn.IFNA(VLOOKUP(B17,#REF!,4,0),0)+_xlfn.IFNA(VLOOKUP(B17,#REF!,4,0),0)+_xlfn.IFNA(VLOOKUP(B17,#REF!,4,0),0)+_xlfn.IFNA(VLOOKUP(B17,#REF!,4,0),0)+_xlfn.IFNA(VLOOKUP(B17,#REF!,4,0),0)+_xlfn.IFNA(VLOOKUP(B17,#REF!,4,0),0)+_xlfn.IFNA(VLOOKUP(B17,#REF!,4,0),0)+_xlfn.IFNA(VLOOKUP(B17,#REF!,4,0),0)+_xlfn.IFNA(VLOOKUP(B17,#REF!,4,0),0)+_xlfn.IFNA(VLOOKUP(B17,#REF!,4,0),0)+_xlfn.IFNA(VLOOKUP(B17,#REF!,4,0),0)+_xlfn.IFNA(VLOOKUP(B17,#REF!,4,0),0)+_xlfn.IFNA(VLOOKUP(B17,#REF!,4,0),0)+_xlfn.IFNA(VLOOKUP(B17,#REF!,4,0),0)+_xlfn.IFNA(VLOOKUP(B17,#REF!,4,0),0)+_xlfn.IFNA(VLOOKUP(B17,#REF!,4,0),0)+_xlfn.IFNA(VLOOKUP(B17,#REF!,4,0),0)+_xlfn.IFNA(VLOOKUP(B17,#REF!,4,0),0)+_xlfn.IFNA(VLOOKUP(B17,#REF!,4,0),0)+_xlfn.IFNA(VLOOKUP(B17,#REF!,4,0),0)+_xlfn.IFNA(VLOOKUP(B17,#REF!,4,0),0) -> #REF! | F17: =+#REF! -> #REF! | G17: =ROUND(E17*F17,0) -> #REF!
A18: 10 | B18: =#REF! -> #REF! | C18: =#REF! -> #REF! | D18: =#REF! -> #REF! | E18: =_xlfn.IFNA(VLOOKUP(B18,#REF!,4,0),0)+_xlfn.IFNA(VLOOKUP(B18,#REF!,4,0),0)+_xlfn.IFNA(VLOOKUP(B18,#REF!,4,0),0)+_xlfn.IFNA(VLOOKUP(B18,#REF!,4,0),0)+_xlfn.IFNA(VLOOKUP(B18,#REF!,4,0),0)+_xlfn.IFNA(VLOOKUP(B18,#REF!,4,0),0)+_xlfn.IFNA(VLOOKUP(B18,#REF!,4,0),0)+_xlfn.IFNA(VLOOKUP(B18,#REF!,4,0),0)+_xlfn.IFNA(VLOOKUP(B18,#REF!,4,0),0)+_xlfn.IFNA(VLOOKUP(B18,#REF!,4,0),0)+_xlfn.IFNA(VLOOKUP(B18,#REF!,4,0),0)+_xlfn.IFNA(VLOOKUP(B18,#REF!,4,0),0)+_xlfn.IFNA(VLOOKUP(B18,#REF!,4,0),0)+_xlfn.IFNA(VLOOKUP(B18,#REF!,4,0),0)+_xlfn.IFNA(VLOOKUP(B18,#REF!,4,0),0)+_xlfn.IFNA(VLOOKUP(B18,#REF!,4,0),0)+_xlfn.IFNA(VLOOKUP(B18,#REF!,4,0),0)+_xlfn.IFNA(VLOOKUP(B18,#REF!,4,0),0)+_xlfn.IFNA(VLOOKUP(B18,#REF!,4,0),0)+_xlfn.IFNA(VLOOKUP(B18,#REF!,4,0),0)+_xlfn.IFNA(VLOOKUP(B18,#REF!,4,0),0)+_xlfn.IFNA(VLOOKUP(B18,#REF!,4,0),0)+_xlfn.IFNA(VLOOKUP(B18,#REF!,4,0),0)+_xlfn.IFNA(VLOOKUP(B18,#REF!,4,0),0)+_xlfn.IFNA(VLOOKUP(B18,#REF!,4,0),0) -> #REF! | F18: =#REF! -> #REF! | G18: =ROUND(E18*F18,0) -> #REF!
A19: 11 | B19: =#REF! -> #REF! | C19: =#REF! -> #REF! | D19: =#REF! -> #REF! | E19: =_xlfn.IFNA(VLOOKUP(B19,#REF!,4,0),0)+_xlfn.IFNA(VLOOKUP(B19,#REF!,4,0),0)+_xlfn.IFNA(VLOOKUP(B19,#REF!,4,0),0)+_xlfn.IFNA(VLOOKUP(B19,#REF!,4,0),0)+_xlfn.IFNA(VLOOKUP(B19,#REF!,4,0),0)+_xlfn.IFNA(VLOOKUP(B19,#REF!,4,0),0)+_xlfn.IFNA(VLOOKUP(B19,#REF!,4,0),0)+_xlfn.IFNA(VLOOKUP(B19,#REF!,4,0),0)+_xlfn.IFNA(VLOOKUP(B19,#REF!,4,0),0)+_xlfn.IFNA(VLOOKUP(B19,#REF!,4,0),0)+_xlfn.IFNA(VLOOKUP(B19,#REF!,4,0),0)+_xlfn.IFNA(VLOOKUP(B19,#REF!,4,0),0)+_xlfn.IFNA(VLOOKUP(B19,#REF!,4,0),0)+_xlfn.IFNA(VLOOKUP(B19,#REF!,4,0),0)+_xlfn.IFNA(VLOOKUP(B19,#REF!,4,0),0)+_xlfn.IFNA(VLOOKUP(B19,#REF!,4,0),0)+_xlfn.IFNA(VLOOKUP(B19,#REF!,4,0),0)+_xlfn.IFNA(VLOOKUP(B19,#REF!,4,0),0)+_xlfn.IFNA(VLOOKUP(B19,#REF!,4,0),0)+_xlfn.IFNA(VLOOKUP(B19,#REF!,4,0),0)+_xlfn.IFNA(VLOOKUP(B19,#REF!,4,0),0)+_xlfn.IFNA(VLOOKUP(B19,#REF!,4,0),0)+_xlfn.IFNA(VLOOKUP(B19,#REF!,4,0),0)+_xlfn.IFNA(VLOOKUP(B19,#REF!,4,0),0)+_xlfn.IFNA(VLOOKUP(B19,#REF!,4,0),0) -> #REF! | F19: =#REF! -> #REF! | G19: =ROUND(E19*F19,0) -> #REF!
B20: =#REF! -> #REF! | C20: =#REF! -> #REF! | D20: =#REF! -> #REF! | E20: =_xlfn.IFNA(VLOOKUP(B20,#REF!,4,0),0)+_xlfn.IFNA(VLOOKUP(B20,#REF!,4,0),0)+_xlfn.IFNA(VLOOKUP(B20,#REF!,4,0),0)+_xlfn.IFNA(VLOOKUP(B20,#REF!,4,0),0)+_xlfn.IFNA(VLOOKUP(B20,#REF!,4,0),0)+_xlfn.IFNA(VLOOKUP(B20,#REF!,4,0),0)+_xlfn.IFNA(VLOOKUP(B20,#REF!,4,0),0)+_xlfn.IFNA(VLOOKUP(B20,#REF!,4,0),0)+_xlfn.IFNA(VLOOKUP(B20,#REF!,4,0),0)+_xlfn.IFNA(VLOOKUP(B20,#REF!,4,0),0)+_xlfn.IFNA(VLOOKUP(B20,#REF!,4,0),0)+_xlfn.IFNA(VLOOKUP(B20,#REF!,4,0),0)+_xlfn.IFNA(VLOOKUP(B20,#REF!,4,0),0)+_xlfn.IFNA(VLOOKUP(B20,#REF!,4,0),0)+_xlfn.IFNA(VLOOKUP(B20,#REF!,4,0),0)+_xlfn.IFNA(VLOOKUP(B20,#REF!,4,0),0)+_xlfn.IFNA(VLOOKUP(B20,#REF!,4,0),0)+_xlfn.IFNA(VLOOKUP(B20,#REF!,4,0),0)+_xlfn.IFNA(VLOOKUP(B20,#REF!,4,0),0)+_xlfn.IFNA(VLOOKUP(B20,#REF!,4,0),0)+_xlfn.IFNA(VLOOKUP(B20,#REF!,4,0),0)+_xlfn.IFNA(VLOOKUP(B20,#REF!,4,0),0)+_xlfn.IFNA(VLOOKUP(B20,#REF!,4,0),0)+_xlfn.IFNA(VLOOKUP(B20,#REF!,4,0),0)+_xlfn.IFNA(VLOOKUP(B20,#REF!,4,0),0) -> #REF! | F20: =#REF! -> #REF! | G20: =ROUND(E20*F20,0) -> #REF!
A21: 12 | B21: =#REF! -> #REF! | C21: =#REF! -> #REF! | D21: =#REF! -> #REF! | E21: =_xlfn.IFNA(VLOOKUP(B21,#REF!,4,0),0)+_xlfn.IFNA(VLOOKUP(B21,#REF!,4,0),0)+_xlfn.IFNA(VLOOKUP(B21,#REF!,4,0),0)+_xlfn.IFNA(VLOOKUP(B21,#REF!,4,0),0)+_xlfn.IFNA(VLOOKUP(B21,#REF!,4,0),0)+_xlfn.IFNA(VLOOKUP(B21,#REF!,4,0),0)+_xlfn.IFNA(VLOOKUP(B21,#REF!,4,0),0)+_xlfn.IFNA(VLOOKUP(B21,#REF!,4,0),0)+_xlfn.IFNA(VLOOKUP(B21,#REF!,4,0),0)+_xlfn.IFNA(VLOOKUP(B21,#REF!,4,0),0)+_xlfn.IFNA(VLOOKUP(B21,#REF!,4,0),0)+_xlfn.IFNA(VLOOKUP(B21,#REF!,4,0),0)+_xlfn.IFNA(VLOOKUP(B21,#REF!,4,0),0)+_xlfn.IFNA(VLOOKUP(B21,#REF!,4,0),0)+_xlfn.IFNA(VLOOKUP(B21,#REF!,4,0),0)+_xlfn.IFNA(VLOOKUP(B21,#REF!,4,0),0)+_xlfn.IFNA(VLOOKUP(B21,#REF!,4,0),0)+_xlfn.IFNA(VLOOKUP(B21,#REF!,4,0),0)+_xlfn.IFNA(VLOOKUP(B21,#REF!,4,0),0)+_xlfn.IFNA(VLOOKUP(B21,#REF!,4,0),0)+_xlfn.IFNA(VLOOKUP(B21,#REF!,4,0),0)+_xlfn.IFNA(VLOOKUP(B21,#REF!,4,0),0)+_xlfn.IFNA(VLOOKUP(B21,#REF!,4,0),0)+_xlfn.IFNA(VLOOKUP(B21,#REF!,4,0),0)+_xlfn.IFNA(VLOOKUP(B21,#REF!,4,0),0) -> #REF! | F21: =+'3P'!N52 -> #REF! | G21: =ROUND(E21*F21,0) -> #REF!
B22: =#REF! -> #REF! | C22: SUBTOTAL EXCAVACIONES | D22: =#REF! -> #REF! | E22: =_xlfn.IFNA(VLOOKUP(B22,#REF!,4,0),0)+_xlfn.IFNA(VLOOKUP(B22,#REF!,4,0),0)+_xlfn.IFNA(VLOOKUP(B22,#REF!,4,0),0)+_xlfn.IFNA(VLOOKUP(B22,#REF!,4,0),0)+_xlfn.IFNA(VLOOKUP(B22,#REF!,4,0),0)+_xlfn.IFNA(VLOOKUP(B22,#REF!,4,0),0)+_xlfn.IFNA(VLOOKUP(B22,#REF!,4,0),0)+_xlfn.IFNA(VLOOKUP(B22,#REF!,4,0),0)+_xlfn.IFNA(VLOOKUP(B22,#REF!,4,0),0)+_xlfn.IFNA(VLOOKUP(B22,#REF!,4,0),0)+_xlfn.IFNA(VLOOKUP(B22,#REF!,4,0),0)+_xlfn.IFNA(VLOOKUP(B22,#REF!,4,0),0)+_xlfn.IFNA(VLOOKUP(B22,#REF!,4,0),0)+_xlfn.IFNA(VLOOKUP(B22,#REF!,4,0),0)+_xlfn.IFNA(VLOOKUP(B22,#REF!,4,0),0)+_xlfn.IFNA(VLOOKUP(B22,#REF!,4,0),0)+_xlfn.IFNA(VLOOKUP(B22,#REF!,4,0),0)+_xlfn.IFNA(VLOOKUP(B22,#REF!,4,0),0)+_xlfn.IFNA(VLOOKUP(B22,#REF!,4,0),0)+_xlfn.IFNA(VLOOKUP(B22,#REF!,4,0),0)+_xlfn.IFNA(VLOOKUP(B22,#REF!,4,0),0)+_xlfn.IFNA(VLOOKUP(B22,#REF!,4,0),0)+_xlfn.IFNA(VLOOKUP(B22,#REF!,4,0),0)+_xlfn.IFNA(VLOOKUP(B22,#REF!,4,0),0)+_xlfn.IFNA(VLOOKUP(B22,#REF!,4,0),0) -> #REF! | G22: =SUM(G17:G21) -> #REF!
B23: =#REF! -> #REF! | C23: =#REF! -> #REF! | D23: =#REF! -> #REF! | E23: =_xlfn.IFNA(VLOOKUP(B23,#REF!,4,0),0)+_xlfn.IFNA(VLOOKUP(B23,#REF!,4,0),0)+_xlfn.IFNA(VLOOKUP(B23,#REF!,4,0),0)+_xlfn.IFNA(VLOOKUP(B23,#REF!,4,0),0)+_xlfn.IFNA(VLOOKUP(B23,#REF!,4,0),0)+_xlfn.IFNA(VLOOKUP(B23,#REF!,4,0),0)+_xlfn.IFNA(VLOOKUP(B23,#REF!,4,0),0)+_xlfn.IFNA(VLOOKUP(B23,#REF!,4,0),0)+_xlfn.IFNA(VLOOKUP(B23,#REF!,4,0),0)+_xlfn.IFNA(VLOOKUP(B23,#REF!,4,0),0)+_xlfn.IFNA(VLOOKUP(B23,#REF!,4,0),0)+_xlfn.IFNA(VLOOKUP(B23,#REF!,4,0),0)+_xlfn.IFNA(VLOOKUP(B23,#REF!,4,0),0)+_xlfn.IFNA(VLOOKUP(B23,#REF!,4,0),0)+_xlfn.IFNA(VLOOKUP(B23,#REF!,4,0),0)+_xlfn.IFNA(VLOOKUP(B23,#REF!,4,0),0)+_xlfn.IFNA(VLOOKUP(B23,#REF!,4,0),0)+_xlfn.IFNA(VLOOKUP(B23,#REF!,4,0),0)+_xlfn.IFNA(VLOOKUP(B23,#REF!,4,0),0)+_xlfn.IFNA(VLOOKUP(B23,#REF!,4,0),0)+_xlfn.IFNA(VLOOKUP(B23,#REF!,4,0),0)+_xlfn.IFNA(VLOOKUP(B23,#REF!,4,0),0)+_xlfn.IFNA(VLOOKUP(B23,#REF!,4,0),0)+_xlfn.IFNA(VLOOKUP(B23,#REF!,4,0),0)+_xlfn.IFNA(VLOOKUP(B23,#REF!,4,0),0) -> #REF!
A24: 13 | B24: =#REF! -> #REF! | C24: =#REF! -> #REF! | D24: =#REF! -> #REF! | E24: =_xlfn.IFNA(VLOOKUP(B24,#REF!,4,0),0)+_xlfn.IFNA(VLOOKUP(B24,#REF!,4,0),0)+_xlfn.IFNA(VLOOKUP(B24,#REF!,4,0),0)+_xlfn.IFNA(VLOOKUP(B24,#REF!,4,0),0)+_xlfn.IFNA(VLOOKUP(B24,#REF!,4,0),0)+_xlfn.IFNA(VLOOKUP(B24,#REF!,4,0),0)+_xlfn.IFNA(VLOOKUP(B24,#REF!,4,0),0)+_xlfn.IFNA(VLOOKUP(B24,#REF!,4,0),0)+_xlfn.IFNA(VLOOKUP(B24,#REF!,4,0),0)+_xlfn.IFNA(VLOOKUP(B24,#REF!,4,0),0)+_xlfn.IFNA(VLOOKUP(B24,#REF!,4,0),0)+_xlfn.IFNA(VLOOKUP(B24,#REF!,4,0),0)+_xlfn.IFNA(VLOOKUP(B24,#REF!,4,0),0)+_xlfn.IFNA(VLOOKUP(B24,#REF!,4,0),0)+_xlfn.IFNA(VLOOKUP(B24,#REF!,4,0),0)+_xlfn.IFNA(VLOOKUP(B24,#REF!,4,0),0)+_xlfn.IFNA(VLOOKUP(B24,#REF!,4,0),0)+_xlfn.IFNA(VLOOKUP(B24,#REF!,4,0),0)+_xlfn.IFNA(VLOOKUP(B24,#REF!,4,0),0)+_xlfn.IFNA(VLOOKUP(B24,#REF!,4,0),0)+_xlfn.IFNA(VLOOKUP(B24,#REF!,4,0),0)+_xlfn.IFNA(VLOOKUP(B24,#REF!,4,0),0)+_xlfn.IFNA(VLOOKUP(B24,#REF!,4,0),0)+_xlfn.IFNA(VLOOKUP(B24,#REF!,4,0),0)+_xlfn.IFNA(VLOOKUP(B24,#REF!,4,0),0) -> #REF! | F24: =+#REF! -> #REF! | G24: =ROUND(E24*F24,0) -> #REF!
A25: 14 | B25: =#REF! -> #REF! | C25: =#REF! -> #REF! | D25: =#REF! -> #REF! | E25: =_xlfn.IFNA(VLOOKUP(B25,#REF!,4,0),0)+_xlfn.IFNA(VLOOKUP(B25,#REF!,4,0),0)+_xlfn.IFNA(VLOOKUP(B25,#REF!,4,0),0)+_xlfn.IFNA(VLOOKUP(B25,#REF!,4,0),0)+_xlfn.IFNA(VLOOKUP(B25,#REF!,4,0),0)+_xlfn.IFNA(VLOOKUP(B25,#REF!,4,0),0)+_xlfn.IFNA(VLOOKUP(B25,#REF!,4,0),0)+_xlfn.IFNA(VLOOKUP(B25,#REF!,4,0),0)+_xlfn.IFNA(VLOOKUP(B25,#REF!,4,0),0)+_xlfn.IFNA(VLOOKUP(B25,#REF!,4,0),0)+_xlfn.IFNA(VLOOKUP(B25,#REF!,4,0),0)+_xlfn.IFNA(VLOOKUP(B25,#REF!,4,0),0)+_xlfn.IFNA(VLOOKUP(B25,#REF!,4,0),0)+_xlfn.IFNA(VLOOKUP(B25,#REF!,4,0),0)+_xlfn.IFNA(VLOOKUP(B25,#REF!,4,0),0)+_xlfn.IFNA(VLOOKUP(B25,#REF!,4,0),0)+_xlfn.IFNA(VLOOKUP(B25,#REF!,4,0),0)+_xlfn.IFNA(VLOOKUP(B25,#REF!,4,0),0)+_xlfn.IFNA(VLOOKUP(B25,#REF!,4,0),0)+_xlfn.IFNA(VLOOKUP(B25,#REF!,4,0),0)+_xlfn.IFNA(VLOOKUP(B25,#REF!,4,0),0)+_xlfn.IFNA(VLOOKUP(B25,#REF!,4,0),0)+_xlfn.IFNA(VLOOKUP(B25,#REF!,4,0),0)+_xlfn.IFNA(VLOOKUP(B25,#REF!,4,0),0)+_xlfn.IFNA(VLOOKUP(B25,#REF!,4,0),0) -> #REF! | F25: =+'320.1'!N51 -> #REF! | G25: =ROUND(E25*F25,0) -> #REF!
A26: 15 | B26: =#REF! -> #REF! | C26: =#REF! -> #REF! | D26: =#REF! -> #REF! | E26: =_xlfn.IFNA(VLOOKUP(B26,#REF!,4,0),0)+_xlfn.IFNA(VLOOKUP(B26,#REF!,4,0),0)+_xlfn.IFNA(VLOOKUP(B26,#REF!,4,0),0)+_xlfn.IFNA(VLOOKUP(B26,#REF!,4,0),0)+_xlfn.IFNA(VLOOKUP(B26,#REF!,4,0),0)+_xlfn.IFNA(VLOOKUP(B26,#REF!,4,0),0)+_xlfn.IFNA(VLOOKUP(B26,#REF!,4,0),0)+_xlfn.IFNA(VLOOKUP(B26,#REF!,4,0),0)+_xlfn.IFNA(VLOOKUP(B26,#REF!,4,0),0)+_xlfn.IFNA(VLOOKUP(B26,#REF!,4,0),0)+_xlfn.IFNA(VLOOKUP(B26,#REF!,4,0),0)+_xlfn.IFNA(VLOOKUP(B26,#REF!,4,0),0)+_xlfn.IFNA(VLOOKUP(B26,#REF!,4,0),0)+_xlfn.IFNA(VLOOKUP(B26,#REF!,4,0),0)+_xlfn.IFNA(VLOOKUP(B26,#REF!,4,0),0)+_xlfn.IFNA(VLOOKUP(B26,#REF!,4,0),0)+_xlfn.IFNA(VLOOKUP(B26,#REF!,4,0),0)+_xlfn.IFNA(VLOOKUP(B26,#REF!,4,0),0)+_xlfn.IFNA(VLOOKUP(B26,#REF!,4,0),0)+_xlfn.IFNA(VLOOKUP(B26,#REF!,4,0),0)+_xlfn.IFNA(VLOOKUP(B26,#REF!,4,0),0)+_xlfn.IFNA(VLOOKUP(B26,#REF!,4,0),0)+_xlfn.IFNA(VLOOKUP(B26,#REF!,4,0),0)+_xlfn.IFNA(VLOOKUP(B26,#REF!,4,0),0)+_xlfn.IFNA(VLOOKUP(B26,#REF!,4,0),0) -> #REF! | F26: =+#REF! -> #REF! | G26: =ROUND(E26*F26,0) -> #REF!
B27: =#REF! -> #REF! | C27: SUBTOTAL BASES, SUBBASES Y AFIRMADOS | D27: =#REF! -> #REF! | E27: =_xlfn.IFNA(VLOOKUP(B27,#REF!,4,0),0)+_xlfn.IFNA(VLOOKUP(B27,#REF!,4,0),0)+_xlfn.IFNA(VLOOKUP(B27,#REF!,4,0),0)+_xlfn.IFNA(VLOOKUP(B27,#REF!,4,0),0)+_xlfn.IFNA(VLOOKUP(B27,#REF!,4,0),0)+_xlfn.IFNA(VLOOKUP(B27,#REF!,4,0),0)+_xlfn.IFNA(VLOOKUP(B27,#REF!,4,0),0)+_xlfn.IFNA(VLOOKUP(B27,#REF!,4,0),0)+_xlfn.IFNA(VLOOKUP(B27,#REF!,4,0),0)+_xlfn.IFNA(VLOOKUP(B27,#REF!,4,0),0)+_xlfn.IFNA(VLOOKUP(B27,#REF!,4,0),0)+_xlfn.IFNA(VLOOKUP(B27,#REF!,4,0),0)+_xlfn.IFNA(VLOOKUP(B27,#REF!,4,0),0)+_xlfn.IFNA(VLOOKUP(B27,#REF!,4,0),0)+_xlfn.IFNA(VLOOKUP(B27,#REF!,4,0),0)+_xlfn.IFNA(VLOOKUP(B27,#REF!,4,0),0)+_xlfn.IFNA(VLOOKUP(B27,#REF!,4,0),0)+_xlfn.IFNA(VLOOKUP(B27,#REF!,4,0),0)+_xlfn.IFNA(VLOOKUP(B27,#REF!,4,0),0)+_xlfn.IFNA(VLOOKUP(B27,#REF!,4,0),0)+_xlfn.IFNA(VLOOKUP(B27,#REF!,4,0),0)+_xlfn.IFNA(VLOOKUP(B27,#REF!,4,0),0)+_xlfn.IFNA(VLOOKUP(B27,#REF!,4,0),0)+_xlfn.IFNA(VLOOKUP(B27,#REF!,4,0),0)+_xlfn.IFNA(VLOOKUP(B27,#REF!,4,0),0) -> #REF! | G27: =SUM(G24:G26) -> #REF!
B28: =#REF! -> #REF! | C28: PAVIMENTOS HIDRAULICOS | D28: =#REF! -> #REF! | E28: =_xlfn.IFNA(VLOOKUP(B28,#REF!,4,0),0)+_xlfn.IFNA(VLOOKUP(B28,#REF!,4,0),0)+_xlfn.IFNA(VLOOKUP(B28,#REF!,4,0),0)+_xlfn.IFNA(VLOOKUP(B28,#REF!,4,0),0)+_xlfn.IFNA(VLOOKUP(B28,#REF!,4,0),0)+_xlfn.IFNA(VLOOKUP(B28,#REF!,4,0),0)+_xlfn.IFNA(VLOOKUP(B28,#REF!,4,0),0)+_xlfn.IFNA(VLOOKUP(B28,#REF!,4,0),0)+_xlfn.IFNA(VLOOKUP(B28,#REF!,4,0),0)+_xlfn.IFNA(VLOOKUP(B28,#REF!,4,0),0)+_xlfn.IFNA(VLOOKUP(B28,#REF!,4,0),0)+_xlfn.IFNA(VLOOKUP(B28,#REF!,4,0),0)+_xlfn.IFNA(VLOOKUP(B28,#REF!,4,0),0)+_xlfn.IFNA(VLOOKUP(B28,#REF!,4,0),0)+_xlfn.IFNA(VLOOKUP(B28,#REF!,4,0),0)+_xlfn.IFNA(VLOOKUP(B28,#REF!,4,0),0)+_xlfn.IFNA(VLOOKUP(B28,#REF!,4,0),0)+_xlfn.IFNA(VLOOKUP(B28,#REF!,4,0),0)+_xlfn.IFNA(VLOOKUP(B28,#REF!,4,0),0)+_xlfn.IFNA(VLOOKUP(B28,#REF!,4,0),0)+_xlfn.IFNA(VLOOKUP(B28,#REF!,4,0),0)+_xlfn.IFNA(VLOOKUP(B28,#REF!,4,0),0)+_xlfn.IFNA(VLOOKUP(B28,#REF!,4,0),0)+_xlfn.IFNA(VLOOKUP(B28,#REF!,4,0),0)+_xlfn.IFNA(VLOOKUP(B28,#REF!,4,0),0) -> #REF!
A29: 16 | B29: =#REF! -> #REF! | C29: =#REF! -> #REF! | D29: =#REF! -> #REF! | E29: =_xlfn.IFNA(VLOOKUP(B29,#REF!,4,0),0)+_xlfn.IFNA(VLOOKUP(B29,#REF!,4,0),0)+_xlfn.IFNA(VLOOKUP(B29,#REF!,4,0),0)+_xlfn.IFNA(VLOOKUP(B29,#REF!,4,0),0)+_xlfn.IFNA(VLOOKUP(B29,#REF!,4,0),0)+_xlfn.IFNA(VLOOKUP(B29,#REF!,4,0),0)+_xlfn.IFNA(VLOOKUP(B29,#REF!,4,0),0)+_xlfn.IFNA(VLOOKUP(B29,#REF!,4,0),0)+_xlfn.IFNA(VLOOKUP(B29,#REF!,4,0),0)+_xlfn.IFNA(VLOOKUP(B29,#REF!,4,0),0)+_xlfn.IFNA(VLOOKUP(B29,#REF!,4,0),0)+_xlfn.IFNA(VLOOKUP(B29,#REF!,4,0),0)+_xlfn.IFNA(VLOOKUP(B29,#REF!,4,0),0)+_xlfn.IFNA(VLOOKUP(B29,#REF!,4,0),0)+_xlfn.IFNA(VLOOKUP(B29,#REF!,4,0),0)+_xlfn.IFNA(VLOOKUP(B29,#REF!,4,0),0)+_xlfn.IFNA(VLOOKUP(B29,#REF!,4,0),0)+_xlfn.IFNA(VLOOKUP(B29,#REF!,4,0),0)+_xlfn.IFNA(VLOOKUP(B29,#REF!,4,0),0)+_xlfn.IFNA(VLOOKUP(B29,#REF!,4,0),0)+_xlfn.IFNA(VLOOKUP(B29,#REF!,4,0),0)+_xlfn.IFNA(VLOOKUP(B29,#REF!,4,0),0)+_xlfn.IFNA(VLOOKUP(B29,#REF!,4,0),0)+_xlfn.IFNA(VLOOKUP(B29,#REF!,4,0),0)+_xlfn.IFNA(VLOOKUP(B29,#REF!,4,0),0) -> #REF! | F29: ='500.1.1P'!N56 -> #REF! | G29: =ROUND(E29*F29,0) -> #REF!
A30: 17 | B30: =#REF! -> #REF! | C30: =#REF! -> #REF! | D30: =#REF! -> #REF! | E30: =_xlfn.IFNA(VLOOKUP(B30,#REF!,4,0),0)+_xlfn.IFNA(VLOOKUP(B30,#REF!,4,0),0)+_xlfn.IFNA(VLOOKUP(B30,#REF!,4,0),0)+_xlfn.IFNA(VLOOKUP(B30,#REF!,4,0),0)+_xlfn.IFNA(VLOOKUP(B30,#REF!,4,0),0)+_xlfn.IFNA(VLOOKUP(B30,#REF!,4,0),0)+_xlfn.IFNA(VLOOKUP(B30,#REF!,4,0),0)+_xlfn.IFNA(VLOOKUP(B30,#REF!,4,0),0)+_xlfn.IFNA(VLOOKUP(B30,#REF!,4,0),0)+_xlfn.IFNA(VLOOKUP(B30,#REF!,4,0),0)+_xlfn.IFNA(VLOOKUP(B30,#REF!,4,0),0)+_xlfn.IFNA(VLOOKUP(B30,#REF!,4,0),0)+_xlfn.IFNA(VLOOKUP(B30,#REF!,4,0),0)+_xlfn.IFNA(VLOOKUP(B30,#REF!,4,0),0)+_xlfn.IFNA(VLOOKUP(B30,#REF!,4,0),0)+_xlfn.IFNA(VLOOKUP(B30,#REF!,4,0),0)+_xlfn.IFNA(VLOOKUP(B30,#REF!,4,0),0)+_xlfn.IFNA(VLOOKUP(B30,#REF!,4,0),0)+_xlfn.IFNA(VLOOKUP(B30,#REF!,4,0),0)+_xlfn.IFNA(VLOOKUP(B30,#REF!,4,0),0)+_xlfn.IFNA(VLOOKUP(B30,#REF!,4,0),0)+_xlfn.IFNA(VLOOKUP(B30,#REF!,4,0),0)+_xlfn.IFNA(VLOOKUP(B30,#REF!,4,0),0)+_xlfn.IFNA(VLOOKUP(B30,#REF!,4,0),0)+_xlfn.IFNA(VLOOKUP(B30,#REF!,4,0),0) -> #REF! | F30: =#REF! -> #REF! | G30: =ROUND(E30*F30,0) -> #REF!
A31: 19 | B31: =#REF! -> #REF! | C31: =#REF! -> #REF! | D31: =#REF! -> #REF! | E31: =_xlfn.IFNA(VLOOKUP(B31,#REF!,4,0),0)+_xlfn.IFNA(VLOOKUP(B31,#REF!,4,0),0)+_xlfn.IFNA(VLOOKUP(B31,#REF!,4,0),0)+_xlfn.IFNA(VLOOKUP(B31,#REF!,4,0),0)+_xlfn.IFNA(VLOOKUP(B31,#REF!,4,0),0)+_xlfn.IFNA(VLOOKUP(B31,#REF!,4,0),0)+_xlfn.IFNA(VLOOKUP(B31,#REF!,4,0),0)+_xlfn.IFNA(VLOOKUP(B31,#REF!,4,0),0)+_xlfn.IFNA(VLOOKUP(B31,#REF!,4,0),0)+_xlfn.IFNA(VLOOKUP(B31,#REF!,4,0),0)+_xlfn.IFNA(VLOOKUP(B31,#REF!,4,0),0)+_xlfn.IFNA(VLOOKUP(B31,#REF!,4,0),0)+_xlfn.IFNA(VLOOKUP(B31,#REF!,4,0),0)+_xlfn.IFNA(VLOOKUP(B31,#REF!,4,0),0)+_xlfn.IFNA(VLOOKUP(B31,#REF!,4,0),0)+_xlfn.IFNA(VLOOKUP(B31,#REF!,4,0),0)+_xlfn.IFNA(VLOOKUP(B31,#REF!,4,0),0)+_xlfn.IFNA(VLOOKUP(B31,#REF!,4,0),0)+_xlfn.IFNA(VLOOKUP(B31,#REF!,4,0),0)+_xlfn.IFNA(VLOOKUP(B31,#REF!,4,0),0)+_xlfn.IFNA(VLOOKUP(B31,#REF!,4,0),0)+_xlfn.IFNA(VLOOKUP(B31,#REF!,4,0),0)+_xlfn.IFNA(VLOOKUP(B31,#REF!,4,0),0)+_xlfn.IFNA(VLOOKUP(B31,#REF!,4,0),0)+_xlfn.IFNA(VLOOKUP(B31,#REF!,4,0),0) -> #REF! | F31: =#REF! -> #REF! | G31: =ROUND(E31*F31,0) -> #REF!
A32: 20 | B32: =#REF! -> #REF! | C32: =#REF! -> #REF! | D32: =#REF! -> #REF! | E32: =_xlfn.IFNA(VLOOKUP(B32,#REF!,4,0),0)+_xlfn.IFNA(VLOOKUP(B32,#REF!,4,0),0)+_xlfn.IFNA(VLOOKUP(B32,#REF!,4,0),0)+_xlfn.IFNA(VLOOKUP(B32,#REF!,4,0),0)+_xlfn.IFNA(VLOOKUP(B32,#REF!,4,0),0)+_xlfn.IFNA(VLOOKUP(B32,#REF!,4,0),0)+_xlfn.IFNA(VLOOKUP(B32,#REF!,4,0),0)+_xlfn.IFNA(VLOOKUP(B32,#REF!,4,0),0)+_xlfn.IFNA(VLOOKUP(B32,#REF!,4,0),0)+_xlfn.IFNA(VLOOKUP(B32,#REF!,4,0),0)+_xlfn.IFNA(VLOOKUP(B32,#REF!,4,0),0)+_xlfn.IFNA(VLOOKUP(B32,#REF!,4,0),0)+_xlfn.IFNA(VLOOKUP(B32,#REF!,4,0),0)+_xlfn.IFNA(VLOOKUP(B32,#REF!,4,0),0)+_xlfn.IFNA(VLOOKUP(B32,#REF!,4,0),0)+_xlfn.IFNA(VLOOKUP(B32,#REF!,4,0),0)+_xlfn.IFNA(VLOOKUP(B32,#REF!,4,0),0)+_xlfn.IFNA(VLOOKUP(B32,#REF!,4,0),0)+_xlfn.IFNA(VLOOKUP(B32,#REF!,4,0),0)+_xlfn.IFNA(VLOOKUP(B32,#REF!,4,0),0)+_xlfn.IFNA(VLOOKUP(B32,#REF!,4,0),0)+_xlfn.IFNA(VLOOKUP(B32,#REF!,4,0),0)+_xlfn.IFNA(VLOOKUP(B32,#REF!,4,0),0)+_xlfn.IFNA(VLOOKUP(B32,#REF!,4,0),0)+_xlfn.IFNA(VLOOKUP(B32,#REF!,4,0),0) -> #REF! | F32: =#REF! -> #REF! | G32: =ROUND(E32*F32,0) -> #REF!
B33: =#REF! -> #REF! | C33: SUBTOTAL PAVIMENTOS HIDRAULICOS | D33: =#REF! -> #REF! | E33: =_xlfn.IFNA(VLOOKUP(B33,#REF!,4,0),0)+_xlfn.IFNA(VLOOKUP(B33,#REF!,4,0),0)+_xlfn.IFNA(VLOOKUP(B33,#REF!,4,0),0)+_xlfn.IFNA(VLOOKUP(B33,#REF!,4,0),0)+_xlfn.IFNA(VLOOKUP(B33,#REF!,4,0),0)+_xlfn.IFNA(VLOOKUP(B33,#REF!,4,0),0)+_xlfn.IFNA(VLOOKUP(B33,#REF!,4,0),0)+_xlfn.IFNA(VLOOKUP(B33,#REF!,4,0),0)+_xlfn.IFNA(VLOOKUP(B33,#REF!,4,0),0)+_xlfn.IFNA(VLOOKUP(B33,#REF!,4,0),0)+_xlfn.IFNA(VLOOKUP(B33,#REF!,4,0),0)+_xlfn.IFNA(VLOOKUP(B33,#REF!,4,0),0)+_xlfn.IFNA(VLOOKUP(B33,#REF!,4,0),0)+_xlfn.IFNA(VLOOKUP(B33,#REF!,4,0),0)+_xlfn.IFNA(VLOOKUP(B33,#REF!,4,0),0)+_xlfn.IFNA(VLOOKUP(B33,#REF!,4,0),0)+_xlfn.IFNA(VLOOKUP(B33,#REF!,4,0),0)+_xlfn.IFNA(VLOOKUP(B33,#REF!,4,0),0)+_xlfn.IFNA(VLOOKUP(B33,#REF!,4,0),0)+_xlfn.IFNA(VLOOKUP(B33,#REF!,4,0),0)+_xlfn.IFNA(VLOOKUP(B33,#REF!,4,0),0)+_xlfn.IFNA(VLOOKUP(B33,#REF!,4,0),0)+_xlfn.IFNA(VLOOKUP(B33,#REF!,4,0),0)+_xlfn.IFNA(VLOOKUP(B33,#REF!,4,0),0)+_xlfn.IFNA(VLOOKUP(B33,#REF!,4,0),0) -> #REF! | G33: =SUM(G29:G32) -> #REF!
B34: =#REF! -> #REF! | C34: CONCRETOS | D34: =#REF! -> #REF! | E34: =_xlfn.IFNA(VLOOKUP(B34,#REF!,4,0),0)+_xlfn.IFNA(VLOOKUP(B34,#REF!,4,0),0)+_xlfn.IFNA(VLOOKUP(B34,#REF!,4,0),0)+_xlfn.IFNA(VLOOKUP(B34,#REF!,4,0),0)+_xlfn.IFNA(VLOOKUP(B34,#REF!,4,0),0)+_xlfn.IFNA(VLOOKUP(B34,#REF!,4,0),0)+_xlfn.IFNA(VLOOKUP(B34,#REF!,4,0),0)+_xlfn.IFNA(VLOOKUP(B34,#REF!,4,0),0)+_xlfn.IFNA(VLOOKUP(B34,#REF!,4,0),0)+_xlfn.IFNA(VLOOKUP(B34,#REF!,4,0),0)+_xlfn.IFNA(VLOOKUP(B34,#REF!,4,0),0)+_xlfn.IFNA(VLOOKUP(B34,#REF!,4,0),0)+_xlfn.IFNA(VLOOKUP(B34,#REF!,4,0),0)+_xlfn.IFNA(VLOOKUP(B34,#REF!,4,0),0)+_xlfn.IFNA(VLOOKUP(B34,#REF!,4,0),0)+_xlfn.IFNA(VLOOKUP(B34,#REF!,4,0),0)+_xlfn.IFNA(VLOOKUP(B34,#REF!,4,0),0)+_xlfn.IFNA(VLOOKUP(B34,#REF!,4,0),0)+_xlfn.IFNA(VLOOKUP(B34,#REF!,4,0),0)+_xlfn.IFNA(VLOOKUP(B34,#REF!,4,0),0)+_xlfn.IFNA(VLOOKUP(B34,#REF!,4,0),0)+_xlfn.IFNA(VLOOKUP(B34,#REF!,4,0),0)+_xlfn.IFNA(VLOOKUP(B34,#REF!,4,0),0)+_xlfn.IFNA(VLOOKUP(B34,#REF!,4,0),0)+_xlfn.IFNA(VLOOKUP(B34,#REF!,4,0),0) -> #REF!
A35: 21 | B35: =#REF! -> #REF! | C35: =#REF! -> #REF! | D35: =#REF! -> #REF! | E35: =_xlfn.IFNA(VLOOKUP(B35,#REF!,4,0),0)+_xlfn.IFNA(VLOOKUP(B35,#REF!,4,0),0)+_xlfn.IFNA(VLOOKUP(B35,#REF!,4,0),0)+_xlfn.IFNA(VLOOKUP(B35,#REF!,4,0),0)+_xlfn.IFNA(VLOOKUP(B35,#REF!,4,0),0)+_xlfn.IFNA(VLOOKUP(B35,#REF!,4,0),0)+_xlfn.IFNA(VLOOKUP(B35,#REF!,4,0),0)+_xlfn.IFNA(VLOOKUP(B35,#REF!,4,0),0)+_xlfn.IFNA(VLOOKUP(B35,#REF!,4,0),0)+_xlfn.IFNA(VLOOKUP(B35,#REF!,4,0),0)+_xlfn.IFNA(VLOOKUP(B35,#REF!,4,0),0)+_xlfn.IFNA(VLOOKUP(B35,#REF!,4,0),0)+_xlfn.IFNA(VLOOKUP(B35,#REF!,4,0),0)+_xlfn.IFNA(VLOOKUP(B35,#REF!,4,0),0)+_xlfn.IFNA(VLOOKUP(B35,#REF!,4,0),0)+_xlfn.IFNA(VLOOKUP(B35,#REF!,4,0),0)+_xlfn.IFNA(VLOOKUP(B35,#REF!,4,0),0)+_xlfn.IFNA(VLOOKUP(B35,#REF!,4,0),0)+_xlfn.IFNA(VLOOKUP(B35,#REF!,4,0),0)+_xlfn.IFNA(VLOOKUP(B35,#REF!,4,0),0)+_xlfn.IFNA(VLOOKUP(B35,#REF!,4,0),0)+_xlfn.IFNA(VLOOKUP(B35,#REF!,4,0),0)+_xlfn.IFNA(VLOOKUP(B35,#REF!,4,0),0)+_xlfn.IFNA(VLOOKUP(B35,#REF!,4,0),0)+_xlfn.IFNA(VLOOKUP(B35,#REF!,4,0),0) -> #REF! | F35: =#REF! -> #REF! | G35: =ROUND(E35*F35,0) -> #REF!
A36: 22 | B36: =#REF! -> #REF! | C36: =#REF! -> #REF! | D36: =#REF! -> #REF! | E36: =_xlfn.IFNA(VLOOKUP(B36,#REF!,4,0),0)+_xlfn.IFNA(VLOOKUP(B36,#REF!,4,0),0)+_xlfn.IFNA(VLOOKUP(B36,#REF!,4,0),0)+_xlfn.IFNA(VLOOKUP(B36,#REF!,4,0),0)+_xlfn.IFNA(VLOOKUP(B36,#REF!,4,0),0)+_xlfn.IFNA(VLOOKUP(B36,#REF!,4,0),0)+_xlfn.IFNA(VLOOKUP(B36,#REF!,4,0),0)+_xlfn.IFNA(VLOOKUP(B36,#REF!,4,0),0)+_xlfn.IFNA(VLOOKUP(B36,#REF!,4,0),0)+_xlfn.IFNA(VLOOKUP(B36,#REF!,4,0),0)+_xlfn.IFNA(VLOOKUP(B36,#REF!,4,0),0)+_xlfn.IFNA(VLOOKUP(B36,#REF!,4,0),0)+_xlfn.IFNA(VLOOKUP(B36,#REF!,4,0),0)+_xlfn.IFNA(VLOOKUP(B36,#REF!,4,0),0)+_xlfn.IFNA(VLOOKUP(B36,#REF!,4,0),0)+_xlfn.IFNA(VLOOKUP(B36,#REF!,4,0),0)+_xlfn.IFNA(VLOOKUP(B36,#REF!,4,0),0)+_xlfn.IFNA(VLOOKUP(B36,#REF!,4,0),0)+_xlfn.IFNA(VLOOKUP(B36,#REF!,4,0),0)+_xlfn.IFNA(VLOOKUP(B36,#REF!,4,0),0)+_xlfn.IFNA(VLOOKUP(B36,#REF!,4,0),0)+_xlfn.IFNA(VLOOKUP(B36,#REF!,4,0),0)+_xlfn.IFNA(VLOOKUP(B36,#REF!,4,0),0)+_xlfn.IFNA(VLOOKUP(B36,#REF!,4,0),0)+_xlfn.IFNA(VLOOKUP(B36,#REF!,4,0),0) -> #REF! | F36: =#REF! -> #REF! | G36: =ROUND(E36*F36,0) -> #REF!
A37: 23 | B37: =#REF! -> #REF! | C37: =#REF! -> #REF! | D37: =#REF! -> #REF! | E37: =_xlfn.IFNA(VLOOKUP(B37,#REF!,4,0),0)+_xlfn.IFNA(VLOOKUP(B37,#REF!,4,0),0)+_xlfn.IFNA(VLOOKUP(B37,#REF!,4,0),0)+_xlfn.IFNA(VLOOKUP(B37,#REF!,4,0),0)+_xlfn.IFNA(VLOOKUP(B37,#REF!,4,0),0)+_xlfn.IFNA(VLOOKUP(B37,#REF!,4,0),0)+_xlfn.IFNA(VLOOKUP(B37,#REF!,4,0),0)+_xlfn.IFNA(VLOOKUP(B37,#REF!,4,0),0)+_xlfn.IFNA(VLOOKUP(B37,#REF!,4,0),0)+_xlfn.IFNA(VLOOKUP(B37,#REF!,4,0),0)+_xlfn.IFNA(VLOOKUP(B37,#REF!,4,0),0)+_xlfn.IFNA(VLOOKUP(B37,#REF!,4,0),0)+_xlfn.IFNA(VLOOKUP(B37,#REF!,4,0),0)+_xlfn.IFNA(VLOOKUP(B37,#REF!,4,0),0)+_xlfn.IFNA(VLOOKUP(B37,#REF!,4,0),0)+_xlfn.IFNA(VLOOKUP(B37,#REF!,4,0),0)+_xlfn.IFNA(VLOOKUP(B37,#REF!,4,0),0)+_xlfn.IFNA(VLOOKUP(B37,#REF!,4,0),0)+_xlfn.IFNA(VLOOKUP(B37,#REF!,4,0),0)+_xlfn.IFNA(VLOOKUP(B37,#REF!,4,0),0)+_xlfn.IFNA(VLOOKUP(B37,#REF!,4,0),0)+_xlfn.IFNA(VLOOKUP(B37,#REF!,4,0),0)+_xlfn.IFNA(VLOOKUP(B37,#REF!,4,0),0)+_xlfn.IFNA(VLOOKUP(B37,#REF!,4,0),0)+_xlfn.IFNA(VLOOKUP(B37,#REF!,4,0),0) -> #REF! | F37: =#REF! -> #REF! | G37: =ROUND(E37*F37,0) -> #REF!
B38: =#REF! -> #REF! | C38: SUBTOTAL CONCRETOS | D38: =#REF! -> #REF! | E38: =_xlfn.IFNA(VLOOKUP(B38,#REF!,4,0),0)+_xlfn.IFNA(VLOOKUP(B38,#REF!,4,0),0)+_xlfn.IFNA(VLOOKUP(B38,#REF!,4,0),0)+_xlfn.IFNA(VLOOKUP(B38,#REF!,4,0),0)+_xlfn.IFNA(VLOOKUP(B38,#REF!,4,0),0)+_xlfn.IFNA(VLOOKUP(B38,#REF!,4,0),0)+_xlfn.IFNA(VLOOKUP(B38,#REF!,4,0),0)+_xlfn.IFNA(VLOOKUP(B38,#REF!,4,0),0)+_xlfn.IFNA(VLOOKUP(B38,#REF!,4,0),0)+_xlfn.IFNA(VLOOKUP(B38,#REF!,4,0),0)+_xlfn.IFNA(VLOOKUP(B38,#REF!,4,0),0)+_xlfn.IFNA(VLOOKUP(B38,#REF!,4,0),0)+_xlfn.IFNA(VLOOKUP(B38,#REF!,4,0),0)+_xlfn.IFNA(VLOOKUP(B38,#REF!,4,0),0)+_xlfn.IFNA(VLOOKUP(B38,#REF!,4,0),0)+_xlfn.IFNA(VLOOKUP(B38,#REF!,4,0),0)+_xlfn.IFNA(VLOOKUP(B38,#REF!,4,0),0)+_xlfn.IFNA(VLOOKUP(B38,#REF!,4,0),0)+_xlfn.IFNA(VLOOKUP(B38,#REF!,4,0),0)+_xlfn.IFNA(VLOOKUP(B38,#REF!,4,0),0)+_xlfn.IFNA(VLOOKUP(B38,#REF!,4,0),0)+_xlfn.IFNA(VLOOKUP(B38,#REF!,4,0),0)+_xlfn.IFNA(VLOOKUP(B38,#REF!,4,0),0)+_xlfn.IFNA(VLOOKUP(B38,#REF!,4,0),0)+_xlfn.IFNA(VLOOKUP(B38,#REF!,4,0),0) -> #REF! | G38: =SUM(G35:G37) -> #REF!
B39: =#REF! -> #REF! | C39: PAVIMENTOS ASFALTICOS | D39: =#REF! -> #REF! | E39: =_xlfn.IFNA(VLOOKUP(B39,#REF!,4,0),0)+_xlfn.IFNA(VLOOKUP(B39,#REF!,4,0),0)+_xlfn.IFNA(VLOOKUP(B39,#REF!,4,0),0)+_xlfn.IFNA(VLOOKUP(B39,#REF!,4,0),0)+_xlfn.IFNA(VLOOKUP(B39,#REF!,4,0),0)+_xlfn.IFNA(VLOOKUP(B39,#REF!,4,0),0)+_xlfn.IFNA(VLOOKUP(B39,#REF!,4,0),0)+_xlfn.IFNA(VLOOKUP(B39,#REF!,4,0),0)+_xlfn.IFNA(VLOOKUP(B39,#REF!,4,0),0)+_xlfn.IFNA(VLOOKUP(B39,#REF!,4,0),0)+_xlfn.IFNA(VLOOKUP(B39,#REF!,4,0),0)+_xlfn.IFNA(VLOOKUP(B39,#REF!,4,0),0)+_xlfn.IFNA(VLOOKUP(B39,#REF!,4,0),0)+_xlfn.IFNA(VLOOKUP(B39,#REF!,4,0),0)+_xlfn.IFNA(VLOOKUP(B39,#REF!,4,0),0)+_xlfn.IFNA(VLOOKUP(B39,#REF!,4,0),0)+_xlfn.IFNA(VLOOKUP(B39,#REF!,4,0),0)+_xlfn.IFNA(VLOOKUP(B39,#REF!,4,0),0)+_xlfn.IFNA(VLOOKUP(B39,#REF!,4,0),0)+_xlfn.IFNA(VLOOKUP(B39,#REF!,4,0),0)+_xlfn.IFNA(VLOOKUP(B39,#REF!,4,0),0)+_xlfn.IFNA(VLOOKUP(B39,#REF!,4,0),0)+_xlfn.IFNA(VLOOKUP(B39,#REF!,4,0),0)+_xlfn.IFNA(VLOOKUP(B39,#REF!,4,0),0)+_xlfn.IFNA(VLOOKUP(B39,#REF!,4,0),0) -> #REF!
A40: 26 | B40: =#REF! -> #REF! | C40: =#REF! -> #REF! | D40: =#REF! -> #REF! | E40: =_xlfn.IFNA(VLOOKUP(B40,#REF!,4,0),0)+_xlfn.IFNA(VLOOKUP(B40,#REF!,4,0),0)+_xlfn.IFNA(VLOOKUP(B40,#REF!,4,0),0)+_xlfn.IFNA(VLOOKUP(B40,#REF!,4,0),0)+_xlfn.IFNA(VLOOKUP(B40,#REF!,4,0),0)+_xlfn.IFNA(VLOOKUP(B40,#REF!,4,0),0)+_xlfn.IFNA(VLOOKUP(B40,#REF!,4,0),0)+_xlfn.IFNA(VLOOKUP(B40,#REF!,4,0),0)+_xlfn.IFNA(VLOOKUP(B40,#REF!,4,0),0)+_xlfn.IFNA(VLOOKUP(B40,#REF!,4,0),0)+_xlfn.IFNA(VLOOKUP(B40,#REF!,4,0),0)+_xlfn.IFNA(VLOOKUP(B40,#REF!,4,0),0)+_xlfn.IFNA(VLOOKUP(B40,#REF!,4,0),0)+_xlfn.IFNA(VLOOKUP(B40,#REF!,4,0),0)+_xlfn.IFNA(VLOOKUP(B40,#REF!,4,0),0)+_xlfn.IFNA(VLOOKUP(B40,#REF!,4,0),0)+_xlfn.IFNA(VLOOKUP(B40,#REF!,4,0),0)+_xlfn.IFNA(VLOOKUP(B40,#REF!,4,0),0)+_xlfn.IFNA(VLOOKUP(B40,#REF!,4,0),0)+_xlfn.IFNA(VLOOKUP(B40,#REF!,4,0),0)+_xlfn.IFNA(VLOOKUP(B40,#REF!,4,0),0)+_xlfn.IFNA(VLOOKUP(B40,#REF!,4,0),0)+_xlfn.IFNA(VLOOKUP(B40,#REF!,4,0),0)+_xlfn.IFNA(VLOOKUP(B40,#REF!,4,0),0)+_xlfn.IFNA(VLOOKUP(B40,#REF!,4,0),0) -> #REF! | F40: ='10.1P'!N51 -> #REF! | G40: =ROUND(E40*F40,0) -> #REF!
B41: =#REF! -> #REF! | C41: SUBTOTAL PAVIMENTOS ASFALTICOS | D41: =#REF! -> #REF! | E41: =_xlfn.IFNA(VLOOKUP(B41,#REF!,4,0),0)+_xlfn.IFNA(VLOOKUP(B41,#REF!,4,0),0)+_xlfn.IFNA(VLOOKUP(B41,#REF!,4,0),0)+_xlfn.IFNA(VLOOKUP(B41,#REF!,4,0),0)+_xlfn.IFNA(VLOOKUP(B41,#REF!,4,0),0)+_xlfn.IFNA(VLOOKUP(B41,#REF!,4,0),0)+_xlfn.IFNA(VLOOKUP(B41,#REF!,4,0),0)+_xlfn.IFNA(VLOOKUP(B41,#REF!,4,0),0)+_xlfn.IFNA(VLOOKUP(B41,#REF!,4,0),0)+_xlfn.IFNA(VLOOKUP(B41,#REF!,4,0),0)+_xlfn.IFNA(VLOOKUP(B41,#REF!,4,0),0)+_xlfn.IFNA(VLOOKUP(B41,#REF!,4,0),0)+_xlfn.IFNA(VLOOKUP(B41,#REF!,4,0),0)+_xlfn.IFNA(VLOOKUP(B41,#REF!,4,0),0)+_xlfn.IFNA(VLOOKUP(B41,#REF!,4,0),0)+_xlfn.IFNA(VLOOKUP(B41,#REF!,4,0),0)+_xlfn.IFNA(VLOOKUP(B41,#REF!,4,0),0)+_xlfn.IFNA(VLOOKUP(B41,#REF!,4,0),0)+_xlfn.IFNA(VLOOKUP(B41,#REF!,4,0),0)+_xlfn.IFNA(VLOOKUP(B41,#REF!,4,0),0)+_xlfn.IFNA(VLOOKUP(B41,#REF!,4,0),0)+_xlfn.IFNA(VLOOKUP(B41,#REF!,4,0),0)+_xlfn.IFNA(VLOOKUP(B41,#REF!,4,0),0)+_xlfn.IFNA(VLOOKUP(B41,#REF!,4,0),0)+_xlfn.IFNA(VLOOKUP(B41,#REF!,4,0),0) -> #REF! | G41: =SUM(G40:G40) -> #REF!
B42: =#REF! -> #REF! | C42: ACERO | D42: =#REF! -> #REF! | E42: =_xlfn.IFNA(VLOOKUP(B42,#REF!,4,0),0)+_xlfn.IFNA(VLOOKUP(B42,#REF!,4,0),0)+_xlfn.IFNA(VLOOKUP(B42,#REF!,4,0),0)+_xlfn.IFNA(VLOOKUP(B42,#REF!,4,0),0)+_xlfn.IFNA(VLOOKUP(B42,#REF!,4,0),0)+_xlfn.IFNA(VLOOKUP(B42,#REF!,4,0),0)+_xlfn.IFNA(VLOOKUP(B42,#REF!,4,0),0)+_xlfn.IFNA(VLOOKUP(B42,#REF!,4,0),0)+_xlfn.IFNA(VLOOKUP(B42,#REF!,4,0),0)+_xlfn.IFNA(VLOOKUP(B42,#REF!,4,0),0)+_xlfn.IFNA(VLOOKUP(B42,#REF!,4,0),0)+_xlfn.IFNA(VLOOKUP(B42,#REF!,4,0),0)+_xlfn.IFNA(VLOOKUP(B42,#REF!,4,0),0)+_xlfn.IFNA(VLOOKUP(B42,#REF!,4,0),0)+_xlfn.IFNA(VLOOKUP(B42,#REF!,4,0),0)+_xlfn.IFNA(VLOOKUP(B42,#REF!,4,0),0)+_xlfn.IFNA(VLOOKUP(B42,#REF!,4,0),0)+_xlfn.IFNA(VLOOKUP(B42,#REF!,4,0),0)+_xlfn.IFNA(VLOOKUP(B42,#REF!,4,0),0)+_xlfn.IFNA(VLOOKUP(B42,#REF!,4,0),0)+_xlfn.IFNA(VLOOKUP(B42,#REF!,4,0),0)+_xlfn.IFNA(VLOOKUP(B42,#REF!,4,0),0)+_xlfn.IFNA(VLOOKUP(B42,#REF!,4,0),0)+_xlfn.IFNA(VLOOKUP(B42,#REF!,4,0),0)+_xlfn.IFNA(VLOOKUP(B42,#REF!,4,0),0) -> #REF!
A43: 27 | B43: =#REF! -> #REF! | C43: =#REF! -> #REF! | D43: =#REF! -> #REF! | E43: =_xlfn.IFNA(VLOOKUP(B43,#REF!,4,0),0)+_xlfn.IFNA(VLOOKUP(B43,#REF!,4,0),0)+_xlfn.IFNA(VLOOKUP(B43,#REF!,4,0),0)+_xlfn.IFNA(VLOOKUP(B43,#REF!,4,0),0)+_xlfn.IFNA(VLOOKUP(B43,#REF!,4,0),0)+_xlfn.IFNA(VLOOKUP(B43,#REF!,4,0),0)+_xlfn.IFNA(VLOOKUP(B43,#REF!,4,0),0)+_xlfn.IFNA(VLOOKUP(B43,#REF!,4,0),0)+_xlfn.IFNA(VLOOKUP(B43,#REF!,4,0),0)+_xlfn.IFNA(VLOOKUP(B43,#REF!,4,0),0)+_xlfn.IFNA(VLOOKUP(B43,#REF!,4,0),0)+_xlfn.IFNA(VLOOKUP(B43,#REF!,4,0),0)+_xlfn.IFNA(VLOOKUP(B43,#REF!,4,0),0)+_xlfn.IFNA(VLOOKUP(B43,#REF!,4,0),0)+_xlfn.IFNA(VLOOKUP(B43,#REF!,4,0),0)+_xlfn.IFNA(VLOOKUP(B43,#REF!,4,0),0)+_xlfn.IFNA(VLOOKUP(B43,#REF!,4,0),0)+_xlfn.IFNA(VLOOKUP(B43,#REF!,4,0),0)+_xlfn.IFNA(VLOOKUP(B43,#REF!,4,0),0)+_xlfn.IFNA(VLOOKUP(B43,#REF!,4,0),0)+_xlfn.IFNA(VLOOKUP(B43,#REF!,4,0),0)+_xlfn.IFNA(VLOOKUP(B43,#REF!,4,0),0)+_xlfn.IFNA(VLOOKUP(B43,#REF!,4,0),0)+_xlfn.IFNA(VLOOKUP(B43,#REF!,4,0),0)+_xlfn.IFNA(VLOOKUP(B43,#REF!,4,0),0) -> #REF! | F43: =#REF! -> #REF! | G43: =ROUND(E43*F43,0) -> #REF!
B44: =#REF! -> #REF! | C44: SUBTOTAL ACERO | D44: =#REF! -> #REF! | E44: =_xlfn.IFNA(VLOOKUP(B44,#REF!,4,0),0)+_xlfn.IFNA(VLOOKUP(B44,#REF!,4,0),0)+_xlfn.IFNA(VLOOKUP(B44,#REF!,4,0),0)+_xlfn.IFNA(VLOOKUP(B44,#REF!,4,0),0)+_xlfn.IFNA(VLOOKUP(B44,#REF!,4,0),0)+_xlfn.IFNA(VLOOKUP(B44,#REF!,4,0),0)+_xlfn.IFNA(VLOOKUP(B44,#REF!,4,0),0)+_xlfn.IFNA(VLOOKUP(B44,#REF!,4,0),0)+_xlfn.IFNA(VLOOKUP(B44,#REF!,4,0),0)+_xlfn.IFNA(VLOOKUP(B44,#REF!,4,0),0)+_xlfn.IFNA(VLOOKUP(B44,#REF!,4,0),0)+_xlfn.IFNA(VLOOKUP(B44,#REF!,4,0),0)+_xlfn.IFNA(VLOOKUP(B44,#REF!,4,0),0)+_xlfn.IFNA(VLOOKUP(B44,#REF!,4,0),0)+_xlfn.IFNA(VLOOKUP(B44,#REF!,4,0),0)+_xlfn.IFNA(VLOOKUP(B44,#REF!,4,0),0)+_xlfn.IFNA(VLOOKUP(B44,#REF!,4,0),0)+_xlfn.IFNA(VLOOKUP(B44,#REF!,4,0),0)+_xlfn.IFNA(VLOOKUP(B44,#REF!,4,0),0)+_xlfn.IFNA(VLOOKUP(B44,#REF!,4,0),0)+_xlfn.IFNA(VLOOKUP(B44,#REF!,4,0),0)+_xlfn.IFNA(VLOOKUP(B44,#REF!,4,0),0)+_xlfn.IFNA(VLOOKUP(B44,#REF!,4,0),0)+_xlfn.IFNA(VLOOKUP(B44,#REF!,4,0),0)+_xlfn.IFNA(VLOOKUP(B44,#REF!,4,0),0) -> #REF! | G44: =SUM(G43) -> #REF!
B45: =#REF! -> #REF! | C45: FILTROS Y DRENAJES | D45: =#REF! -> #REF! | E45: =_xlfn.IFNA(VLOOKUP(B45,#REF!,4,0),0)+_xlfn.IFNA(VLOOKUP(B45,#REF!,4,0),0)+_xlfn.IFNA(VLOOKUP(B45,#REF!,4,0),0)+_xlfn.IFNA(VLOOKUP(B45,#REF!,4,0),0)+_xlfn.IFNA(VLOOKUP(B45,#REF!,4,0),0)+_xlfn.IFNA(VLOOKUP(B45,#REF!,4,0),0)+_xlfn.IFNA(VLOOKUP(B45,#REF!,4,0),0)+_xlfn.IFNA(VLOOKUP(B45,#REF!,4,0),0)+_xlfn.IFNA(VLOOKUP(B45,#REF!,4,0),0)+_xlfn.IFNA(VLOOKUP(B45,#REF!,4,0),0)+_xlfn.IFNA(VLOOKUP(B45,#REF!,4,0),0)+_xlfn.IFNA(VLOOKUP(B45,#REF!,4,0),0)+_xlfn.IFNA(VLOOKUP(B45,#REF!,4,0),0)+_xlfn.IFNA(VLOOKUP(B45,#REF!,4,0),0)+_xlfn.IFNA(VLOOKUP(B45,#REF!,4,0),0)+_xlfn.IFNA(VLOOKUP(B45,#REF!,4,0),0)+_xlfn.IFNA(VLOOKUP(B45,#REF!,4,0),0)+_xlfn.IFNA(VLOOKUP(B45,#REF!,4,0),0)+_xlfn.IFNA(VLOOKUP(B45,#REF!,4,0),0)+_xlfn.IFNA(VLOOKUP(B45,#REF!,4,0),0)+_xlfn.IFNA(VLOOKUP(B45,#REF!,4,0),0)+_xlfn.IFNA(VLOOKUP(B45,#REF!,4,0),0)+_xlfn.IFNA(VLOOKUP(B45,#REF!,4,0),0)+_xlfn.IFNA(VLOOKUP(B45,#REF!,4,0),0)+_xlfn.IFNA(VLOOKUP(B45,#REF!,4,0),0) -> #REF!
A46: 28 | B46: =#REF! -> #REF! | C46: =#REF! -> #REF! | D46: =#REF! -> #REF! | E46: =_xlfn.IFNA(VLOOKUP(B46,#REF!,4,0),0)+_xlfn.IFNA(VLOOKUP(B46,#REF!,4,0),0)+_xlfn.IFNA(VLOOKUP(B46,#REF!,4,0),0)+_xlfn.IFNA(VLOOKUP(B46,#REF!,4,0),0)+_xlfn.IFNA(VLOOKUP(B46,#REF!,4,0),0)+_xlfn.IFNA(VLOOKUP(B46,#REF!,4,0),0)+_xlfn.IFNA(VLOOKUP(B46,#REF!,4,0),0)+_xlfn.IFNA(VLOOKUP(B46,#REF!,4,0),0)+_xlfn.IFNA(VLOOKUP(B46,#REF!,4,0),0)+_xlfn.IFNA(VLOOKUP(B46,#REF!,4,0),0)+_xlfn.IFNA(VLOOKUP(B46,#REF!,4,0),0)+_xlfn.IFNA(VLOOKUP(B46,#REF!,4,0),0)+_xlfn.IFNA(VLOOKUP(B46,#REF!,4,0),0)+_xlfn.IFNA(VLOOKUP(B46,#REF!,4,0),0)+_xlfn.IFNA(VLOOKUP(B46,#REF!,4,0),0)+_xlfn.IFNA(VLOOKUP(B46,#REF!,4,0),0)+_xlfn.IFNA(VLOOKUP(B46,#REF!,4,0),0)+_xlfn.IFNA(VLOOKUP(B46,#REF!,4,0),0)+_xlfn.IFNA(VLOOKUP(B46,#REF!,4,0),0)+_xlfn.IFNA(VLOOKUP(B46,#REF!,4,0),0)+_xlfn.IFNA(VLOOKUP(B46,#REF!,4,0),0)+_xlfn.IFNA(VLOOKUP(B46,#REF!,4,0),0)+_xlfn.IFNA(VLOOKUP(B46,#REF!,4,0),0)+_xlfn.IFNA(VLOOKUP(B46,#REF!,4,0),0)+_xlfn.IFNA(VLOOKUP(B46,#REF!,4,0),0) -> #REF! | F46: =#REF! -> #REF! | G46: =ROUND(E46*F46,0) -> #REF!
A47: 29 | B47: =#REF! -> #REF! | C47: =#REF! -> #REF! | D47: =#REF! -> #REF! | E47: =_xlfn.IFNA(VLOOKUP(B47,#REF!,4,0),0)+_xlfn.IFNA(VLOOKUP(B47,#REF!,4,0),0)+_xlfn.IFNA(VLOOKUP(B47,#REF!,4,0),0)+_xlfn.IFNA(VLOOKUP(B47,#REF!,4,0),0)+_xlfn.IFNA(VLOOKUP(B47,#REF!,4,0),0)+_xlfn.IFNA(VLOOKUP(B47,#REF!,4,0),0)+_xlfn.IFNA(VLOOKUP(B47,#REF!,4,0),0)+_xlfn.IFNA(VLOOKUP(B47,#REF!,4,0),0)+_xlfn.IFNA(VLOOKUP(B47,#REF!,4,0),0)+_xlfn.IFNA(VLOOKUP(B47,#REF!,4,0),0)+_xlfn.IFNA(VLOOKUP(B47,#REF!,4,0),0)+_xlfn.IFNA(VLOOKUP(B47,#REF!,4,0),0)+_xlfn.IFNA(VLOOKUP(B47,#REF!,4,0),0)+_xlfn.IFNA(VLOOKUP(B47,#REF!,4,0),0)+_xlfn.IFNA(VLOOKUP(B47,#REF!,4,0),0)+_xlfn.IFNA(VLOOKUP(B47,#REF!,4,0),0)+_xlfn.IFNA(VLOOKUP(B47,#REF!,4,0),0)+_xlfn.IFNA(VLOOKUP(B47,#REF!,4,0),0)+_xlfn.IFNA(VLOOKUP(B47,#REF!,4,0),0)+_xlfn.IFNA(VLOOKUP(B47,#REF!,4,0),0)+_xlfn.IFNA(VLOOKUP(B47,#REF!,4,0),0)+_xlfn.IFNA(VLOOKUP(B47,#REF!,4,0),0)+_xlfn.IFNA(VLOOKUP(B47,#REF!,4,0),0)+_xlfn.IFNA(VLOOKUP(B47,#REF!,4,0),0)+_xlfn.IFNA(VLOOKUP(B47,#REF!,4,0),0) -> #REF! | F47: ='673.1.2'!N44 -> #REF! | G47: =ROUND(E47*F47,0) -> #REF!
A48: 30 | B48: =#REF! -> #REF! | C48: =#REF! -> #REF! | D48: =#REF! -> #REF! | E48: =_xlfn.IFNA(VLOOKUP(B48,#REF!,4,0),0)+_xlfn.IFNA(VLOOKUP(B48,#REF!,4,0),0)+_xlfn.IFNA(VLOOKUP(B48,#REF!,4,0),0)+_xlfn.IFNA(VLOOKUP(B48,#REF!,4,0),0)+_xlfn.IFNA(VLOOKUP(B48,#REF!,4,0),0)+_xlfn.IFNA(VLOOKUP(B48,#REF!,4,0),0)+_xlfn.IFNA(VLOOKUP(B48,#REF!,4,0),0)+_xlfn.IFNA(VLOOKUP(B48,#REF!,4,0),0)+_xlfn.IFNA(VLOOKUP(B48,#REF!,4,0),0)+_xlfn.IFNA(VLOOKUP(B48,#REF!,4,0),0)+_xlfn.IFNA(VLOOKUP(B48,#REF!,4,0),0)+_xlfn.IFNA(VLOOKUP(B48,#REF!,4,0),0)+_xlfn.IFNA(VLOOKUP(B48,#REF!,4,0),0)+_xlfn.IFNA(VLOOKUP(B48,#REF!,4,0),0)+_xlfn.IFNA(VLOOKUP(B48,#REF!,4,0),0)+_xlfn.IFNA(VLOOKUP(B48,#REF!,4,0),0)+_xlfn.IFNA(VLOOKUP(B48,#REF!,4,0),0)+_xlfn.IFNA(VLOOKUP(B48,#REF!,4,0),0)+_xlfn.IFNA(VLOOKUP(B48,#REF!,4,0),0)+_xlfn.IFNA(VLOOKUP(B48,#REF!,4,0),0)+_xlfn.IFNA(VLOOKUP(B48,#REF!,4,0),0)+_xlfn.IFNA(VLOOKUP(B48,#REF!,4,0),0)+_xlfn.IFNA(VLOOKUP(B48,#REF!,4,0),0)+_xlfn.IFNA(VLOOKUP(B48,#REF!,4,0),0)+_xlfn.IFNA(VLOOKUP(B48,#REF!,4,0),0) -> #REF! | F48: =#REF! -> #REF! | G48: =ROUND(E48*F48,0) -> #REF!
B49: =#REF! -> #REF! | C49: SUBTOTAL FILTROS Y DRENAJES | D49: =#REF! -> #REF! | E49: =_xlfn.IFNA(VLOOKUP(B49,#REF!,4,0),0)+_xlfn.IFNA(VLOOKUP(B49,#REF!,4,0),0)+_xlfn.IFNA(VLOOKUP(B49,#REF!,4,0),0)+_xlfn.IFNA(VLOOKUP(B49,#REF!,4,0),0)+_xlfn.IFNA(VLOOKUP(B49,#REF!,4,0),0)+_xlfn.IFNA(VLOOKUP(B49,#REF!,4,0),0)+_xlfn.IFNA(VLOOKUP(B49,#REF!,4,0),0)+_xlfn.IFNA(VLOOKUP(B49,#REF!,4,0),0)+_xlfn.IFNA(VLOOKUP(B49,#REF!,4,0),0)+_xlfn.IFNA(VLOOKUP(B49,#REF!,4,0),0)+_xlfn.IFNA(VLOOKUP(B49,#REF!,4,0),0)+_xlfn.IFNA(VLOOKUP(B49,#REF!,4,0),0)+_xlfn.IFNA(VLOOKUP(B49,#REF!,4,0),0)+_xlfn.IFNA(VLOOKUP(B49,#REF!,4,0),0)+_xlfn.IFNA(VLOOKUP(B49,#REF!,4,0),0)+_xlfn.IFNA(VLOOKUP(B49,#REF!,4,0),0)+_xlfn.IFNA(VLOOKUP(B49,#REF!,4,0),0)+_xlfn.IFNA(VLOOKUP(B49,#REF!,4,0),0)+_xlfn.IFNA(VLOOKUP(B49,#REF!,4,0),0)+_xlfn.IFNA(VLOOKUP(B49,#REF!,4,0),0)+_xlfn.IFNA(VLOOKUP(B49,#REF!,4,0),0)+_xlfn.IFNA(VLOOKUP(B49,#REF!,4,0),0)+_xlfn.IFNA(VLOOKUP(B49,#REF!,4,0),0)+_xlfn.IFNA(VLOOKUP(B49,#REF!,4,0),0)+_xlfn.IFNA(VLOOKUP(B49,#REF!,4,0),0) -> #REF! | G49: =SUM(G46:G48) -> #REF!
B50: =#REF! -> #REF! | C50: ALCANTARILLADO | D50: =#REF! -> #REF! | E50: =_xlfn.IFNA(VLOOKUP(B50,#REF!,4,0),0)+_xlfn.IFNA(VLOOKUP(B50,#REF!,4,0),0)+_xlfn.IFNA(VLOOKUP(B50,#REF!,4,0),0)+_xlfn.IFNA(VLOOKUP(B50,#REF!,4,0),0)+_xlfn.IFNA(VLOOKUP(B50,#REF!,4,0),0)+_xlfn.IFNA(VLOOKUP(B50,#REF!,4,0),0)+_xlfn.IFNA(VLOOKUP(B50,#REF!,4,0),0)+_xlfn.IFNA(VLOOKUP(B50,#REF!,4,0),0)+_xlfn.IFNA(VLOOKUP(B50,#REF!,4,0),0)+_xlfn.IFNA(VLOOKUP(B50,#REF!,4,0),0)+_xlfn.IFNA(VLOOKUP(B50,#REF!,4,0),0)+_xlfn.IFNA(VLOOKUP(B50,#REF!,4,0),0)+_xlfn.IFNA(VLOOKUP(B50,#REF!,4,0),0)+_xlfn.IFNA(VLOOKUP(B50,#REF!,4,0),0)+_xlfn.IFNA(VLOOKUP(B50,#REF!,4,0),0)+_xlfn.IFNA(VLOOKUP(B50,#REF!,4,0),0)+_xlfn.IFNA(VLOOKUP(B50,#REF!,4,0),0)+_xlfn.IFNA(VLOOKUP(B50,#REF!,4,0),0)+_xlfn.IFNA(VLOOKUP(B50,#REF!,4,0),0)+_xlfn.IFNA(VLOOKUP(B50,#REF!,4,0),0)+_xlfn.IFNA(VLOOKUP(B50,#REF!,4,0),0)+_xlfn.IFNA(VLOOKUP(B50,#REF!,4,0),0)+_xlfn.IFNA(VLOOKUP(B50,#REF!,4,0),0)+_xlfn.IFNA(VLOOKUP(B50,#REF!,4,0),0)+_xlfn.IFNA(VLOOKUP(B50,#REF!,4,0),0) -> #REF!
A51: 31 | B51: =#REF! -> #REF! | C51: =#REF! -> #REF! | D51: =#REF! -> #REF! | E51: =_xlfn.IFNA(VLOOKUP(B51,#REF!,4,0),0)+_xlfn.IFNA(VLOOKUP(B51,#REF!,4,0),0)+_xlfn.IFNA(VLOOKUP(B51,#REF!,4,0),0)+_xlfn.IFNA(VLOOKUP(B51,#REF!,4,0),0)+_xlfn.IFNA(VLOOKUP(B51,#REF!,4,0),0)+_xlfn.IFNA(VLOOKUP(B51,#REF!,4,0),0)+_xlfn.IFNA(VLOOKUP(B51,#REF!,4,0),0)+_xlfn.IFNA(VLOOKUP(B51,#REF!,4,0),0)+_xlfn.IFNA(VLOOKUP(B51,#REF!,4,0),0)+_xlfn.IFNA(VLOOKUP(B51,#REF!,4,0),0)+_xlfn.IFNA(VLOOKUP(B51,#REF!,4,0),0)+_xlfn.IFNA(VLOOKUP(B51,#REF!,4,0),0)+_xlfn.IFNA(VLOOKUP(B51,#REF!,4,0),0)+_xlfn.IFNA(VLOOKUP(B51,#REF!,4,0),0)+_xlfn.IFNA(VLOOKUP(B51,#REF!,4,0),0)+_xlfn.IFNA(VLOOKUP(B51,#REF!,4,0),0)+_xlfn.IFNA(VLOOKUP(B51,#REF!,4,0),0)+_xlfn.IFNA(VLOOKUP(B51,#REF!,4,0),0)+_xlfn.IFNA(VLOOKUP(B51,#REF!,4,0),0)+_xlfn.IFNA(VLOOKUP(B51,#REF!,4,0),0)+_xlfn.IFNA(VLOOKUP(B51,#REF!,4,0),0)+_xlfn.IFNA(VLOOKUP(B51,#REF!,4,0),0)+_xlfn.IFNA(VLOOKUP(B51,#REF!,4,0),0)+_xlfn.IFNA(VLOOKUP(B51,#REF!,4,0),0)+_xlfn.IFNA(VLOOKUP(B51,#REF!,4,0),0) -> #REF! | F51: =#REF! -> #REF! | G51: =ROUND(E51*F51,0) -> #REF!
A52: 32 | B52: =#REF! -> #REF! | C52: =#REF! -> #REF! | D52: =#REF! -> #REF! | E52: =_xlfn.IFNA(VLOOKUP(B52,#REF!,4,0),0)+_xlfn.IFNA(VLOOKUP(B52,#REF!,4,0),0)+_xlfn.IFNA(VLOOKUP(B52,#REF!,4,0),0)+_xlfn.IFNA(VLOOKUP(B52,#REF!,4,0),0)+_xlfn.IFNA(VLOOKUP(B52,#REF!,4,0),0)+_xlfn.IFNA(VLOOKUP(B52,#REF!,4,0),0)+_xlfn.IFNA(VLOOKUP(B52,#REF!,4,0),0)+_xlfn.IFNA(VLOOKUP(B52,#REF!,4,0),0)+_xlfn.IFNA(VLOOKUP(B52,#REF!,4,0),0)+_xlfn.IFNA(VLOOKUP(B52,#REF!,4,0),0)+_xlfn.IFNA(VLOOKUP(B52,#REF!,4,0),0)+_xlfn.IFNA(VLOOKUP(B52,#REF!,4,0),0)+_xlfn.IFNA(VLOOKUP(B52,#REF!,4,0),0)+_xlfn.IFNA(VLOOKUP(B52,#REF!,4,0),0)+_xlfn.IFNA(VLOOKUP(B52,#REF!,4,0),0)+_xlfn.IFNA(VLOOKUP(B52,#REF!,4,0),0)+_xlfn.IFNA(VLOOKUP(B52,#REF!,4,0),0)+_xlfn.IFNA(VLOOKUP(B52,#REF!,4,0),0)+_xlfn.IFNA(VLOOKUP(B52,#REF!,4,0),0)+_xlfn.IFNA(VLOOKUP(B52,#REF!,4,0),0)+_xlfn.IFNA(VLOOKUP(B52,#REF!,4,0),0)+_xlfn.IFNA(VLOOKUP(B52,#REF!,4,0),0)+_xlfn.IFNA(VLOOKUP(B52,#REF!,4,0),0)+_xlfn.IFNA(VLOOKUP(B52,#REF!,4,0),0)+_xlfn.IFNA(VLOOKUP(B52,#REF!,4,0),0) -> #REF! | F52: =#REF! -> #REF! | G52: =ROUND(E52*F52,0) -> #REF!
A53: 33 | B53: =#REF! -> #REF! | C53: =#REF! -> #REF! | D53: =#REF! -> #REF! | E53: =_xlfn.IFNA(VLOOKUP(B53,#REF!,4,0),0)+_xlfn.IFNA(VLOOKUP(B53,#REF!,4,0),0)+_xlfn.IFNA(VLOOKUP(B53,#REF!,4,0),0)+_xlfn.IFNA(VLOOKUP(B53,#REF!,4,0),0)+_xlfn.IFNA(VLOOKUP(B53,#REF!,4,0),0)+_xlfn.IFNA(VLOOKUP(B53,#REF!,4,0),0)+_xlfn.IFNA(VLOOKUP(B53,#REF!,4,0),0)+_xlfn.IFNA(VLOOKUP(B53,#REF!,4,0),0)+_xlfn.IFNA(VLOOKUP(B53,#REF!,4,0),0)+_xlfn.IFNA(VLOOKUP(B53,#REF!,4,0),0)+_xlfn.IFNA(VLOOKUP(B53,#REF!,4,0),0)+_xlfn.IFNA(VLOOKUP(B53,#REF!,4,0),0)+_xlfn.IFNA(VLOOKUP(B53,#REF!,4,0),0)+_xlfn.IFNA(VLOOKUP(B53,#REF!,4,0),0)+_xlfn.IFNA(VLOOKUP(B53,#REF!,4,0),0)+_xlfn.IFNA(VLOOKUP(B53,#REF!,4,0),0)+_xlfn.IFNA(VLOOKUP(B53,#REF!,4,0),0)+_xlfn.IFNA(VLOOKUP(B53,#REF!,4,0),0)+_xlfn.IFNA(VLOOKUP(B53,#REF!,4,0),0)+_xlfn.IFNA(VLOOKUP(B53,#REF!,4,0),0)+_xlfn.IFNA(VLOOKUP(B53,#REF!,4,0),0)+_xlfn.IFNA(VLOOKUP(B53,#REF!,4,0),0)+_xlfn.IFNA(VLOOKUP(B53,#REF!,4,0),0)+_xlfn.IFNA(VLOOKUP(B53,#REF!,4,0),0)+_xlfn.IFNA(VLOOKUP(B53,#REF!,4,0),0) -> #REF! | F53: =#REF! -> #REF! | G53: =ROUND(E53*F53,0) -> #REF!
A54: 34 | B54: =#REF! -> #REF! | C54: =#REF! -> #REF! | D54: =#REF! -> #REF! | E54: =_xlfn.IFNA(VLOOKUP(B54,#REF!,4,0),0)+_xlfn.IFNA(VLOOKUP(B54,#REF!,4,0),0)+_xlfn.IFNA(VLOOKUP(B54,#REF!,4,0),0)+_xlfn.IFNA(VLOOKUP(B54,#REF!,4,0),0)+_xlfn.IFNA(VLOOKUP(B54,#REF!,4,0),0)+_xlfn.IFNA(VLOOKUP(B54,#REF!,4,0),0)+_xlfn.IFNA(VLOOKUP(B54,#REF!,4,0),0)+_xlfn.IFNA(VLOOKUP(B54,#REF!,4,0),0)+_xlfn.IFNA(VLOOKUP(B54,#REF!,4,0),0)+_xlfn.IFNA(VLOOKUP(B54,#REF!,4,0),0)+_xlfn.IFNA(VLOOKUP(B54,#REF!,4,0),0)+_xlfn.IFNA(VLOOKUP(B54,#REF!,4,0),0)+_xlfn.IFNA(VLOOKUP(B54,#REF!,4,0),0)+_xlfn.IFNA(VLOOKUP(B54,#REF!,4,0),0)+_xlfn.IFNA(VLOOKUP(B54,#REF!,4,0),0)+_xlfn.IFNA(VLOOKUP(B54,#REF!,4,0),0)+_xlfn.IFNA(VLOOKUP(B54,#REF!,4,0),0)+_xlfn.IFNA(VLOOKUP(B54,#REF!,4,0),0)+_xlfn.IFNA(VLOOKUP(B54,#REF!,4,0),0)+_xlfn.IFNA(VLOOKUP(B54,#REF!,4,0),0)+_xlfn.IFNA(VLOOKUP(B54,#REF!,4,0),0)+_xlfn.IFNA(VLOOKUP(B54,#REF!,4,0),0)+_xlfn.IFNA(VLOOKUP(B54,#REF!,4,0),0)+_xlfn.IFNA(VLOOKUP(B54,#REF!,4,0),0)+_xlfn.IFNA(VLOOKUP(B54,#REF!,4,0),0) -> #REF! | F54: =#REF! -> #REF! | G54: =ROUND(E54*F54,0) -> #REF!
A55: 35 | B55: =#REF! -> #REF! | C55: =#REF! -> #REF! | D55: =#REF! -> #REF! | E55: =_xlfn.IFNA(VLOOKUP(B55,#REF!,4,0),0)+_xlfn.IFNA(VLOOKUP(B55,#REF!,4,0),0)+_xlfn.IFNA(VLOOKUP(B55,#REF!,4,0),0)+_xlfn.IFNA(VLOOKUP(B55,#REF!,4,0),0)+_xlfn.IFNA(VLOOKUP(B55,#REF!,4,0),0)+_xlfn.IFNA(VLOOKUP(B55,#REF!,4,0),0)+_xlfn.IFNA(VLOOKUP(B55,#REF!,4,0),0)+_xlfn.IFNA(VLOOKUP(B55,#REF!,4,0),0)+_xlfn.IFNA(VLOOKUP(B55,#REF!,4,0),0)+_xlfn.IFNA(VLOOKUP(B55,#REF!,4,0),0)+_xlfn.IFNA(VLOOKUP(B55,#REF!,4,0),0)+_xlfn.IFNA(VLOOKUP(B55,#REF!,4,0),0)+_xlfn.IFNA(VLOOKUP(B55,#REF!,4,0),0)+_xlfn.IFNA(VLOOKUP(B55,#REF!,4,0),0)+_xlfn.IFNA(VLOOKUP(B55,#REF!,4,0),0)+_xlfn.IFNA(VLOOKUP(B55,#REF!,4,0),0)+_xlfn.IFNA(VLOOKUP(B55,#REF!,4,0),0)+_xlfn.IFNA(VLOOKUP(B55,#REF!,4,0),0)+_xlfn.IFNA(VLOOKUP(B55,#REF!,4,0),0)+_xlfn.IFNA(VLOOKUP(B55,#REF!,4,0),0)+_xlfn.IFNA(VLOOKUP(B55,#REF!,4,0),0)+_xlfn.IFNA(VLOOKUP(B55,#REF!,4,0),0)+_xlfn.IFNA(VLOOKUP(B55,#REF!,4,0),0)+_xlfn.IFNA(VLOOKUP(B55,#REF!,4,0),0)+_xlfn.IFNA(VLOOKUP(B55,#REF!,4,0),0) -> #REF! | F55: =#REF! -> #REF! | G55: =ROUND(E55*F55,0) -> #REF!
A56: 36 | B56: =#REF! -> #REF! | C56: =#REF! -> #REF! | D56: =#REF! -> #REF! | E56: =_xlfn.IFNA(VLOOKUP(B56,#REF!,4,0),0)+_xlfn.IFNA(VLOOKUP(B56,#REF!,4,0),0)+_xlfn.IFNA(VLOOKUP(B56,#REF!,4,0),0)+_xlfn.IFNA(VLOOKUP(B56,#REF!,4,0),0)+_xlfn.IFNA(VLOOKUP(B56,#REF!,4,0),0)+_xlfn.IFNA(VLOOKUP(B56,#REF!,4,0),0)+_xlfn.IFNA(VLOOKUP(B56,#REF!,4,0),0)+_xlfn.IFNA(VLOOKUP(B56,#REF!,4,0),0)+_xlfn.IFNA(VLOOKUP(B56,#REF!,4,0),0)+_xlfn.IFNA(VLOOKUP(B56,#REF!,4,0),0)+_xlfn.IFNA(VLOOKUP(B56,#REF!,4,0),0)+_xlfn.IFNA(VLOOKUP(B56,#REF!,4,0),0)+_xlfn.IFNA(VLOOKUP(B56,#REF!,4,0),0)+_xlfn.IFNA(VLOOKUP(B56,#REF!,4,0),0)+_xlfn.IFNA(VLOOKUP(B56,#REF!,4,0),0)+_xlfn.IFNA(VLOOKUP(B56,#REF!,4,0),0)+_xlfn.IFNA(VLOOKUP(B56,#REF!,4,0),0)+_xlfn.IFNA(VLOOKUP(B56,#REF!,4,0),0)+_xlfn.IFNA(VLOOKUP(B56,#REF!,4,0),0)+_xlfn.IFNA(VLOOKUP(B56,#REF!,4,0),0)+_xlfn.IFNA(VLOOKUP(B56,#REF!,4,0),0)+_xlfn.IFNA(VLOOKUP(B56,#REF!,4,0),0)+_xlfn.IFNA(VLOOKUP(B56,#REF!,4,0),0)+_xlfn.IFNA(VLOOKUP(B56,#REF!,4,0),0)+_xlfn.IFNA(VLOOKUP(B56,#REF!,4,0),0) -> #REF! | F56: =#REF! -> #REF! | G56: =ROUND(E56*F56,0) -> #REF!
A57: 37 | B57: =#REF! -> #REF! | C57: =#REF! -> #REF! | D57: =#REF! -> #REF! | E57: =_xlfn.IFNA(VLOOKUP(B57,#REF!,4,0),0)+_xlfn.IFNA(VLOOKUP(B57,#REF!,4,0),0)+_xlfn.IFNA(VLOOKUP(B57,#REF!,4,0),0)+_xlfn.IFNA(VLOOKUP(B57,#REF!,4,0),0)+_xlfn.IFNA(VLOOKUP(B57,#REF!,4,0),0)+_xlfn.IFNA(VLOOKUP(B57,#REF!,4,0),0)+_xlfn.IFNA(VLOOKUP(B57,#REF!,4,0),0)+_xlfn.IFNA(VLOOKUP(B57,#REF!,4,0),0)+_xlfn.IFNA(VLOOKUP(B57,#REF!,4,0),0)+_xlfn.IFNA(VLOOKUP(B57,#REF!,4,0),0)+_xlfn.IFNA(VLOOKUP(B57,#REF!,4,0),0)+_xlfn.IFNA(VLOOKUP(B57,#REF!,4,0),0)+_xlfn.IFNA(VLOOKUP(B57,#REF!,4,0),0)+_xlfn.IFNA(VLOOKUP(B57,#REF!,4,0),0)+_xlfn.IFNA(VLOOKUP(B57,#REF!,4,0),0)+_xlfn.IFNA(VLOOKUP(B57,#REF!,4,0),0)+_xlfn.IFNA(VLOOKUP(B57,#REF!,4,0),0)+_xlfn.IFNA(VLOOKUP(B57,#REF!,4,0),0)+_xlfn.IFNA(VLOOKUP(B57,#REF!,4,0),0)+_xlfn.IFNA(VLOOKUP(B57,#REF!,4,0),0)+_xlfn.IFNA(VLOOKUP(B57,#REF!,4,0),0)+_xlfn.IFNA(VLOOKUP(B57,#REF!,4,0),0)+_xlfn.IFNA(VLOOKUP(B57,#REF!,4,0),0)+_xlfn.IFNA(VLOOKUP(B57,#REF!,4,0),0)+_xlfn.IFNA(VLOOKUP(B57,#REF!,4,0),0) -> #REF! | F57: ='19P'!N46 -> #REF! | G57: =ROUND(E57*F57,0) -> #REF!
A58: 38 | B58: =#REF! -> #REF! | C58: =#REF! -> #REF! | D58: =#REF! -> #REF! | E58: =_xlfn.IFNA(VLOOKUP(B58,#REF!,4,0),0)+_xlfn.IFNA(VLOOKUP(B58,#REF!,4,0),0)+_xlfn.IFNA(VLOOKUP(B58,#REF!,4,0),0)+_xlfn.IFNA(VLOOKUP(B58,#REF!,4,0),0)+_xlfn.IFNA(VLOOKUP(B58,#REF!,4,0),0)+_xlfn.IFNA(VLOOKUP(B58,#REF!,4,0),0)+_xlfn.IFNA(VLOOKUP(B58,#REF!,4,0),0)+_xlfn.IFNA(VLOOKUP(B58,#REF!,4,0),0)+_xlfn.IFNA(VLOOKUP(B58,#REF!,4,0),0)+_xlfn.IFNA(VLOOKUP(B58,#REF!,4,0),0)+_xlfn.IFNA(VLOOKUP(B58,#REF!,4,0),0)+_xlfn.IFNA(VLOOKUP(B58,#REF!,4,0),0)+_xlfn.IFNA(VLOOKUP(B58,#REF!,4,0),0)+_xlfn.IFNA(VLOOKUP(B58,#REF!,4,0),0)+_xlfn.IFNA(VLOOKUP(B58,#REF!,4,0),0)+_xlfn.IFNA(VLOOKUP(B58,#REF!,4,0),0)+_xlfn.IFNA(VLOOKUP(B58,#REF!,4,0),0)+_xlfn.IFNA(VLOOKUP(B58,#REF!,4,0),0)+_xlfn.IFNA(VLOOKUP(B58,#REF!,4,0),0)+_xlfn.IFNA(VLOOKUP(B58,#REF!,4,0),0)+_xlfn.IFNA(VLOOKUP(B58,#REF!,4,0),0)+_xlfn.IFNA(VLOOKUP(B58,#REF!,4,0),0)+_xlfn.IFNA(VLOOKUP(B58,#REF!,4,0),0)+_xlfn.IFNA(VLOOKUP(B58,#REF!,4,0),0)+_xlfn.IFNA(VLOOKUP(B58,#REF!,4,0),0) -> #REF! | F58: =#REF! -> #REF! | G58: =ROUND(E58*F58,0) -> #REF!
A59: 39 | B59: =#REF! -> #REF! | C59: =#REF! -> #REF! | D59: =#REF! -> #REF! | E59: =_xlfn.IFNA(VLOOKUP(B59,#REF!,4,0),0)+_xlfn.IFNA(VLOOKUP(B59,#REF!,4,0),0)+_xlfn.IFNA(VLOOKUP(B59,#REF!,4,0),0)+_xlfn.IFNA(VLOOKUP(B59,#REF!,4,0),0)+_xlfn.IFNA(VLOOKUP(B59,#REF!,4,0),0)+_xlfn.IFNA(VLOOKUP(B59,#REF!,4,0),0)+_xlfn.IFNA(VLOOKUP(B59,#REF!,4,0),0)+_xlfn.IFNA(VLOOKUP(B59,#REF!,4,0),0)+_xlfn.IFNA(VLOOKUP(B59,#REF!,4,0),0)+_xlfn.IFNA(VLOOKUP(B59,#REF!,4,0),0)+_xlfn.IFNA(VLOOKUP(B59,#REF!,4,0),0)+_xlfn.IFNA(VLOOKUP(B59,#REF!,4,0),0)+_xlfn.IFNA(VLOOKUP(B59,#REF!,4,0),0)+_xlfn.IFNA(VLOOKUP(B59,#REF!,4,0),0)+_xlfn.IFNA(VLOOKUP(B59,#REF!,4,0),0)+_xlfn.IFNA(VLOOKUP(B59,#REF!,4,0),0)+_xlfn.IFNA(VLOOKUP(B59,#REF!,4,0),0)+_xlfn.IFNA(VLOOKUP(B59,#REF!,4,0),0)+_xlfn.IFNA(VLOOKUP(B59,#REF!,4,0),0)+_xlfn.IFNA(VLOOKUP(B59,#REF!,4,0),0)+_xlfn.IFNA(VLOOKUP(B59,#REF!,4,0),0)+_xlfn.IFNA(VLOOKUP(B59,#REF!,4,0),0)+_xlfn.IFNA(VLOOKUP(B59,#REF!,4,0),0)+_xlfn.IFNA(VLOOKUP(B59,#REF!,4,0),0)+_xlfn.IFNA(VLOOKUP(B59,#REF!,4,0),0) -> #REF! | F59: ='21P'!N46 -> #REF! | G59: =ROUND(E59*F59,0) -> #REF!
A60: 40 | B60: =#REF! -> #REF! | C60: =#REF! -> #REF! | D60: =#REF! -> #REF! | E60: =_xlfn.IFNA(VLOOKUP(B60,#REF!,4,0),0)+_xlfn.IFNA(VLOOKUP(B60,#REF!,4,0),0)+_xlfn.IFNA(VLOOKUP(B60,#REF!,4,0),0)+_xlfn.IFNA(VLOOKUP(B60,#REF!,4,0),0)+_xlfn.IFNA(VLOOKUP(B60,#REF!,4,0),0)+_xlfn.IFNA(VLOOKUP(B60,#REF!,4,0),0)+_xlfn.IFNA(VLOOKUP(B60,#REF!,4,0),0)+_xlfn.IFNA(VLOOKUP(B60,#REF!,4,0),0)+_xlfn.IFNA(VLOOKUP(B60,#REF!,4,0),0)+_xlfn.IFNA(VLOOKUP(B60,#REF!,4,0),0)+_xlfn.IFNA(VLOOKUP(B60,#REF!,4,0),0)+_xlfn.IFNA(VLOOKUP(B60,#REF!,4,0),0)+_xlfn.IFNA(VLOOKUP(B60,#REF!,4,0),0)+_xlfn.IFNA(VLOOKUP(B60,#REF!,4,0),0)+_xlfn.IFNA(VLOOKUP(B60,#REF!,4,0),0)+_xlfn.IFNA(VLOOKUP(B60,#REF!,4,0),0)+_xlfn.IFNA(VLOOKUP(B60,#REF!,4,0),0)+_xlfn.IFNA(VLOOKUP(B60,#REF!,4,0),0)+_xlfn.IFNA(VLOOKUP(B60,#REF!,4,0),0)+_xlfn.IFNA(VLOOKUP(B60,#REF!,4,0),0)+_xlfn.IFNA(VLOOKUP(B60,#REF!,4,0),0)+_xlfn.IFNA(VLOOKUP(B60,#REF!,4,0),0)+_xlfn.IFNA(VLOOKUP(B60,#REF!,4,0),0)+_xlfn.IFNA(VLOOKUP(B60,#REF!,4,0),0)+_xlfn.IFNA(VLOOKUP(B60,#REF!,4,0),0) -> #REF! | F60: ='22P'!N46 -> #REF! | G60: =ROUND(E60*F60,0) -> #REF!
A61: 41 | B61: =#REF! -> #REF! | C61: =#REF! -> #REF! | D61: =#REF! -> #REF! | E61: =_xlfn.IFNA(VLOOKUP(B61,#REF!,4,0),0)+_xlfn.IFNA(VLOOKUP(B61,#REF!,4,0),0)+_xlfn.IFNA(VLOOKUP(B61,#REF!,4,0),0)+_xlfn.IFNA(VLOOKUP(B61,#REF!,4,0),0)+_xlfn.IFNA(VLOOKUP(B61,#REF!,4,0),0)+_xlfn.IFNA(VLOOKUP(B61,#REF!,4,0),0)+_xlfn.IFNA(VLOOKUP(B61,#REF!,4,0),0)+_xlfn.IFNA(VLOOKUP(B61,#REF!,4,0),0)+_xlfn.IFNA(VLOOKUP(B61,#REF!,4,0),0)+_xlfn.IFNA(VLOOKUP(B61,#REF!,4,0),0)+_xlfn.IFNA(VLOOKUP(B61,#REF!,4,0),0)+_xlfn.IFNA(VLOOKUP(B61,#REF!,4,0),0)+_xlfn.IFNA(VLOOKUP(B61,#REF!,4,0),0)+_xlfn.IFNA(VLOOKUP(B61,#REF!,4,0),0)+_xlfn.IFNA(VLOOKUP(B61,#REF!,4,0),0)+_xlfn.IFNA(VLOOKUP(B61,#REF!,4,0),0)+_xlfn.IFNA(VLOOKUP(B61,#REF!,4,0),0)+_xlfn.IFNA(VLOOKUP(B61,#REF!,4,0),0)+_xlfn.IFNA(VLOOKUP(B61,#REF!,4,0),0)+_xlfn.IFNA(VLOOKUP(B61,#REF!,4,0),0)+_xlfn.IFNA(VLOOKUP(B61,#REF!,4,0),0)+_xlfn.IFNA(VLOOKUP(B61,#REF!,4,0),0)+_xlfn.IFNA(VLOOKUP(B61,#REF!,4,0),0)+_xlfn.IFNA(VLOOKUP(B61,#REF!,4,0),0)+_xlfn.IFNA(VLOOKUP(B61,#REF!,4,0),0) -> #REF! | F61: ='23P'!N46 -> #REF! | G61: =ROUND(E61*F61,0) -> #REF!
A62: 42 | B62: =#REF! -> #REF! | C62: =#REF! -> #REF! | D62: =#REF! -> #REF! | E62: =_xlfn.IFNA(VLOOKUP(B62,#REF!,4,0),0)+_xlfn.IFNA(VLOOKUP(B62,#REF!,4,0),0)+_xlfn.IFNA(VLOOKUP(B62,#REF!,4,0),0)+_xlfn.IFNA(VLOOKUP(B62,#REF!,4,0),0)+_xlfn.IFNA(VLOOKUP(B62,#REF!,4,0),0)+_xlfn.IFNA(VLOOKUP(B62,#REF!,4,0),0)+_xlfn.IFNA(VLOOKUP(B62,#REF!,4,0),0)+_xlfn.IFNA(VLOOKUP(B62,#REF!,4,0),0)+_xlfn.IFNA(VLOOKUP(B62,#REF!,4,0),0)+_xlfn.IFNA(VLOOKUP(B62,#REF!,4,0),0)+_xlfn.IFNA(VLOOKUP(B62,#REF!,4,0),0)+_xlfn.IFNA(VLOOKUP(B62,#REF!,4,0),0)+_xlfn.IFNA(VLOOKUP(B62,#REF!,4,0),0)+_xlfn.IFNA(VLOOKUP(B62,#REF!,4,0),0)+_xlfn.IFNA(VLOOKUP(B62,#REF!,4,0),0)+_xlfn.IFNA(VLOOKUP(B62,#REF!,4,0),0)+_xlfn.IFNA(VLOOKUP(B62,#REF!,4,0),0)+_xlfn.IFNA(VLOOKUP(B62,#REF!,4,0),0)+_xlfn.IFNA(VLOOKUP(B62,#REF!,4,0),0)+_xlfn.IFNA(VLOOKUP(B62,#REF!,4,0),0)+_xlfn.IFNA(VLOOKUP(B62,#REF!,4,0),0)+_xlfn.IFNA(VLOOKUP(B62,#REF!,4,0),0)+_xlfn.IFNA(VLOOKUP(B62,#REF!,4,0),0)+_xlfn.IFNA(VLOOKUP(B62,#REF!,4,0),0)+_xlfn.IFNA(VLOOKUP(B62,#REF!,4,0),0) -> #REF! | F62: =#REF! -> #REF! | G62: =ROUND(E62*F62,0) -> #REF!
A63: 43 | B63: =#REF! -> #REF! | C63: =#REF! -> #REF! | D63: =#REF! -> #REF! | E63: =_xlfn.IFNA(VLOOKUP(B63,#REF!,4,0),0)+_xlfn.IFNA(VLOOKUP(B63,#REF!,4,0),0)+_xlfn.IFNA(VLOOKUP(B63,#REF!,4,0),0)+_xlfn.IFNA(VLOOKUP(B63,#REF!,4,0),0)+_xlfn.IFNA(VLOOKUP(B63,#REF!,4,0),0)+_xlfn.IFNA(VLOOKUP(B63,#REF!,4,0),0)+_xlfn.IFNA(VLOOKUP(B63,#REF!,4,0),0)+_xlfn.IFNA(VLOOKUP(B63,#REF!,4,0),0)+_xlfn.IFNA(VLOOKUP(B63,#REF!,4,0),0)+_xlfn.IFNA(VLOOKUP(B63,#REF!,4,0),0)+_xlfn.IFNA(VLOOKUP(B63,#REF!,4,0),0)+_xlfn.IFNA(VLOOKUP(B63,#REF!,4,0),0)+_xlfn.IFNA(VLOOKUP(B63,#REF!,4,0),0)+_xlfn.IFNA(VLOOKUP(B63,#REF!,4,0),0)+_xlfn.IFNA(VLOOKUP(B63,#REF!,4,0),0)+_xlfn.IFNA(VLOOKUP(B63,#REF!,4,0),0)+_xlfn.IFNA(VLOOKUP(B63,#REF!,4,0),0)+_xlfn.IFNA(VLOOKUP(B63,#REF!,4,0),0)+_xlfn.IFNA(VLOOKUP(B63,#REF!,4,0),0)+_xlfn.IFNA(VLOOKUP(B63,#REF!,4,0),0)+_xlfn.IFNA(VLOOKUP(B63,#REF!,4,0),0)+_xlfn.IFNA(VLOOKUP(B63,#REF!,4,0),0)+_xlfn.IFNA(VLOOKUP(B63,#REF!,4,0),0)+_xlfn.IFNA(VLOOKUP(B63,#REF!,4,0),0)+_xlfn.IFNA(VLOOKUP(B63,#REF!,4,0),0) -> #REF! | F63: =#REF! -> #REF! | G63: =ROUND(E63*F63,0) -> #REF!
A64: 44 | B64: =#REF! -> #REF! | C64: =#REF! -> #REF! | D64: =#REF! -> #REF! | E64: =_xlfn.IFNA(VLOOKUP(B64,#REF!,4,0),0)+_xlfn.IFNA(VLOOKUP(B64,#REF!,4,0),0)+_xlfn.IFNA(VLOOKUP(B64,#REF!,4,0),0)+_xlfn.IFNA(VLOOKUP(B64,#REF!,4,0),0)+_xlfn.IFNA(VLOOKUP(B64,#REF!,4,0),0)+_xlfn.IFNA(VLOOKUP(B64,#REF!,4,0),0)+_xlfn.IFNA(VLOOKUP(B64,#REF!,4,0),0)+_xlfn.IFNA(VLOOKUP(B64,#REF!,4,0),0)+_xlfn.IFNA(VLOOKUP(B64,#REF!,4,0),0)+_xlfn.IFNA(VLOOKUP(B64,#REF!,4,0),0)+_xlfn.IFNA(VLOOKUP(B64,#REF!,4,0),0)+_xlfn.IFNA(VLOOKUP(B64,#REF!,4,0),0)+_xlfn.IFNA(VLOOKUP(B64,#REF!,4,0),0)+_xlfn.IFNA(VLOOKUP(B64,#REF!,4,0),0)+_xlfn.IFNA(VLOOKUP(B64,#REF!,4,0),0)+_xlfn.IFNA(VLOOKUP(B64,#REF!,4,0),0)+_xlfn.IFNA(VLOOKUP(B64,#REF!,4,0),0)+_xlfn.IFNA(VLOOKUP(B64,#REF!,4,0),0)+_xlfn.IFNA(VLOOKUP(B64,#REF!,4,0),0)+_xlfn.IFNA(VLOOKUP(B64,#REF!,4,0),0)+_xlfn.IFNA(VLOOKUP(B64,#REF!,4,0),0)+_xlfn.IFNA(VLOOKUP(B64,#REF!,4,0),0)+_xlfn.IFNA(VLOOKUP(B64,#REF!,4,0),0)+_xlfn.IFNA(VLOOKUP(B64,#REF!,4,0),0)+_xlfn.IFNA(VLOOKUP(B64,#REF!,4,0),0) -> #REF! | F64: =#REF! -> #REF! | G64: =ROUND(E64*F64,0) -> #REF!
A65: 45 | B65: =#REF! -> #REF! | C65: =#REF! -> #REF! | D65: =#REF! -> #REF! | E65: =_xlfn.IFNA(VLOOKUP(B65,#REF!,4,0),0)+_xlfn.IFNA(VLOOKUP(B65,#REF!,4,0),0)+_xlfn.IFNA(VLOOKUP(B65,#REF!,4,0),0)+_xlfn.IFNA(VLOOKUP(B65,#REF!,4,0),0)+_xlfn.IFNA(VLOOKUP(B65,#REF!,4,0),0)+_xlfn.IFNA(VLOOKUP(B65,#REF!,4,0),0)+_xlfn.IFNA(VLOOKUP(B65,#REF!,4,0),0)+_xlfn.IFNA(VLOOKUP(B65,#REF!,4,0),0)+_xlfn.IFNA(VLOOKUP(B65,#REF!,4,0),0)+_xlfn.IFNA(VLOOKUP(B65,#REF!,4,0),0)+_xlfn.IFNA(VLOOKUP(B65,#REF!,4,0),0)+_xlfn.IFNA(VLOOKUP(B65,#REF!,4,0),0)+_xlfn.IFNA(VLOOKUP(B65,#REF!,4,0),0)+_xlfn.IFNA(VLOOKUP(B65,#REF!,4,0),0)+_xlfn.IFNA(VLOOKUP(B65,#REF!,4,0),0)+_xlfn.IFNA(VLOOKUP(B65,#REF!,4,0),0)+_xlfn.IFNA(VLOOKUP(B65,#REF!,4,0),0)+_xlfn.IFNA(VLOOKUP(B65,#REF!,4,0),0)+_xlfn.IFNA(VLOOKUP(B65,#REF!,4,0),0)+_xlfn.IFNA(VLOOKUP(B65,#REF!,4,0),0)+_xlfn.IFNA(VLOOKUP(B65,#REF!,4,0),0)+_xlfn.IFNA(VLOOKUP(B65,#REF!,4,0),0)+_xlfn.IFNA(VLOOKUP(B65,#REF!,4,0),0)+_xlfn.IFNA(VLOOKUP(B65,#REF!,4,0),0)+_xlfn.IFNA(VLOOKUP(B65,#REF!,4,0),0) -> #REF! | F65: ='27P'!N47 -> #REF! | G65: =ROUND(E65*F65,0) -> #REF!
A66: 46 | B66: =#REF! -> #REF! | C66: =#REF! -> #REF! | D66: =#REF! -> #REF! | E66: =_xlfn.IFNA(VLOOKUP(B66,#REF!,4,0),0)+_xlfn.IFNA(VLOOKUP(B66,#REF!,4,0),0)+_xlfn.IFNA(VLOOKUP(B66,#REF!,4,0),0)+_xlfn.IFNA(VLOOKUP(B66,#REF!,4,0),0)+_xlfn.IFNA(VLOOKUP(B66,#REF!,4,0),0)+_xlfn.IFNA(VLOOKUP(B66,#REF!,4,0),0)+_xlfn.IFNA(VLOOKUP(B66,#REF!,4,0),0)+_xlfn.IFNA(VLOOKUP(B66,#REF!,4,0),0)+_xlfn.IFNA(VLOOKUP(B66,#REF!,4,0),0)+_xlfn.IFNA(VLOOKUP(B66,#REF!,4,0),0)+_xlfn.IFNA(VLOOKUP(B66,#REF!,4,0),0)+_xlfn.IFNA(VLOOKUP(B66,#REF!,4,0),0)+_xlfn.IFNA(VLOOKUP(B66,#REF!,4,0),0)+_xlfn.IFNA(VLOOKUP(B66,#REF!,4,0),0)+_xlfn.IFNA(VLOOKUP(B66,#REF!,4,0),0)+_xlfn.IFNA(VLOOKUP(B66,#REF!,4,0),0)+_xlfn.IFNA(VLOOKUP(B66,#REF!,4,0),0)+_xlfn.IFNA(VLOOKUP(B66,#REF!,4,0),0)+_xlfn.IFNA(VLOOKUP(B66,#REF!,4,0),0)+_xlfn.IFNA(VLOOKUP(B66,#REF!,4,0),0)+_xlfn.IFNA(VLOOKUP(B66,#REF!,4,0),0)+_xlfn.IFNA(VLOOKUP(B66,#REF!,4,0),0)+_xlfn.IFNA(VLOOKUP(B66,#REF!,4,0),0)+_xlfn.IFNA(VLOOKUP(B66,#REF!,4,0),0)+_xlfn.IFNA(VLOOKUP(B66,#REF!,4,0),0) -> #REF! | F66: =#REF! -> #REF! | G66: =ROUND(E66*F66,0) -> #REF!
A67: 47 | B67: =#REF! -> #REF! | C67: =#REF! -> #REF! | D67: =#REF! -> #REF! | E67: =_xlfn.IFNA(VLOOKUP(B67,#REF!,4,0),0)+_xlfn.IFNA(VLOOKUP(B67,#REF!,4,0),0)+_xlfn.IFNA(VLOOKUP(B67,#REF!,4,0),0)+_xlfn.IFNA(VLOOKUP(B67,#REF!,4,0),0)+_xlfn.IFNA(VLOOKUP(B67,#REF!,4,0),0)+_xlfn.IFNA(VLOOKUP(B67,#REF!,4,0),0)+_xlfn.IFNA(VLOOKUP(B67,#REF!,4,0),0)+_xlfn.IFNA(VLOOKUP(B67,#REF!,4,0),0)+_xlfn.IFNA(VLOOKUP(B67,#REF!,4,0),0)+_xlfn.IFNA(VLOOKUP(B67,#REF!,4,0),0)+_xlfn.IFNA(VLOOKUP(B67,#REF!,4,0),0)+_xlfn.IFNA(VLOOKUP(B67,#REF!,4,0),0)+_xlfn.IFNA(VLOOKUP(B67,#REF!,4,0),0)+_xlfn.IFNA(VLOOKUP(B67,#REF!,4,0),0)+_xlfn.IFNA(VLOOKUP(B67,#REF!,4,0),0)+_xlfn.IFNA(VLOOKUP(B67,#REF!,4,0),0)+_xlfn.IFNA(VLOOKUP(B67,#REF!,4,0),0)+_xlfn.IFNA(VLOOKUP(B67,#REF!,4,0),0)+_xlfn.IFNA(VLOOKUP(B67,#REF!,4,0),0)+_xlfn.IFNA(VLOOKUP(B67,#REF!,4,0),0)+_xlfn.IFNA(VLOOKUP(B67,#REF!,4,0),0)+_xlfn.IFNA(VLOOKUP(B67,#REF!,4,0),0)+_xlfn.IFNA(VLOOKUP(B67,#REF!,4,0),0)+_xlfn.IFNA(VLOOKUP(B67,#REF!,4,0),0)+_xlfn.IFNA(VLOOKUP(B67,#REF!,4,0),0) -> #REF! | F67: ='29P'!N47 -> #REF! | G67: =ROUND(E67*F67,0) -> #REF!
A68: 48 | B68: =#REF! -> #REF! | C68: =#REF! -> #REF! | D68: =#REF! -> #REF! | E68: =_xlfn.IFNA(VLOOKUP(B68,#REF!,4,0),0)+_xlfn.IFNA(VLOOKUP(B68,#REF!,4,0),0)+_xlfn.IFNA(VLOOKUP(B68,#REF!,4,0),0)+_xlfn.IFNA(VLOOKUP(B68,#REF!,4,0),0)+_xlfn.IFNA(VLOOKUP(B68,#REF!,4,0),0)+_xlfn.IFNA(VLOOKUP(B68,#REF!,4,0),0)+_xlfn.IFNA(VLOOKUP(B68,#REF!,4,0),0)+_xlfn.IFNA(VLOOKUP(B68,#REF!,4,0),0)+_xlfn.IFNA(VLOOKUP(B68,#REF!,4,0),0)+_xlfn.IFNA(VLOOKUP(B68,#REF!,4,0),0)+_xlfn.IFNA(VLOOKUP(B68,#REF!,4,0),0)+_xlfn.IFNA(VLOOKUP(B68,#REF!,4,0),0)+_xlfn.IFNA(VLOOKUP(B68,#REF!,4,0),0)+_xlfn.IFNA(VLOOKUP(B68,#REF!,4,0),0)+_xlfn.IFNA(VLOOKUP(B68,#REF!,4,0),0)+_xlfn.IFNA(VLOOKUP(B68,#REF!,4,0),0)+_xlfn.IFNA(VLOOKUP(B68,#REF!,4,0),0)+_xlfn.IFNA(VLOOKUP(B68,#REF!,4,0),0)+_xlfn.IFNA(VLOOKUP(B68,#REF!,4,0),0)+_xlfn.IFNA(VLOOKUP(B68,#REF!,4,0),0)+_xlfn.IFNA(VLOOKUP(B68,#REF!,4,0),0)+_xlfn.IFNA(VLOOKUP(B68,#REF!,4,0),0)+_xlfn.IFNA(VLOOKUP(B68,#REF!,4,0),0)+_xlfn.IFNA(VLOOKUP(B68,#REF!,4,0),0)+_xlfn.IFNA(VLOOKUP(B68,#REF!,4,0),0) -> #REF! | F68: ='30P'!N47 -> #REF! | G68: =ROUND(E68*F68,0) -> #REF!
A69: 49 | B69: =#REF! -> #REF! | C69: =#REF! -> #REF! | D69: =#REF! -> #REF! | E69: =_xlfn.IFNA(VLOOKUP(B69,#REF!,4,0),0)+_xlfn.IFNA(VLOOKUP(B69,#REF!,4,0),0)+_xlfn.IFNA(VLOOKUP(B69,#REF!,4,0),0)+_xlfn.IFNA(VLOOKUP(B69,#REF!,4,0),0)+_xlfn.IFNA(VLOOKUP(B69,#REF!,4,0),0)+_xlfn.IFNA(VLOOKUP(B69,#REF!,4,0),0)+_xlfn.IFNA(VLOOKUP(B69,#REF!,4,0),0)+_xlfn.IFNA(VLOOKUP(B69,#REF!,4,0),0)+_xlfn.IFNA(VLOOKUP(B69,#REF!,4,0),0)+_xlfn.IFNA(VLOOKUP(B69,#REF!,4,0),0)+_xlfn.IFNA(VLOOKUP(B69,#REF!,4,0),0)+_xlfn.IFNA(VLOOKUP(B69,#REF!,4,0),0)+_xlfn.IFNA(VLOOKUP(B69,#REF!,4,0),0)+_xlfn.IFNA(VLOOKUP(B69,#REF!,4,0),0)+_xlfn.IFNA(VLOOKUP(B69,#REF!,4,0),0)+_xlfn.IFNA(VLOOKUP(B69,#REF!,4,0),0)+_xlfn.IFNA(VLOOKUP(B69,#REF!,4,0),0)+_xlfn.IFNA(VLOOKUP(B69,#REF!,4,0),0)+_xlfn.IFNA(VLOOKUP(B69,#REF!,4,0),0)+_xlfn.IFNA(VLOOKUP(B69,#REF!,4,0),0)+_xlfn.IFNA(VLOOKUP(B69,#REF!,4,0),0)+_xlfn.IFNA(VLOOKUP(B69,#REF!,4,0),0)+_xlfn.IFNA(VLOOKUP(B69,#REF!,4,0),0)+_xlfn.IFNA(VLOOKUP(B69,#REF!,4,0),0)+_xlfn.IFNA(VLOOKUP(B69,#REF!,4,0),0) -> #REF! | F69: ='31P'!N47 -> #REF! | G69: =ROUND(E69*F69,0) -> #REF!
B70: =#REF! -> #REF! | C70: SUBTOTAL ALCANTARILLADO | D70: =#REF! -> #REF! | E70: =_xlfn.IFNA(VLOOKUP(B70,#REF!,4,0),0)+_xlfn.IFNA(VLOOKUP(B70,#REF!,4,0),0)+_xlfn.IFNA(VLOOKUP(B70,#REF!,4,0),0)+_xlfn.IFNA(VLOOKUP(B70,#REF!,4,0),0)+_xlfn.IFNA(VLOOKUP(B70,#REF!,4,0),0)+_xlfn.IFNA(VLOOKUP(B70,#REF!,4,0),0)+_xlfn.IFNA(VLOOKUP(B70,#REF!,4,0),0)+_xlfn.IFNA(VLOOKUP(B70,#REF!,4,0),0)+_xlfn.IFNA(VLOOKUP(B70,#REF!,4,0),0)+_xlfn.IFNA(VLOOKUP(B70,#REF!,4,0),0)+_xlfn.IFNA(VLOOKUP(B70,#REF!,4,0),0)+_xlfn.IFNA(VLOOKUP(B70,#REF!,4,0),0)+_xlfn.IFNA(VLOOKUP(B70,#REF!,4,0),0)+_xlfn.IFNA(VLOOKUP(B70,#REF!,4,0),0)+_xlfn.IFNA(VLOOKUP(B70,#REF!,4,0),0)+_xlfn.IFNA(VLOOKUP(B70,#REF!,4,0),0)+_xlfn.IFNA(VLOOKUP(B70,#REF!,4,0),0)+_xlfn.IFNA(VLOOKUP(B70,#REF!,4,0),0)+_xlfn.IFNA(VLOOKUP(B70,#REF!,4,0),0)+_xlfn.IFNA(VLOOKUP(B70,#REF!,4,0),0)+_xlfn.IFNA(VLOOKUP(B70,#REF!,4,0),0)+_xlfn.IFNA(VLOOKUP(B70,#REF!,4,0),0)+_xlfn.IFNA(VLOOKUP(B70,#REF!,4,0),0)+_xlfn.IFNA(VLOOKUP(B70,#REF!,4,0),0)+_xlfn.IFNA(VLOOKUP(B70,#REF!,4,0),0) -> #REF! | G70: =SUM(G51:G69) -> #REF!
B71: =#REF! -> #REF! | C71: ACUEDUCTO | D71: =#REF! -> #REF! | E71: =_xlfn.IFNA(VLOOKUP(B71,#REF!,4,0),0)+_xlfn.IFNA(VLOOKUP(B71,#REF!,4,0),0)+_xlfn.IFNA(VLOOKUP(B71,#REF!,4,0),0)+_xlfn.IFNA(VLOOKUP(B71,#REF!,4,0),0)+_xlfn.IFNA(VLOOKUP(B71,#REF!,4,0),0)+_xlfn.IFNA(VLOOKUP(B71,#REF!,4,0),0)+_xlfn.IFNA(VLOOKUP(B71,#REF!,4,0),0)+_xlfn.IFNA(VLOOKUP(B71,#REF!,4,0),0)+_xlfn.IFNA(VLOOKUP(B71,#REF!,4,0),0)+_xlfn.IFNA(VLOOKUP(B71,#REF!,4,0),0)+_xlfn.IFNA(VLOOKUP(B71,#REF!,4,0),0)+_xlfn.IFNA(VLOOKUP(B71,#REF!,4,0),0)+_xlfn.IFNA(VLOOKUP(B71,#REF!,4,0),0)+_xlfn.IFNA(VLOOKUP(B71,#REF!,4,0),0)+_xlfn.IFNA(VLOOKUP(B71,#REF!,4,0),0)+_xlfn.IFNA(VLOOKUP(B71,#REF!,4,0),0)+_xlfn.IFNA(VLOOKUP(B71,#REF!,4,0),0)+_xlfn.IFNA(VLOOKUP(B71,#REF!,4,0),0)+_xlfn.IFNA(VLOOKUP(B71,#REF!,4,0),0)+_xlfn.IFNA(VLOOKUP(B71,#REF!,4,0),0)+_xlfn.IFNA(VLOOKUP(B71,#REF!,4,0),0)+_xlfn.IFNA(VLOOKUP(B71,#REF!,4,0),0)+_xlfn.IFNA(VLOOKUP(B71,#REF!,4,0),0)+_xlfn.IFNA(VLOOKUP(B71,#REF!,4,0),0)+_xlfn.IFNA(VLOOKUP(B71,#REF!,4,0),0) -> #REF!
A72: 50 | B72: =#REF! -> #REF! | C72: =#REF! -> #REF! | D72: =#REF! -> #REF! | E72: =_xlfn.IFNA(VLOOKUP(B72,#REF!,4,0),0)+_xlfn.IFNA(VLOOKUP(B72,#REF!,4,0),0)+_xlfn.IFNA(VLOOKUP(B72,#REF!,4,0),0)+_xlfn.IFNA(VLOOKUP(B72,#REF!,4,0),0)+_xlfn.IFNA(VLOOKUP(B72,#REF!,4,0),0)+_xlfn.IFNA(VLOOKUP(B72,#REF!,4,0),0)+_xlfn.IFNA(VLOOKUP(B72,#REF!,4,0),0)+_xlfn.IFNA(VLOOKUP(B72,#REF!,4,0),0)+_xlfn.IFNA(VLOOKUP(B72,#REF!,4,0),0)+_xlfn.IFNA(VLOOKUP(B72,#REF!,4,0),0)+_xlfn.IFNA(VLOOKUP(B72,#REF!,4,0),0)+_xlfn.IFNA(VLOOKUP(B72,#REF!,4,0),0)+_xlfn.IFNA(VLOOKUP(B72,#REF!,4,0),0)+_xlfn.IFNA(VLOOKUP(B72,#REF!,4,0),0)+_xlfn.IFNA(VLOOKUP(B72,#REF!,4,0),0)+_xlfn.IFNA(VLOOKUP(B72,#REF!,4,0),0)+_xlfn.IFNA(VLOOKUP(B72,#REF!,4,0),0)+_xlfn.IFNA(VLOOKUP(B72,#REF!,4,0),0)+_xlfn.IFNA(VLOOKUP(B72,#REF!,4,0),0)+_xlfn.IFNA(VLOOKUP(B72,#REF!,4,0),0)+_xlfn.IFNA(VLOOKUP(B72,#REF!,4,0),0)+_xlfn.IFNA(VLOOKUP(B72,#REF!,4,0),0)+_xlfn.IFNA(VLOOKUP(B72,#REF!,4,0),0)+_xlfn.IFNA(VLOOKUP(B72,#REF!,4,0),0)+_xlfn.IFNA(VLOOKUP(B72,#REF!,4,0),0) -> #REF! | F72: =#REF! -> #REF! | G72: =ROUND(E72*F72,0) -> #REF!
A73: 51 | B73: =#REF! -> #REF! | C73: =#REF! -> #REF! | D73: =#REF! -> #REF! | E73: =_xlfn.IFNA(VLOOKUP(B73,#REF!,4,0),0)+_xlfn.IFNA(VLOOKUP(B73,#REF!,4,0),0)+_xlfn.IFNA(VLOOKUP(B73,#REF!,4,0),0)+_xlfn.IFNA(VLOOKUP(B73,#REF!,4,0),0)+_xlfn.IFNA(VLOOKUP(B73,#REF!,4,0),0)+_xlfn.IFNA(VLOOKUP(B73,#REF!,4,0),0)+_xlfn.IFNA(VLOOKUP(B73,#REF!,4,0),0)+_xlfn.IFNA(VLOOKUP(B73,#REF!,4,0),0)+_xlfn.IFNA(VLOOKUP(B73,#REF!,4,0),0)+_xlfn.IFNA(VLOOKUP(B73,#REF!,4,0),0)+_xlfn.IFNA(VLOOKUP(B73,#REF!,4,0),0)+_xlfn.IFNA(VLOOKUP(B73,#REF!,4,0),0)+_xlfn.IFNA(VLOOKUP(B73,#REF!,4,0),0)+_xlfn.IFNA(VLOOKUP(B73,#REF!,4,0),0)+_xlfn.IFNA(VLOOKUP(B73,#REF!,4,0),0)+_xlfn.IFNA(VLOOKUP(B73,#REF!,4,0),0)+_xlfn.IFNA(VLOOKUP(B73,#REF!,4,0),0)+_xlfn.IFNA(VLOOKUP(B73,#REF!,4,0),0)+_xlfn.IFNA(VLOOKUP(B73,#REF!,4,0),0)+_xlfn.IFNA(VLOOKUP(B73,#REF!,4,0),0)+_xlfn.IFNA(VLOOKUP(B73,#REF!,4,0),0)+_xlfn.IFNA(VLOOKUP(B73,#REF!,4,0),0)+_xlfn.IFNA(VLOOKUP(B73,#REF!,4,0),0)+_xlfn.IFNA(VLOOKUP(B73,#REF!,4,0),0)+_xlfn.IFNA(VLOOKUP(B73,#REF!,4,0),0) -> #REF! | F73: =#REF! -> #REF! | G73: =ROUND(E73*F73,0) -> #REF!
A74: 52 | B74: =#REF! -> #REF! | C74: =#REF! -> #REF! | D74: =#REF! -> #REF! | E74: =_xlfn.IFNA(VLOOKUP(B74,#REF!,4,0),0)+_xlfn.IFNA(VLOOKUP(B74,#REF!,4,0),0)+_xlfn.IFNA(VLOOKUP(B74,#REF!,4,0),0)+_xlfn.IFNA(VLOOKUP(B74,#REF!,4,0),0)+_xlfn.IFNA(VLOOKUP(B74,#REF!,4,0),0)+_xlfn.IFNA(VLOOKUP(B74,#REF!,4,0),0)+_xlfn.IFNA(VLOOKUP(B74,#REF!,4,0),0)+_xlfn.IFNA(VLOOKUP(B74,#REF!,4,0),0)+_xlfn.IFNA(VLOOKUP(B74,#REF!,4,0),0)+_xlfn.IFNA(VLOOKUP(B74,#REF!,4,0),0)+_xlfn.IFNA(VLOOKUP(B74,#REF!,4,0),0)+_xlfn.IFNA(VLOOKUP(B74,#REF!,4,0),0)+_xlfn.IFNA(VLOOKUP(B74,#REF!,4,0),0)+_xlfn.IFNA(VLOOKUP(B74,#REF!,4,0),0)+_xlfn.IFNA(VLOOKUP(B74,#REF!,4,0),0)+_xlfn.IFNA(VLOOKUP(B74,#REF!,4,0),0)+_xlfn.IFNA(VLOOKUP(B74,#REF!,4,0),0)+_xlfn.IFNA(VLOOKUP(B74,#REF!,4,0),0)+_xlfn.IFNA(VLOOKUP(B74,#REF!,4,0),0)+_xlfn.IFNA(VLOOKUP(B74,#REF!,4,0),0)+_xlfn.IFNA(VLOOKUP(B74,#REF!,4,0),0)+_xlfn.IFNA(VLOOKUP(B74,#REF!,4,0),0)+_xlfn.IFNA(VLOOKUP(B74,#REF!,4,0),0)+_xlfn.IFNA(VLOOKUP(B74,#REF!,4,0),0)+_xlfn.IFNA(VLOOKUP(B74,#REF!,4,0),0) -> #REF! | F74: =#REF! -> #REF! | G74: =ROUND(E74*F74,0) -> #REF!
A75: 53 | B75: =#REF! -> #REF! | C75: =#REF! -> #REF! | D75: =#REF! -> #REF! | E75: =_xlfn.IFNA(VLOOKUP(B75,#REF!,4,0),0)+_xlfn.IFNA(VLOOKUP(B75,#REF!,4,0),0)+_xlfn.IFNA(VLOOKUP(B75,#REF!,4,0),0)+_xlfn.IFNA(VLOOKUP(B75,#REF!,4,0),0)+_xlfn.IFNA(VLOOKUP(B75,#REF!,4,0),0)+_xlfn.IFNA(VLOOKUP(B75,#REF!,4,0),0)+_xlfn.IFNA(VLOOKUP(B75,#REF!,4,0),0)+_xlfn.IFNA(VLOOKUP(B75,#REF!,4,0),0)+_xlfn.IFNA(VLOOKUP(B75,#REF!,4,0),0)+_xlfn.IFNA(VLOOKUP(B75,#REF!,4,0),0)+_xlfn.IFNA(VLOOKUP(B75,#REF!,4,0),0)+_xlfn.IFNA(VLOOKUP(B75,#REF!,4,0),0)+_xlfn.IFNA(VLOOKUP(B75,#REF!,4,0),0)+_xlfn.IFNA(VLOOKUP(B75,#REF!,4,0),0)+_xlfn.IFNA(VLOOKUP(B75,#REF!,4,0),0)+_xlfn.IFNA(VLOOKUP(B75,#REF!,4,0),0)+_xlfn.IFNA(VLOOKUP(B75,#REF!,4,0),0)+_xlfn.IFNA(VLOOKUP(B75,#REF!,4,0),0)+_xlfn.IFNA(VLOOKUP(B75,#REF!,4,0),0)+_xlfn.IFNA(VLOOKUP(B75,#REF!,4,0),0)+_xlfn.IFNA(VLOOKUP(B75,#REF!,4,0),0)+_xlfn.IFNA(VLOOKUP(B75,#REF!,4,0),0)+_xlfn.IFNA(VLOOKUP(B75,#REF!,4,0),0)+_xlfn.IFNA(VLOOKUP(B75,#REF!,4,0),0)+_xlfn.IFNA(VLOOKUP(B75,#REF!,4,0),0) -> #REF! | F75: =#REF! -> #REF! | G75: =ROUND(E75*F75,0) -> #REF!
A76: 54 | B76: =#REF! -> #REF! | C76: =#REF! -> #REF! | D76: =#REF! -> #REF! | E76: =_xlfn.IFNA(VLOOKUP(B76,#REF!,4,0),0)+_xlfn.IFNA(VLOOKUP(B76,#REF!,4,0),0)+_xlfn.IFNA(VLOOKUP(B76,#REF!,4,0),0)+_xlfn.IFNA(VLOOKUP(B76,#REF!,4,0),0)+_xlfn.IFNA(VLOOKUP(B76,#REF!,4,0),0)+_xlfn.IFNA(VLOOKUP(B76,#REF!,4,0),0)+_xlfn.IFNA(VLOOKUP(B76,#REF!,4,0),0)+_xlfn.IFNA(VLOOKUP(B76,#REF!,4,0),0)+_xlfn.IFNA(VLOOKUP(B76,#REF!,4,0),0)+_xlfn.IFNA(VLOOKUP(B76,#REF!,4,0),0)+_xlfn.IFNA(VLOOKUP(B76,#REF!,4,0),0)+_xlfn.IFNA(VLOOKUP(B76,#REF!,4,0),0)+_xlfn.IFNA(VLOOKUP(B76,#REF!,4,0),0)+_xlfn.IFNA(VLOOKUP(B76,#REF!,4,0),0)+_xlfn.IFNA(VLOOKUP(B76,#REF!,4,0),0)+_xlfn.IFNA(VLOOKUP(B76,#REF!,4,0),0)+_xlfn.IFNA(VLOOKUP(B76,#REF!,4,0),0)+_xlfn.IFNA(VLOOKUP(B76,#REF!,4,0),0)+_xlfn.IFNA(VLOOKUP(B76,#REF!,4,0),0)+_xlfn.IFNA(VLOOKUP(B76,#REF!,4,0),0)+_xlfn.IFNA(VLOOKUP(B76,#REF!,4,0),0)+_xlfn.IFNA(VLOOKUP(B76,#REF!,4,0),0)+_xlfn.IFNA(VLOOKUP(B76,#REF!,4,0),0)+_xlfn.IFNA(VLOOKUP(B76,#REF!,4,0),0)+_xlfn.IFNA(VLOOKUP(B76,#REF!,4,0),0) -> #REF! | F76: =#REF! -> #REF! | G76: =ROUND(E76*F76,0) -> #REF!
A77: 55 | B77: =#REF! -> #REF! | C77: =#REF! -> #REF! | D77: =#REF! -> #REF! | E77: =_xlfn.IFNA(VLOOKUP(B77,#REF!,4,0),0)+_xlfn.IFNA(VLOOKUP(B77,#REF!,4,0),0)+_xlfn.IFNA(VLOOKUP(B77,#REF!,4,0),0)+_xlfn.IFNA(VLOOKUP(B77,#REF!,4,0),0)+_xlfn.IFNA(VLOOKUP(B77,#REF!,4,0),0)+_xlfn.IFNA(VLOOKUP(B77,#REF!,4,0),0)+_xlfn.IFNA(VLOOKUP(B77,#REF!,4,0),0)+_xlfn.IFNA(VLOOKUP(B77,#REF!,4,0),0)+_xlfn.IFNA(VLOOKUP(B77,#REF!,4,0),0)+_xlfn.IFNA(VLOOKUP(B77,#REF!,4,0),0)+_xlfn.IFNA(VLOOKUP(B77,#REF!,4,0),0)+_xlfn.IFNA(VLOOKUP(B77,#REF!,4,0),0)+_xlfn.IFNA(VLOOKUP(B77,#REF!,4,0),0)+_xlfn.IFNA(VLOOKUP(B77,#REF!,4,0),0)+_xlfn.IFNA(VLOOKUP(B77,#REF!,4,0),0)+_xlfn.IFNA(VLOOKUP(B77,#REF!,4,0),0)+_xlfn.IFNA(VLOOKUP(B77,#REF!,4,0),0)+_xlfn.IFNA(VLOOKUP(B77,#REF!,4,0),0)+_xlfn.IFNA(VLOOKUP(B77,#REF!,4,0),0)+_xlfn.IFNA(VLOOKUP(B77,#REF!,4,0),0)+_xlfn.IFNA(VLOOKUP(B77,#REF!,4,0),0)+_xlfn.IFNA(VLOOKUP(B77,#REF!,4,0),0)+_xlfn.IFNA(VLOOKUP(B77,#REF!,4,0),0)+_xlfn.IFNA(VLOOKUP(B77,#REF!,4,0),0)+_xlfn.IFNA(VLOOKUP(B77,#REF!,4,0),0) -> #REF! | F77: =#REF! -> #REF! | G77: =ROUND(E77*F77,0) -> #REF!
A78: 56 | B78: =#REF! -> #REF! | C78: =#REF! -> #REF! | D78: =#REF! -> #REF! | E78: =_xlfn.IFNA(VLOOKUP(B78,#REF!,4,0),0)+_xlfn.IFNA(VLOOKUP(B78,#REF!,4,0),0)+_xlfn.IFNA(VLOOKUP(B78,#REF!,4,0),0)+_xlfn.IFNA(VLOOKUP(B78,#REF!,4,0),0)+_xlfn.IFNA(VLOOKUP(B78,#REF!,4,0),0)+_xlfn.IFNA(VLOOKUP(B78,#REF!,4,0),0)+_xlfn.IFNA(VLOOKUP(B78,#REF!,4,0),0)+_xlfn.IFNA(VLOOKUP(B78,#REF!,4,0),0)+_xlfn.IFNA(VLOOKUP(B78,#REF!,4,0),0)+_xlfn.IFNA(VLOOKUP(B78,#REF!,4,0),0)+_xlfn.IFNA(VLOOKUP(B78,#REF!,4,0),0)+_xlfn.IFNA(VLOOKUP(B78,#REF!,4,0),0)+_xlfn.IFNA(VLOOKUP(B78,#REF!,4,0),0)+_xlfn.IFNA(VLOOKUP(B78,#REF!,4,0),0)+_xlfn.IFNA(VLOOKUP(B78,#REF!,4,0),0)+_xlfn.IFNA(VLOOKUP(B78,#REF!,4,0),0)+_xlfn.IFNA(VLOOKUP(B78,#REF!,4,0),0)+_xlfn.IFNA(VLOOKUP(B78,#REF!,4,0),0)+_xlfn.IFNA(VLOOKUP(B78,#REF!,4,0),0)+_xlfn.IFNA(VLOOKUP(B78,#REF!,4,0),0)+_xlfn.IFNA(VLOOKUP(B78,#REF!,4,0),0)+_xlfn.IFNA(VLOOKUP(B78,#REF!,4,0),0)+_xlfn.IFNA(VLOOKUP(B78,#REF!,4,0),0)+_xlfn.IFNA(VLOOKUP(B78,#REF!,4,0),0)+_xlfn.IFNA(VLOOKUP(B78,#REF!,4,0),0) -> #REF! | F78: =#REF! -> #REF! | G78: =ROUND(E78*F78,0) -> #REF!
B79: =#REF! -> #REF! | C79: SUBTOTAL ACUEDUCTO | D79: =#REF! -> #REF! | E79: =_xlfn.IFNA(VLOOKUP(B79,#REF!,4,0),0)+_xlfn.IFNA(VLOOKUP(B79,#REF!,4,0),0)+_xlfn.IFNA(VLOOKUP(B79,#REF!,4,0),0)+_xlfn.IFNA(VLOOKUP(B79,#REF!,4,0),0)+_xlfn.IFNA(VLOOKUP(B79,#REF!,4,0),0)+_xlfn.IFNA(VLOOKUP(B79,#REF!,4,0),0)+_xlfn.IFNA(VLOOKUP(B79,#REF!,4,0),0)+_xlfn.IFNA(VLOOKUP(B79,#REF!,4,0),0)+_xlfn.IFNA(VLOOKUP(B79,#REF!,4,0),0)+_xlfn.IFNA(VLOOKUP(B79,#REF!,4,0),0)+_xlfn.IFNA(VLOOKUP(B79,#REF!,4,0),0)+_xlfn.IFNA(VLOOKUP(B79,#REF!,4,0),0)+_xlfn.IFNA(VLOOKUP(B79,#REF!,4,0),0)+_xlfn.IFNA(VLOOKUP(B79,#REF!,4,0),0)+_xlfn.IFNA(VLOOKUP(B79,#REF!,4,0),0)+_xlfn.IFNA(VLOOKUP(B79,#REF!,4,0),0)+_xlfn.IFNA(VLOOKUP(B79,#REF!,4,0),0)+_xlfn.IFNA(VLOOKUP(B79,#REF!,4,0),0)+_xlfn.IFNA(VLOOKUP(B79,#REF!,4,0),0)+_xlfn.IFNA(VLOOKUP(B79,#REF!,4,0),0)+_xlfn.IFNA(VLOOKUP(B79,#REF!,4,0),0)+_xlfn.IFNA(VLOOKUP(B79,#REF!,4,0),0)+_xlfn.IFNA(VLOOKUP(B79,#REF!,4,0),0)+_xlfn.IFNA(VLOOKUP(B79,#REF!,4,0),0)+_xlfn.IFNA(VLOOKUP(B79,#REF!,4,0),0) -> #REF! | G79: =SUM(G72:G78) -> #REF!
B80: =#REF! -> #REF! | C80: CONSTRUCCION DE POZOS DE INSPECCION | D80: =#REF! -> #REF! | E80: =_xlfn.IFNA(VLOOKUP(B80,#REF!,4,0),0)+_xlfn.IFNA(VLOOKUP(B80,#REF!,4,0),0)+_xlfn.IFNA(VLOOKUP(B80,#REF!,4,0),0)+_xlfn.IFNA(VLOOKUP(B80,#REF!,4,0),0)+_xlfn.IFNA(VLOOKUP(B80,#REF!,4,0),0)+_xlfn.IFNA(VLOOKUP(B80,#REF!,4,0),0)+_xlfn.IFNA(VLOOKUP(B80,#REF!,4,0),0)+_xlfn.IFNA(VLOOKUP(B80,#REF!,4,0),0)+_xlfn.IFNA(VLOOKUP(B80,#REF!,4,0),0)+_xlfn.IFNA(VLOOKUP(B80,#REF!,4,0),0)+_xlfn.IFNA(VLOOKUP(B80,#REF!,4,0),0)+_xlfn.IFNA(VLOOKUP(B80,#REF!,4,0),0)+_xlfn.IFNA(VLOOKUP(B80,#REF!,4,0),0)+_xlfn.IFNA(VLOOKUP(B80,#REF!,4,0),0)+_xlfn.IFNA(VLOOKUP(B80,#REF!,4,0),0)+_xlfn.IFNA(VLOOKUP(B80,#REF!,4,0),0)+_xlfn.IFNA(VLOOKUP(B80,#REF!,4,0),0)+_xlfn.IFNA(VLOOKUP(B80,#REF!,4,0),0)+_xlfn.IFNA(VLOOKUP(B80,#REF!,4,0),0)+_xlfn.IFNA(VLOOKUP(B80,#REF!,4,0),0)+_xlfn.IFNA(VLOOKUP(B80,#REF!,4,0),0)+_xlfn.IFNA(VLOOKUP(B80,#REF!,4,0),0)+_xlfn.IFNA(VLOOKUP(B80,#REF!,4,0),0)+_xlfn.IFNA(VLOOKUP(B80,#REF!,4,0),0)+_xlfn.IFNA(VLOOKUP(B80,#REF!,4,0),0) -> #REF!
B81: =#REF! -> #REF! | C81: DE 1.2 M DE DIAMETRO | D81: =#REF! -> #REF! | E81: =_xlfn.IFNA(VLOOKUP(B81,#REF!,4,0),0)+_xlfn.IFNA(VLOOKUP(B81,#REF!,4,0),0)+_xlfn.IFNA(VLOOKUP(B81,#REF!,4,0),0)+_xlfn.IFNA(VLOOKUP(B81,#REF!,4,0),0)+_xlfn.IFNA(VLOOKUP(B81,#REF!,4,0),0)+_xlfn.IFNA(VLOOKUP(B81,#REF!,4,0),0)+_xlfn.IFNA(VLOOKUP(B81,#REF!,4,0),0)+_xlfn.IFNA(VLOOKUP(B81,#REF!,4,0),0)+_xlfn.IFNA(VLOOKUP(B81,#REF!,4,0),0)+_xlfn.IFNA(VLOOKUP(B81,#REF!,4,0),0)+_xlfn.IFNA(VLOOKUP(B81,#REF!,4,0),0)+_xlfn.IFNA(VLOOKUP(B81,#REF!,4,0),0)+_xlfn.IFNA(VLOOKUP(B81,#REF!,4,0),0)+_xlfn.IFNA(VLOOKUP(B81,#REF!,4,0),0)+_xlfn.IFNA(VLOOKUP(B81,#REF!,4,0),0)+_xlfn.IFNA(VLOOKUP(B81,#REF!,4,0),0)+_xlfn.IFNA(VLOOKUP(B81,#REF!,4,0),0)+_xlfn.IFNA(VLOOKUP(B81,#REF!,4,0),0)+_xlfn.IFNA(VLOOKUP(B81,#REF!,4,0),0)+_xlfn.IFNA(VLOOKUP(B81,#REF!,4,0),0)+_xlfn.IFNA(VLOOKUP(B81,#REF!,4,0),0)+_xlfn.IFNA(VLOOKUP(B81,#REF!,4,0),0)+_xlfn.IFNA(VLOOKUP(B81,#REF!,4,0),0)+_xlfn.IFNA(VLOOKUP(B81,#REF!,4,0),0)+_xlfn.IFNA(VLOOKUP(B81,#REF!,4,0),0) -> #REF!
A82: 57 | B82: =#REF! -> #REF! | C82: =#REF! -> #REF! | D82: =#REF! -> #REF! | E82: =_xlfn.IFNA(VLOOKUP(B82,#REF!,4,0),0)+_xlfn.IFNA(VLOOKUP(B82,#REF!,4,0),0)+_xlfn.IFNA(VLOOKUP(B82,#REF!,4,0),0)+_xlfn.IFNA(VLOOKUP(B82,#REF!,4,0),0)+_xlfn.IFNA(VLOOKUP(B82,#REF!,4,0),0)+_xlfn.IFNA(VLOOKUP(B82,#REF!,4,0),0)+_xlfn.IFNA(VLOOKUP(B82,#REF!,4,0),0)+_xlfn.IFNA(VLOOKUP(B82,#REF!,4,0),0)+_xlfn.IFNA(VLOOKUP(B82,#REF!,4,0),0)+_xlfn.IFNA(VLOOKUP(B82,#REF!,4,0),0)+_xlfn.IFNA(VLOOKUP(B82,#REF!,4,0),0)+_xlfn.IFNA(VLOOKUP(B82,#REF!,4,0),0)+_xlfn.IFNA(VLOOKUP(B82,#REF!,4,0),0)+_xlfn.IFNA(VLOOKUP(B82,#REF!,4,0),0)+_xlfn.IFNA(VLOOKUP(B82,#REF!,4,0),0)+_xlfn.IFNA(VLOOKUP(B82,#REF!,4,0),0)+_xlfn.IFNA(VLOOKUP(B82,#REF!,4,0),0)+_xlfn.IFNA(VLOOKUP(B82,#REF!,4,0),0)+_xlfn.IFNA(VLOOKUP(B82,#REF!,4,0),0)+_xlfn.IFNA(VLOOKUP(B82,#REF!,4,0),0)+_xlfn.IFNA(VLOOKUP(B82,#REF!,4,0),0)+_xlfn.IFNA(VLOOKUP(B82,#REF!,4,0),0)+_xlfn.IFNA(VLOOKUP(B82,#REF!,4,0),0)+_xlfn.IFNA(VLOOKUP(B82,#REF!,4,0),0)+_xlfn.IFNA(VLOOKUP(B82,#REF!,4,0),0) -> #REF! | F82: =#REF! -> #REF! | G82: =ROUND(E82*F82,0) -> #REF!
A83: 58 | B83: =#REF! -> #REF! | C83: =#REF! -> #REF! | D83: =#REF! -> #REF! | E83: =_xlfn.IFNA(VLOOKUP(B83,#REF!,4,0),0)+_xlfn.IFNA(VLOOKUP(B83,#REF!,4,0),0)+_xlfn.IFNA(VLOOKUP(B83,#REF!,4,0),0)+_xlfn.IFNA(VLOOKUP(B83,#REF!,4,0),0)+_xlfn.IFNA(VLOOKUP(B83,#REF!,4,0),0)+_xlfn.IFNA(VLOOKUP(B83,#REF!,4,0),0)+_xlfn.IFNA(VLOOKUP(B83,#REF!,4,0),0)+_xlfn.IFNA(VLOOKUP(B83,#REF!,4,0),0)+_xlfn.IFNA(VLOOKUP(B83,#REF!,4,0),0)+_xlfn.IFNA(VLOOKUP(B83,#REF!,4,0),0)+_xlfn.IFNA(VLOOKUP(B83,#REF!,4,0),0)+_xlfn.IFNA(VLOOKUP(B83,#REF!,4,0),0)+_xlfn.IFNA(VLOOKUP(B83,#REF!,4,0),0)+_xlfn.IFNA(VLOOKUP(B83,#REF!,4,0),0)+_xlfn.IFNA(VLOOKUP(B83,#REF!,4,0),0)+_xlfn.IFNA(VLOOKUP(B83,#REF!,4,0),0)+_xlfn.IFNA(VLOOKUP(B83,#REF!,4,0),0)+_xlfn.IFNA(VLOOKUP(B83,#REF!,4,0),0)+_xlfn.IFNA(VLOOKUP(B83,#REF!,4,0),0)+_xlfn.IFNA(VLOOKUP(B83,#REF!,4,0),0)+_xlfn.IFNA(VLOOKUP(B83,#REF!,4,0),0)+_xlfn.IFNA(VLOOKUP(B83,#REF!,4,0),0)+_xlfn.IFNA(VLOOKUP(B83,#REF!,4,0),0)+_xlfn.IFNA(VLOOKUP(B83,#REF!,4,0),0)+_xlfn.IFNA(VLOOKUP(B83,#REF!,4,0),0) -> #REF! | F83: =#REF! -> #REF! | G83: =ROUND(E83*F83,0) -> #REF!
A84: 59 | B84: =#REF! -> #REF! | C84: =#REF! -> #REF! | D84: =#REF! -> #REF! | E84: =_xlfn.IFNA(VLOOKUP(B84,#REF!,4,0),0)+_xlfn.IFNA(VLOOKUP(B84,#REF!,4,0),0)+_xlfn.IFNA(VLOOKUP(B84,#REF!,4,0),0)+_xlfn.IFNA(VLOOKUP(B84,#REF!,4,0),0)+_xlfn.IFNA(VLOOKUP(B84,#REF!,4,0),0)+_xlfn.IFNA(VLOOKUP(B84,#REF!,4,0),0)+_xlfn.IFNA(VLOOKUP(B84,#REF!,4,0),0)+_xlfn.IFNA(VLOOKUP(B84,#REF!,4,0),0)+_xlfn.IFNA(VLOOKUP(B84,#REF!,4,0),0)+_xlfn.IFNA(VLOOKUP(B84,#REF!,4,0),0)+_xlfn.IFNA(VLOOKUP(B84,#REF!,4,0),0)+_xlfn.IFNA(VLOOKUP(B84,#REF!,4,0),0)+_xlfn.IFNA(VLOOKUP(B84,#REF!,4,0),0)+_xlfn.IFNA(VLOOKUP(B84,#REF!,4,0),0)+_xlfn.IFNA(VLOOKUP(B84,#REF!,4,0),0)+_xlfn.IFNA(VLOOKUP(B84,#REF!,4,0),0)+_xlfn.IFNA(VLOOKUP(B84,#REF!,4,0),0)+_xlfn.IFNA(VLOOKUP(B84,#REF!,4,0),0)+_xlfn.IFNA(VLOOKUP(B84,#REF!,4,0),0)+_xlfn.IFNA(VLOOKUP(B84,#REF!,4,0),0)+_xlfn.IFNA(VLOOKUP(B84,#REF!,4,0),0)+_xlfn.IFNA(VLOOKUP(B84,#REF!,4,0),0)+_xlfn.IFNA(VLOOKUP(B84,#REF!,4,0),0)+_xlfn.IFNA(VLOOKUP(B84,#REF!,4,0),0)+_xlfn.IFNA(VLOOKUP(B84,#REF!,4,0),0) -> #REF! | F84: =#REF! -> #REF! | G84: =ROUND(E84*F84,0) -> #REF!
A85: 60 | B85: =#REF! -> #REF! | C85: =#REF! -> #REF! | D85: =#REF! -> #REF! | E85: =_xlfn.IFNA(VLOOKUP(B85,#REF!,4,0),0)+_xlfn.IFNA(VLOOKUP(B85,#REF!,4,0),0)+_xlfn.IFNA(VLOOKUP(B85,#REF!,4,0),0)+_xlfn.IFNA(VLOOKUP(B85,#REF!,4,0),0)+_xlfn.IFNA(VLOOKUP(B85,#REF!,4,0),0)+_xlfn.IFNA(VLOOKUP(B85,#REF!,4,0),0)+_xlfn.IFNA(VLOOKUP(B85,#REF!,4,0),0)+_xlfn.IFNA(VLOOKUP(B85,#REF!,4,0),0)+_xlfn.IFNA(VLOOKUP(B85,#REF!,4,0),0)+_xlfn.IFNA(VLOOKUP(B85,#REF!,4,0),0)+_xlfn.IFNA(VLOOKUP(B85,#REF!,4,0),0)+_xlfn.IFNA(VLOOKUP(B85,#REF!,4,0),0)+_xlfn.IFNA(VLOOKUP(B85,#REF!,4,0),0)+_xlfn.IFNA(VLOOKUP(B85,#REF!,4,0),0)+_xlfn.IFNA(VLOOKUP(B85,#REF!,4,0),0)+_xlfn.IFNA(VLOOKUP(B85,#REF!,4,0),0)+_xlfn.IFNA(VLOOKUP(B85,#REF!,4,0),0)+_xlfn.IFNA(VLOOKUP(B85,#REF!,4,0),0)+_xlfn.IFNA(VLOOKUP(B85,#REF!,4,0),0)+_xlfn.IFNA(VLOOKUP(B85,#REF!,4,0),0)+_xlfn.IFNA(VLOOKUP(B85,#REF!,4,0),0)+_xlfn.IFNA(VLOOKUP(B85,#REF!,4,0),0)+_xlfn.IFNA(VLOOKUP(B85,#REF!,4,0),0)+_xlfn.IFNA(VLOOKUP(B85,#REF!,4,0),0)+_xlfn.IFNA(VLOOKUP(B85,#REF!,4,0),0) -> #REF! | F85: =#REF! -> #REF! | G85: =ROUND(E85*F85,0) -> #REF!
A86: 61 | B86: =#REF! -> #REF! | C86: =#REF! -> #REF! | D86: =#REF! -> #REF! | E86: =_xlfn.IFNA(VLOOKUP(B86,#REF!,4,0),0)+_xlfn.IFNA(VLOOKUP(B86,#REF!,4,0),0)+_xlfn.IFNA(VLOOKUP(B86,#REF!,4,0),0)+_xlfn.IFNA(VLOOKUP(B86,#REF!,4,0),0)+_xlfn.IFNA(VLOOKUP(B86,#REF!,4,0),0)+_xlfn.IFNA(VLOOKUP(B86,#REF!,4,0),0)+_xlfn.IFNA(VLOOKUP(B86,#REF!,4,0),0)+_xlfn.IFNA(VLOOKUP(B86,#REF!,4,0),0)+_xlfn.IFNA(VLOOKUP(B86,#REF!,4,0),0)+_xlfn.IFNA(VLOOKUP(B86,#REF!,4,0),0)+_xlfn.IFNA(VLOOKUP(B86,#REF!,4,0),0)+_xlfn.IFNA(VLOOKUP(B86,#REF!,4,0),0)+_xlfn.IFNA(VLOOKUP(B86,#REF!,4,0),0)+_xlfn.IFNA(VLOOKUP(B86,#REF!,4,0),0)+_xlfn.IFNA(VLOOKUP(B86,#REF!,4,0),0)+_xlfn.IFNA(VLOOKUP(B86,#REF!,4,0),0)+_xlfn.IFNA(VLOOKUP(B86,#REF!,4,0),0)+_xlfn.IFNA(VLOOKUP(B86,#REF!,4,0),0)+_xlfn.IFNA(VLOOKUP(B86,#REF!,4,0),0)+_xlfn.IFNA(VLOOKUP(B86,#REF!,4,0),0)+_xlfn.IFNA(VLOOKUP(B86,#REF!,4,0),0)+_xlfn.IFNA(VLOOKUP(B86,#REF!,4,0),0)+_xlfn.IFNA(VLOOKUP(B86,#REF!,4,0),0)+_xlfn.IFNA(VLOOKUP(B86,#REF!,4,0),0)+_xlfn.IFNA(VLOOKUP(B86,#REF!,4,0),0) -> #REF! | F86: =#REF! -> #REF! | G86: =ROUND(E86*F86,0) -> #REF!
A87: 62 | B87: =#REF! -> #REF! | C87: =#REF! -> #REF! | D87: =#REF! -> #REF! | E87: =_xlfn.IFNA(VLOOKUP(B87,#REF!,4,0),0)+_xlfn.IFNA(VLOOKUP(B87,#REF!,4,0),0)+_xlfn.IFNA(VLOOKUP(B87,#REF!,4,0),0)+_xlfn.IFNA(VLOOKUP(B87,#REF!,4,0),0)+_xlfn.IFNA(VLOOKUP(B87,#REF!,4,0),0)+_xlfn.IFNA(VLOOKUP(B87,#REF!,4,0),0)+_xlfn.IFNA(VLOOKUP(B87,#REF!,4,0),0)+_xlfn.IFNA(VLOOKUP(B87,#REF!,4,0),0)+_xlfn.IFNA(VLOOKUP(B87,#REF!,4,0),0)+_xlfn.IFNA(VLOOKUP(B87,#REF!,4,0),0)+_xlfn.IFNA(VLOOKUP(B87,#REF!,4,0),0)+_xlfn.IFNA(VLOOKUP(B87,#REF!,4,0),0)+_xlfn.IFNA(VLOOKUP(B87,#REF!,4,0),0)+_xlfn.IFNA(VLOOKUP(B87,#REF!,4,0),0)+_xlfn.IFNA(VLOOKUP(B87,#REF!,4,0),0)+_xlfn.IFNA(VLOOKUP(B87,#REF!,4,0),0)+_xlfn.IFNA(VLOOKUP(B87,#REF!,4,0),0)+_xlfn.IFNA(VLOOKUP(B87,#REF!,4,0),0)+_xlfn.IFNA(VLOOKUP(B87,#REF!,4,0),0)+_xlfn.IFNA(VLOOKUP(B87,#REF!,4,0),0)+_xlfn.IFNA(VLOOKUP(B87,#REF!,4,0),0)+_xlfn.IFNA(VLOOKUP(B87,#REF!,4,0),0)+_xlfn.IFNA(VLOOKUP(B87,#REF!,4,0),0)+_xlfn.IFNA(VLOOKUP(B87,#REF!,4,0),0)+_xlfn.IFNA(VLOOKUP(B87,#REF!,4,0),0) -> #REF! | F87: =#REF! -> #REF! | G87: =ROUND(E87*F87,0) -> #REF!
A88: 63 | B88: =#REF! -> #REF! | C88: =#REF! -> #REF! | D88: =#REF! -> #REF! | E88: =_xlfn.IFNA(VLOOKUP(B88,#REF!,4,0),0)+_xlfn.IFNA(VLOOKUP(B88,#REF!,4,0),0)+_xlfn.IFNA(VLOOKUP(B88,#REF!,4,0),0)+_xlfn.IFNA(VLOOKUP(B88,#REF!,4,0),0)+_xlfn.IFNA(VLOOKUP(B88,#REF!,4,0),0)+_xlfn.IFNA(VLOOKUP(B88,#REF!,4,0),0)+_xlfn.IFNA(VLOOKUP(B88,#REF!,4,0),0)+_xlfn.IFNA(VLOOKUP(B88,#REF!,4,0),0)+_xlfn.IFNA(VLOOKUP(B88,#REF!,4,0),0)+_xlfn.IFNA(VLOOKUP(B88,#REF!,4,0),0)+_xlfn.IFNA(VLOOKUP(B88,#REF!,4,0),0)+_xlfn.IFNA(VLOOKUP(B88,#REF!,4,0),0)+_xlfn.IFNA(VLOOKUP(B88,#REF!,4,0),0)+_xlfn.IFNA(VLOOKUP(B88,#REF!,4,0),0)+_xlfn.IFNA(VLOOKUP(B88,#REF!,4,0),0)+_xlfn.IFNA(VLOOKUP(B88,#REF!,4,0),0)+_xlfn.IFNA(VLOOKUP(B88,#REF!,4,0),0)+_xlfn.IFNA(VLOOKUP(B88,#REF!,4,0),0)+_xlfn.IFNA(VLOOKUP(B88,#REF!,4,0),0)+_xlfn.IFNA(VLOOKUP(B88,#REF!,4,0),0)+_xlfn.IFNA(VLOOKUP(B88,#REF!,4,0),0)+_xlfn.IFNA(VLOOKUP(B88,#REF!,4,0),0)+_xlfn.IFNA(VLOOKUP(B88,#REF!,4,0),0)+_xlfn.IFNA(VLOOKUP(B88,#REF!,4,0),0)+_xlfn.IFNA(VLOOKUP(B88,#REF!,4,0),0) -> #REF! | F88: =#REF! -> #REF! | G88: =ROUND(E88*F88,0) -> #REF!
A89: 64 | B89: =#REF! -> #REF! | C89: =#REF! -> #REF! | D89: =#REF! -> #REF! | E89: =_xlfn.IFNA(VLOOKUP(B89,#REF!,4,0),0)+_xlfn.IFNA(VLOOKUP(B89,#REF!,4,0),0)+_xlfn.IFNA(VLOOKUP(B89,#REF!,4,0),0)+_xlfn.IFNA(VLOOKUP(B89,#REF!,4,0),0)+_xlfn.IFNA(VLOOKUP(B89,#REF!,4,0),0)+_xlfn.IFNA(VLOOKUP(B89,#REF!,4,0),0)+_xlfn.IFNA(VLOOKUP(B89,#REF!,4,0),0)+_xlfn.IFNA(VLOOKUP(B89,#REF!,4,0),0)+_xlfn.IFNA(VLOOKUP(B89,#REF!,4,0),0)+_xlfn.IFNA(VLOOKUP(B89,#REF!,4,0),0)+_xlfn.IFNA(VLOOKUP(B89,#REF!,4,0),0)+_xlfn.IFNA(VLOOKUP(B89,#REF!,4,0),0)+_xlfn.IFNA(VLOOKUP(B89,#REF!,4,0),0)+_xlfn.IFNA(VLOOKUP(B89,#REF!,4,0),0)+_xlfn.IFNA(VLOOKUP(B89,#REF!,4,0),0)+_xlfn.IFNA(VLOOKUP(B89,#REF!,4,0),0)+_xlfn.IFNA(VLOOKUP(B89,#REF!,4,0),0)+_xlfn.IFNA(VLOOKUP(B89,#REF!,4,0),0)+_xlfn.IFNA(VLOOKUP(B89,#REF!,4,0),0)+_xlfn.IFNA(VLOOKUP(B89,#REF!,4,0),0)+_xlfn.IFNA(VLOOKUP(B89,#REF!,4,0),0)+_xlfn.IFNA(VLOOKUP(B89,#REF!,4,0),0)+_xlfn.IFNA(VLOOKUP(B89,#REF!,4,0),0)+_xlfn.IFNA(VLOOKUP(B89,#REF!,4,0),0)+_xlfn.IFNA(VLOOKUP(B89,#REF!,4,0),0) -> #REF! | F89: =#REF! -> #REF! | G89: =ROUND(E89*F89,0) -> #REF!
B90: =#REF! -> #REF! | C90: SUBTOTAL CONSTRUCCION DE POZOS DE INSPECCION DE 1.2 M DE DIAMETRO | D90: =#REF! -> #REF! | E90: =_xlfn.IFNA(VLOOKUP(B90,#REF!,4,0),0)+_xlfn.IFNA(VLOOKUP(B90,#REF!,4,0),0)+_xlfn.IFNA(VLOOKUP(B90,#REF!,4,0),0)+_xlfn.IFNA(VLOOKUP(B90,#REF!,4,0),0)+_xlfn.IFNA(VLOOKUP(B90,#REF!,4,0),0)+_xlfn.IFNA(VLOOKUP(B90,#REF!,4,0),0)+_xlfn.IFNA(VLOOKUP(B90,#REF!,4,0),0)+_xlfn.IFNA(VLOOKUP(B90,#REF!,4,0),0)+_xlfn.IFNA(VLOOKUP(B90,#REF!,4,0),0)+_xlfn.IFNA(VLOOKUP(B90,#REF!,4,0),0)+_xlfn.IFNA(VLOOKUP(B90,#REF!,4,0),0)+_xlfn.IFNA(VLOOKUP(B90,#REF!,4,0),0)+_xlfn.IFNA(VLOOKUP(B90,#REF!,4,0),0)+_xlfn.IFNA(VLOOKUP(B90,#REF!,4,0),0)+_xlfn.IFNA(VLOOKUP(B90,#REF!,4,0),0)+_xlfn.IFNA(VLOOKUP(B90,#REF!,4,0),0)+_xlfn.IFNA(VLOOKUP(B90,#REF!,4,0),0)+_xlfn.IFNA(VLOOKUP(B90,#REF!,4,0),0)+_xlfn.IFNA(VLOOKUP(B90,#REF!,4,0),0)+_xlfn.IFNA(VLOOKUP(B90,#REF!,4,0),0)+_xlfn.IFNA(VLOOKUP(B90,#REF!,4,0),0)+_xlfn.IFNA(VLOOKUP(B90,#REF!,4,0),0)+_xlfn.IFNA(VLOOKUP(B90,#REF!,4,0),0)+_xlfn.IFNA(VLOOKUP(B90,#REF!,4,0),0)+_xlfn.IFNA(VLOOKUP(B90,#REF!,4,0),0) -> #REF! | G90: =SUM(G82:G89) -> #REF!
B91: =#REF! -> #REF! | C91: OBRAS ADICIONALES A LA VIA | D91: =#REF! -> #REF! | E91: =_xlfn.IFNA(VLOOKUP(B91,#REF!,4,0),0)+_xlfn.IFNA(VLOOKUP(B91,#REF!,4,0),0)+_xlfn.IFNA(VLOOKUP(B91,#REF!,4,0),0)+_xlfn.IFNA(VLOOKUP(B91,#REF!,4,0),0)+_xlfn.IFNA(VLOOKUP(B91,#REF!,4,0),0)+_xlfn.IFNA(VLOOKUP(B91,#REF!,4,0),0)+_xlfn.IFNA(VLOOKUP(B91,#REF!,4,0),0)+_xlfn.IFNA(VLOOKUP(B91,#REF!,4,0),0)+_xlfn.IFNA(VLOOKUP(B91,#REF!,4,0),0)+_xlfn.IFNA(VLOOKUP(B91,#REF!,4,0),0)+_xlfn.IFNA(VLOOKUP(B91,#REF!,4,0),0)+_xlfn.IFNA(VLOOKUP(B91,#REF!,4,0),0)+_xlfn.IFNA(VLOOKUP(B91,#REF!,4,0),0)+_xlfn.IFNA(VLOOKUP(B91,#REF!,4,0),0)+_xlfn.IFNA(VLOOKUP(B91,#REF!,4,0),0)+_xlfn.IFNA(VLOOKUP(B91,#REF!,4,0),0)+_xlfn.IFNA(VLOOKUP(B91,#REF!,4,0),0)+_xlfn.IFNA(VLOOKUP(B91,#REF!,4,0),0)+_xlfn.IFNA(VLOOKUP(B91,#REF!,4,0),0)+_xlfn.IFNA(VLOOKUP(B91,#REF!,4,0),0)+_xlfn.IFNA(VLOOKUP(B91,#REF!,4,0),0)+_xlfn.IFNA(VLOOKUP(B91,#REF!,4,0),0)+_xlfn.IFNA(VLOOKUP(B91,#REF!,4,0),0)+_xlfn.IFNA(VLOOKUP(B91,#REF!,4,0),0)+_xlfn.IFNA(VLOOKUP(B91,#REF!,4,0),0) -> #REF!
A92: 65 | B92: =#REF! -> #REF! | C92: =#REF! -> #REF! | D92: =#REF! -> #REF! | E92: =_xlfn.IFNA(VLOOKUP(B92,#REF!,4,0),0)+_xlfn.IFNA(VLOOKUP(B92,#REF!,4,0),0)+_xlfn.IFNA(VLOOKUP(B92,#REF!,4,0),0)+_xlfn.IFNA(VLOOKUP(B92,#REF!,4,0),0)+_xlfn.IFNA(VLOOKUP(B92,#REF!,4,0),0)+_xlfn.IFNA(VLOOKUP(B92,#REF!,4,0),0)+_xlfn.IFNA(VLOOKUP(B92,#REF!,4,0),0)+_xlfn.IFNA(VLOOKUP(B92,#REF!,4,0),0)+_xlfn.IFNA(VLOOKUP(B92,#REF!,4,0),0)+_xlfn.IFNA(VLOOKUP(B92,#REF!,4,0),0)+_xlfn.IFNA(VLOOKUP(B92,#REF!,4,0),0)+_xlfn.IFNA(VLOOKUP(B92,#REF!,4,0),0)+_xlfn.IFNA(VLOOKUP(B92,#REF!,4,0),0)+_xlfn.IFNA(VLOOKUP(B92,#REF!,4,0),0)+_xlfn.IFNA(VLOOKUP(B92,#REF!,4,0),0)+_xlfn.IFNA(VLOOKUP(B92,#REF!,4,0),0)+_xlfn.IFNA(VLOOKUP(B92,#REF!,4,0),0)+_xlfn.IFNA(VLOOKUP(B92,#REF!,4,0),0)+_xlfn.IFNA(VLOOKUP(B92,#REF!,4,0),0)+_xlfn.IFNA(VLOOKUP(B92,#REF!,4,0),0)+_xlfn.IFNA(VLOOKUP(B92,#REF!,4,0),0)+_xlfn.IFNA(VLOOKUP(B92,#REF!,4,0),0)+_xlfn.IFNA(VLOOKUP(B92,#REF!,4,0),0)+_xlfn.IFNA(VLOOKUP(B92,#REF!,4,0),0)+_xlfn.IFNA(VLOOKUP(B92,#REF!,4,0),0) -> #REF! | F92: =#REF! -> #REF! | G92: =ROUND(E92*F92,0) -> #REF!
A93: 66 | B93: =#REF! -> #REF! | C93: =#REF! -> #REF! | D93: =#REF! -> #REF! | E93: =_xlfn.IFNA(VLOOKUP(B93,#REF!,4,0),0)+_xlfn.IFNA(VLOOKUP(B93,#REF!,4,0),0)+_xlfn.IFNA(VLOOKUP(B93,#REF!,4,0),0)+_xlfn.IFNA(VLOOKUP(B93,#REF!,4,0),0)+_xlfn.IFNA(VLOOKUP(B93,#REF!,4,0),0)+_xlfn.IFNA(VLOOKUP(B93,#REF!,4,0),0)+_xlfn.IFNA(VLOOKUP(B93,#REF!,4,0),0)+_xlfn.IFNA(VLOOKUP(B93,#REF!,4,0),0)+_xlfn.IFNA(VLOOKUP(B93,#REF!,4,0),0)+_xlfn.IFNA(VLOOKUP(B93,#REF!,4,0),0)+_xlfn.IFNA(VLOOKUP(B93,#REF!,4,0),0)+_xlfn.IFNA(VLOOKUP(B93,#REF!,4,0),0)+_xlfn.IFNA(VLOOKUP(B93,#REF!,4,0),0)+_xlfn.IFNA(VLOOKUP(B93,#REF!,4,0),0)+_xlfn.IFNA(VLOOKUP(B93,#REF!,4,0),0)+_xlfn.IFNA(VLOOKUP(B93,#REF!,4,0),0)+_xlfn.IFNA(VLOOKUP(B93,#REF!,4,0),0)+_xlfn.IFNA(VLOOKUP(B93,#REF!,4,0),0)+_xlfn.IFNA(VLOOKUP(B93,#REF!,4,0),0)+_xlfn.IFNA(VLOOKUP(B93,#REF!,4,0),0)+_xlfn.IFNA(VLOOKUP(B93,#REF!,4,0),0)+_xlfn.IFNA(VLOOKUP(B93,#REF!,4,0),0)+_xlfn.IFNA(VLOOKUP(B93,#REF!,4,0),0)+_xlfn.IFNA(VLOOKUP(B93,#REF!,4,0),0)+_xlfn.IFNA(VLOOKUP(B93,#REF!,4,0),0) -> #REF! | F93: =#REF! -> #REF! | G93: =ROUND(E93*F93,0) -> #REF!
A94: 67 | B94: =#REF! -> #REF! | C94: =#REF! -> #REF! | D94: =#REF! -> #REF! | E94: =_xlfn.IFNA(VLOOKUP(B94,#REF!,4,0),0)+_xlfn.IFNA(VLOOKUP(B94,#REF!,4,0),0)+_xlfn.IFNA(VLOOKUP(B94,#REF!,4,0),0)+_xlfn.IFNA(VLOOKUP(B94,#REF!,4,0),0)+_xlfn.IFNA(VLOOKUP(B94,#REF!,4,0),0)+_xlfn.IFNA(VLOOKUP(B94,#REF!,4,0),0)+_xlfn.IFNA(VLOOKUP(B94,#REF!,4,0),0)+_xlfn.IFNA(VLOOKUP(B94,#REF!,4,0),0)+_xlfn.IFNA(VLOOKUP(B94,#REF!,4,0),0)+_xlfn.IFNA(VLOOKUP(B94,#REF!,4,0),0)+_xlfn.IFNA(VLOOKUP(B94,#REF!,4,0),0)+_xlfn.IFNA(VLOOKUP(B94,#REF!,4,0),0)+_xlfn.IFNA(VLOOKUP(B94,#REF!,4,0),0)+_xlfn.IFNA(VLOOKUP(B94,#REF!,4,0),0)+_xlfn.IFNA(VLOOKUP(B94,#REF!,4,0),0)+_xlfn.IFNA(VLOOKUP(B94,#REF!,4,0),0)+_xlfn.IFNA(VLOOKUP(B94,#REF!,4,0),0)+_xlfn.IFNA(VLOOKUP(B94,#REF!,4,0),0)+_xlfn.IFNA(VLOOKUP(B94,#REF!,4,0),0)+_xlfn.IFNA(VLOOKUP(B94,#REF!,4,0),0)+_xlfn.IFNA(VLOOKUP(B94,#REF!,4,0),0)+_xlfn.IFNA(VLOOKUP(B94,#REF!,4,0),0)+_xlfn.IFNA(VLOOKUP(B94,#REF!,4,0),0)+_xlfn.IFNA(VLOOKUP(B94,#REF!,4,0),0)+_xlfn.IFNA(VLOOKUP(B94,#REF!,4,0),0) -> #REF! | F94: =#REF! -> #REF! | G94: =ROUND(E94*F94,0) -> #REF!
A95: 68 | B95: =#REF! -> #REF! | C95: =#REF! -> #REF! | D95: =#REF! -> #REF! | E95: =_xlfn.IFNA(VLOOKUP(B95,#REF!,4,0),0)+_xlfn.IFNA(VLOOKUP(B95,#REF!,4,0),0)+_xlfn.IFNA(VLOOKUP(B95,#REF!,4,0),0)+_xlfn.IFNA(VLOOKUP(B95,#REF!,4,0),0)+_xlfn.IFNA(VLOOKUP(B95,#REF!,4,0),0)+_xlfn.IFNA(VLOOKUP(B95,#REF!,4,0),0)+_xlfn.IFNA(VLOOKUP(B95,#REF!,4,0),0)+_xlfn.IFNA(VLOOKUP(B95,#REF!,4,0),0)+_xlfn.IFNA(VLOOKUP(B95,#REF!,4,0),0)+_xlfn.IFNA(VLOOKUP(B95,#REF!,4,0),0)+_xlfn.IFNA(VLOOKUP(B95,#REF!,4,0),0)+_xlfn.IFNA(VLOOKUP(B95,#REF!,4,0),0)+_xlfn.IFNA(VLOOKUP(B95,#REF!,4,0),0)+_xlfn.IFNA(VLOOKUP(B95,#REF!,4,0),0)+_xlfn.IFNA(VLOOKUP(B95,#REF!,4,0),0)+_xlfn.IFNA(VLOOKUP(B95,#REF!,4,0),0)+_xlfn.IFNA(VLOOKUP(B95,#REF!,4,0),0)+_xlfn.IFNA(VLOOKUP(B95,#REF!,4,0),0)+_xlfn.IFNA(VLOOKUP(B95,#REF!,4,0),0)+_xlfn.IFNA(VLOOKUP(B95,#REF!,4,0),0)+_xlfn.IFNA(VLOOKUP(B95,#REF!,4,0),0)+_xlfn.IFNA(VLOOKUP(B95,#REF!,4,0),0)+_xlfn.IFNA(VLOOKUP(B95,#REF!,4,0),0)+_xlfn.IFNA(VLOOKUP(B95,#REF!,4,0),0)+_xlfn.IFNA(VLOOKUP(B95,#REF!,4,0),0) -> #REF! | F95: =#REF! -> #REF! | G95: =ROUND(E95*F95,0) -> #REF!
A96: 69 | B96: =#REF! -> #REF! | C96: =#REF! -> #REF! | D96: =#REF! -> #REF! | E96: =_xlfn.IFNA(VLOOKUP(B96,#REF!,4,0),0)+_xlfn.IFNA(VLOOKUP(B96,#REF!,4,0),0)+_xlfn.IFNA(VLOOKUP(B96,#REF!,4,0),0)+_xlfn.IFNA(VLOOKUP(B96,#REF!,4,0),0)+_xlfn.IFNA(VLOOKUP(B96,#REF!,4,0),0)+_xlfn.IFNA(VLOOKUP(B96,#REF!,4,0),0)+_xlfn.IFNA(VLOOKUP(B96,#REF!,4,0),0)+_xlfn.IFNA(VLOOKUP(B96,#REF!,4,0),0)+_xlfn.IFNA(VLOOKUP(B96,#REF!,4,0),0)+_xlfn.IFNA(VLOOKUP(B96,#REF!,4,0),0)+_xlfn.IFNA(VLOOKUP(B96,#REF!,4,0),0)+_xlfn.IFNA(VLOOKUP(B96,#REF!,4,0),0)+_xlfn.IFNA(VLOOKUP(B96,#REF!,4,0),0)+_xlfn.IFNA(VLOOKUP(B96,#REF!,4,0),0)+_xlfn.IFNA(VLOOKUP(B96,#REF!,4,0),0)+_xlfn.IFNA(VLOOKUP(B96,#REF!,4,0),0)+_xlfn.IFNA(VLOOKUP(B96,#REF!,4,0),0)+_xlfn.IFNA(VLOOKUP(B96,#REF!,4,0),0)+_xlfn.IFNA(VLOOKUP(B96,#REF!,4,0),0)+_xlfn.IFNA(VLOOKUP(B96,#REF!,4,0),0)+_xlfn.IFNA(VLOOKUP(B96,#REF!,4,0),0)+_xlfn.IFNA(VLOOKUP(B96,#REF!,4,0),0)+_xlfn.IFNA(VLOOKUP(B96,#REF!,4,0),0)+_xlfn.IFNA(VLOOKUP(B96,#REF!,4,0),0)+_xlfn.IFNA(VLOOKUP(B96,#REF!,4,0),0) -> #REF! | F96: =#REF! -> #REF! | G96: =ROUND(E96*F96,0) -> #REF!
A97: 70 | B97: =#REF! -> #REF! | C97: =#REF! -> #REF! | D97: =#REF! -> #REF! | E97: =_xlfn.IFNA(VLOOKUP(B97,#REF!,4,0),0)+_xlfn.IFNA(VLOOKUP(B97,#REF!,4,0),0)+_xlfn.IFNA(VLOOKUP(B97,#REF!,4,0),0)+_xlfn.IFNA(VLOOKUP(B97,#REF!,4,0),0)+_xlfn.IFNA(VLOOKUP(B97,#REF!,4,0),0)+_xlfn.IFNA(VLOOKUP(B97,#REF!,4,0),0)+_xlfn.IFNA(VLOOKUP(B97,#REF!,4,0),0)+_xlfn.IFNA(VLOOKUP(B97,#REF!,4,0),0)+_xlfn.IFNA(VLOOKUP(B97,#REF!,4,0),0)+_xlfn.IFNA(VLOOKUP(B97,#REF!,4,0),0)+_xlfn.IFNA(VLOOKUP(B97,#REF!,4,0),0)+_xlfn.IFNA(VLOOKUP(B97,#REF!,4,0),0)+_xlfn.IFNA(VLOOKUP(B97,#REF!,4,0),0)+_xlfn.IFNA(VLOOKUP(B97,#REF!,4,0),0)+_xlfn.IFNA(VLOOKUP(B97,#REF!,4,0),0)+_xlfn.IFNA(VLOOKUP(B97,#REF!,4,0),0)+_xlfn.IFNA(VLOOKUP(B97,#REF!,4,0),0)+_xlfn.IFNA(VLOOKUP(B97,#REF!,4,0),0)+_xlfn.IFNA(VLOOKUP(B97,#REF!,4,0),0)+_xlfn.IFNA(VLOOKUP(B97,#REF!,4,0),0)+_xlfn.IFNA(VLOOKUP(B97,#REF!,4,0),0)+_xlfn.IFNA(VLOOKUP(B97,#REF!,4,0),0)+_xlfn.IFNA(VLOOKUP(B97,#REF!,4,0),0)+_xlfn.IFNA(VLOOKUP(B97,#REF!,4,0),0)+_xlfn.IFNA(VLOOKUP(B97,#REF!,4,0),0) -> #REF! | F97: =#REF! -> #REF! | G97: =ROUND(E97*F97,0) -> #REF!
A98: 71 | B98: =#REF! -> #REF! | C98: =#REF! -> #REF! | D98: =#REF! -> #REF! | E98: =_xlfn.IFNA(VLOOKUP(B98,#REF!,4,0),0)+_xlfn.IFNA(VLOOKUP(B98,#REF!,4,0),0)+_xlfn.IFNA(VLOOKUP(B98,#REF!,4,0),0)+_xlfn.IFNA(VLOOKUP(B98,#REF!,4,0),0)+_xlfn.IFNA(VLOOKUP(B98,#REF!,4,0),0)+_xlfn.IFNA(VLOOKUP(B98,#REF!,4,0),0)+_xlfn.IFNA(VLOOKUP(B98,#REF!,4,0),0)+_xlfn.IFNA(VLOOKUP(B98,#REF!,4,0),0)+_xlfn.IFNA(VLOOKUP(B98,#REF!,4,0),0)+_xlfn.IFNA(VLOOKUP(B98,#REF!,4,0),0)+_xlfn.IFNA(VLOOKUP(B98,#REF!,4,0),0)+_xlfn.IFNA(VLOOKUP(B98,#REF!,4,0),0)+_xlfn.IFNA(VLOOKUP(B98,#REF!,4,0),0)+_xlfn.IFNA(VLOOKUP(B98,#REF!,4,0),0)+_xlfn.IFNA(VLOOKUP(B98,#REF!,4,0),0)+_xlfn.IFNA(VLOOKUP(B98,#REF!,4,0),0)+_xlfn.IFNA(VLOOKUP(B98,#REF!,4,0),0)+_xlfn.IFNA(VLOOKUP(B98,#REF!,4,0),0)+_xlfn.IFNA(VLOOKUP(B98,#REF!,4,0),0)+_xlfn.IFNA(VLOOKUP(B98,#REF!,4,0),0)+_xlfn.IFNA(VLOOKUP(B98,#REF!,4,0),0)+_xlfn.IFNA(VLOOKUP(B98,#REF!,4,0),0)+_xlfn.IFNA(VLOOKUP(B98,#REF!,4,0),0)+_xlfn.IFNA(VLOOKUP(B98,#REF!,4,0),0)+_xlfn.IFNA(VLOOKUP(B98,#REF!,4,0),0) -> #REF! | F98: ='51P'!N43 -> #REF! | G98: =ROUND(E98*F98,0) -> #REF!
C99: SUBTOTAL OBRAS ADICIONALES A LA VIA | E99: =_xlfn.IFNA(VLOOKUP(B99,#REF!,4,0),0)+_xlfn.IFNA(VLOOKUP(B99,#REF!,4,0),0)+_xlfn.IFNA(VLOOKUP(B99,#REF!,4,0),0)+_xlfn.IFNA(VLOOKUP(B99,#REF!,4,0),0)+_xlfn.IFNA(VLOOKUP(B99,#REF!,4,0),0)+_xlfn.IFNA(VLOOKUP(B99,#REF!,4,0),0)+_xlfn.IFNA(VLOOKUP(B99,#REF!,4,0),0)+_xlfn.IFNA(VLOOKUP(B99,#REF!,4,0),0)+_xlfn.IFNA(VLOOKUP(B99,#REF!,4,0),0)+_xlfn.IFNA(VLOOKUP(B99,#REF!,4,0),0)+_xlfn.IFNA(VLOOKUP(B99,#REF!,4,0),0)+_xlfn.IFNA(VLOOKUP(B99,#REF!,4,0),0)+_xlfn.IFNA(VLOOKUP(B99,#REF!,4,0),0)+_xlfn.IFNA(VLOOKUP(B99,#REF!,4,0),0)+_xlfn.IFNA(VLOOKUP(B99,#REF!,4,0),0)+_xlfn.IFNA(VLOOKUP(B99,#REF!,4,0),0)+_xlfn.IFNA(VLOOKUP(B99,#REF!,4,0),0)+_xlfn.IFNA(VLOOKUP(B99,#REF!,4,0),0)+_xlfn.IFNA(VLOOKUP(B99,#REF!,4,0),0)+_xlfn.IFNA(VLOOKUP(B99,#REF!,4,0),0)+_xlfn.IFNA(VLOOKUP(B99,#REF!,4,0),0)+_xlfn.IFNA(VLOOKUP(B99,#REF!,4,0),0)+_xlfn.IFNA(VLOOKUP(B99,#REF!,4,0),0)+_xlfn.IFNA(VLOOKUP(B99,#REF!,4,0),0)+_xlfn.IFNA(VLOOKUP(B99,#REF!,4,0),0) -> #REF! | G99: =SUM(G92:G98) -> #REF!
A100: 71 | B100: =#REF! -> #REF! | C100: =#REF! -> #REF! | D100: =#REF! -> #REF! | E100: =_xlfn.IFNA(VLOOKUP(B100,#REF!,4,0),0)+_xlfn.IFNA(VLOOKUP(B100,#REF!,4,0),0)+_xlfn.IFNA(VLOOKUP(B100,#REF!,4,0),0)+_xlfn.IFNA(VLOOKUP(B100,#REF!,4,0),0)+_xlfn.IFNA(VLOOKUP(B100,#REF!,4,0),0)+_xlfn.IFNA(VLOOKUP(B100,#REF!,4,0),0)+_xlfn.IFNA(VLOOKUP(B100,#REF!,4,0),0)+_xlfn.IFNA(VLOOKUP(B100,#REF!,4,0),0)+_xlfn.IFNA(VLOOKUP(B100,#REF!,4,0),0)+_xlfn.IFNA(VLOOKUP(B100,#REF!,4,0),0)+_xlfn.IFNA(VLOOKUP(B100,#REF!,4,0),0)+_xlfn.IFNA(VLOOKUP(B100,#REF!,4,0),0)+_xlfn.IFNA(VLOOKUP(B100,#REF!,4,0),0)+_xlfn.IFNA(VLOOKUP(B100,#REF!,4,0),0)+_xlfn.IFNA(VLOOKUP(B100,#REF!,4,0),0)+_xlfn.IFNA(VLOOKUP(B100,#REF!,4,0),0)+_xlfn.IFNA(VLOOKUP(B100,#REF!,4,0),0)+_xlfn.IFNA(VLOOKUP(B100,#REF!,4,0),0)+_xlfn.IFNA(VLOOKUP(B100,#REF!,4,0),0)+_xlfn.IFNA(VLOOKUP(B100,#REF!,4,0),0)+_xlfn.IFNA(VLOOKUP(B100,#REF!,4,0),0)+_xlfn.IFNA(VLOOKUP(B100,#REF!,4,0),0)+_xlfn.IFNA(VLOOKUP(B100,#REF!,4,0),0)+_xlfn.IFNA(VLOOKUP(B100,#REF!,4,0),0)+_xlfn.IFNA(VLOOKUP(B100,#REF!,4,0),0) -> #REF! | F100: =#REF! -> #REF! | G100: =ROUND(E100*F100,0) -> #REF!
A101: 72 | B101: =#REF! -> #REF! | C101: =#REF! -> #REF! | D101: =#REF! -> #REF! | E101: =_xlfn.IFNA(VLOOKUP(B101,#REF!,4,0),0)+_xlfn.IFNA(VLOOKUP(B101,#REF!,4,0),0)+_xlfn.IFNA(VLOOKUP(B101,#REF!,4,0),0)+_xlfn.IFNA(VLOOKUP(B101,#REF!,4,0),0)+_xlfn.IFNA(VLOOKUP(B101,#REF!,4,0),0)+_xlfn.IFNA(VLOOKUP(B101,#REF!,4,0),0)+_xlfn.IFNA(VLOOKUP(B101,#REF!,4,0),0)+_xlfn.IFNA(VLOOKUP(B101,#REF!,4,0),0)+_xlfn.IFNA(VLOOKUP(B101,#REF!,4,0),0)+_xlfn.IFNA(VLOOKUP(B101,#REF!,4,0),0)+_xlfn.IFNA(VLOOKUP(B101,#REF!,4,0),0)+_xlfn.IFNA(VLOOKUP(B101,#REF!,4,0),0)+_xlfn.IFNA(VLOOKUP(B101,#REF!,4,0),0)+_xlfn.IFNA(VLOOKUP(B101,#REF!,4,0),0)+_xlfn.IFNA(VLOOKUP(B101,#REF!,4,0),0)+_xlfn.IFNA(VLOOKUP(B101,#REF!,4,0),0)+_xlfn.IFNA(VLOOKUP(B101,#REF!,4,0),0)+_xlfn.IFNA(VLOOKUP(B101,#REF!,4,0),0)+_xlfn.IFNA(VLOOKUP(B101,#REF!,4,0),0)+_xlfn.IFNA(VLOOKUP(B101,#REF!,4,0),0)+_xlfn.IFNA(VLOOKUP(B101,#REF!,4,0),0)+_xlfn.IFNA(VLOOKUP(B101,#REF!,4,0),0)+_xlfn.IFNA(VLOOKUP(B101,#REF!,4,0),0)+_xlfn.IFNA(VLOOKUP(B101,#REF!,4,0),0)+_xlfn.IFNA(VLOOKUP(B101,#REF!,4,0),0) -> #REF! | F101: =#REF! -> #REF!
A102: SUBTOTAL OBRAS | G102: =G101+G100+G99+G90+G79+G70+G49+G44+G41+G38+G33+G27+G22+G15 -> #REF!
A103: ADMINISTRACION | F103: 0.24 | G103: =ROUND(F103*G102,0) -> #REF!
...

Sheet Eliminar
A1: "PAVIMENTACIÓN DE VÍAS URBANAS EN EL MUNICIPIO DE IBAGUE - DEPARTAMENTO DEL TOLIMA”
K4: 6
A5: ITEM | C5: DESCRIPCION | D5: UN | E5: CANTIDAD | F5: VR UNITARIO | G5: VR.TOTAL | K5: C.33 | L5: C.34 | M5: C.35 | N5: C.36 | O5: C.37 | P5: C.38 | Q5: C.39 | R5: C.40 | S5: C.41 | T5: C.42 | U5: C.43 | V5: C.44 | W5: C.45 | X5: C.46 | Y5: C.47 | Z5: C.48 | AA5: C.49 | AB5: C.50 | AC5: C.51 | AD5: C.52 | AE5: C.53 | AF5: C.54 | AG5: C.55 | AH5: C.56 | AI5: C.57
C6: PRELIMINARES Y EXPLANACIONES | I6: =ROUND(SUM(K6:AI6),0) -> #REF! | J6: =I6=G7 -> #REF! | K6: =_xlfn.IFNA(VLOOKUP(B7,#REF!,$K$4,0),0) -> #REF! | L6: =_xlfn.IFNA(VLOOKUP(B7,#REF!,$K$4,0),0) -> #REF! | M6: =_xlfn.IFNA(VLOOKUP(B7,#REF!,$K$4,0),0) -> #REF! | N6: =_xlfn.IFNA(VLOOKUP(B7,#REF!,$K$4,0),0) -> #REF! | O6: =_xlfn.IFNA(VLOOKUP(B7,#REF!,$K$4,0),0) -> #REF! | P6: =_xlfn.IFNA(VLOOKUP(B7,#REF!,$K$4,0),0) -> #REF! | Q6: =_xlfn.IFNA(VLOOKUP(B7,#REF!,$K$4,0),0) -> #REF! | R6: =_xlfn.IFNA(VLOOKUP(B7,#REF!,$K$4,0),0) -> #REF! | S6: =_xlfn.IFNA(VLOOKUP(B7,#REF!,$K$4,0),0) -> #REF! | T6: =_xlfn.IFNA(VLOOKUP(B7,#REF!,$K$4,0),0) -> #REF! | U6: =_xlfn.IFNA(VLOOKUP(B7,#REF!,$K$4,0),0) -> #REF! | V6: =_xlfn.IFNA(VLOOKUP(B7,#REF!,$K$4,0),0) -> #REF! | W6: =_xlfn.IFNA(VLOOKUP(B7,#REF!,$K$4,0),0) -> #REF! | X6: =_xlfn.IFNA(VLOOKUP(B7,#REF!,$K$4,0),0) -> #REF! | Y6: =_xlfn.IFNA(VLOOKUP(B7,#REF!,$K$4,0),0) -> #REF! | Z6: =_xlfn.IFNA(VLOOKUP(B7,#REF!,$K$4,0),0) -> #REF! | AA6: =_xlfn.IFNA(VLOOKUP(B7,#REF!,$K$4,0),0) -> #REF! | AB6: =_xlfn.IFNA(VLOOKUP(B7,#REF!,$K$4,0),0) -> #REF! | AC6: =_xlfn.IFNA(VLOOKUP(B7,#REF!,$K$4,0),0) -> #REF! | AD6: =_xlfn.IFNA(VLOOKUP(B7,#REF!,$K$4,0),0) -> #REF! | AE6: =_xlfn.IFNA(VLOOKUP(B7,#REF!,$K$4,0),0) -> #REF! | AF6: =_xlfn.IFNA(VLOOKUP(B7,#REF!,$K$4,0),0) -> #REF! | AG6: =_xlfn.IFNA(VLOOKUP(B7,#REF!,$K$4,0),0) -> #REF! | AH6: =_xlfn.IFNA(VLOOKUP(B7,#REF!,$K$4,0),0) -> #REF! | AI6: =_xlfn.IFNA(VLOOKUP(B7,#REF!,$K$4,0),0) -> #REF!
A7: 1 | B7: =#REF! -> #REF! | C7: =#REF! -> #REF! | D7: =#REF! -> #REF! | E7: =_xlfn.IFNA(VLOOKUP(B7,#REF!,4,0),0)+_xlfn.IFNA(VLOOKUP(B7,#REF!,4,0),0)+_xlfn.IFNA(VLOOKUP(B7,#REF!,4,0),0)+_xlfn.IFNA(VLOOKUP(B7,#REF!,4,0),0)+_xlfn.IFNA(VLOOKUP(B7,#REF!,4,0),0)+_xlfn.IFNA(VLOOKUP(B7,#REF!,4,0),0)+_xlfn.IFNA(VLOOKUP(B7,#REF!,4,0),0)+_xlfn.IFNA(VLOOKUP(B7,#REF!,4,0),0)+_xlfn.IFNA(VLOOKUP(B7,#REF!,4,0),0)+_xlfn.IFNA(VLOOKUP(B7,#REF!,4,0),0)+_xlfn.IFNA(VLOOKUP(B7,#REF!,4,0),0)+_xlfn.IFNA(VLOOKUP(B7,#REF!,4,0),0)+_xlfn.IFNA(VLOOKUP(B7,#REF!,4,0),0)+_xlfn.IFNA(VLOOKUP(B7,#REF!,4,0),0)+_xlfn.IFNA(VLOOKUP(B7,#REF!,4,0),0)+_xlfn.IFNA(VLOOKUP(B7,#REF!,4,0),0)+_xlfn.IFNA(VLOOKUP(B7,#REF!,4,0),0)+_xlfn.IFNA(VLOOKUP(B7,#REF!,4,0),0)+_xlfn.IFNA(VLOOKUP(B7,#REF!,4,0),0)+_xlfn.IFNA(VLOOKUP(B7,#REF!,4,0),0)+_xlfn.IFNA(VLOOKUP(B7,#REF!,4,0),0)+_xlfn.IFNA(VLOOKUP(B7,#REF!,4,0),0)+_xlfn.IFNA(VLOOKUP(B7,#REF!,4,0),0)+_xlfn.IFNA(VLOOKUP(B7,#REF!,4,0),0)+_xlfn.IFNA(VLOOKUP(B7,#REF!,4,0),0) -> #REF! | F7: =+#REF! -> #REF! | G7: =ROUND(E7*F7,0) -> #REF! | I7: =ROUND(SUM(K7:AI7),0) -> #REF! | J7: =I7=G8 -> #REF! | K7: =_xlfn.IFNA(VLOOKUP(B8,#REF!,$K$4,0),0) -> #REF! | L7: =_xlfn.IFNA(VLOOKUP(B8,#REF!,$K$4,0),0) -> #REF! | M7: =_xlfn.IFNA(VLOOKUP(B8,#REF!,$K$4,0),0) -> #REF! | N7: =_xlfn.IFNA(VLOOKUP(B8,#REF!,$K$4,0),0) -> #REF! | O7: =_xlfn.IFNA(VLOOKUP(B8,#REF!,$K$4,0),0) -> #REF! | P7: =_xlfn.IFNA(VLOOKUP(B8,#REF!,$K$4,0),0) -> #REF! | Q7: =_xlfn.IFNA(VLOOKUP(B8,#REF!,$K$4,0),0) -> #REF! | R7: =_xlfn.IFNA(VLOOKUP(B8,#REF!,$K$4,0),0) -> #REF! | S7: =_xlfn.IFNA(VLOOKUP(B8,#REF!,$K$4,0),0) -> #REF! | T7: =_xlfn.IFNA(VLOOKUP(B8,#REF!,$K$4,0),0) -> #REF! | U7: =_xlfn.IFNA(VLOOKUP(B8,#REF!,$K$4,0),0) -> #REF! | V7: =_xlfn.IFNA(VLOOKUP(B8,#REF!,$K$4,0),0) -> #REF! | W7: =_xlfn.IFNA(VLOOKUP(B8,#REF!,$K$4,0),0) -> #REF! | X7: =_xlfn.IFNA(VLOOKUP(B8,#REF!,$K$4,0),0) -> #REF! | Y7: =_xlfn.IFNA(VLOOKUP(B8,#REF!,$K$4,0),0) -> #REF! | Z7: =_xlfn.IFNA(VLOOKUP(B8,#REF!,$K$4,0),0) -> #REF! | AA7: =_xlfn.IFNA(VLOOKUP(B8,#REF!,$K$4,0),0) -> #REF! | AB7: =_xlfn.IFNA(VLOOKUP(B8,#REF!,$K$4,0),0) -> #REF! | AC7: =_xlfn.IFNA(VLOOKUP(B8,#REF!,$K$4,0),0) -> #REF! | AD7: =_xlfn.IFNA(VLOOKUP(B8,#REF!,$K$4,0),0) -> #REF! | AE7: =_xlfn.IFNA(VLOOKUP(B8,#REF!,$K$4,0),0) -> #REF! | AF7: =_xlfn.IFNA(VLOOKUP(B8,#REF!,$K$4,0),0) -> #REF! | AG7: =_xlfn.IFNA(VLOOKUP(B8,#REF!,$K$4,0),0) -> #REF! | AH7: =_xlfn.IFNA(VLOOKUP(B8,#REF!,$K$4,0),0) -> #REF! | AI7: =_xlfn.IFNA(VLOOKUP(B8,#REF!,$K$4,0),0) -> #REF!
A8: 2 | B8: =#REF! -> #REF! | C8: =#REF! -> #REF! | D8: =#REF! -> #REF! | E8: =_xlfn.IFNA(VLOOKUP(B8,#REF!,4,0),0)+_xlfn.IFNA(VLOOKUP(B8,#REF!,4,0),0)+_xlfn.IFNA(VLOOKUP(B8,#REF!,4,0),0)+_xlfn.IFNA(VLOOKUP(B8,#REF!,4,0),0)+_xlfn.IFNA(VLOOKUP(B8,#REF!,4,0),0)+_xlfn.IFNA(VLOOKUP(B8,#REF!,4,0),0)+_xlfn.IFNA(VLOOKUP(B8,#REF!,4,0),0)+_xlfn.IFNA(VLOOKUP(B8,#REF!,4,0),0)+_xlfn.IFNA(VLOOKUP(B8,#REF!,4,0),0)+_xlfn.IFNA(VLOOKUP(B8,#REF!,4,0),0)+_xlfn.IFNA(VLOOKUP(B8,#REF!,4,0),0)+_xlfn.IFNA(VLOOKUP(B8,#REF!,4,0),0)+_xlfn.IFNA(VLOOKUP(B8,#REF!,4,0),0)+_xlfn.IFNA(VLOOKUP(B8,#REF!,4,0),0)+_xlfn.IFNA(VLOOKUP(B8,#REF!,4,0),0)+_xlfn.IFNA(VLOOKUP(B8,#REF!,4,0),0)+_xlfn.IFNA(VLOOKUP(B8,#REF!,4,0),0)+_xlfn.IFNA(VLOOKUP(B8,#REF!,4,0),0)+_xlfn.IFNA(VLOOKUP(B8,#REF!,4,0),0)+_xlfn.IFNA(VLOOKUP(B8,#REF!,4,0),0)+_xlfn.IFNA(VLOOKUP(B8,#REF!,4,0),0)+_xlfn.IFNA(VLOOKUP(B8,#REF!,4,0),0)+_xlfn.IFNA(VLOOKUP(B8,#REF!,4,0),0)+_xlfn.IFNA(VLOOKUP(B8,#REF!,4,0),0)+_xlfn.IFNA(VLOOKUP(B8,#REF!,4,0),0) -> #REF! | F8: =#REF! -> #REF! | G8: =ROUND(E8*F8,0) -> #REF! | I8: =ROUND(SUM(K8:AI8),0) -> #REF! | J8: =I8=G9 -> #REF! | K8: =_xlfn.IFNA(VLOOKUP(B9,#REF!,$K$4,0),0) -> #REF! | L8: =_xlfn.IFNA(VLOOKUP(B9,#REF!,$K$4,0),0) -> #REF! | M8: =_xlfn.IFNA(VLOOKUP(B9,#REF!,$K$4,0),0) -> #REF! | N8: =_xlfn.IFNA(VLOOKUP(B9,#REF!,$K$4,0),0) -> #REF! | O8: =_xlfn.IFNA(VLOOKUP(B9,#REF!,$K$4,0),0) -> #REF! | P8: =_xlfn.IFNA(VLOOKUP(B9,#REF!,$K$4,0),0) -> #REF! | Q8: =_xlfn.IFNA(VLOOKUP(B9,#REF!,$K$4,0),0) -> #REF! | R8: =_xlfn.IFNA(VLOOKUP(B9,#REF!,$K$4,0),0) -> #REF! | S8: =_xlfn.IFNA(VLOOKUP(B9,#REF!,$K$4,0),0) -> #REF! | T8: =_xlfn.IFNA(VLOOKUP(B9,#REF!,$K$4,0),0) -> #REF! | U8: =_xlfn.IFNA(VLOOKUP(B9,#REF!,$K$4,0),0) -> #REF! | V8: =_xlfn.IFNA(VLOOKUP(B9,#REF!,$K$4,0),0) -> #REF! | W8: =_xlfn.IFNA(VLOOKUP(B9,#REF!,$K$4,0),0) -> #REF! | X8: =_xlfn.IFNA(VLOOKUP(B9,#REF!,$K$4,0),0) -> #REF! | Y8: =_xlfn.IFNA(VLOOKUP(B9,#REF!,$K$4,0),0) -> #REF! | Z8: =_xlfn.IFNA(VLOOKUP(B9,#REF!,$K$4,0),0) -> #REF! | AA8: =_xlfn.IFNA(VLOOKUP(B9,#REF!,$K$4,0),0) -> #REF! | AB8: =_xlfn.IFNA(VLOOKUP(B9,#REF!,$K$4,0),0) -> #REF! | AC8: =_xlfn.IFNA(VLOOKUP(B9,#REF!,$K$4,0),0) -> #REF! | AD8: =_xlfn.IFNA(VLOOKUP(B9,#REF!,$K$4,0),0) -> #REF! | AE8: =_xlfn.IFNA(VLOOKUP(B9,#REF!,$K$4,0),0) -> #REF! | AF8: =_xlfn.IFNA(VLOOKUP(B9,#REF!,$K$4,0),0) -> #REF! | AG8: =_xlfn.IFNA(VLOOKUP(B9,#REF!,$K$4,0),0) -> #REF! | AH8: =_xlfn.IFNA(VLOOKUP(B9,#REF!,$K$4,0),0) -> #REF! | AI8: =_xlfn.IFNA(VLOOKUP(B9,#REF!,$K$4,0),0) -> #REF!
A9: 3 | B9: =#REF! -> #REF! | C9: =#REF! -> #REF! | D9: =#REF! -> #REF! | E9: =_xlfn.IFNA(VLOOKUP(B9,#REF!,4,0),0)+_xlfn.IFNA(VLOOKUP(B9,#REF!,4,0),0)+_xlfn.IFNA(VLOOKUP(B9,#REF!,4,0),0)+_xlfn.IFNA(VLOOKUP(B9,#REF!,4,0),0)+_xlfn.IFNA(VLOOKUP(B9,#REF!,4,0),0)+_xlfn.IFNA(VLOOKUP(B9,#REF!,4,0),0)+_xlfn.IFNA(VLOOKUP(B9,#REF!,4,0),0)+_xlfn.IFNA(VLOOKUP(B9,#REF!,4,0),0)+_xlfn.IFNA(VLOOKUP(B9,#REF!,4,0),0)+_xlfn.IFNA(VLOOKUP(B9,#REF!,4,0),0)+_xlfn.IFNA(VLOOKUP(B9,#REF!,4,0),0)+_xlfn.IFNA(VLOOKUP(B9,#REF!,4,0),0)+_xlfn.IFNA(VLOOKUP(B9,#REF!,4,0),0)+_xlfn.IFNA(VLOOKUP(B9,#REF!,4,0),0)+_xlfn.IFNA(VLOOKUP(B9,#REF!,4,0),0)+_xlfn.IFNA(VLOOKUP(B9,#REF!,4,0),0)+_xlfn.IFNA(VLOOKUP(B9,#REF!,4,0),0)+_xlfn.IFNA(VLOOKUP(B9,#REF!,4,0),0)+_xlfn.IFNA(VLOOKUP(B9,#REF!,4,0),0)+_xlfn.IFNA(VLOOKUP(B9,#REF!,4,0),0)+_xlfn.IFNA(VLOOKUP(B9,#REF!,4,0),0)+_xlfn.IFNA(VLOOKUP(B9,#REF!,4,0),0)+_xlfn.IFNA(VLOOKUP(B9,#REF!,4,0),0)+_xlfn.IFNA(VLOOKUP(B9,#REF!,4,0),0)+_xlfn.IFNA(VLOOKUP(B9,#REF!,4,0),0) -> #REF! | F9: =#REF! -> #REF! | G9: =ROUND(E9*F9,0) -> #REF! | I9: =SUM(K9:AI9) -> #REF! | J9: =I9=G10 -> #REF! | K9: =_xlfn.IFNA(VLOOKUP(B10,#REF!,$K$4,0),0) -> #REF! | L9: =_xlfn.IFNA(VLOOKUP(B10,#REF!,$K$4,0),0) -> #REF! | M9: =_xlfn.IFNA(VLOOKUP(B10,#REF!,$K$4,0),0) -> #REF! | N9: =_xlfn.IFNA(VLOOKUP(B10,#REF!,$K$4,0),0) -> #REF! | O9: =_xlfn.IFNA(VLOOKUP(B10,#REF!,$K$4,0),0) -> #REF! | P9: =_xlfn.IFNA(VLOOKUP(B10,#REF!,$K$4,0),0) -> #REF! | Q9: =_xlfn.IFNA(VLOOKUP(B10,#REF!,$K$4,0),0) -> #REF! | R9: =_xlfn.IFNA(VLOOKUP(B10,#REF!,$K$4,0),0) -> #REF! | S9: =_xlfn.IFNA(VLOOKUP(B10,#REF!,$K$4,0),0) -> #REF! | T9: =_xlfn.IFNA(VLOOKUP(B10,#REF!,$K$4,0),0) -> #REF! | U9: =_xlfn.IFNA(VLOOKUP(B10,#REF!,$K$4,0),0) -> #REF! | V9: =_xlfn.IFNA(VLOOKUP(B10,#REF!,$K$4,0),0) -> #REF! | W9: =_xlfn.IFNA(VLOOKUP(B10,#REF!,$K$4,0),0) -> #REF! | X9: =_xlfn.IFNA(VLOOKUP(B10,#REF!,$K$4,0),0) -> #REF! | Y9: =_xlfn.IFNA(VLOOKUP(B10,#REF!,$K$4,0),0) -> #REF! | Z9: =_xlfn.IFNA(VLOOKUP(B10,#REF!,$K$4,0),0) -> #REF! | AA9: =_xlfn.IFNA(VLOOKUP(B10,#REF!,$K$4,0),0) -> #REF! | AB9: =_xlfn.IFNA(VLOOKUP(B10,#REF!,$K$4,0),0) -> #REF! | AC9: =_xlfn.IFNA(VLOOKUP(B10,#REF!,$K$4,0),0) -> #REF! | AD9: =_xlfn.IFNA(VLOOKUP(B10,#REF!,$K$4,0),0) -> #REF! | AE9: =_xlfn.IFNA(VLOOKUP(B10,#REF!,$K$4,0),0) -> #REF! | AF9: =_xlfn.IFNA(VLOOKUP(B10,#REF!,$K$4,0),0) -> #REF! | AG9: =_xlfn.IFNA(VLOOKUP(B10,#REF!,$K$4,0),0) -> #REF! | AH9: =_xlfn.IFNA(VLOOKUP(B10,#REF!,$K$4,0),0) -> #REF! | AI9: =_xlfn.IFNA(VLOOKUP(B10,#REF!,$K$4,0),0) -> #REF!
A10: 4 | B10: =#REF! -> #REF! | C10: =#REF! -> #REF! | D10: =#REF! -> #REF! | E10: =_xlfn.IFNA(VLOOKUP(B10,#REF!,4,0),0)+_xlfn.IFNA(VLOOKUP(B10,#REF!,4,0),0)+_xlfn.IFNA(VLOOKUP(B10,#REF!,4,0),0)+_xlfn.IFNA(VLOOKUP(B10,#REF!,4,0),0)+_xlfn.IFNA(VLOOKUP(B10,#REF!,4,0),0)+_xlfn.IFNA(VLOOKUP(B10,#REF!,4,0),0)+_xlfn.IFNA(VLOOKUP(B10,#REF!,4,0),0)+_xlfn.IFNA(VLOOKUP(B10,#REF!,4,0),0)+_xlfn.IFNA(VLOOKUP(B10,#REF!,4,0),0)+_xlfn.IFNA(VLOOKUP(B10,#REF!,4,0),0)+_xlfn.IFNA(VLOOKUP(B10,#REF!,4,0),0)+_xlfn.IFNA(VLOOKUP(B10,#REF!,4,0),0)+_xlfn.IFNA(VLOOKUP(B10,#REF!,4,0),0)+_xlfn.IFNA(VLOOKUP(B10,#REF!,4,0),0)+_xlfn.IFNA(VLOOKUP(B10,#REF!,4,0),0)+_xlfn.IFNA(VLOOKUP(B10,#REF!,4,0),0)+_xlfn.IFNA(VLOOKUP(B10,#REF!,4,0),0)+_xlfn.IFNA(VLOOKUP(B10,#REF!,4,0),0)+_xlfn.IFNA(VLOOKUP(B10,#REF!,4,0),0)+_xlfn.IFNA(VLOOKUP(B10,#REF!,4,0),0)+_xlfn.IFNA(VLOOKUP(B10,#REF!,4,0),0)+_xlfn.IFNA(VLOOKUP(B10,#REF!,4,0),0)+_xlfn.IFNA(VLOOKUP(B10,#REF!,4,0),0)+_xlfn.IFNA(VLOOKUP(B10,#REF!,4,0),0)+_xlfn.IFNA(VLOOKUP(B10,#REF!,4,0),0) -> #REF! | F10: =#REF! -> #REF! | G10: =ROUND(E10*F10,0) -> #REF! | I10: =SUM(K10:AI10) -> #REF! | J10: =I10=G11 -> #REF! | K10: =_xlfn.IFNA(VLOOKUP(B11,#REF!,$K$4,0),0) -> #REF! | L10: =_xlfn.IFNA(VLOOKUP(B11,#REF!,$K$4,0),0) -> #REF! | M10: =_xlfn.IFNA(VLOOKUP(B11,#REF!,$K$4,0),0) -> #REF! | N10: =_xlfn.IFNA(VLOOKUP(B11,#REF!,$K$4,0),0) -> #REF! | O10: =_xlfn.IFNA(VLOOKUP(B11,#REF!,$K$4,0),0) -> #REF! | P10: =_xlfn.IFNA(VLOOKUP(B11,#REF!,$K$4,0),0) -> #REF! | Q10: =_xlfn.IFNA(VLOOKUP(B11,#REF!,$K$4,0),0) -> #REF! | R10: =_xlfn.IFNA(VLOOKUP(B11,#REF!,$K$4,0),0) -> #REF! | S10: =_xlfn.IFNA(VLOOKUP(B11,#REF!,$K$4,0),0) -> #REF! | T10: =_xlfn.IFNA(VLOOKUP(B11,#REF!,$K$4,0),0) -> #REF! | U10: =_xlfn.IFNA(VLOOKUP(B11,#REF!,$K$4,0),0) -> #REF! | V10: =_xlfn.IFNA(VLOOKUP(B11,#REF!,$K$4,0),0) -> #REF! | W10: =_xlfn.IFNA(VLOOKUP(B11,#REF!,$K$4,0),0) -> #REF! | X10: =_xlfn.IFNA(VLOOKUP(B11,#REF!,$K$4,0),0) -> #REF! | Y10: =_xlfn.IFNA(VLOOKUP(B11,#REF!,$K$4,0),0) -> #REF! | Z10: =_xlfn.IFNA(VLOOKUP(B11,#REF!,$K$4,0),0) -> #REF! | AA10: =_xlfn.IFNA(VLOOKUP(B11,#REF!,$K$4,0),0) -> #REF! | AB10: =_xlfn.IFNA(VLOOKUP(B11,#REF!,$K$4,0),0) -> #REF! | AC10: =_xlfn.IFNA(VLOOKUP(B11,#REF!,$K$4,0),0) -> #REF! | AD10: =_xlfn.IFNA(VLOOKUP(B11,#REF!,$K$4,0),0) -> #REF! | AE10: =_xlfn.IFNA(VLOOKUP(B11,#REF!,$K$4,0),0) -> #REF! | AF10: =_xlfn.IFNA(VLOOKUP(B11,#REF!,$K$4,0),0) -> #REF! | AG10: =_xlfn.IFNA(VLOOKUP(B11,#REF!,$K$4,0),0) -> #REF! | AH10: =_xlfn.IFNA(VLOOKUP(B11,#REF!,$K$4,0),0) -> #REF! | AI10: =_xlfn.IFNA(VLOOKUP(B11,#REF!,$K$4,0),0) -> #REF!
A11: 5 | B11: =#REF! -> #REF! | C11: =#REF! -> #REF! | D11: =#REF! -> #REF! | E11: =_xlfn.IFNA(VLOOKUP(B11,#REF!,4,0),0)+_xlfn.IFNA(VLOOKUP(B11,#REF!,4,0),0)+_xlfn.IFNA(VLOOKUP(B11,#REF!,4,0),0)+_xlfn.IFNA(VLOOKUP(B11,#REF!,4,0),0)+_xlfn.IFNA(VLOOKUP(B11,#REF!,4,0),0)+_xlfn.IFNA(VLOOKUP(B11,#REF!,4,0),0)+_xlfn.IFNA(VLOOKUP(B11,#REF!,4,0),0)+_xlfn.IFNA(VLOOKUP(B11,#REF!,4,0),0)+_xlfn.IFNA(VLOOKUP(B11,#REF!,4,0),0)+_xlfn.IFNA(VLOOKUP(B11,#REF!,4,0),0)+_xlfn.IFNA(VLOOKUP(B11,#REF!,4,0),0)+_xlfn.IFNA(VLOOKUP(B11,#REF!,4,0),0)+_xlfn.IFNA(VLOOKUP(B11,#REF!,4,0),0)+_xlfn.IFNA(VLOOKUP(B11,#REF!,4,0),0)+_xlfn.IFNA(VLOOKUP(B11,#REF!,4,0),0)+_xlfn.IFNA(VLOOKUP(B11,#REF!,4,0),0)+_xlfn.IFNA(VLOOKUP(B11,#REF!,4,0),0)+_xlfn.IFNA(VLOOKUP(B11,#REF!,4,0),0)+_xlfn.IFNA(VLOOKUP(B11,#REF!,4,0),0)+_xlfn.IFNA(VLOOKUP(B11,#REF!,4,0),0)+_xlfn.IFNA(VLOOKUP(B11,#REF!,4,0),0)+_xlfn.IFNA(VLOOKUP(B11,#REF!,4,0),0)+_xlfn.IFNA(VLOOKUP(B11,#REF!,4,0),0)+_xlfn.IFNA(VLOOKUP(B11,#REF!,4,0),0)+_xlfn.IFNA(VLOOKUP(B11,#REF!,4,0),0) -> #REF! | F11: =#REF! -> #REF! | G11: =ROUND(E11*F11,0) -> #REF! | I11: =SUM(K11:AI11) -> #REF! | J11: =I11=G12 -> #REF! | K11: =_xlfn.IFNA(VLOOKUP(B12,#REF!,$K$4,0),0) -> #REF! | L11: =_xlfn.IFNA(VLOOKUP(B12,#REF!,$K$4,0),0) -> #REF! | M11: =_xlfn.IFNA(VLOOKUP(B12,#REF!,$K$4,0),0) -> #REF! | N11: =_xlfn.IFNA(VLOOKUP(B12,#REF!,$K$4,0),0) -> #REF! | O11: =_xlfn.IFNA(VLOOKUP(B12,#REF!,$K$4,0),0) -> #REF! | P11: =_xlfn.IFNA(VLOOKUP(B12,#REF!,$K$4,0),0) -> #REF! | Q11: =_xlfn.IFNA(VLOOKUP(B12,#REF!,$K$4,0),0) -> #REF! | R11: =_xlfn.IFNA(VLOOKUP(B12,#REF!,$K$4,0),0) -> #REF! | S11: =_xlfn.IFNA(VLOOKUP(B12,#REF!,$K$4,0),0) -> #REF! | T11: =_xlfn.IFNA(VLOOKUP(B12,#REF!,$K$4,0),0) -> #REF! | U11: =_xlfn.IFNA(VLOOKUP(B12,#REF!,$K$4,0),0) -> #REF! | V11: =_xlfn.IFNA(VLOOKUP(B12,#REF!,$K$4,0),0) -> #REF! | W11: =_xlfn.IFNA(VLOOKUP(B12,#REF!,$K$4,0),0) -> #REF! | X11: =_xlfn.IFNA(VLOOKUP(B12,#REF!,$K$4,0),0) -> #REF! | Y11: =_xlfn.IFNA(VLOOKUP(B12,#REF!,$K$4,0),0) -> #REF! | Z11: =_xlfn.IFNA(VLOOKUP(B12,#REF!,$K$4,0),0) -> #REF! | AA11: =_xlfn.IFNA(VLOOKUP(B12,#REF!,$K$4,0),0) -> #REF! | AB11: =_xlfn.IFNA(VLOOKUP(B12,#REF!,$K$4,0),0) -> #REF! | AC11: =_xlfn.IFNA(VLOOKUP(B12,#REF!,$K$4,0),0) -> #REF! | AD11: =_xlfn.IFNA(VLOOKUP(B12,#REF!,$K$4,0),0) -> #REF! | AE11: =_xlfn.IFNA(VLOOKUP(B12,#REF!,$K$4,0),0) -> #REF! | AF11: =_xlfn.IFNA(VLOOKUP(B12,#REF!,$K$4,0),0) -> #REF! | AG11: =_xlfn.IFNA(VLOOKUP(B12,#REF!,$K$4,0),0) -> #REF! | AH11: =_xlfn.IFNA(VLOOKUP(B12,#REF!,$K$4,0),0) -> #REF! | AI11: =_xlfn.IFNA(VLOOKUP(B12,#REF!,$K$4,0),0) -> #REF!
A12: 6 | B12: =#REF! -> #REF! | C12: =#REF! -> #REF! | D12: =#REF! -> #REF! | E12: =_xlfn.IFNA(VLOOKUP(B12,#REF!,4,0),0)+_xlfn.IFNA(VLOOKUP(B12,#REF!,4,0),0)+_xlfn.IFNA(VLOOKUP(B12,#REF!,4,0),0)+_xlfn.IFNA(VLOOKUP(B12,#REF!,4,0),0)+_xlfn.IFNA(VLOOKUP(B12,#REF!,4,0),0)+_xlfn.IFNA(VLOOKUP(B12,#REF!,4,0),0)+_xlfn.IFNA(VLOOKUP(B12,#REF!,4,0),0)+_xlfn.IFNA(VLOOKUP(B12,#REF!,4,0),0)+_xlfn.IFNA(VLOOKUP(B12,#REF!,4,0),0)+_xlfn.IFNA(VLOOKUP(B12,#REF!,4,0),0)+_xlfn.IFNA(VLOOKUP(B12,#REF!,4,0),0)+_xlfn.IFNA(VLOOKUP(B12,#REF!,4,0),0)+_xlfn.IFNA(VLOOKUP(B12,#REF!,4,0),0)+_xlfn.IFNA(VLOOKUP(B12,#REF!,4,0),0)+_xlfn.IFNA(VLOOKUP(B12,#REF!,4,0),0)+_xlfn.IFNA(VLOOKUP(B12,#REF!,4,0),0)+_xlfn.IFNA(VLOOKUP(B12,#REF!,4,0),0)+_xlfn.IFNA(VLOOKUP(B12,#REF!,4,0),0)+_xlfn.IFNA(VLOOKUP(B12,#REF!,4,0),0)+_xlfn.IFNA(VLOOKUP(B12,#REF!,4,0),0)+_xlfn.IFNA(VLOOKUP(B12,#REF!,4,0),0)+_xlfn.IFNA(VLOOKUP(B12,#REF!,4,0),0)+_xlfn.IFNA(VLOOKUP(B12,#REF!,4,0),0)+_xlfn.IFNA(VLOOKUP(B12,#REF!,4,0),0)+_xlfn.IFNA(VLOOKUP(B12,#REF!,4,0),0) -> #REF! | F12: ='201.3P'!N50 -> #REF! | G12: =ROUND(E12*F12,0) -> #REF! | I12: =SUM(K12:AI12) -> #REF! | J12: =I12=G13 -> #REF! | K12: =_xlfn.IFNA(VLOOKUP(B13,#REF!,$K$4,0),0) -> #REF! | L12: =_xlfn.IFNA(VLOOKUP(B13,#REF!,$K$4,0),0) -> #REF! | M12: =_xlfn.IFNA(VLOOKUP(B13,#REF!,$K$4,0),0) -> #REF! | N12: =_xlfn.IFNA(VLOOKUP(B13,#REF!,$K$4,0),0) -> #REF! | O12: =_xlfn.IFNA(VLOOKUP(B13,#REF!,$K$4,0),0) -> #REF! | P12: =_xlfn.IFNA(VLOOKUP(B13,#REF!,$K$4,0),0) -> #REF! | Q12: =_xlfn.IFNA(VLOOKUP(B13,#REF!,$K$4,0),0) -> #REF! | R12: =_xlfn.IFNA(VLOOKUP(B13,#REF!,$K$4,0),0) -> #REF! | S12: =_xlfn.IFNA(VLOOKUP(B13,#REF!,$K$4,0),0) -> #REF! | T12: =_xlfn.IFNA(VLOOKUP(B13,#REF!,$K$4,0),0) -> #REF! | U12: =_xlfn.IFNA(VLOOKUP(B13,#REF!,$K$4,0),0) -> #REF! | V12: =_xlfn.IFNA(VLOOKUP(B13,#REF!,$K$4,0),0) -> #REF! | W12: =_xlfn.IFNA(VLOOKUP(B13,#REF!,$K$4,0),0) -> #REF! | X12: =_xlfn.IFNA(VLOOKUP(B13,#REF!,$K$4,0),0) -> #REF! | Y12: =_xlfn.IFNA(VLOOKUP(B13,#REF!,$K$4,0),0) -> #REF! | Z12: =_xlfn.IFNA(VLOOKUP(B13,#REF!,$K$4,0),0) -> #REF! | AA12: =_xlfn.IFNA(VLOOKUP(B13,#REF!,$K$4,0),0) -> #REF! | AB12: =_xlfn.IFNA(VLOOKUP(B13,#REF!,$K$4,0),0) -> #REF! | AC12: =_xlfn.IFNA(VLOOKUP(B13,#REF!,$K$4,0),0) -> #REF! | AD12: =_xlfn.IFNA(VLOOKUP(B13,#REF!,$K$4,0),0) -> #REF! | AE12: =_xlfn.IFNA(VLOOKUP(B13,#REF!,$K$4,0),0) -> #REF! | AF12: =_xlfn.IFNA(VLOOKUP(B13,#REF!,$K$4,0),0) -> #REF! | AG12: =_xlfn.IFNA(VLOOKUP(B13,#REF!,$K$4,0),0) -> #REF! | AH12: =_xlfn.IFNA(VLOOKUP(B13,#REF!,$K$4,0),0) -> #REF! | AI12: =_xlfn.IFNA(VLOOKUP(B13,#REF!,$K$4,0),0) -> #REF!
A13: 7 | B13: =#REF! -> #REF! | C13: =#REF! -> #REF! | D13: =#REF! -> #REF! | E13: =_xlfn.IFNA(VLOOKUP(B13,#REF!,4,0),0)+_xlfn.IFNA(VLOOKUP(B13,#REF!,4,0),0)+_xlfn.IFNA(VLOOKUP(B13,#REF!,4,0),0)+_xlfn.IFNA(VLOOKUP(B13,#REF!,4,0),0)+_xlfn.IFNA(VLOOKUP(B13,#REF!,4,0),0)+_xlfn.IFNA(VLOOKUP(B13,#REF!,4,0),0)+_xlfn.IFNA(VLOOKUP(B13,#REF!,4,0),0)+_xlfn.IFNA(VLOOKUP(B13,#REF!,4,0),0)+_xlfn.IFNA(VLOOKUP(B13,#REF!,4,0),0)+_xlfn.IFNA(VLOOKUP(B13,#REF!,4,0),0)+_xlfn.IFNA(VLOOKUP(B13,#REF!,4,0),0)+_xlfn.IFNA(VLOOKUP(B13,#REF!,4,0),0)+_xlfn.IFNA(VLOOKUP(B13,#REF!,4,0),0)+_xlfn.IFNA(VLOOKUP(B13,#REF!,4,0),0)+_xlfn.IFNA(VLOOKUP(B13,#REF!,4,0),0)+_xlfn.IFNA(VLOOKUP(B13,#REF!,4,0),0)+_xlfn.IFNA(VLOOKUP(B13,#REF!,4,0),0)+_xlfn.IFNA(VLOOKUP(B13,#REF!,4,0),0)+_xlfn.IFNA(VLOOKUP(B13,#REF!,4,0),0)+_xlfn.IFNA(VLOOKUP(B13,#REF!,4,0),0)+_xlfn.IFNA(VLOOKUP(B13,#REF!,4,0),0)+_xlfn.IFNA(VLOOKUP(B13,#REF!,4,0),0)+_xlfn.IFNA(VLOOKUP(B13,#REF!,4,0),0)+_xlfn.IFNA(VLOOKUP(B13,#REF!,4,0),0)+_xlfn.IFNA(VLOOKUP(B13,#REF!,4,0),0) -> #REF! | F13: ='201.3'!N50 -> #REF! | G13: =ROUND(E13*F13,0) -> #REF! | I13: =SUM(K13:AI13) -> #REF! | J13: =I13=G14 -> #REF! | K13: =_xlfn.IFNA(VLOOKUP(B14,#REF!,$K$4,0),0) -> #REF! | L13: =_xlfn.IFNA(VLOOKUP(B14,#REF!,$K$4,0),0) -> #REF! | M13: =_xlfn.IFNA(VLOOKUP(B14,#REF!,$K$4,0),0) -> #REF! | N13: =_xlfn.IFNA(VLOOKUP(B14,#REF!,$K$4,0),0) -> #REF! | O13: =_xlfn.IFNA(VLOOKUP(B14,#REF!,$K$4,0),0) -> #REF! | P13: =_xlfn.IFNA(VLOOKUP(B14,#REF!,$K$4,0),0) -> #REF! | Q13: =_xlfn.IFNA(VLOOKUP(B14,#REF!,$K$4,0),0) -> #REF! | R13: =_xlfn.IFNA(VLOOKUP(B14,#REF!,$K$4,0),0) -> #REF! | S13: =_xlfn.IFNA(VLOOKUP(B14,#REF!,$K$4,0),0) -> #REF! | T13: =_xlfn.IFNA(VLOOKUP(B14,#REF!,$K$4,0),0) -> #REF! | U13: =_xlfn.IFNA(VLOOKUP(B14,#REF!,$K$4,0),0) -> #REF! | V13: =_xlfn.IFNA(VLOOKUP(B14,#REF!,$K$4,0),0) -> #REF! | W13: =_xlfn.IFNA(VLOOKUP(B14,#REF!,$K$4,0),0) -> #REF! | X13: =_xlfn.IFNA(VLOOKUP(B14,#REF!,$K$4,0),0) -> #REF! | Y13: =_xlfn.IFNA(VLOOKUP(B14,#REF!,$K$4,0),0) -> #REF! | Z13: =_xlfn.IFNA(VLOOKUP(B14,#REF!,$K$4,0),0) -> #REF! | AA13: =_xlfn.IFNA(VLOOKUP(B14,#REF!,$K$4,0),0) -> #REF! | AB13: =_xlfn.IFNA(VLOOKUP(B14,#REF!,$K$4,0),0) -> #REF! | AC13: =_xlfn.IFNA(VLOOKUP(B14,#REF!,$K$4,0),0) -> #REF! | AD13: =_xlfn.IFNA(VLOOKUP(B14,#REF!,$K$4,0),0) -> #REF! | AE13: =_xlfn.IFNA(VLOOKUP(B14,#REF!,$K$4,0),0) -> #REF! | AF13: =_xlfn.IFNA(VLOOKUP(B14,#REF!,$K$4,0),0) -> #REF! | AG13: =_xlfn.IFNA(VLOOKUP(B14,#REF!,$K$4,0),0) -> #REF! | AH13: =_xlfn.IFNA(VLOOKUP(B14,#REF!,$K$4,0),0) -> #REF! | AI13: =_xlfn.IFNA(VLOOKUP(B14,#REF!,$K$4,0),0) -> #REF!
A14: 8 | B14: =#REF! -> #REF! | C14: =#REF! -> #REF! | D14: =#REF! -> #REF! | E14: =_xlfn.IFNA(VLOOKUP(B14,#REF!,4,0),0)+_xlfn.IFNA(VLOOKUP(B14,#REF!,4,0),0)+_xlfn.IFNA(VLOOKUP(B14,#REF!,4,0),0)+_xlfn.IFNA(VLOOKUP(B14,#REF!,4,0),0)+_xlfn.IFNA(VLOOKUP(B14,#REF!,4,0),0)+_xlfn.IFNA(VLOOKUP(B14,#REF!,4,0),0)+_xlfn.IFNA(VLOOKUP(B14,#REF!,4,0),0)+_xlfn.IFNA(VLOOKUP(B14,#REF!,4,0),0)+_xlfn.IFNA(VLOOKUP(B14,#REF!,4,0),0)+_xlfn.IFNA(VLOOKUP(B14,#REF!,4,0),0)+_xlfn.IFNA(VLOOKUP(B14,#REF!,4,0),0)+_xlfn.IFNA(VLOOKUP(B14,#REF!,4,0),0)+_xlfn.IFNA(VLOOKUP(B14,#REF!,4,0),0)+_xlfn.IFNA(VLOOKUP(B14,#REF!,4,0),0)+_xlfn.IFNA(VLOOKUP(B14,#REF!,4,0),0)+_xlfn.IFNA(VLOOKUP(B14,#REF!,4,0),0)+_xlfn.IFNA(VLOOKUP(B14,#REF!,4,0),0)+_xlfn.IFNA(VLOOKUP(B14,#REF!,4,0),0)+_xlfn.IFNA(VLOOKUP(B14,#REF!,4,0),0)+_xlfn.IFNA(VLOOKUP(B14,#REF!,4,0),0)+_xlfn.IFNA(VLOOKUP(B14,#REF!,4,0),0)+_xlfn.IFNA(VLOOKUP(B14,#REF!,4,0),0)+_xlfn.IFNA(VLOOKUP(B14,#REF!,4,0),0)+_xlfn.IFNA(VLOOKUP(B14,#REF!,4,0),0)+_xlfn.IFNA(VLOOKUP(B14,#REF!,4,0),0) -> #REF! | F14: =#REF! -> #REF! | G14: =ROUND(E14*F14,0) -> #REF! | I14: =SUM(K14:AI14) -> #REF! | J14: =I14=G15 -> #REF! | K14: =_xlfn.IFNA(VLOOKUP(B15,#REF!,$K$4,0),0) -> #REF! | L14: =_xlfn.IFNA(VLOOKUP(B15,#REF!,$K$4,0),0) -> #REF! | M14: =_xlfn.IFNA(VLOOKUP(B15,#REF!,$K$4,0),0) -> #REF! | N14: =_xlfn.IFNA(VLOOKUP(B15,#REF!,$K$4,0),0) -> #REF! | O14: =_xlfn.IFNA(VLOOKUP(B15,#REF!,$K$4,0),0) -> #REF! | P14: =_xlfn.IFNA(VLOOKUP(B15,#REF!,$K$4,0),0) -> #REF! | Q14: =_xlfn.IFNA(VLOOKUP(B15,#REF!,$K$4,0),0) -> #REF! | R14: =_xlfn.IFNA(VLOOKUP(B15,#REF!,$K$4,0),0) -> #REF! | S14: =_xlfn.IFNA(VLOOKUP(B15,#REF!,$K$4,0),0) -> #REF! | T14: =_xlfn.IFNA(VLOOKUP(B15,#REF!,$K$4,0),0) -> #REF! | U14: =_xlfn.IFNA(VLOOKUP(B15,#REF!,$K$4,0),0) -> #REF! | V14: =_xlfn.IFNA(VLOOKUP(B15,#REF!,$K$4,0),0) -> #REF! | W14: =_xlfn.IFNA(VLOOKUP(B15,#REF!,$K$4,0),0) -> #REF! | X14: =_xlfn.IFNA(VLOOKUP(B15,#REF!,$K$4,0),0) -> #REF! | Y14: =_xlfn.IFNA(VLOOKUP(B15,#REF!,$K$4,0),0) -> #REF! | Z14: =_xlfn.IFNA(VLOOKUP(B15,#REF!,$K$4,0),0) -> #REF! | AA14: =_xlfn.IFNA(VLOOKUP(B15,#REF!,$K$4,0),0) -> #REF! | AB14: =_xlfn.IFNA(VLOOKUP(B15,#REF!,$K$4,0),0) -> #REF! | AC14: =_xlfn.IFNA(VLOOKUP(B15,#REF!,$K$4,0),0) -> #REF! | AD14: =_xlfn.IFNA(VLOOKUP(B15,#REF!,$K$4,0),0) -> #REF! | AE14: =_xlfn.IFNA(VLOOKUP(B15,#REF!,$K$4,0),0) -> #REF! | AF14: =_xlfn.IFNA(VLOOKUP(B15,#REF!,$K$4,0),0) -> #REF! | AG14: =_xlfn.IFNA(VLOOKUP(B15,#REF!,$K$4,0),0) -> #REF! | AH14: =_xlfn.IFNA(VLOOKUP(B15,#REF!,$K$4,0),0) -> #REF! | AI14: =_xlfn.IFNA(VLOOKUP(B15,#REF!,$K$4,0),0) -> #REF!
B15: A | C15: SUBTOTAL PRELIMINARES Y EXPLANACIONES | D15: =#REF! -> #REF! | G15: =SUM(G7:G14) -> #REF! | I15: =SUM(K15:AI15) -> #REF! | J15: =I15=G16 -> #REF! | K15: =_xlfn.IFNA(VLOOKUP(B16,#REF!,$K$4,0),0) -> #REF! | L15: =_xlfn.IFNA(VLOOKUP(B16,#REF!,$K$4,0),0) -> #REF! | M15: =_xlfn.IFNA(VLOOKUP(B16,#REF!,$K$4,0),0) -> #REF! | N15: =_xlfn.IFNA(VLOOKUP(B16,#REF!,$K$4,0),0) -> #REF! | O15: =_xlfn.IFNA(VLOOKUP(B16,#REF!,$K$4,0),0) -> #REF! | P15: =_xlfn.IFNA(VLOOKUP(B16,#REF!,$K$4,0),0) -> #REF! | Q15: =_xlfn.IFNA(VLOOKUP(B16,#REF!,$K$4,0),0) -> #REF! | R15: =_xlfn.IFNA(VLOOKUP(B16,#REF!,$K$4,0),0) -> #REF! | S15: =_xlfn.IFNA(VLOOKUP(B16,#REF!,$K$4,0),0) -> #REF! | T15: =_xlfn.IFNA(VLOOKUP(B16,#REF!,$K$4,0),0) -> #REF! | U15: =_xlfn.IFNA(VLOOKUP(B16,#REF!,$K$4,0),0) -> #REF! | V15: =_xlfn.IFNA(VLOOKUP(B16,#REF!,$K$4,0),0) -> #REF! | W15: =_xlfn.IFNA(VLOOKUP(B16,#REF!,$K$4,0),0) -> #REF! | X15: =_xlfn.IFNA(VLOOKUP(B16,#REF!,$K$4,0),0) -> #REF! | Y15: =_xlfn.IFNA(VLOOKUP(B16,#REF!,$K$4,0),0) -> #REF! | Z15: =_xlfn.IFNA(VLOOKUP(B16,#REF!,$K$4,0),0) -> #REF! | AA15: =_xlfn.IFNA(VLOOKUP(B16,#REF!,$K$4,0),0) -> #REF! | AB15: =_xlfn.IFNA(VLOOKUP(B16,#REF!,$K$4,0),0) -> #REF! | AC15: =_xlfn.IFNA(VLOOKUP(B16,#REF!,$K$4,0),0) -> #REF! | AD15: =_xlfn.IFNA(VLOOKUP(B16,#REF!,$K$4,0),0) -> #REF! | AE15: =_xlfn.IFNA(VLOOKUP(B16,#REF!,$K$4,0),0) -> #REF! | AF15: =_xlfn.IFNA(VLOOKUP(B16,#REF!,$K$4,0),0) -> #REF! | AG15: =_xlfn.IFNA(VLOOKUP(B16,#REF!,$K$4,0),0) -> #REF! | AH15: =_xlfn.IFNA(VLOOKUP(B16,#REF!,$K$4,0),0) -> #REF! | AI15: =_xlfn.IFNA(VLOOKUP(B16,#REF!,$K$4,0),0) -> #REF!
B16: A | C16: EXCAVACIONES | D16: =#REF! -> #REF! | I16: =SUM(K16:AI16) -> #REF! | J16: =I16=G17 -> #REF! | K16: =_xlfn.IFNA(VLOOKUP(B17,#REF!,$K$4,0),0) -> #REF! | L16: =_xlfn.IFNA(VLOOKUP(B17,#REF!,$K$4,0),0) -> #REF! | M16: =_xlfn.IFNA(VLOOKUP(B17,#REF!,$K$4,0),0) -> #REF! | N16: =_xlfn.IFNA(VLOOKUP(B17,#REF!,$K$4,0),0) -> #REF! | O16: =_xlfn.IFNA(VLOOKUP(B17,#REF!,$K$4,0),0) -> #REF! | P16: =_xlfn.IFNA(VLOOKUP(B17,#REF!,$K$4,0),0) -> #REF! | Q16: =_xlfn.IFNA(VLOOKUP(B17,#REF!,$K$4,0),0) -> #REF! | R16: =_xlfn.IFNA(VLOOKUP(B17,#REF!,$K$4,0),0) -> #REF! | S16: =_xlfn.IFNA(VLOOKUP(B17,#REF!,$K$4,0),0) -> #REF! | T16: =_xlfn.IFNA(VLOOKUP(B17,#REF!,$K$4,0),0) -> #REF! | U16: =_xlfn.IFNA(VLOOKUP(B17,#REF!,$K$4,0),0) -> #REF! | V16: =_xlfn.IFNA(VLOOKUP(B17,#REF!,$K$4,0),0) -> #REF! | W16: =_xlfn.IFNA(VLOOKUP(B17,#REF!,$K$4,0),0) -> #REF! | X16: =_xlfn.IFNA(VLOOKUP(B17,#REF!,$K$4,0),0) -> #REF! | Y16: =_xlfn.IFNA(VLOOKUP(B17,#REF!,$K$4,0),0) -> #REF! | Z16: =_xlfn.IFNA(VLOOKUP(B17,#REF!,$K$4,0),0) -> #REF! | AA16: =_xlfn.IFNA(VLOOKUP(B17,#REF!,$K$4,0),0) -> #REF! | AB16: =_xlfn.IFNA(VLOOKUP(B17,#REF!,$K$4,0),0) -> #REF! | AC16: =_xlfn.IFNA(VLOOKUP(B17,#REF!,$K$4,0),0) -> #REF! | AD16: =_xlfn.IFNA(VLOOKUP(B17,#REF!,$K$4,0),0) -> #REF! | AE16: =_xlfn.IFNA(VLOOKUP(B17,#REF!,$K$4,0),0) -> #REF! | AF16: =_xlfn.IFNA(VLOOKUP(B17,#REF!,$K$4,0),0) -> #REF! | AG16: =_xlfn.IFNA(VLOOKUP(B17,#REF!,$K$4,0),0) -> #REF! | AH16: =_xlfn.IFNA(VLOOKUP(B17,#REF!,$K$4,0),0) -> #REF! | AI16: =_xlfn.IFNA(VLOOKUP(B17,#REF!,$K$4,0),0) -> #REF!
A17: 9 | B17: =#REF! -> #REF! | C17: =#REF! -> #REF! | D17: =#REF! -> #REF! | E17: =_xlfn.IFNA(VLOOKUP(B17,#REF!,4,0),0)+_xlfn.IFNA(VLOOKUP(B17,#REF!,4,0),0)+_xlfn.IFNA(VLOOKUP(B17,#REF!,4,0),0)+_xlfn.IFNA(VLOOKUP(B17,#REF!,4,0),0)+_xlfn.IFNA(VLOOKUP(B17,#REF!,4,0),0)+_xlfn.IFNA(VLOOKUP(B17,#REF!,4,0),0)+_xlfn.IFNA(VLOOKUP(B17,#REF!,4,0),0)+_xlfn.IFNA(VLOOKUP(B17,#REF!,4,0),0)+_xlfn.IFNA(VLOOKUP(B17,#REF!,4,0),0)+_xlfn.IFNA(VLOOKUP(B17,#REF!,4,0),0)+_xlfn.IFNA(VLOOKUP(B17,#REF!,4,0),0)+_xlfn.IFNA(VLOOKUP(B17,#REF!,4,0),0)+_xlfn.IFNA(VLOOKUP(B17,#REF!,4,0),0)+_xlfn.IFNA(VLOOKUP(B17,#REF!,4,0),0)+_xlfn.IFNA(VLOOKUP(B17,#REF!,4,0),0)+_xlfn.IFNA(VLOOKUP(B17,#REF!,4,0),0)+_xlfn.IFNA(VLOOKUP(B17,#REF!,4,0),0)+_xlfn.IFNA(VLOOKUP(B17,#REF!,4,0),0)+_xlfn.IFNA(VLOOKUP(B17,#REF!,4,0),0)+_xlfn.IFNA(VLOOKUP(B17,#REF!,4,0),0)+_xlfn.IFNA(VLOOKUP(B17,#REF!,4,0),0)+_xlfn.IFNA(VLOOKUP(B17,#REF!,4,0),0)+_xlfn.IFNA(VLOOKUP(B17,#REF!,4,0),0)+_xlfn.IFNA(VLOOKUP(B17,#REF!,4,0),0)+_xlfn.IFNA(VLOOKUP(B17,#REF!,4,0),0) -> #REF! | F17: =+#REF! -> #REF! | G17: =ROUND(E17*F17,0) -> #REF! | I17: =SUM(K17:AI17) -> #REF! | J17: =I17=G18 -> #REF! | K17: =_xlfn.IFNA(VLOOKUP(B18,#REF!,$K$4,0),0) -> #REF! | L17: =_xlfn.IFNA(VLOOKUP(B18,#REF!,$K$4,0),0) -> #REF! | M17: =_xlfn.IFNA(VLOOKUP(B18,#REF!,$K$4,0),0) -> #REF! | N17: =_xlfn.IFNA(VLOOKUP(B18,#REF!,$K$4,0),0) -> #REF! | O17: =_xlfn.IFNA(VLOOKUP(B18,#REF!,$K$4,0),0) -> #REF! | P17: =_xlfn.IFNA(VLOOKUP(B18,#REF!,$K$4,0),0) -> #REF! | Q17: =_xlfn.IFNA(VLOOKUP(B18,#REF!,$K$4,0),0) -> #REF! | R17: =_xlfn.IFNA(VLOOKUP(B18,#REF!,$K$4,0),0) -> #REF! | S17: =_xlfn.IFNA(VLOOKUP(B18,#REF!,$K$4,0),0) -> #REF! | T17: =_xlfn.IFNA(VLOOKUP(B18,#REF!,$K$4,0),0) -> #REF! | U17: =_xlfn.IFNA(VLOOKUP(B18,#REF!,$K$4,0),0) -> #REF! | V17: =_xlfn.IFNA(VLOOKUP(B18,#REF!,$K$4,0),0) -> #REF! | W17: =_xlfn.IFNA(VLOOKUP(B18,#REF!,$K$4,0),0) -> #REF! | X17: =_xlfn.IFNA(VLOOKUP(B18,#REF!,$K$4,0),0) -> #REF! | Y17: =_xlfn.IFNA(VLOOKUP(B18,#REF!,$K$4,0),0) -> #REF! | Z17: =_xlfn.IFNA(VLOOKUP(B18,#REF!,$K$4,0),0) -> #REF! | AA17: =_xlfn.IFNA(VLOOKUP(B18,#REF!,$K$4,0),0) -> #REF! | AB17: =_xlfn.IFNA(VLOOKUP(B18,#REF!,$K$4,0),0) -> #REF! | AC17: =_xlfn.IFNA(VLOOKUP(B18,#REF!,$K$4,0),0) -> #REF! | AD17: =_xlfn.IFNA(VLOOKUP(B18,#REF!,$K$4,0),0) -> #REF! | AE17: =_xlfn.IFNA(VLOOKUP(B18,#REF!,$K$4,0),0) -> #REF! | AF17: =_xlfn.IFNA(VLOOKUP(B18,#REF!,$K$4,0),0) -> #REF! | AG17: =_xlfn.IFNA(VLOOKUP(B18,#REF!,$K$4,0),0) -> #REF! | AH17: =_xlfn.IFNA(VLOOKUP(B18,#REF!,$K$4,0),0) -> #REF! | AI17: =_xlfn.IFNA(VLOOKUP(B18,#REF!,$K$4,0),0) -> #REF!
A18: 10 | B18: =#REF! -> #REF! | C18: =#REF! -> #REF! | D18: =#REF! -> #REF! | E18: =_xlfn.IFNA(VLOOKUP(B18,#REF!,4,0),0)+_xlfn.IFNA(VLOOKUP(B18,#REF!,4,0),0)+_xlfn.IFNA(VLOOKUP(B18,#REF!,4,0),0)+_xlfn.IFNA(VLOOKUP(B18,#REF!,4,0),0)+_xlfn.IFNA(VLOOKUP(B18,#REF!,4,0),0)+_xlfn.IFNA(VLOOKUP(B18,#REF!,4,0),0)+_xlfn.IFNA(VLOOKUP(B18,#REF!,4,0),0)+_xlfn.IFNA(VLOOKUP(B18,#REF!,4,0),0)+_xlfn.IFNA(VLOOKUP(B18,#REF!,4,0),0)+_xlfn.IFNA(VLOOKUP(B18,#REF!,4,0),0)+_xlfn.IFNA(VLOOKUP(B18,#REF!,4,0),0)+_xlfn.IFNA(VLOOKUP(B18,#REF!,4,0),0)+_xlfn.IFNA(VLOOKUP(B18,#REF!,4,0),0)+_xlfn.IFNA(VLOOKUP(B18,#REF!,4,0),0)+_xlfn.IFNA(VLOOKUP(B18,#REF!,4,0),0)+_xlfn.IFNA(VLOOKUP(B18,#REF!,4,0),0)+_xlfn.IFNA(VLOOKUP(B18,#REF!,4,0),0)+_xlfn.IFNA(VLOOKUP(B18,#REF!,4,0),0)+_xlfn.IFNA(VLOOKUP(B18,#REF!,4,0),0)+_xlfn.IFNA(VLOOKUP(B18,#REF!,4,0),0)+_xlfn.IFNA(VLOOKUP(B18,#REF!,4,0),0)+_xlfn.IFNA(VLOOKUP(B18,#REF!,4,0),0)+_xlfn.IFNA(VLOOKUP(B18,#REF!,4,0),0)+_xlfn.IFNA(VLOOKUP(B18,#REF!,4,0),0)+_xlfn.IFNA(VLOOKUP(B18,#REF!,4,0),0) -> #REF! | F18: =#REF! -> #REF! | G18: =ROUND(E18*F18,0) -> #REF! | I18: =SUM(K18:AI18) -> #REF! | J18: =I18=G19 -> #REF! | K18: =_xlfn.IFNA(VLOOKUP(B19,#REF!,$K$4,0),0) -> #REF! | L18: =_xlfn.IFNA(VLOOKUP(B19,#REF!,$K$4,0),0) -> #REF! | M18: =_xlfn.IFNA(VLOOKUP(B19,#REF!,$K$4,0),0) -> #REF! | N18: =_xlfn.IFNA(VLOOKUP(B19,#REF!,$K$4,0),0) -> #REF! | O18: =_xlfn.IFNA(VLOOKUP(B19,#REF!,$K$4,0),0) -> #REF! | P18: =_xlfn.IFNA(VLOOKUP(B19,#REF!,$K$4,0),0) -> #REF! | Q18: =_xlfn.IFNA(VLOOKUP(B19,#REF!,$K$4,0),0) -> #REF! | R18: =_xlfn.IFNA(VLOOKUP(B19,#REF!,$K$4,0),0) -> #REF! | S18: =_xlfn.IFNA(VLOOKUP(B19,#REF!,$K$4,0),0) -> #REF! | T18: =_xlfn.IFNA(VLOOKUP(B19,#REF!,$K$4,0),0) -> #REF! | U18: =_xlfn.IFNA(VLOOKUP(B19,#REF!,$K$4,0),0) -> #REF! | V18: =_xlfn.IFNA(VLOOKUP(B19,#REF!,$K$4,0),0) -> #REF! | W18: =_xlfn.IFNA(VLOOKUP(B19,#REF!,$K$4,0),0) -> #REF! | X18: =_xlfn.IFNA(VLOOKUP(B19,#REF!,$K$4,0),0) -> #REF! | Y18: =_xlfn.IFNA(VLOOKUP(B19,#REF!,$K$4,0),0) -> #REF! | Z18: =_xlfn.IFNA(VLOOKUP(B19,#REF!,$K$4,0),0) -> #REF! | AA18: =_xlfn.IFNA(VLOOKUP(B19,#REF!,$K$4,0),0) -> #REF! | AB18: =_xlfn.IFNA(VLOOKUP(B19,#REF!,$K$4,0),0) -> #REF! | AC18: =_xlfn.IFNA(VLOOKUP(B19,#REF!,$K$4,0),0) -> #REF! | AD18: =_xlfn.IFNA(VLOOKUP(B19,#REF!,$K$4,0),0) -> #REF! | AE18: =_xlfn.IFNA(VLOOKUP(B19,#REF!,$K$4,0),0) -> #REF! | AF18: =_xlfn.IFNA(VLOOKUP(B19,#REF!,$K$4,0),0) -> #REF! | AG18: =_xlfn.IFNA(VLOOKUP(B19,#REF!,$K$4,0),0) -> #REF! | AH18: =_xlfn.IFNA(VLOOKUP(B19,#REF!,$K$4,0),0) -> #REF! | AI18: =_xlfn.IFNA(VLOOKUP(B19,#REF!,$K$4,0),0) -> #REF!
A19: 11 | B19: =#REF! -> #REF! | C19: =#REF! -> #REF! | D19: =#REF! -> #REF! | E19: =_xlfn.IFNA(VLOOKUP(B19,#REF!,4,0),0)+_xlfn.IFNA(VLOOKUP(B19,#REF!,4,0),0)+_xlfn.IFNA(VLOOKUP(B19,#REF!,4,0),0)+_xlfn.IFNA(VLOOKUP(B19,#REF!,4,0),0)+_xlfn.IFNA(VLOOKUP(B19,#REF!,4,0),0)+_xlfn.IFNA(VLOOKUP(B19,#REF!,4,0),0)+_xlfn.IFNA(VLOOKUP(B19,#REF!,4,0),0)+_xlfn.IFNA(VLOOKUP(B19,#REF!,4,0),0)+_xlfn.IFNA(VLOOKUP(B19,#REF!,4,0),0)+_xlfn.IFNA(VLOOKUP(B19,#REF!,4,0),0)+_xlfn.IFNA(VLOOKUP(B19,#REF!,4,0),0)+_xlfn.IFNA(VLOOKUP(B19,#REF!,4,0),0)+_xlfn.IFNA(VLOOKUP(B19,#REF!,4,0),0)+_xlfn.IFNA(VLOOKUP(B19,#REF!,4,0),0)+_xlfn.IFNA(VLOOKUP(B19,#REF!,4,0),0)+_xlfn.IFNA(VLOOKUP(B19,#REF!,4,0),0)+_xlfn.IFNA(VLOOKUP(B19,#REF!,4,0),0)+_xlfn.IFNA(VLOOKUP(B19,#REF!,4,0),0)+_xlfn.IFNA(VLOOKUP(B19,#REF!,4,0),0)+_xlfn.IFNA(VLOOKUP(B19,#REF!,4,0),0)+_xlfn.IFNA(VLOOKUP(B19,#REF!,4,0),0)+_xlfn.IFNA(VLOOKUP(B19,#REF!,4,0),0)+_xlfn.IFNA(VLOOKUP(B19,#REF!,4,0),0)+_xlfn.IFNA(VLOOKUP(B19,#REF!,4,0),0)+_xlfn.IFNA(VLOOKUP(B19,#REF!,4,0),0) -> #REF! | F19: =#REF! -> #REF! | G19: =ROUND(E19*F19,0) -> #REF! | I19: =SUM(K19:AI19) -> #REF! | J19: =I19=G20 -> #REF! | K19: =_xlfn.IFNA(VLOOKUP(B20,#REF!,$K$4,0),0) -> #REF! | L19: =_xlfn.IFNA(VLOOKUP(B20,#REF!,$K$4,0),0) -> #REF! | M19: =_xlfn.IFNA(VLOOKUP(B20,#REF!,$K$4,0),0) -> #REF! | N19: =_xlfn.IFNA(VLOOKUP(B20,#REF!,$K$4,0),0) -> #REF! | O19: =_xlfn.IFNA(VLOOKUP(B20,#REF!,$K$4,0),0) -> #REF! | P19: =_xlfn.IFNA(VLOOKUP(B20,#REF!,$K$4,0),0) -> #REF! | Q19: =_xlfn.IFNA(VLOOKUP(B20,#REF!,$K$4,0),0) -> #REF! | R19: =_xlfn.IFNA(VLOOKUP(B20,#REF!,$K$4,0),0) -> #REF! | S19: =_xlfn.IFNA(VLOOKUP(B20,#REF!,$K$4,0),0) -> #REF! | T19: =_xlfn.IFNA(VLOOKUP(B20,#REF!,$K$4,0),0) -> #REF! | U19: =_xlfn.IFNA(VLOOKUP(B20,#REF!,$K$4,0),0) -> #REF! | V19: =_xlfn.IFNA(VLOOKUP(B20,#REF!,$K$4,0),0) -> #REF! | W19: =_xlfn.IFNA(VLOOKUP(B20,#REF!,$K$4,0),0) -> #REF! | X19: =_xlfn.IFNA(VLOOKUP(B20,#REF!,$K$4,0),0) -> #REF! | Y19: =_xlfn.IFNA(VLOOKUP(B20,#REF!,$K$4,0),0) -> #REF! | Z19: =_xlfn.IFNA(VLOOKUP(B20,#REF!,$K$4,0),0) -> #REF! | AA19: =_xlfn.IFNA(VLOOKUP(B20,#REF!,$K$4,0),0) -> #REF! | AB19: =_xlfn.IFNA(VLOOKUP(B20,#REF!,$K$4,0),0) -> #REF! | AC19: =_xlfn.IFNA(VLOOKUP(B20,#REF!,$K$4,0),0) -> #REF! | AD19: =_xlfn.IFNA(VLOOKUP(B20,#REF!,$K$4,0),0) -> #REF! | AE19: =_xlfn.IFNA(VLOOKUP(B20,#REF!,$K$4,0),0) -> #REF! | AF19: =_xlfn.IFNA(VLOOKUP(B20,#REF!,$K$4,0),0) -> #REF! | AG19: =_xlfn.IFNA(VLOOKUP(B20,#REF!,$K$4,0),0) -> #REF! | AH19: =_xlfn.IFNA(VLOOKUP(B20,#REF!,$K$4,0),0) -> #REF! | AI19: =_xlfn.IFNA(VLOOKUP(B20,#REF!,$K$4,0),0) -> #REF!
B20: =#REF! -> #REF! | C20: =#REF! -> #REF! | D20: =#REF! -> #REF! | E20: =_xlfn.IFNA(VLOOKUP(B20,#REF!,4,0),0)+_xlfn.IFNA(VLOOKUP(B20,#REF!,4,0),0)+_xlfn.IFNA(VLOOKUP(B20,#REF!,4,0),0)+_xlfn.IFNA(VLOOKUP(B20,#REF!,4,0),0)+_xlfn.IFNA(VLOOKUP(B20,#REF!,4,0),0)+_xlfn.IFNA(VLOOKUP(B20,#REF!,4,0),0)+_xlfn.IFNA(VLOOKUP(B20,#REF!,4,0),0)+_xlfn.IFNA(VLOOKUP(B20,#REF!,4,0),0)+_xlfn.IFNA(VLOOKUP(B20,#REF!,4,0),0)+_xlfn.IFNA(VLOOKUP(B20,#REF!,4,0),0)+_xlfn.IFNA(VLOOKUP(B20,#REF!,4,0),0)+_xlfn.IFNA(VLOOKUP(B20,#REF!,4,0),0)+_xlfn.IFNA(VLOOKUP(B20,#REF!,4,0),0)+_xlfn.IFNA(VLOOKUP(B20,#REF!,4,0),0)+_xlfn.IFNA(VLOOKUP(B20,#REF!,4,0),0)+_xlfn.IFNA(VLOOKUP(B20,#REF!,4,0),0)+_xlfn.IFNA(VLOOKUP(B20,#REF!,4,0),0)+_xlfn.IFNA(VLOOKUP(B20,#REF!,4,0),0)+_xlfn.IFNA(VLOOKUP(B20,#REF!,4,0),0)+_xlfn.IFNA(VLOOKUP(B20,#REF!,4,0),0)+_xlfn.IFNA(VLOOKUP(B20,#REF!,4,0),0)+_xlfn.IFNA(VLOOKUP(B20,#REF!,4,0),0)+_xlfn.IFNA(VLOOKUP(B20,#REF!,4,0),0)+_xlfn.IFNA(VLOOKUP(B20,#REF!,4,0),0)+_xlfn.IFNA(VLOOKUP(B20,#REF!,4,0),0) -> #REF! | F20: =#REF! -> #REF! | G20: =ROUND(E20*F20,0) -> #REF! | I20: =SUM(K20:AI20) -> #REF! | J20: =I20=G21 -> #REF! | K20: =_xlfn.IFNA(VLOOKUP(B21,#REF!,$K$4,0),0) -> #REF! | L20: =_xlfn.IFNA(VLOOKUP(B21,#REF!,$K$4,0),0) -> #REF! | M20: =_xlfn.IFNA(VLOOKUP(B21,#REF!,$K$4,0),0) -> #REF! | N20: =_xlfn.IFNA(VLOOKUP(B21,#REF!,$K$4,0),0) -> #REF! | O20: =_xlfn.IFNA(VLOOKUP(B21,#REF!,$K$4,0),0) -> #REF! | P20: =_xlfn.IFNA(VLOOKUP(B21,#REF!,$K$4,0),0) -> #REF! | Q20: =_xlfn.IFNA(VLOOKUP(B21,#REF!,$K$4,0),0) -> #REF! | R20: =_xlfn.IFNA(VLOOKUP(B21,#REF!,$K$4,0),0) -> #REF! | S20: =_xlfn.IFNA(VLOOKUP(B21,#REF!,$K$4,0),0) -> #REF! | T20: =_xlfn.IFNA(VLOOKUP(B21,#REF!,$K$4,0),0) -> #REF! | U20: =_xlfn.IFNA(VLOOKUP(B21,#REF!,$K$4,0),0) -> #REF! | V20: =_xlfn.IFNA(VLOOKUP(B21,#REF!,$K$4,0),0) -> #REF! | W20: =_xlfn.IFNA(VLOOKUP(B21,#REF!,$K$4,0),0) -> #REF! | X20: =_xlfn.IFNA(VLOOKUP(B21,#REF!,$K$4,0),0) -> #REF! | Y20: =_xlfn.IFNA(VLOOKUP(B21,#REF!,$K$4,0),0) -> #REF! | Z20: =_xlfn.IFNA(VLOOKUP(B21,#REF!,$K$4,0),0) -> #REF! | AA20: =_xlfn.IFNA(VLOOKUP(B21,#REF!,$K$4,0),0) -> #REF! | AB20: =_xlfn.IFNA(VLOOKUP(B21,#REF!,$K$4,0),0) -> #REF! | AC20: =_xlfn.IFNA(VLOOKUP(B21,#REF!,$K$4,0),0) -> #REF! | AD20: =_xlfn.IFNA(VLOOKUP(B21,#REF!,$K$4,0),0) -> #REF! | AE20: =_xlfn.IFNA(VLOOKUP(B21,#REF!,$K$4,0),0) -> #REF! | AF20: =_xlfn.IFNA(VLOOKUP(B21,#REF!,$K$4,0),0) -> #REF! | AG20: =_xlfn.IFNA(VLOOKUP(B21,#REF!,$K$4,0),0) -> #REF! | AH20: =_xlfn.IFNA(VLOOKUP(B21,#REF!,$K$4,0),0) -> #REF! | AI20: =_xlfn.IFNA(VLOOKUP(B21,#REF!,$K$4,0),0) -> #REF!
B21: A | C21: SUBTOTAL EXCAVACIONES | D21: =#REF! -> #REF! | G21: =SUM(G17:G20) -> #REF! | I21: =SUM(K21:AI21) -> #REF! | J21: =I21=G22 -> #REF! | K21: =_xlfn.IFNA(VLOOKUP(B22,#REF!,$K$4,0),0) -> #REF! | L21: =_xlfn.IFNA(VLOOKUP(B22,#REF!,$K$4,0),0) -> #REF! | M21: =_xlfn.IFNA(VLOOKUP(B22,#REF!,$K$4,0),0) -> #REF! | N21: =_xlfn.IFNA(VLOOKUP(B22,#REF!,$K$4,0),0) -> #REF! | O21: =_xlfn.IFNA(VLOOKUP(B22,#REF!,$K$4,0),0) -> #REF! | P21: =_xlfn.IFNA(VLOOKUP(B22,#REF!,$K$4,0),0) -> #REF! | Q21: =_xlfn.IFNA(VLOOKUP(B22,#REF!,$K$4,0),0) -> #REF! | R21: =_xlfn.IFNA(VLOOKUP(B22,#REF!,$K$4,0),0) -> #REF! | S21: =_xlfn.IFNA(VLOOKUP(B22,#REF!,$K$4,0),0) -> #REF! | T21: =_xlfn.IFNA(VLOOKUP(B22,#REF!,$K$4,0),0) -> #REF! | U21: =_xlfn.IFNA(VLOOKUP(B22,#REF!,$K$4,0),0) -> #REF! | V21: =_xlfn.IFNA(VLOOKUP(B22,#REF!,$K$4,0),0) -> #REF! | W21: =_xlfn.IFNA(VLOOKUP(B22,#REF!,$K$4,0),0) -> #REF! | X21: =_xlfn.IFNA(VLOOKUP(B22,#REF!,$K$4,0),0) -> #REF! | Y21: =_xlfn.IFNA(VLOOKUP(B22,#REF!,$K$4,0),0) -> #REF! | Z21: =_xlfn.IFNA(VLOOKUP(B22,#REF!,$K$4,0),0) -> #REF! | AA21: =_xlfn.IFNA(VLOOKUP(B22,#REF!,$K$4,0),0) -> #REF! | AB21: =_xlfn.IFNA(VLOOKUP(B22,#REF!,$K$4,0),0) -> #REF! | AC21: =_xlfn.IFNA(VLOOKUP(B22,#REF!,$K$4,0),0) -> #REF! | AD21: =_xlfn.IFNA(VLOOKUP(B22,#REF!,$K$4,0),0) -> #REF! | AE21: =_xlfn.IFNA(VLOOKUP(B22,#REF!,$K$4,0),0) -> #REF! | AF21: =_xlfn.IFNA(VLOOKUP(B22,#REF!,$K$4,0),0) -> #REF! | AG21: =_xlfn.IFNA(VLOOKUP(B22,#REF!,$K$4,0),0) -> #REF! | AH21: =_xlfn.IFNA(VLOOKUP(B22,#REF!,$K$4,0),0) -> #REF! | AI21: =_xlfn.IFNA(VLOOKUP(B22,#REF!,$K$4,0),0) -> #REF!
B22: A | C22: =#REF! -> #REF! | D22: =#REF! -> #REF! | I22: =SUM(K22:AI22) -> #REF! | J22: =I22=G23 -> #REF! | K22: =_xlfn.IFNA(VLOOKUP(B23,#REF!,$K$4,0),0) -> #REF! | L22: =_xlfn.IFNA(VLOOKUP(B23,#REF!,$K$4,0),0) -> #REF! | M22: =_xlfn.IFNA(VLOOKUP(B23,#REF!,$K$4,0),0) -> #REF! | N22: =_xlfn.IFNA(VLOOKUP(B23,#REF!,$K$4,0),0) -> #REF! | O22: =_xlfn.IFNA(VLOOKUP(B23,#REF!,$K$4,0),0) -> #REF! | P22: =_xlfn.IFNA(VLOOKUP(B23,#REF!,$K$4,0),0) -> #REF! | Q22: =_xlfn.IFNA(VLOOKUP(B23,#REF!,$K$4,0),0) -> #REF! | R22: =_xlfn.IFNA(VLOOKUP(B23,#REF!,$K$4,0),0) -> #REF! | S22: =_xlfn.IFNA(VLOOKUP(B23,#REF!,$K$4,0),0) -> #REF! | T22: =_xlfn.IFNA(VLOOKUP(B23,#REF!,$K$4,0),0) -> #REF! | U22: =_xlfn.IFNA(VLOOKUP(B23,#REF!,$K$4,0),0) -> #REF! | V22: =_xlfn.IFNA(VLOOKUP(B23,#REF!,$K$4,0),0) -> #REF! | W22: =_xlfn.IFNA(VLOOKUP(B23,#REF!,$K$4,0),0) -> #REF! | X22: =_xlfn.IFNA(VLOOKUP(B23,#REF!,$K$4,0),0) -> #REF! | Y22: =_xlfn.IFNA(VLOOKUP(B23,#REF!,$K$4,0),0) -> #REF! | Z22: =_xlfn.IFNA(VLOOKUP(B23,#REF!,$K$4,0),0) -> #REF! | AA22: =_xlfn.IFNA(VLOOKUP(B23,#REF!,$K$4,0),0) -> #REF! | AB22: =_xlfn.IFNA(VLOOKUP(B23,#REF!,$K$4,0),0) -> #REF! | AC22: =_xlfn.IFNA(VLOOKUP(B23,#REF!,$K$4,0),0) -> #REF! | AD22: =_xlfn.IFNA(VLOOKUP(B23,#REF!,$K$4,0),0) -> #REF! | AE22: =_xlfn.IFNA(VLOOKUP(B23,#REF!,$K$4,0),0) -> #REF! | AF22: =_xlfn.IFNA(VLOOKUP(B23,#REF!,$K$4,0),0) -> #REF! | AG22: =_xlfn.IFNA(VLOOKUP(B23,#REF!,$K$4,0),0) -> #REF! | AH22: =_xlfn.IFNA(VLOOKUP(B23,#REF!,$K$4,0),0) -> #REF! | AI22: =_xlfn.IFNA(VLOOKUP(B23,#REF!,$K$4,0),0) -> #REF!
A23: 13 | B23: =#REF! -> #REF! | C23: =#REF! -> #REF! | D23: =#REF! -> #REF! | E23: =_xlfn.IFNA(VLOOKUP(B23,#REF!,4,0),0)+_xlfn.IFNA(VLOOKUP(B23,#REF!,4,0),0)+_xlfn.IFNA(VLOOKUP(B23,#REF!,4,0),0)+_xlfn.IFNA(VLOOKUP(B23,#REF!,4,0),0)+_xlfn.IFNA(VLOOKUP(B23,#REF!,4,0),0)+_xlfn.IFNA(VLOOKUP(B23,#REF!,4,0),0)+_xlfn.IFNA(VLOOKUP(B23,#REF!,4,0),0)+_xlfn.IFNA(VLOOKUP(B23,#REF!,4,0),0)+_xlfn.IFNA(VLOOKUP(B23,#REF!,4,0),0)+_xlfn.IFNA(VLOOKUP(B23,#REF!,4,0),0)+_xlfn.IFNA(VLOOKUP(B23,#REF!,4,0),0)+_xlfn.IFNA(VLOOKUP(B23,#REF!,4,0),0)+_xlfn.IFNA(VLOOKUP(B23,#REF!,4,0),0)+_xlfn.IFNA(VLOOKUP(B23,#REF!,4,0),0)+_xlfn.IFNA(VLOOKUP(B23,#REF!,4,0),0)+_xlfn.IFNA(VLOOKUP(B23,#REF!,4,0),0)+_xlfn.IFNA(VLOOKUP(B23,#REF!,4,0),0)+_xlfn.IFNA(VLOOKUP(B23,#REF!,4,0),0)+_xlfn.IFNA(VLOOKUP(B23,#REF!,4,0),0)+_xlfn.IFNA(VLOOKUP(B23,#REF!,4,0),0)+_xlfn.IFNA(VLOOKUP(B23,#REF!,4,0),0)+_xlfn.IFNA(VLOOKUP(B23,#REF!,4,0),0)+_xlfn.IFNA(VLOOKUP(B23,#REF!,4,0),0)+_xlfn.IFNA(VLOOKUP(B23,#REF!,4,0),0)+_xlfn.IFNA(VLOOKUP(B23,#REF!,4,0),0) -> #REF! | F23: =+#REF! -> #REF! | G23: =ROUND(E23*F23,0) -> #REF! | I23: =SUM(K23:AI23) -> #REF! | J23: =I23=G24 -> #REF! | K23: =_xlfn.IFNA(VLOOKUP(B24,#REF!,$K$4,0),0) -> #REF! | L23: =_xlfn.IFNA(VLOOKUP(B24,#REF!,$K$4,0),0) -> #REF! | M23: =_xlfn.IFNA(VLOOKUP(B24,#REF!,$K$4,0),0) -> #REF! | N23: =_xlfn.IFNA(VLOOKUP(B24,#REF!,$K$4,0),0) -> #REF! | O23: =_xlfn.IFNA(VLOOKUP(B24,#REF!,$K$4,0),0) -> #REF! | P23: =_xlfn.IFNA(VLOOKUP(B24,#REF!,$K$4,0),0) -> #REF! | Q23: =_xlfn.IFNA(VLOOKUP(B24,#REF!,$K$4,0),0) -> #REF! | R23: =_xlfn.IFNA(VLOOKUP(B24,#REF!,$K$4,0),0) -> #REF! | S23: =_xlfn.IFNA(VLOOKUP(B24,#REF!,$K$4,0),0) -> #REF! | T23: =_xlfn.IFNA(VLOOKUP(B24,#REF!,$K$4,0),0) -> #REF! | U23: =_xlfn.IFNA(VLOOKUP(B24,#REF!,$K$4,0),0) -> #REF! | V23: =_xlfn.IFNA(VLOOKUP(B24,#REF!,$K$4,0),0) -> #REF! | W23: =_xlfn.IFNA(VLOOKUP(B24,#REF!,$K$4,0),0) -> #REF! | X23: =_xlfn.IFNA(VLOOKUP(B24,#REF!,$K$4,0),0) -> #REF! | Y23: =_xlfn.IFNA(VLOOKUP(B24,#REF!,$K$4,0),0) -> #REF! | Z23: =_xlfn.IFNA(VLOOKUP(B24,#REF!,$K$4,0),0) -> #REF! | AA23: =_xlfn.IFNA(VLOOKUP(B24,#REF!,$K$4,0),0) -> #REF! | AB23: =_xlfn.IFNA(VLOOKUP(B24,#REF!,$K$4,0),0) -> #REF! | AC23: =_xlfn.IFNA(VLOOKUP(B24,#REF!,$K$4,0),0) -> #REF! | AD23: =_xlfn.IFNA(VLOOKUP(B24,#REF!,$K$4,0),0) -> #REF! | AE23: =_xlfn.IFNA(VLOOKUP(B24,#REF!,$K$4,0),0) -> #REF! | AF23: =_xlfn.IFNA(VLOOKUP(B24,#REF!,$K$4,0),0) -> #REF! | AG23: =_xlfn.IFNA(VLOOKUP(B24,#REF!,$K$4,0),0) -> #REF! | AH23: =_xlfn.IFNA(VLOOKUP(B24,#REF!,$K$4,0),0) -> #REF! | AI23: =_xlfn.IFNA(VLOOKUP(B24,#REF!,$K$4,0),0) -> #REF!
A24: 14 | B24: =#REF! -> #REF! | C24: =#REF! -> #REF! | D24: =#REF! -> #REF! | E24: =_xlfn.IFNA(VLOOKUP(B24,#REF!,4,0),0)+_xlfn.IFNA(VLOOKUP(B24,#REF!,4,0),0)+_xlfn.IFNA(VLOOKUP(B24,#REF!,4,0),0)+_xlfn.IFNA(VLOOKUP(B24,#REF!,4,0),0)+_xlfn.IFNA(VLOOKUP(B24,#REF!,4,0),0)+_xlfn.IFNA(VLOOKUP(B24,#REF!,4,0),0)+_xlfn.IFNA(VLOOKUP(B24,#REF!,4,0),0)+_xlfn.IFNA(VLOOKUP(B24,#REF!,4,0),0)+_xlfn.IFNA(VLOOKUP(B24,#REF!,4,0),0)+_xlfn.IFNA(VLOOKUP(B24,#REF!,4,0),0)+_xlfn.IFNA(VLOOKUP(B24,#REF!,4,0),0)+_xlfn.IFNA(VLOOKUP(B24,#REF!,4,0),0)+_xlfn.IFNA(VLOOKUP(B24,#REF!,4,0),0)+_xlfn.IFNA(VLOOKUP(B24,#REF!,4,0),0)+_xlfn.IFNA(VLOOKUP(B24,#REF!,4,0),0)+_xlfn.IFNA(VLOOKUP(B24,#REF!,4,0),0)+_xlfn.IFNA(VLOOKUP(B24,#REF!,4,0),0)+_xlfn.IFNA(VLOOKUP(B24,#REF!,4,0),0)+_xlfn.IFNA(VLOOKUP(B24,#REF!,4,0),0)+_xlfn.IFNA(VLOOKUP(B24,#REF!,4,0),0)+_xlfn.IFNA(VLOOKUP(B24,#REF!,4,0),0)+_xlfn.IFNA(VLOOKUP(B24,#REF!,4,0),0)+_xlfn.IFNA(VLOOKUP(B24,#REF!,4,0),0)+_xlfn.IFNA(VLOOKUP(B24,#REF!,4,0),0)+_xlfn.IFNA(VLOOKUP(B24,#REF!,4,0),0) -> #REF! | F24: =+'320.1'!N51 -> #REF! | G24: =ROUND(E24*F24,0) -> #REF! | I24: =SUM(K24:AI24) -> #REF! | J24: =I24=G25 -> #REF! | K24: =_xlfn.IFNA(VLOOKUP(B25,#REF!,$K$4,0),0) -> #REF! | L24: =_xlfn.IFNA(VLOOKUP(B25,#REF!,$K$4,0),0) -> #REF! | M24: =_xlfn.IFNA(VLOOKUP(B25,#REF!,$K$4,0),0) -> #REF! | N24: =_xlfn.IFNA(VLOOKUP(B25,#REF!,$K$4,0),0) -> #REF! | O24: =_xlfn.IFNA(VLOOKUP(B25,#REF!,$K$4,0),0) -> #REF! | P24: =_xlfn.IFNA(VLOOKUP(B25,#REF!,$K$4,0),0) -> #REF! | Q24: =_xlfn.IFNA(VLOOKUP(B25,#REF!,$K$4,0),0) -> #REF! | R24: =_xlfn.IFNA(VLOOKUP(B25,#REF!,$K$4,0),0) -> #REF! | S24: =_xlfn.IFNA(VLOOKUP(B25,#REF!,$K$4,0),0) -> #REF! | T24: =_xlfn.IFNA(VLOOKUP(B25,#REF!,$K$4,0),0) -> #REF! | U24: =_xlfn.IFNA(VLOOKUP(B25,#REF!,$K$4,0),0) -> #REF! | V24: =_xlfn.IFNA(VLOOKUP(B25,#REF!,$K$4,0),0) -> #REF! | W24: =_xlfn.IFNA(VLOOKUP(B25,#REF!,$K$4,0),0) -> #REF! | X24: =_xlfn.IFNA(VLOOKUP(B25,#REF!,$K$4,0),0) -> #REF! | Y24: =_xlfn.IFNA(VLOOKUP(B25,#REF!,$K$4,0),0) -> #REF! | Z24: =_xlfn.IFNA(VLOOKUP(B25,#REF!,$K$4,0),0) -> #REF! | AA24: =_xlfn.IFNA(VLOOKUP(B25,#REF!,$K$4,0),0) -> #REF! | AB24: =_xlfn.IFNA(VLOOKUP(B25,#REF!,$K$4,0),0) -> #REF! | AC24: =_xlfn.IFNA(VLOOKUP(B25,#REF!,$K$4,0),0) -> #REF! | AD24: =_xlfn.IFNA(VLOOKUP(B25,#REF!,$K$4,0),0) -> #REF! | AE24: =_xlfn.IFNA(VLOOKUP(B25,#REF!,$K$4,0),0) -> #REF! | AF24: =_xlfn.IFNA(VLOOKUP(B25,#REF!,$K$4,0),0) -> #REF! | AG24: =_xlfn.IFNA(VLOOKUP(B25,#REF!,$K$4,0),0) -> #REF! | AH24: =_xlfn.IFNA(VLOOKUP(B25,#REF!,$K$4,0),0) -> #REF! | AI24: =_xlfn.IFNA(VLOOKUP(B25,#REF!,$K$4,0),0) -> #REF!
A25: 15 | B25: =#REF! -> #REF! | C25: =#REF! -> #REF! | D25: =#REF! -> #REF! | E25: =_xlfn.IFNA(VLOOKUP(B25,#REF!,4,0),0)+_xlfn.IFNA(VLOOKUP(B25,#REF!,4,0),0)+_xlfn.IFNA(VLOOKUP(B25,#REF!,4,0),0)+_xlfn.IFNA(VLOOKUP(B25,#REF!,4,0),0)+_xlfn.IFNA(VLOOKUP(B25,#REF!,4,0),0)+_xlfn.IFNA(VLOOKUP(B25,#REF!,4,0),0)+_xlfn.IFNA(VLOOKUP(B25,#REF!,4,0),0)+_xlfn.IFNA(VLOOKUP(B25,#REF!,4,0),0)+_xlfn.IFNA(VLOOKUP(B25,#REF!,4,0),0)+_xlfn.IFNA(VLOOKUP(B25,#REF!,4,0),0)+_xlfn.IFNA(VLOOKUP(B25,#REF!,4,0),0)+_xlfn.IFNA(VLOOKUP(B25,#REF!,4,0),0)+_xlfn.IFNA(VLOOKUP(B25,#REF!,4,0),0)+_xlfn.IFNA(VLOOKUP(B25,#REF!,4,0),0)+_xlfn.IFNA(VLOOKUP(B25,#REF!,4,0),0)+_xlfn.IFNA(VLOOKUP(B25,#REF!,4,0),0)+_xlfn.IFNA(VLOOKUP(B25,#REF!,4,0),0)+_xlfn.IFNA(VLOOKUP(B25,#REF!,4,0),0)+_xlfn.IFNA(VLOOKUP(B25,#REF!,4,0),0)+_xlfn.IFNA(VLOOKUP(B25,#REF!,4,0),0)+_xlfn.IFNA(VLOOKUP(B25,#REF!,4,0),0)+_xlfn.IFNA(VLOOKUP(B25,#REF!,4,0),0)+_xlfn.IFNA(VLOOKUP(B25,#REF!,4,0),0)+_xlfn.IFNA(VLOOKUP(B25,#REF!,4,0),0)+_xlfn.IFNA(VLOOKUP(B25,#REF!,4,0),0) -> #REF! | F25: =+#REF! -> #REF! | G25: =ROUND(E25*F25,0) -> #REF! | I25: =SUM(K25:AI25) -> #REF! | J25: =I25=G26 -> #REF! | K25: =_xlfn.IFNA(VLOOKUP(B26,#REF!,$K$4,0),0) -> #REF! | L25: =_xlfn.IFNA(VLOOKUP(B26,#REF!,$K$4,0),0) -> #REF! | M25: =_xlfn.IFNA(VLOOKUP(B26,#REF!,$K$4,0),0) -> #REF! | N25: =_xlfn.IFNA(VLOOKUP(B26,#REF!,$K$4,0),0) -> #REF! | O25: =_xlfn.IFNA(VLOOKUP(B26,#REF!,$K$4,0),0) -> #REF! | P25: =_xlfn.IFNA(VLOOKUP(B26,#REF!,$K$4,0),0) -> #REF! | Q25: =_xlfn.IFNA(VLOOKUP(B26,#REF!,$K$4,0),0) -> #REF! | R25: =_xlfn.IFNA(VLOOKUP(B26,#REF!,$K$4,0),0) -> #REF! | S25: =_xlfn.IFNA(VLOOKUP(B26,#REF!,$K$4,0),0) -> #REF! | T25: =_xlfn.IFNA(VLOOKUP(B26,#REF!,$K$4,0),0) -> #REF! | U25: =_xlfn.IFNA(VLOOKUP(B26,#REF!,$K$4,0),0) -> #REF! | V25: =_xlfn.IFNA(VLOOKUP(B26,#REF!,$K$4,0),0) -> #REF! | W25: =_xlfn.IFNA(VLOOKUP(B26,#REF!,$K$4,0),0) -> #REF! | X25: =_xlfn.IFNA(VLOOKUP(B26,#REF!,$K$4,0),0) -> #REF! | Y25: =_xlfn.IFNA(VLOOKUP(B26,#REF!,$K$4,0),0) -> #REF! | Z25: =_xlfn.IFNA(VLOOKUP(B26,#REF!,$K$4,0),0) -> #REF! | AA25: =_xlfn.IFNA(VLOOKUP(B26,#REF!,$K$4,0),0) -> #REF! | AB25: =_xlfn.IFNA(VLOOKUP(B26,#REF!,$K$4,0),0) -> #REF! | AC25: =_xlfn.IFNA(VLOOKUP(B26,#REF!,$K$4,0),0) -> #REF! | AD25: =_xlfn.IFNA(VLOOKUP(B26,#REF!,$K$4,0),0) -> #REF! | AE25: =_xlfn.IFNA(VLOOKUP(B26,#REF!,$K$4,0),0) -> #REF! | AF25: =_xlfn.IFNA(VLOOKUP(B26,#REF!,$K$4,0),0) -> #REF! | AG25: =_xlfn.IFNA(VLOOKUP(B26,#REF!,$K$4,0),0) -> #REF! | AH25: =_xlfn.IFNA(VLOOKUP(B26,#REF!,$K$4,0),0) -> #REF! | AI25: =_xlfn.IFNA(VLOOKUP(B26,#REF!,$K$4,0),0) -> #REF!
B26: =#REF! -> #REF! | C26: =#REF! -> #REF! | D26: =#REF! -> #REF! | E26: =_xlfn.IFNA(VLOOKUP(B26,#REF!,4,0),0)+_xlfn.IFNA(VLOOKUP(B26,#REF!,4,0),0)+_xlfn.IFNA(VLOOKUP(B26,#REF!,4,0),0)+_xlfn.IFNA(VLOOKUP(B26,#REF!,4,0),0)+_xlfn.IFNA(VLOOKUP(B26,#REF!,4,0),0)+_xlfn.IFNA(VLOOKUP(B26,#REF!,4,0),0)+_xlfn.IFNA(VLOOKUP(B26,#REF!,4,0),0)+_xlfn.IFNA(VLOOKUP(B26,#REF!,4,0),0)+_xlfn.IFNA(VLOOKUP(B26,#REF!,4,0),0)+_xlfn.IFNA(VLOOKUP(B26,#REF!,4,0),0)+_xlfn.IFNA(VLOOKUP(B26,#REF!,4,0),0)+_xlfn.IFNA(VLOOKUP(B26,#REF!,4,0),0)+_xlfn.IFNA(VLOOKUP(B26,#REF!,4,0),0)+_xlfn.IFNA(VLOOKUP(B26,#REF!,4,0),0)+_xlfn.IFNA(VLOOKUP(B26,#REF!,4,0),0)+_xlfn.IFNA(VLOOKUP(B26,#REF!,4,0),0)+_xlfn.IFNA(VLOOKUP(B26,#REF!,4,0),0)+_xlfn.IFNA(VLOOKUP(B26,#REF!,4,0),0)+_xlfn.IFNA(VLOOKUP(B26,#REF!,4,0),0)+_xlfn.IFNA(VLOOKUP(B26,#REF!,4,0),0)+_xlfn.IFNA(VLOOKUP(B26,#REF!,4,0),0)+_xlfn.IFNA(VLOOKUP(B26,#REF!,4,0),0)+_xlfn.IFNA(VLOOKUP(B26,#REF!,4,0),0)+_xlfn.IFNA(VLOOKUP(B26,#REF!,4,0),0)+_xlfn.IFNA(VLOOKUP(B26,#REF!,4,0),0) -> #REF! | F26: =+'3P'!N52 -> #REF! | G26: =ROUND(E26*F26,0) -> #REF! | I26: =SUM(K26:AI26) -> #REF! | J26: =I26=G27 -> #REF! | K26: =_xlfn.IFNA(VLOOKUP(B27,#REF!,$K$4,0),0) -> #REF! | L26: =_xlfn.IFNA(VLOOKUP(B27,#REF!,$K$4,0),0) -> #REF! | M26: =_xlfn.IFNA(VLOOKUP(B27,#REF!,$K$4,0),0) -> #REF! | N26: =_xlfn.IFNA(VLOOKUP(B27,#REF!,$K$4,0),0) -> #REF! | O26: =_xlfn.IFNA(VLOOKUP(B27,#REF!,$K$4,0),0) -> #REF! | P26: =_xlfn.IFNA(VLOOKUP(B27,#REF!,$K$4,0),0) -> #REF! | Q26: =_xlfn.IFNA(VLOOKUP(B27,#REF!,$K$4,0),0) -> #REF! | R26: =_xlfn.IFNA(VLOOKUP(B27,#REF!,$K$4,0),0) -> #REF! | S26: =_xlfn.IFNA(VLOOKUP(B27,#REF!,$K$4,0),0) -> #REF! | T26: =_xlfn.IFNA(VLOOKUP(B27,#REF!,$K$4,0),0) -> #REF! | U26: =_xlfn.IFNA(VLOOKUP(B27,#REF!,$K$4,0),0) -> #REF! | V26: =_xlfn.IFNA(VLOOKUP(B27,#REF!,$K$4,0),0) -> #REF! | W26: =_xlfn.IFNA(VLOOKUP(B27,#REF!,$K$4,0),0) -> #REF! | X26: =_xlfn.IFNA(VLOOKUP(B27,#REF!,$K$4,0),0) -> #REF! | Y26: =_xlfn.IFNA(VLOOKUP(B27,#REF!,$K$4,0),0) -> #REF! | Z26: =_xlfn.IFNA(VLOOKUP(B27,#REF!,$K$4,0),0) -> #REF! | AA26: =_xlfn.IFNA(VLOOKUP(B27,#REF!,$K$4,0),0) -> #REF! | AB26: =_xlfn.IFNA(VLOOKUP(B27,#REF!,$K$4,0),0) -> #REF! | AC26: =_xlfn.IFNA(VLOOKUP(B27,#REF!,$K$4,0),0) -> #REF! | AD26: =_xlfn.IFNA(VLOOKUP(B27,#REF!,$K$4,0),0) -> #REF! | AE26: =_xlfn.IFNA(VLOOKUP(B27,#REF!,$K$4,0),0) -> #REF! | AF26: =_xlfn.IFNA(VLOOKUP(B27,#REF!,$K$4,0),0) -> #REF! | AG26: =_xlfn.IFNA(VLOOKUP(B27,#REF!,$K$4,0),0) -> #REF! | AH26: =_xlfn.IFNA(VLOOKUP(B27,#REF!,$K$4,0),0) -> #REF! | AI26: =_xlfn.IFNA(VLOOKUP(B27,#REF!,$K$4,0),0) -> #REF!
B27: A | C27: SUBTOTAL BASES, SUBBASES Y AFIRMADOS | D27: =#REF! -> #REF! | G27: =SUM(G23:G26) -> #REF! | I27: =SUM(K27:AI27) -> #REF! | J27: =I27=G28 -> #REF! | K27: =_xlfn.IFNA(VLOOKUP(B28,#REF!,$K$4,0),0) -> #REF! | L27: =_xlfn.IFNA(VLOOKUP(B28,#REF!,$K$4,0),0) -> #REF! | M27: =_xlfn.IFNA(VLOOKUP(B28,#REF!,$K$4,0),0) -> #REF! | N27: =_xlfn.IFNA(VLOOKUP(B28,#REF!,$K$4,0),0) -> #REF! | O27: =_xlfn.IFNA(VLOOKUP(B28,#REF!,$K$4,0),0) -> #REF! | P27: =_xlfn.IFNA(VLOOKUP(B28,#REF!,$K$4,0),0) -> #REF! | Q27: =_xlfn.IFNA(VLOOKUP(B28,#REF!,$K$4,0),0) -> #REF! | R27: =_xlfn.IFNA(VLOOKUP(B28,#REF!,$K$4,0),0) -> #REF! | S27: =_xlfn.IFNA(VLOOKUP(B28,#REF!,$K$4,0),0) -> #REF! | T27: =_xlfn.IFNA(VLOOKUP(B28,#REF!,$K$4,0),0) -> #REF! | U27: =_xlfn.IFNA(VLOOKUP(B28,#REF!,$K$4,0),0) -> #REF! | V27: =_xlfn.IFNA(VLOOKUP(B28,#REF!,$K$4,0),0) -> #REF! | W27: =_xlfn.IFNA(VLOOKUP(B28,#REF!,$K$4,0),0) -> #REF! | X27: =_xlfn.IFNA(VLOOKUP(B28,#REF!,$K$4,0),0) -> #REF! | Y27: =_xlfn.IFNA(VLOOKUP(B28,#REF!,$K$4,0),0) -> #REF! | Z27: =_xlfn.IFNA(VLOOKUP(B28,#REF!,$K$4,0),0) -> #REF! | AA27: =_xlfn.IFNA(VLOOKUP(B28,#REF!,$K$4,0),0) -> #REF! | AB27: =_xlfn.IFNA(VLOOKUP(B28,#REF!,$K$4,0),0) -> #REF! | AC27: =_xlfn.IFNA(VLOOKUP(B28,#REF!,$K$4,0),0) -> #REF! | AD27: =_xlfn.IFNA(VLOOKUP(B28,#REF!,$K$4,0),0) -> #REF! | AE27: =_xlfn.IFNA(VLOOKUP(B28,#REF!,$K$4,0),0) -> #REF! | AF27: =_xlfn.IFNA(VLOOKUP(B28,#REF!,$K$4,0),0) -> #REF! | AG27: =_xlfn.IFNA(VLOOKUP(B28,#REF!,$K$4,0),0) -> #REF! | AH27: =_xlfn.IFNA(VLOOKUP(B28,#REF!,$K$4,0),0) -> #REF! | AI27: =_xlfn.IFNA(VLOOKUP(B28,#REF!,$K$4,0),0) -> #REF!
B28: A | C28: PAVIMENTOS HIDRAULICOS | D28: =#REF! -> #REF! | I28: =SUM(K28:AI28) -> #REF! | J28: =I28=G29 -> #REF! | K28: =_xlfn.IFNA(VLOOKUP(B29,#REF!,$K$4,0),0) -> #REF! | L28: =_xlfn.IFNA(VLOOKUP(B29,#REF!,$K$4,0),0) -> #REF! | M28: =_xlfn.IFNA(VLOOKUP(B29,#REF!,$K$4,0),0) -> #REF! | N28: =_xlfn.IFNA(VLOOKUP(B29,#REF!,$K$4,0),0) -> #REF! | O28: =_xlfn.IFNA(VLOOKUP(B29,#REF!,$K$4,0),0) -> #REF! | P28: =_xlfn.IFNA(VLOOKUP(B29,#REF!,$K$4,0),0) -> #REF! | Q28: =_xlfn.IFNA(VLOOKUP(B29,#REF!,$K$4,0),0) -> #REF! | R28: =_xlfn.IFNA(VLOOKUP(B29,#REF!,$K$4,0),0) -> #REF! | S28: =_xlfn.IFNA(VLOOKUP(B29,#REF!,$K$4,0),0) -> #REF! | T28: =_xlfn.IFNA(VLOOKUP(B29,#REF!,$K$4,0),0) -> #REF! | U28: =_xlfn.IFNA(VLOOKUP(B29,#REF!,$K$4,0),0) -> #REF! | V28: =_xlfn.IFNA(VLOOKUP(B29,#REF!,$K$4,0),0) -> #REF! | W28: =_xlfn.IFNA(VLOOKUP(B29,#REF!,$K$4,0),0) -> #REF! | X28: =_xlfn.IFNA(VLOOKUP(B29,#REF!,$K$4,0),0) -> #REF! | Y28: =_xlfn.IFNA(VLOOKUP(B29,#REF!,$K$4,0),0) -> #REF! | Z28: =_xlfn.IFNA(VLOOKUP(B29,#REF!,$K$4,0),0) -> #REF! | AA28: =_xlfn.IFNA(VLOOKUP(B29,#REF!,$K$4,0),0) -> #REF! | AB28: =_xlfn.IFNA(VLOOKUP(B29,#REF!,$K$4,0),0) -> #REF! | AC28: =_xlfn.IFNA(VLOOKUP(B29,#REF!,$K$4,0),0) -> #REF! | AD28: =_xlfn.IFNA(VLOOKUP(B29,#REF!,$K$4,0),0) -> #REF! | AE28: =_xlfn.IFNA(VLOOKUP(B29,#REF!,$K$4,0),0) -> #REF! | AF28: =_xlfn.IFNA(VLOOKUP(B29,#REF!,$K$4,0),0) -> #REF! | AG28: =_xlfn.IFNA(VLOOKUP(B29,#REF!,$K$4,0),0) -> #REF! | AH28: =_xlfn.IFNA(VLOOKUP(B29,#REF!,$K$4,0),0) -> #REF! | AI28: =_xlfn.IFNA(VLOOKUP(B29,#REF!,$K$4,0),0) -> #REF!
A29: 16 | B29: =#REF! -> #REF! | C29: =#REF! -> #REF! | D29: =#REF! -> #REF! | E29: =_xlfn.IFNA(VLOOKUP(B29,#REF!,4,0),0)+_xlfn.IFNA(VLOOKUP(B29,#REF!,4,0),0)+_xlfn.IFNA(VLOOKUP(B29,#REF!,4,0),0)+_xlfn.IFNA(VLOOKUP(B29,#REF!,4,0),0)+_xlfn.IFNA(VLOOKUP(B29,#REF!,4,0),0)+_xlfn.IFNA(VLOOKUP(B29,#REF!,4,0),0)+_xlfn.IFNA(VLOOKUP(B29,#REF!,4,0),0)+_xlfn.IFNA(VLOOKUP(B29,#REF!,4,0),0)+_xlfn.IFNA(VLOOKUP(B29,#REF!,4,0),0)+_xlfn.IFNA(VLOOKUP(B29,#REF!,4,0),0)+_xlfn.IFNA(VLOOKUP(B29,#REF!,4,0),0)+_xlfn.IFNA(VLOOKUP(B29,#REF!,4,0),0)+_xlfn.IFNA(VLOOKUP(B29,#REF!,4,0),0)+_xlfn.IFNA(VLOOKUP(B29,#REF!,4,0),0)+_xlfn.IFNA(VLOOKUP(B29,#REF!,4,0),0)+_xlfn.IFNA(VLOOKUP(B29,#REF!,4,0),0)+_xlfn.IFNA(VLOOKUP(B29,#REF!,4,0),0)+_xlfn.IFNA(VLOOKUP(B29,#REF!,4,0),0)+_xlfn.IFNA(VLOOKUP(B29,#REF!,4,0),0)+_xlfn.IFNA(VLOOKUP(B29,#REF!,4,0),0)+_xlfn.IFNA(VLOOKUP(B29,#REF!,4,0),0)+_xlfn.IFNA(VLOOKUP(B29,#REF!,4,0),0)+_xlfn.IFNA(VLOOKUP(B29,#REF!,4,0),0)+_xlfn.IFNA(VLOOKUP(B29,#REF!,4,0),0)+_xlfn.IFNA(VLOOKUP(B29,#REF!,4,0),0) -> #REF! | F29: ='500.1.1P'!N56 -> #REF! | G29: =ROUND(E29*F29,0) -> #REF! | I29: =SUM(K29:AI29) -> #REF! | J29: =I29=G30 -> #REF! | K29: =_xlfn.IFNA(VLOOKUP(B30,#REF!,$K$4,0),0) -> #REF! | L29: =_xlfn.IFNA(VLOOKUP(B30,#REF!,$K$4,0),0) -> #REF! | M29: =_xlfn.IFNA(VLOOKUP(B30,#REF!,$K$4,0),0) -> #REF! | N29: =_xlfn.IFNA(VLOOKUP(B30,#REF!,$K$4,0),0) -> #REF! | O29: =_xlfn.IFNA(VLOOKUP(B30,#REF!,$K$4,0),0) -> #REF! | P29: =_xlfn.IFNA(VLOOKUP(B30,#REF!,$K$4,0),0) -> #REF! | Q29: =_xlfn.IFNA(VLOOKUP(B30,#REF!,$K$4,0),0) -> #REF! | R29: =_xlfn.IFNA(VLOOKUP(B30,#REF!,$K$4,0),0) -> #REF! | S29: =_xlfn.IFNA(VLOOKUP(B30,#REF!,$K$4,0),0) -> #REF! | T29: =_xlfn.IFNA(VLOOKUP(B30,#REF!,$K$4,0),0) -> #REF! | U29: =_xlfn.IFNA(VLOOKUP(B30,#REF!,$K$4,0),0) -> #REF! | V29: =_xlfn.IFNA(VLOOKUP(B30,#REF!,$K$4,0),0) -> #REF! | W29: =_xlfn.IFNA(VLOOKUP(B30,#REF!,$K$4,0),0) -> #REF! | X29: =_xlfn.IFNA(VLOOKUP(B30,#REF!,$K$4,0),0) -> #REF! | Y29: =_xlfn.IFNA(VLOOKUP(B30,#REF!,$K$4,0),0) -> #REF! | Z29: =_xlfn.IFNA(VLOOKUP(B30,#REF!,$K$4,0),0) -> #REF! | AA29: =_xlfn.IFNA(VLOOKUP(B30,#REF!,$K$4,0),0) -> #REF! | AB29: =_xlfn.IFNA(VLOOKUP(B30,#REF!,$K$4,0),0) -> #REF! | AC29: =_xlfn.IFNA(VLOOKUP(B30,#REF!,$K$4,0),0) -> #REF! | AD29: =_xlfn.IFNA(VLOOKUP(B30,#REF!,$K$4,0),0) -> #REF! | AE29: =_xlfn.IFNA(VLOOKUP(B30,#REF!,$K$4,0),0) -> #REF! | AF29: =_xlfn.IFNA(VLOOKUP(B30,#REF!,$K$4,0),0) -> #REF! | AG29: =_xlfn.IFNA(VLOOKUP(B30,#REF!,$K$4,0),0) -> #REF! | AH29: =_xlfn.IFNA(VLOOKUP(B30,#REF!,$K$4,0),0) -> #REF! | AI29: =_xlfn.IFNA(VLOOKUP(B30,#REF!,$K$4,0),0) -> #REF!
A30: 17 | B30: =#REF! -> #REF! | C30: =#REF! -> #REF! | D30: =#REF! -> #REF! | E30: =_xlfn.IFNA(VLOOKUP(B30,#REF!,4,0),0)+_xlfn.IFNA(VLOOKUP(B30,#REF!,4,0),0)+_xlfn.IFNA(VLOOKUP(B30,#REF!,4,0),0)+_xlfn.IFNA(VLOOKUP(B30,#REF!,4,0),0)+_xlfn.IFNA(VLOOKUP(B30,#REF!,4,0),0)+_xlfn.IFNA(VLOOKUP(B30,#REF!,4,0),0)+_xlfn.IFNA(VLOOKUP(B30,#REF!,4,0),0)+_xlfn.IFNA(VLOOKUP(B30,#REF!,4,0),0)+_xlfn.IFNA(VLOOKUP(B30,#REF!,4,0),0)+_xlfn.IFNA(VLOOKUP(B30,#REF!,4,0),0)+_xlfn.IFNA(VLOOKUP(B30,#REF!,4,0),0)+_xlfn.IFNA(VLOOKUP(B30,#REF!,4,0),0)+_xlfn.IFNA(VLOOKUP(B30,#REF!,4,0),0)+_xlfn.IFNA(VLOOKUP(B30,#REF!,4,0),0)+_xlfn.IFNA(VLOOKUP(B30,#REF!,4,0),0)+_xlfn.IFNA(VLOOKUP(B30,#REF!,4,0),0)+_xlfn.IFNA(VLOOKUP(B30,#REF!,4,0),0)+_xlfn.IFNA(VLOOKUP(B30,#REF!,4,0),0)+_xlfn.IFNA(VLOOKUP(B30,#REF!,4,0),0)+_xlfn.IFNA(VLOOKUP(B30,#REF!,4,0),0)+_xlfn.IFNA(VLOOKUP(B30,#REF!,4,0),0)+_xlfn.IFNA(VLOOKUP(B30,#REF!,4,0),0)+_xlfn.IFNA(VLOOKUP(B30,#REF!,4,0),0)+_xlfn.IFNA(VLOOKUP(B30,#REF!,4,0),0)+_xlfn.IFNA(VLOOKUP(B30,#REF!,4,0),0) -> #REF! | F30: =#REF! -> #REF! | G30: =ROUND(E30*F30,0) -> #REF! | I30: =SUM(K30:AI30) -> #REF! | J30: =I30=G31 -> #REF! | K30: =_xlfn.IFNA(VLOOKUP(B31,#REF!,$K$4,0),0) -> #REF! | L30: =_xlfn.IFNA(VLOOKUP(B31,#REF!,$K$4,0),0) -> #REF! | M30: =_xlfn.IFNA(VLOOKUP(B31,#REF!,$K$4,0),0) -> #REF! | N30: =_xlfn.IFNA(VLOOKUP(B31,#REF!,$K$4,0),0) -> #REF! | O30: =_xlfn.IFNA(VLOOKUP(B31,#REF!,$K$4,0),0) -> #REF! | P30: =_xlfn.IFNA(VLOOKUP(B31,#REF!,$K$4,0),0) -> #REF! | Q30: =_xlfn.IFNA(VLOOKUP(B31,#REF!,$K$4,0),0) -> #REF! | R30: =_xlfn.IFNA(VLOOKUP(B31,#REF!,$K$4,0),0) -> #REF! | S30: =_xlfn.IFNA(VLOOKUP(B31,#REF!,$K$4,0),0) -> #REF! | T30: =_xlfn.IFNA(VLOOKUP(B31,#REF!,$K$4,0),0) -> #REF! | U30: =_xlfn.IFNA(VLOOKUP(B31,#REF!,$K$4,0),0) -> #REF! | V30: =_xlfn.IFNA(VLOOKUP(B31,#REF!,$K$4,0),0) -> #REF! | W30: =_xlfn.IFNA(VLOOKUP(B31,#REF!,$K$4,0),0) -> #REF! | X30: =_xlfn.IFNA(VLOOKUP(B31,#REF!,$K$4,0),0) -> #REF! | Y30: =_xlfn.IFNA(VLOOKUP(B31,#REF!,$K$4,0),0) -> #REF! | Z30: =_xlfn.IFNA(VLOOKUP(B31,#REF!,$K$4,0),0) -> #REF! | AA30: =_xlfn.IFNA(VLOOKUP(B31,#REF!,$K$4,0),0) -> #REF! | AB30: =_xlfn.IFNA(VLOOKUP(B31,#REF!,$K$4,0),0) -> #REF! | AC30: =_xlfn.IFNA(VLOOKUP(B31,#REF!,$K$4,0),0) -> #REF! | AD30: =_xlfn.IFNA(VLOOKUP(B31,#REF!,$K$4,0),0) -> #REF! | AE30: =_xlfn.IFNA(VLOOKUP(B31,#REF!,$K$4,0),0) -> #REF! | AF30: =_xlfn.IFNA(VLOOKUP(B31,#REF!,$K$4,0),0) -> #REF! | AG30: =_xlfn.IFNA(VLOOKUP(B31,#REF!,$K$4,0),0) -> #REF! | AH30: =_xlfn.IFNA(VLOOKUP(B31,#REF!,$K$4,0),0) -> #REF! | AI30: =_xlfn.IFNA(VLOOKUP(B31,#REF!,$K$4,0),0) -> #REF!
A31: 19 | B31: =#REF! -> #REF! | C31: =#REF! -> #REF! | D31: =#REF! -> #REF! | E31: =_xlfn.IFNA(VLOOKUP(B31,#REF!,4,0),0)+_xlfn.IFNA(VLOOKUP(B31,#REF!,4,0),0)+_xlfn.IFNA(VLOOKUP(B31,#REF!,4,0),0)+_xlfn.IFNA(VLOOKUP(B31,#REF!,4,0),0)+_xlfn.IFNA(VLOOKUP(B31,#REF!,4,0),0)+_xlfn.IFNA(VLOOKUP(B31,#REF!,4,0),0)+_xlfn.IFNA(VLOOKUP(B31,#REF!,4,0),0)+_xlfn.IFNA(VLOOKUP(B31,#REF!,4,0),0)+_xlfn.IFNA(VLOOKUP(B31,#REF!,4,0),0)+_xlfn.IFNA(VLOOKUP(B31,#REF!,4,0),0)+_xlfn.IFNA(VLOOKUP(B31,#REF!,4,0),0)+_xlfn.IFNA(VLOOKUP(B31,#REF!,4,0),0)+_xlfn.IFNA(VLOOKUP(B31,#REF!,4,0),0)+_xlfn.IFNA(VLOOKUP(B31,#REF!,4,0),0)+_xlfn.IFNA(VLOOKUP(B31,#REF!,4,0),0)+_xlfn.IFNA(VLOOKUP(B31,#REF!,4,0),0)+_xlfn.IFNA(VLOOKUP(B31,#REF!,4,0),0)+_xlfn.IFNA(VLOOKUP(B31,#REF!,4,0),0)+_xlfn.IFNA(VLOOKUP(B31,#REF!,4,0),0)+_xlfn.IFNA(VLOOKUP(B31,#REF!,4,0),0)+_xlfn.IFNA(VLOOKUP(B31,#REF!,4,0),0)+_xlfn.IFNA(VLOOKUP(B31,#REF!,4,0),0)+_xlfn.IFNA(VLOOKUP(B31,#REF!,4,0),0)+_xlfn.IFNA(VLOOKUP(B31,#REF!,4,0),0)+_xlfn.IFNA(VLOOKUP(B31,#REF!,4,0),0) -> #REF! | F31: =#REF! -> #REF! | G31: =ROUND(E31*F31,0) -> #REF! | I31: =SUM(K31:AI31) -> #REF! | J31: =I31=G32 -> #REF! | K31: =_xlfn.IFNA(VLOOKUP(B32,#REF!,$K$4,0),0) -> #REF! | L31: =_xlfn.IFNA(VLOOKUP(B32,#REF!,$K$4,0),0) -> #REF! | M31: =_xlfn.IFNA(VLOOKUP(B32,#REF!,$K$4,0),0) -> #REF! | N31: =_xlfn.IFNA(VLOOKUP(B32,#REF!,$K$4,0),0) -> #REF! | O31: =_xlfn.IFNA(VLOOKUP(B32,#REF!,$K$4,0),0) -> #REF! | P31: =_xlfn.IFNA(VLOOKUP(B32,#REF!,$K$4,0),0) -> #REF! | Q31: =_xlfn.IFNA(VLOOKUP(B32,#REF!,$K$4,0),0) -> #REF! | R31: =_xlfn.IFNA(VLOOKUP(B32,#REF!,$K$4,0),0) -> #REF! | S31: =_xlfn.IFNA(VLOOKUP(B32,#REF!,$K$4,0),0) -> #REF! | T31: =_xlfn.IFNA(VLOOKUP(B32,#REF!,$K$4,0),0) -> #REF! | U31: =_xlfn.IFNA(VLOOKUP(B32,#REF!,$K$4,0),0) -> #REF! | V31: =_xlfn.IFNA(VLOOKUP(B32,#REF!,$K$4,0),0) -> #REF! | W31: =_xlfn.IFNA(VLOOKUP(B32,#REF!,$K$4,0),0) -> #REF! | X31: =_xlfn.IFNA(VLOOKUP(B32,#REF!,$K$4,0),0) -> #REF! | Y31: =_xlfn.IFNA(VLOOKUP(B32,#REF!,$K$4,0),0) -> #REF! | Z31: =_xlfn.IFNA(VLOOKUP(B32,#REF!,$K$4,0),0) -> #REF! | AA31: =_xlfn.IFNA(VLOOKUP(B32,#REF!,$K$4,0),0) -> #REF! | AB31: =_xlfn.IFNA(VLOOKUP(B32,#REF!,$K$4,0),0) -> #REF! | AC31: =_xlfn.IFNA(VLOOKUP(B32,#REF!,$K$4,0),0) -> #REF! | AD31: =_xlfn.IFNA(VLOOKUP(B32,#REF!,$K$4,0),0) -> #REF! | AE31: =_xlfn.IFNA(VLOOKUP(B32,#REF!,$K$4,0),0) -> #REF! | AF31: =_xlfn.IFNA(VLOOKUP(B32,#REF!,$K$4,0),0) -> #REF! | AG31: =_xlfn.IFNA(VLOOKUP(B32,#REF!,$K$4,0),0) -> #REF! | AH31: =_xlfn.IFNA(VLOOKUP(B32,#REF!,$K$4,0),0) -> #REF! | AI31: =_xlfn.IFNA(VLOOKUP(B32,#REF!,$K$4,0),0) -> #REF!
A32: 20 | B32: =#REF! -> #REF! | C32: =#REF! -> #REF! | D32: =#REF! -> #REF! | E32: =_xlfn.IFNA(VLOOKUP(B32,#REF!,4,0),0)+_xlfn.IFNA(VLOOKUP(B32,#REF!,4,0),0)+_xlfn.IFNA(VLOOKUP(B32,#REF!,4,0),0)+_xlfn.IFNA(VLOOKUP(B32,#REF!,4,0),0)+_xlfn.IFNA(VLOOKUP(B32,#REF!,4,0),0)+_xlfn.IFNA(VLOOKUP(B32,#REF!,4,0),0)+_xlfn.IFNA(VLOOKUP(B32,#REF!,4,0),0)+_xlfn.IFNA(VLOOKUP(B32,#REF!,4,0),0)+_xlfn.IFNA(VLOOKUP(B32,#REF!,4,0),0)+_xlfn.IFNA(VLOOKUP(B32,#REF!,4,0),0)+_xlfn.IFNA(VLOOKUP(B32,#REF!,4,0),0)+_xlfn.IFNA(VLOOKUP(B32,#REF!,4,0),0)+_xlfn.IFNA(VLOOKUP(B32,#REF!,4,0),0)+_xlfn.IFNA(VLOOKUP(B32,#REF!,4,0),0)+_xlfn.IFNA(VLOOKUP(B32,#REF!,4,0),0)+_xlfn.IFNA(VLOOKUP(B32,#REF!,4,0),0)+_xlfn.IFNA(VLOOKUP(B32,#REF!,4,0),0)+_xlfn.IFNA(VLOOKUP(B32,#REF!,4,0),0)+_xlfn.IFNA(VLOOKUP(B32,#REF!,4,0),0)+_xlfn.IFNA(VLOOKUP(B32,#REF!,4,0),0)+_xlfn.IFNA(VLOOKUP(B32,#REF!,4,0),0)+_xlfn.IFNA(VLOOKUP(B32,#REF!,4,0),0)+_xlfn.IFNA(VLOOKUP(B32,#REF!,4,0),0)+_xlfn.IFNA(VLOOKUP(B32,#REF!,4,0),0)+_xlfn.IFNA(VLOOKUP(B32,#REF!,4,0),0) -> #REF! | F32: =#REF! -> #REF! | G32: =ROUND(E32*F32,0) -> #REF! | I32: =SUM(K32:AI32) -> #REF! | J32: =I32=G33 -> #REF! | K32: =_xlfn.IFNA(VLOOKUP(B33,#REF!,$K$4,0),0) -> #REF! | L32: =_xlfn.IFNA(VLOOKUP(B33,#REF!,$K$4,0),0) -> #REF! | M32: =_xlfn.IFNA(VLOOKUP(B33,#REF!,$K$4,0),0) -> #REF! | N32: =_xlfn.IFNA(VLOOKUP(B33,#REF!,$K$4,0),0) -> #REF! | O32: =_xlfn.IFNA(VLOOKUP(B33,#REF!,$K$4,0),0) -> #REF! | P32: =_xlfn.IFNA(VLOOKUP(B33,#REF!,$K$4,0),0) -> #REF! | Q32: =_xlfn.IFNA(VLOOKUP(B33,#REF!,$K$4,0),0) -> #REF! | R32: =_xlfn.IFNA(VLOOKUP(B33,#REF!,$K$4,0),0) -> #REF! | S32: =_xlfn.IFNA(VLOOKUP(B33,#REF!,$K$4,0),0) -> #REF! | T32: =_xlfn.IFNA(VLOOKUP(B33,#REF!,$K$4,0),0) -> #REF! | U32: =_xlfn.IFNA(VLOOKUP(B33,#REF!,$K$4,0),0) -> #REF! | V32: =_xlfn.IFNA(VLOOKUP(B33,#REF!,$K$4,0),0) -> #REF! | W32: =_xlfn.IFNA(VLOOKUP(B33,#REF!,$K$4,0),0) -> #REF! | X32: =_xlfn.IFNA(VLOOKUP(B33,#REF!,$K$4,0),0) -> #REF! | Y32: =_xlfn.IFNA(VLOOKUP(B33,#REF!,$K$4,0),0) -> #REF! | Z32: =_xlfn.IFNA(VLOOKUP(B33,#REF!,$K$4,0),0) -> #REF! | AA32: =_xlfn.IFNA(VLOOKUP(B33,#REF!,$K$4,0),0) -> #REF! | AB32: =_xlfn.IFNA(VLOOKUP(B33,#REF!,$K$4,0),0) -> #REF! | AC32: =_xlfn.IFNA(VLOOKUP(B33,#REF!,$K$4,0),0) -> #REF! | AD32: =_xlfn.IFNA(VLOOKUP(B33,#REF!,$K$4,0),0) -> #REF! | AE32: =_xlfn.IFNA(VLOOKUP(B33,#REF!,$K$4,0),0) -> #REF! | AF32: =_xlfn.IFNA(VLOOKUP(B33,#REF!,$K$4,0),0) -> #REF! | AG32: =_xlfn.IFNA(VLOOKUP(B33,#REF!,$K$4,0),0) -> #REF! | AH32: =_xlfn.IFNA(VLOOKUP(B33,#REF!,$K$4,0),0) -> #REF! | AI32: =_xlfn.IFNA(VLOOKUP(B33,#REF!,$K$4,0),0) -> #REF!
B33: A | C33: SUBTOTAL PAVIMENTOS HIDRAULICOS | D33: =#REF! -> #REF! | G33: =SUM(G29:G32) -> #REF! | I33: =SUM(K33:AI33) -> #REF! | J33: =I33=G34 -> #REF! | K33: =_xlfn.IFNA(VLOOKUP(B34,#REF!,$K$4,0),0) -> #REF! | L33: =_xlfn.IFNA(VLOOKUP(B34,#REF!,$K$4,0),0) -> #REF! | M33: =_xlfn.IFNA(VLOOKUP(B34,#REF!,$K$4,0),0) -> #REF! | N33: =_xlfn.IFNA(VLOOKUP(B34,#REF!,$K$4,0),0) -> #REF! | O33: =_xlfn.IFNA(VLOOKUP(B34,#REF!,$K$4,0),0) -> #REF! | P33: =_xlfn.IFNA(VLOOKUP(B34,#REF!,$K$4,0),0) -> #REF! | Q33: =_xlfn.IFNA(VLOOKUP(B34,#REF!,$K$4,0),0) -> #REF! | R33: =_xlfn.IFNA(VLOOKUP(B34,#REF!,$K$4,0),0) -> #REF! | S33: =_xlfn.IFNA(VLOOKUP(B34,#REF!,$K$4,0),0) -> #REF! | T33: =_xlfn.IFNA(VLOOKUP(B34,#REF!,$K$4,0),0) -> #REF! | U33: =_xlfn.IFNA(VLOOKUP(B34,#REF!,$K$4,0),0) -> #REF! | V33: =_xlfn.IFNA(VLOOKUP(B34,#REF!,$K$4,0),0) -> #REF! | W33: =_xlfn.IFNA(VLOOKUP(B34,#REF!,$K$4,0),0) -> #REF! | X33: =_xlfn.IFNA(VLOOKUP(B34,#REF!,$K$4,0),0) -> #REF! | Y33: =_xlfn.IFNA(VLOOKUP(B34,#REF!,$K$4,0),0) -> #REF! | Z33: =_xlfn.IFNA(VLOOKUP(B34,#REF!,$K$4,0),0) -> #REF! | AA33: =_xlfn.IFNA(VLOOKUP(B34,#REF!,$K$4,0),0) -> #REF! | AB33: =_xlfn.IFNA(VLOOKUP(B34,#REF!,$K$4,0),0) -> #REF! | AC33: =_xlfn.IFNA(VLOOKUP(B34,#REF!,$K$4,0),0) -> #REF! | AD33: =_xlfn.IFNA(VLOOKUP(B34,#REF!,$K$4,0),0) -> #REF! | AE33: =_xlfn.IFNA(VLOOKUP(B34,#REF!,$K$4,0),0) -> #REF! | AF33: =_xlfn.IFNA(VLOOKUP(B34,#REF!,$K$4,0),0) -> #REF! | AG33: =_xlfn.IFNA(VLOOKUP(B34,#REF!,$K$4,0),0) -> #REF! | AH33: =_xlfn.IFNA(VLOOKUP(B34,#REF!,$K$4,0),0) -> #REF! | AI33: =_xlfn.IFNA(VLOOKUP(B34,#REF!,$K$4,0),0) -> #REF!
B34: A | C34: CONCRETOS | D34: =#REF! -> #REF! | I34: =SUM(K34:AI34) -> #REF! | J34: =I34=G35 -> #REF! | K34: =_xlfn.IFNA(VLOOKUP(B35,#REF!,$K$4,0),0) -> #REF! | L34: =_xlfn.IFNA(VLOOKUP(B35,#REF!,$K$4,0),0) -> #REF! | M34: =_xlfn.IFNA(VLOOKUP(B35,#REF!,$K$4,0),0) -> #REF! | N34: =_xlfn.IFNA(VLOOKUP(B35,#REF!,$K$4,0),0) -> #REF! | O34: =_xlfn.IFNA(VLOOKUP(B35,#REF!,$K$4,0),0) -> #REF! | P34: =_xlfn.IFNA(VLOOKUP(B35,#REF!,$K$4,0),0) -> #REF! | Q34: =_xlfn.IFNA(VLOOKUP(B35,#REF!,$K$4,0),0) -> #REF! | R34: =_xlfn.IFNA(VLOOKUP(B35,#REF!,$K$4,0),0) -> #REF! | S34: =_xlfn.IFNA(VLOOKUP(B35,#REF!,$K$4,0),0) -> #REF! | T34: =_xlfn.IFNA(VLOOKUP(B35,#REF!,$K$4,0),0) -> #REF! | U34: =_xlfn.IFNA(VLOOKUP(B35,#REF!,$K$4,0),0) -> #REF! | V34: =_xlfn.IFNA(VLOOKUP(B35,#REF!,$K$4,0),0) -> #REF! | W34: =_xlfn.IFNA(VLOOKUP(B35,#REF!,$K$4,0),0) -> #REF! | X34: =_xlfn.IFNA(VLOOKUP(B35,#REF!,$K$4,0),0) -> #REF! | Y34: =_xlfn.IFNA(VLOOKUP(B35,#REF!,$K$4,0),0) -> #REF! | Z34: =_xlfn.IFNA(VLOOKUP(B35,#REF!,$K$4,0),0) -> #REF! | AA34: =_xlfn.IFNA(VLOOKUP(B35,#REF!,$K$4,0),0) -> #REF! | AB34: =_xlfn.IFNA(VLOOKUP(B35,#REF!,$K$4,0),0) -> #REF! | AC34: =_xlfn.IFNA(VLOOKUP(B35,#REF!,$K$4,0),0) -> #REF! | AD34: =_xlfn.IFNA(VLOOKUP(B35,#REF!,$K$4,0),0) -> #REF! | AE34: =_xlfn.IFNA(VLOOKUP(B35,#REF!,$K$4,0),0) -> #REF! | AF34: =_xlfn.IFNA(VLOOKUP(B35,#REF!,$K$4,0),0) -> #REF! | AG34: =_xlfn.IFNA(VLOOKUP(B35,#REF!,$K$4,0),0) -> #REF! | AH34: =_xlfn.IFNA(VLOOKUP(B35,#REF!,$K$4,0),0) -> #REF! | AI34: =_xlfn.IFNA(VLOOKUP(B35,#REF!,$K$4,0),0) -> #REF!
A35: 21 | B35: =#REF! -> #REF! | C35: =#REF! -> #REF! | D35: =#REF! -> #REF! | E35: =_xlfn.IFNA(VLOOKUP(B35,#REF!,4,0),0)+_xlfn.IFNA(VLOOKUP(B35,#REF!,4,0),0)+_xlfn.IFNA(VLOOKUP(B35,#REF!,4,0),0)+_xlfn.IFNA(VLOOKUP(B35,#REF!,4,0),0)+_xlfn.IFNA(VLOOKUP(B35,#REF!,4,0),0)+_xlfn.IFNA(VLOOKUP(B35,#REF!,4,0),0)+_xlfn.IFNA(VLOOKUP(B35,#REF!,4,0),0)+_xlfn.IFNA(VLOOKUP(B35,#REF!,4,0),0)+_xlfn.IFNA(VLOOKUP(B35,#REF!,4,0),0)+_xlfn.IFNA(VLOOKUP(B35,#REF!,4,0),0)+_xlfn.IFNA(VLOOKUP(B35,#REF!,4,0),0)+_xlfn.IFNA(VLOOKUP(B35,#REF!,4,0),0)+_xlfn.IFNA(VLOOKUP(B35,#REF!,4,0),0)+_xlfn.IFNA(VLOOKUP(B35,#REF!,4,0),0)+_xlfn.IFNA(VLOOKUP(B35,#REF!,4,0),0)+_xlfn.IFNA(VLOOKUP(B35,#REF!,4,0),0)+_xlfn.IFNA(VLOOKUP(B35,#REF!,4,0),0)+_xlfn.IFNA(VLOOKUP(B35,#REF!,4,0),0)+_xlfn.IFNA(VLOOKUP(B35,#REF!,4,0),0)+_xlfn.IFNA(VLOOKUP(B35,#REF!,4,0),0)+_xlfn.IFNA(VLOOKUP(B35,#REF!,4,0),0)+_xlfn.IFNA(VLOOKUP(B35,#REF!,4,0),0)+_xlfn.IFNA(VLOOKUP(B35,#REF!,4,0),0)+_xlfn.IFNA(VLOOKUP(B35,#REF!,4,0),0)+_xlfn.IFNA(VLOOKUP(B35,#REF!,4,0),0) -> #REF! | F35: =#REF! -> #REF! | G35: =ROUND(E35*F35,0) -> #REF! | I35: =SUM(K35:AI35) -> #REF! | J35: =I35=G36 -> #REF! | K35: =_xlfn.IFNA(VLOOKUP(B36,#REF!,$K$4,0),0) -> #REF! | L35: =_xlfn.IFNA(VLOOKUP(B36,#REF!,$K$4,0),0) -> #REF! | M35: =_xlfn.IFNA(VLOOKUP(B36,#REF!,$K$4,0),0) -> #REF! | N35: =_xlfn.IFNA(VLOOKUP(B36,#REF!,$K$4,0),0) -> #REF! | O35: =_xlfn.IFNA(VLOOKUP(B36,#REF!,$K$4,0),0) -> #REF! | P35: =_xlfn.IFNA(VLOOKUP(B36,#REF!,$K$4,0),0) -> #REF! | Q35: =_xlfn.IFNA(VLOOKUP(B36,#REF!,$K$4,0),0) -> #REF! | R35: =_xlfn.IFNA(VLOOKUP(B36,#REF!,$K$4,0),0) -> #REF! | S35: =_xlfn.IFNA(VLOOKUP(B36,#REF!,$K$4,0),0) -> #REF! | T35: =_xlfn.IFNA(VLOOKUP(B36,#REF!,$K$4,0),0) -> #REF! | U35: =_xlfn.IFNA(VLOOKUP(B36,#REF!,$K$4,0),0) -> #REF! | V35: =_xlfn.IFNA(VLOOKUP(B36,#REF!,$K$4,0),0) -> #REF! | W35: =_xlfn.IFNA(VLOOKUP(B36,#REF!,$K$4,0),0) -> #REF! | X35: =_xlfn.IFNA(VLOOKUP(B36,#REF!,$K$4,0),0) -> #REF! | Y35: =_xlfn.IFNA(VLOOKUP(B36,#REF!,$K$4,0),0) -> #REF! | Z35: =_xlfn.IFNA(VLOOKUP(B36,#REF!,$K$4,0),0) -> #REF! | AA35: =_xlfn.IFNA(VLOOKUP(B36,#REF!,$K$4,0),0) -> #REF! | AB35: =_xlfn.IFNA(VLOOKUP(B36,#REF!,$K$4,0),0) -> #REF! | AC35: =_xlfn.IFNA(VLOOKUP(B36,#REF!,$K$4,0),0) -> #REF! | AD35: =_xlfn.IFNA(VLOOKUP(B36,#REF!,$K$4,0),0) -> #REF! | AE35: =_xlfn.IFNA(VLOOKUP(B36,#REF!,$K$4,0),0) -> #REF! | AF35: =_xlfn.IFNA(VLOOKUP(B36,#REF!,$K$4,0),0) -> #REF! | AG35: =_xlfn.IFNA(VLOOKUP(B36,#REF!,$K$4,0),0) -> #REF! | AH35: =_xlfn.IFNA(VLOOKUP(B36,#REF!,$K$4,0),0) -> #REF! | AI35: =_xlfn.IFNA(VLOOKUP(B36,#REF!,$K$4,0),0) -> #REF!
A36: 22 | B36: =#REF! -> #REF! | C36: =#REF! -> #REF! | D36: =#REF! -> #REF! | E36: =_xlfn.IFNA(VLOOKUP(B36,#REF!,4,0),0)+_xlfn.IFNA(VLOOKUP(B36,#REF!,4,0),0)+_xlfn.IFNA(VLOOKUP(B36,#REF!,4,0),0)+_xlfn.IFNA(VLOOKUP(B36,#REF!,4,0),0)+_xlfn.IFNA(VLOOKUP(B36,#REF!,4,0),0)+_xlfn.IFNA(VLOOKUP(B36,#REF!,4,0),0)+_xlfn.IFNA(VLOOKUP(B36,#REF!,4,0),0)+_xlfn.IFNA(VLOOKUP(B36,#REF!,4,0),0)+_xlfn.IFNA(VLOOKUP(B36,#REF!,4,0),0)+_xlfn.IFNA(VLOOKUP(B36,#REF!,4,0),0)+_xlfn.IFNA(VLOOKUP(B36,#REF!,4,0),0)+_xlfn.IFNA(VLOOKUP(B36,#REF!,4,0),0)+_xlfn.IFNA(VLOOKUP(B36,#REF!,4,0),0)+_xlfn.IFNA(VLOOKUP(B36,#REF!,4,0),0)+_xlfn.IFNA(VLOOKUP(B36,#REF!,4,0),0)+_xlfn.IFNA(VLOOKUP(B36,#REF!,4,0),0)+_xlfn.IFNA(VLOOKUP(B36,#REF!,4,0),0)+_xlfn.IFNA(VLOOKUP(B36,#REF!,4,0),0)+_xlfn.IFNA(VLOOKUP(B36,#REF!,4,0),0)+_xlfn.IFNA(VLOOKUP(B36,#REF!,4,0),0)+_xlfn.IFNA(VLOOKUP(B36,#REF!,4,0),0)+_xlfn.IFNA(VLOOKUP(B36,#REF!,4,0),0)+_xlfn.IFNA(VLOOKUP(B36,#REF!,4,0),0)+_xlfn.IFNA(VLOOKUP(B36,#REF!,4,0),0)+_xlfn.IFNA(VLOOKUP(B36,#REF!,4,0),0) -> #REF! | F36: =#REF! -> #REF! | G36: =ROUND(E36*F36,0) -> #REF! | I36: =SUM(K36:AI36) -> #REF! | J36: =I36=G37 -> #REF! | K36: =_xlfn.IFNA(VLOOKUP(B37,#REF!,$K$4,0),0) -> #REF! | L36: =_xlfn.IFNA(VLOOKUP(B37,#REF!,$K$4,0),0) -> #REF! | M36: =_xlfn.IFNA(VLOOKUP(B37,#REF!,$K$4,0),0) -> #REF! | N36: =_xlfn.IFNA(VLOOKUP(B37,#REF!,$K$4,0),0) -> #REF! | O36: =_xlfn.IFNA(VLOOKUP(B37,#REF!,$K$4,0),0) -> #REF! | P36: =_xlfn.IFNA(VLOOKUP(B37,#REF!,$K$4,0),0) -> #REF! | Q36: =_xlfn.IFNA(VLOOKUP(B37,#REF!,$K$4,0),0) -> #REF! | R36: =_xlfn.IFNA(VLOOKUP(B37,#REF!,$K$4,0),0) -> #REF! | S36: =_xlfn.IFNA(VLOOKUP(B37,#REF!,$K$4,0),0) -> #REF! | T36: =_xlfn.IFNA(VLOOKUP(B37,#REF!,$K$4,0),0) -> #REF! | U36: =_xlfn.IFNA(VLOOKUP(B37,#REF!,$K$4,0),0) -> #REF! | V36: =_xlfn.IFNA(VLOOKUP(B37,#REF!,$K$4,0),0) -> #REF! | W36: =_xlfn.IFNA(VLOOKUP(B37,#REF!,$K$4,0),0) -> #REF! | X36: =_xlfn.IFNA(VLOOKUP(B37,#REF!,$K$4,0),0) -> #REF! | Y36: =_xlfn.IFNA(VLOOKUP(B37,#REF!,$K$4,0),0) -> #REF! | Z36: =_xlfn.IFNA(VLOOKUP(B37,#REF!,$K$4,0),0) -> #REF! | AA36: =_xlfn.IFNA(VLOOKUP(B37,#REF!,$K$4,0),0) -> #REF! | AB36: =_xlfn.IFNA(VLOOKUP(B37,#REF!,$K$4,0),0) -> #REF! | AC36: =_xlfn.IFNA(VLOOKUP(B37,#REF!,$K$4,0),0) -> #REF! | AD36: =_xlfn.IFNA(VLOOKUP(B37,#REF!,$K$4,0),0) -> #REF! | AE36: =_xlfn.IFNA(VLOOKUP(B37,#REF!,$K$4,0),0) -> #REF! | AF36: =_xlfn.IFNA(VLOOKUP(B37,#REF!,$K$4,0),0) -> #REF! | AG36: =_xlfn.IFNA(VLOOKUP(B37,#REF!,$K$4,0),0) -> #REF! | AH36: =_xlfn.IFNA(VLOOKUP(B37,#REF!,$K$4,0),0) -> #REF! | AI36: =_xlfn.IFNA(VLOOKUP(B37,#REF!,$K$4,0),0) -> #REF!
A37: 23 | B37: =#REF! -> #REF! | C37: =#REF! -> #REF! | D37: =#REF! -> #REF! | E37: =_xlfn.IFNA(VLOOKUP(B37,#REF!,4,0),0)+_xlfn.IFNA(VLOOKUP(B37,#REF!,4,0),0)+_xlfn.IFNA(VLOOKUP(B37,#REF!,4,0),0)+_xlfn.IFNA(VLOOKUP(B37,#REF!,4,0),0)+_xlfn.IFNA(VLOOKUP(B37,#REF!,4,0),0)+_xlfn.IFNA(VLOOKUP(B37,#REF!,4,0),0)+_xlfn.IFNA(VLOOKUP(B37,#REF!,4,0),0)+_xlfn.IFNA(VLOOKUP(B37,#REF!,4,0),0)+_xlfn.IFNA(VLOOKUP(B37,#REF!,4,0),0)+_xlfn.IFNA(VLOOKUP(B37,#REF!,4,0),0)+_xlfn.IFNA(VLOOKUP(B37,#REF!,4,0),0)+_xlfn.IFNA(VLOOKUP(B37,#REF!,4,0),0)+_xlfn.IFNA(VLOOKUP(B37,#REF!,4,0),0)+_xlfn.IFNA(VLOOKUP(B37,#REF!,4,0),0)+_xlfn.IFNA(VLOOKUP(B37,#REF!,4,0),0)+_xlfn.IFNA(VLOOKUP(B37,#REF!,4,0),0)+_xlfn.IFNA(VLOOKUP(B37,#REF!,4,0),0)+_xlfn.IFNA(VLOOKUP(B37,#REF!,4,0),0)+_xlfn.IFNA(VLOOKUP(B37,#REF!,4,0),0)+_xlfn.IFNA(VLOOKUP(B37,#REF!,4,0),0)+_xlfn.IFNA(VLOOKUP(B37,#REF!,4,0),0)+_xlfn.IFNA(VLOOKUP(B37,#REF!,4,0),0)+_xlfn.IFNA(VLOOKUP(B37,#REF!,4,0),0)+_xlfn.IFNA(VLOOKUP(B37,#REF!,4,0),0)+_xlfn.IFNA(VLOOKUP(B37,#REF!,4,0),0) -> #REF! | F37: =#REF! -> #REF! | G37: =ROUND(E37*F37,0) -> #REF! | I37: =SUM(K37:AI37) -> #REF! | J37: =I37=G38 -> #REF! | K37: =_xlfn.IFNA(VLOOKUP(B38,#REF!,$K$4,0),0) -> #REF! | L37: =_xlfn.IFNA(VLOOKUP(B38,#REF!,$K$4,0),0) -> #REF! | M37: =_xlfn.IFNA(VLOOKUP(B38,#REF!,$K$4,0),0) -> #REF! | N37: =_xlfn.IFNA(VLOOKUP(B38,#REF!,$K$4,0),0) -> #REF! | O37: =_xlfn.IFNA(VLOOKUP(B38,#REF!,$K$4,0),0) -> #REF! | P37: =_xlfn.IFNA(VLOOKUP(B38,#REF!,$K$4,0),0) -> #REF! | Q37: =_xlfn.IFNA(VLOOKUP(B38,#REF!,$K$4,0),0) -> #REF! | R37: =_xlfn.IFNA(VLOOKUP(B38,#REF!,$K$4,0),0) -> #REF! | S37: =_xlfn.IFNA(VLOOKUP(B38,#REF!,$K$4,0),0) -> #REF! | T37: =_xlfn.IFNA(VLOOKUP(B38,#REF!,$K$4,0),0) -> #REF! | U37: =_xlfn.IFNA(VLOOKUP(B38,#REF!,$K$4,0),0) -> #REF! | V37: =_xlfn.IFNA(VLOOKUP(B38,#REF!,$K$4,0),0) -> #REF! | W37: =_xlfn.IFNA(VLOOKUP(B38,#REF!,$K$4,0),0) -> #REF! | X37: =_xlfn.IFNA(VLOOKUP(B38,#REF!,$K$4,0),0) -> #REF! | Y37: =_xlfn.IFNA(VLOOKUP(B38,#REF!,$K$4,0),0) -> #REF! | Z37: =_xlfn.IFNA(VLOOKUP(B38,#REF!,$K$4,0),0) -> #REF! | AA37: =_xlfn.IFNA(VLOOKUP(B38,#REF!,$K$4,0),0) -> #REF! | AB37: =_xlfn.IFNA(VLOOKUP(B38,#REF!,$K$4,0),0) -> #REF! | AC37: =_xlfn.IFNA(VLOOKUP(B38,#REF!,$K$4,0),0) -> #REF! | AD37: =_xlfn.IFNA(VLOOKUP(B38,#REF!,$K$4,0),0) -> #REF! | AE37: =_xlfn.IFNA(VLOOKUP(B38,#REF!,$K$4,0),0) -> #REF! | AF37: =_xlfn.IFNA(VLOOKUP(B38,#REF!,$K$4,0),0) -> #REF! | AG37: =_xlfn.IFNA(VLOOKUP(B38,#REF!,$K$4,0),0) -> #REF! | AH37: =_xlfn.IFNA(VLOOKUP(B38,#REF!,$K$4,0),0) -> #REF! | AI37: =_xlfn.IFNA(VLOOKUP(B38,#REF!,$K$4,0),0) -> #REF!
B38: A | C38: SUBTOTAL CONCRETOS | D38: =#REF! -> #REF! | G38: =SUM(G35:G37) -> #REF! | I38: =SUM(K38:AI38) -> #REF! | J38: =I38=G39 -> #REF! | K38: =_xlfn.IFNA(VLOOKUP(B39,#REF!,$K$4,0),0) -> #REF! | L38: =_xlfn.IFNA(VLOOKUP(B39,#REF!,$K$4,0),0) -> #REF! | M38: =_xlfn.IFNA(VLOOKUP(B39,#REF!,$K$4,0),0) -> #REF! | N38: =_xlfn.IFNA(VLOOKUP(B39,#REF!,$K$4,0),0) -> #REF! | O38: =_xlfn.IFNA(VLOOKUP(B39,#REF!,$K$4,0),0) -> #REF! | P38: =_xlfn.IFNA(VLOOKUP(B39,#REF!,$K$4,0),0) -> #REF! | Q38: =_xlfn.IFNA(VLOOKUP(B39,#REF!,$K$4,0),0) -> #REF! | R38: =_xlfn.IFNA(VLOOKUP(B39,#REF!,$K$4,0),0) -> #REF! | S38: =_xlfn.IFNA(VLOOKUP(B39,#REF!,$K$4,0),0) -> #REF! | T38: =_xlfn.IFNA(VLOOKUP(B39,#REF!,$K$4,0),0) -> #REF! | U38: =_xlfn.IFNA(VLOOKUP(B39,#REF!,$K$4,0),0) -> #REF! | V38: =_xlfn.IFNA(VLOOKUP(B39,#REF!,$K$4,0),0) -> #REF! | W38: =_xlfn.IFNA(VLOOKUP(B39,#REF!,$K$4,0),0) -> #REF! | X38: =_xlfn.IFNA(VLOOKUP(B39,#REF!,$K$4,0),0) -> #REF! | Y38: =_xlfn.IFNA(VLOOKUP(B39,#REF!,$K$4,0),0) -> #REF! | Z38: =_xlfn.IFNA(VLOOKUP(B39,#REF!,$K$4,0),0) -> #REF! | AA38: =_xlfn.IFNA(VLOOKUP(B39,#REF!,$K$4,0),0) -> #REF! | AB38: =_xlfn.IFNA(VLOOKUP(B39,#REF!,$K$4,0),0) -> #REF! | AC38: =_xlfn.IFNA(VLOOKUP(B39,#REF!,$K$4,0),0) -> #REF! | AD38: =_xlfn.IFNA(VLOOKUP(B39,#REF!,$K$4,0),0) -> #REF! | AE38: =_xlfn.IFNA(VLOOKUP(B39,#REF!,$K$4,0),0) -> #REF! | AF38: =_xlfn.IFNA(VLOOKUP(B39,#REF!,$K$4,0),0) -> #REF! | AG38: =_xlfn.IFNA(VLOOKUP(B39,#REF!,$K$4,0),0) -> #REF! | AH38: =_xlfn.IFNA(VLOOKUP(B39,#REF!,$K$4,0),0) -> #REF! | AI38: =_xlfn.IFNA(VLOOKUP(B39,#REF!,$K$4,0),0) -> #REF!
B39: A | C39: PAVIMENTOS ASFALTICOS | D39: =#REF! -> #REF! | I39: =SUM(K39:AI39) -> #REF! | J39: =I39=G40 -> #REF! | K39: =_xlfn.IFNA(VLOOKUP(B40,#REF!,$K$4,0),0) -> #REF! | L39: =_xlfn.IFNA(VLOOKUP(B40,#REF!,$K$4,0),0) -> #REF! | M39: =_xlfn.IFNA(VLOOKUP(B40,#REF!,$K$4,0),0) -> #REF! | N39: =_xlfn.IFNA(VLOOKUP(B40,#REF!,$K$4,0),0) -> #REF! | O39: =_xlfn.IFNA(VLOOKUP(B40,#REF!,$K$4,0),0) -> #REF! | P39: =_xlfn.IFNA(VLOOKUP(B40,#REF!,$K$4,0),0) -> #REF! | Q39: =_xlfn.IFNA(VLOOKUP(B40,#REF!,$K$4,0),0) -> #REF! | R39: =_xlfn.IFNA(VLOOKUP(B40,#REF!,$K$4,0),0) -> #REF! | S39: =_xlfn.IFNA(VLOOKUP(B40,#REF!,$K$4,0),0) -> #REF! | T39: =_xlfn.IFNA(VLOOKUP(B40,#REF!,$K$4,0),0) -> #REF! | U39: =_xlfn.IFNA(VLOOKUP(B40,#REF!,$K$4,0),0) -> #REF! | V39: =_xlfn.IFNA(VLOOKUP(B40,#REF!,$K$4,0),0) -> #REF! | W39: =_xlfn.IFNA(VLOOKUP(B40,#REF!,$K$4,0),0) -> #REF! | X39: =_xlfn.IFNA(VLOOKUP(B40,#REF!,$K$4,0),0) -> #REF! | Y39: =_xlfn.IFNA(VLOOKUP(B40,#REF!,$K$4,0),0) -> #REF! | Z39: =_xlfn.IFNA(VLOOKUP(B40,#REF!,$K$4,0),0) -> #REF! | AA39: =_xlfn.IFNA(VLOOKUP(B40,#REF!,$K$4,0),0) -> #REF! | AB39: =_xlfn.IFNA(VLOOKUP(B40,#REF!,$K$4,0),0) -> #REF! | AC39: =_xlfn.IFNA(VLOOKUP(B40,#REF!,$K$4,0),0) -> #REF! | AD39: =_xlfn.IFNA(VLOOKUP(B40,#REF!,$K$4,0),0) -> #REF! | AE39: =_xlfn.IFNA(VLOOKUP(B40,#REF!,$K$4,0),0) -> #REF! | AF39: =_xlfn.IFNA(VLOOKUP(B40,#REF!,$K$4,0),0) -> #REF! | AG39: =_xlfn.IFNA(VLOOKUP(B40,#REF!,$K$4,0),0) -> #REF! | AH39: =_xlfn.IFNA(VLOOKUP(B40,#REF!,$K$4,0),0) -> #REF! | AI39: =_xlfn.IFNA(VLOOKUP(B40,#REF!,$K$4,0),0) -> #REF!
A40: 26 | B40: =#REF! -> #REF! | C40: =#REF! -> #REF! | D40: =#REF! -> #REF! | E40: =_xlfn.IFNA(VLOOKUP(B40,#REF!,4,0),0)+_xlfn.IFNA(VLOOKUP(B40,#REF!,4,0),0)+_xlfn.IFNA(VLOOKUP(B40,#REF!,4,0),0)+_xlfn.IFNA(VLOOKUP(B40,#REF!,4,0),0)+_xlfn.IFNA(VLOOKUP(B40,#REF!,4,0),0)+_xlfn.IFNA(VLOOKUP(B40,#REF!,4,0),0)+_xlfn.IFNA(VLOOKUP(B40,#REF!,4,0),0)+_xlfn.IFNA(VLOOKUP(B40,#REF!,4,0),0)+_xlfn.IFNA(VLOOKUP(B40,#REF!,4,0),0)+_xlfn.IFNA(VLOOKUP(B40,#REF!,4,0),0)+_xlfn.IFNA(VLOOKUP(B40,#REF!,4,0),0)+_xlfn.IFNA(VLOOKUP(B40,#REF!,4,0),0)+_xlfn.IFNA(VLOOKUP(B40,#REF!,4,0),0)+_xlfn.IFNA(VLOOKUP(B40,#REF!,4,0),0)+_xlfn.IFNA(VLOOKUP(B40,#REF!,4,0),0)+_xlfn.IFNA(VLOOKUP(B40,#REF!,4,0),0)+_xlfn.IFNA(VLOOKUP(B40,#REF!,4,0),0)+_xlfn.IFNA(VLOOKUP(B40,#REF!,4,0),0)+_xlfn.IFNA(VLOOKUP(B40,#REF!,4,0),0)+_xlfn.IFNA(VLOOKUP(B40,#REF!,4,0),0)+_xlfn.IFNA(VLOOKUP(B40,#REF!,4,0),0)+_xlfn.IFNA(VLOOKUP(B40,#REF!,4,0),0)+_xlfn.IFNA(VLOOKUP(B40,#REF!,4,0),0)+_xlfn.IFNA(VLOOKUP(B40,#REF!,4,0),0)+_xlfn.IFNA(VLOOKUP(B40,#REF!,4,0),0) -> #REF! | F40: ='10.1P'!N51 -> #REF! | G40: =ROUND(E40*F40,0) -> #REF! | I40: =SUM(K40:AI40) -> #REF! | J40: =I40=G41 -> #REF! | K40: =_xlfn.IFNA(VLOOKUP(B41,#REF!,$K$4,0),0) -> #REF! | L40: =_xlfn.IFNA(VLOOKUP(B41,#REF!,$K$4,0),0) -> #REF! | M40: =_xlfn.IFNA(VLOOKUP(B41,#REF!,$K$4,0),0) -> #REF! | N40: =_xlfn.IFNA(VLOOKUP(B41,#REF!,$K$4,0),0) -> #REF! | O40: =_xlfn.IFNA(VLOOKUP(B41,#REF!,$K$4,0),0) -> #REF! | P40: =_xlfn.IFNA(VLOOKUP(B41,#REF!,$K$4,0),0) -> #REF! | Q40: =_xlfn.IFNA(VLOOKUP(B41,#REF!,$K$4,0),0) -> #REF! | R40: =_xlfn.IFNA(VLOOKUP(B41,#REF!,$K$4,0),0) -> #REF! | S40: =_xlfn.IFNA(VLOOKUP(B41,#REF!,$K$4,0),0) -> #REF! | T40: =_xlfn.IFNA(VLOOKUP(B41,#REF!,$K$4,0),0) -> #REF! | U40: =_xlfn.IFNA(VLOOKUP(B41,#REF!,$K$4,0),0) -> #REF! | V40: =_xlfn.IFNA(VLOOKUP(B41,#REF!,$K$4,0),0) -> #REF! | W40: =_xlfn.IFNA(VLOOKUP(B41,#REF!,$K$4,0),0) -> #REF! | X40: =_xlfn.IFNA(VLOOKUP(B41,#REF!,$K$4,0),0) -> #REF! | Y40: =_xlfn.IFNA(VLOOKUP(B41,#REF!,$K$4,0),0) -> #REF! | Z40: =_xlfn.IFNA(VLOOKUP(B41,#REF!,$K$4,0),0) -> #REF! | AA40: =_xlfn.IFNA(VLOOKUP(B41,#REF!,$K$4,0),0) -> #REF! | AB40: =_xlfn.IFNA(VLOOKUP(B41,#REF!,$K$4,0),0) -> #REF! | AC40: =_xlfn.IFNA(VLOOKUP(B41,#REF!,$K$4,0),0) -> #REF! | AD40: =_xlfn.IFNA(VLOOKUP(B41,#REF!,$K$4,0),0) -> #REF! | AE40: =_xlfn.IFNA(VLOOKUP(B41,#REF!,$K$4,0),0) -> #REF! | AF40: =_xlfn.IFNA(VLOOKUP(B41,#REF!,$K$4,0),0) -> #REF! | AG40: =_xlfn.IFNA(VLOOKUP(B41,#REF!,$K$4,0),0) -> #REF! | AH40: =_xlfn.IFNA(VLOOKUP(B41,#REF!,$K$4,0),0) -> #REF! | AI40: =_xlfn.IFNA(VLOOKUP(B41,#REF!,$K$4,0),0) -> #REF!
B41: A | C41: SUBTOTAL PAVIMENTOS ASFALTICOS | D41: =#REF! -> #REF! | G41: =G40 -> #REF! | I41: =SUM(K41:AI41) -> #REF! | J41: =I41=G42 -> #REF! | K41: =_xlfn.IFNA(VLOOKUP(B42,#REF!,$K$4,0),0) -> #REF! | L41: =_xlfn.IFNA(VLOOKUP(B42,#REF!,$K$4,0),0) -> #REF! | M41: =_xlfn.IFNA(VLOOKUP(B42,#REF!,$K$4,0),0) -> #REF! | N41: =_xlfn.IFNA(VLOOKUP(B42,#REF!,$K$4,0),0) -> #REF! | O41: =_xlfn.IFNA(VLOOKUP(B42,#REF!,$K$4,0),0) -> #REF! | P41: =_xlfn.IFNA(VLOOKUP(B42,#REF!,$K$4,0),0) -> #REF! | Q41: =_xlfn.IFNA(VLOOKUP(B42,#REF!,$K$4,0),0) -> #REF! | R41: =_xlfn.IFNA(VLOOKUP(B42,#REF!,$K$4,0),0) -> #REF! | S41: =_xlfn.IFNA(VLOOKUP(B42,#REF!,$K$4,0),0) -> #REF! | T41: =_xlfn.IFNA(VLOOKUP(B42,#REF!,$K$4,0),0) -> #REF! | U41: =_xlfn.IFNA(VLOOKUP(B42,#REF!,$K$4,0),0) -> #REF! | V41: =_xlfn.IFNA(VLOOKUP(B42,#REF!,$K$4,0),0) -> #REF! | W41: =_xlfn.IFNA(VLOOKUP(B42,#REF!,$K$4,0),0) -> #REF! | X41: =_xlfn.IFNA(VLOOKUP(B42,#REF!,$K$4,0),0) -> #REF! | Y41: =_xlfn.IFNA(VLOOKUP(B42,#REF!,$K$4,0),0) -> #REF! | Z41: =_xlfn.IFNA(VLOOKUP(B42,#REF!,$K$4,0),0) -> #REF! | AA41: =_xlfn.IFNA(VLOOKUP(B42,#REF!,$K$4,0),0) -> #REF! | AB41: =_xlfn.IFNA(VLOOKUP(B42,#REF!,$K$4,0),0) -> #REF! | AC41: =_xlfn.IFNA(VLOOKUP(B42,#REF!,$K$4,0),0) -> #REF! | AD41: =_xlfn.IFNA(VLOOKUP(B42,#REF!,$K$4,0),0) -> #REF! | AE41: =_xlfn.IFNA(VLOOKUP(B42,#REF!,$K$4,0),0) -> #REF! | AF41: =_xlfn.IFNA(VLOOKUP(B42,#REF!,$K$4,0),0) -> #REF! | AG41: =_xlfn.IFNA(VLOOKUP(B42,#REF!,$K$4,0),0) -> #REF! | AH41: =_xlfn.IFNA(VLOOKUP(B42,#REF!,$K$4,0),0) -> #REF! | AI41: =_xlfn.IFNA(VLOOKUP(B42,#REF!,$K$4,0),0) -> #REF!
B42: A | C42: ACERO | D42: =#REF! -> #REF! | I42: =SUM(K42:AI42) -> #REF! | J42: =I42=G43 -> #REF! | K42: =_xlfn.IFNA(VLOOKUP(B43,#REF!,$K$4,0),0) -> #REF! | L42: =_xlfn.IFNA(VLOOKUP(B43,#REF!,$K$4,0),0) -> #REF! | M42: =_xlfn.IFNA(VLOOKUP(B43,#REF!,$K$4,0),0) -> #REF! | N42: =_xlfn.IFNA(VLOOKUP(B43,#REF!,$K$4,0),0) -> #REF! | O42: =_xlfn.IFNA(VLOOKUP(B43,#REF!,$K$4,0),0) -> #REF! | P42: =_xlfn.IFNA(VLOOKUP(B43,#REF!,$K$4,0),0) -> #REF! | Q42: =_xlfn.IFNA(VLOOKUP(B43,#REF!,$K$4,0),0) -> #REF! | R42: =_xlfn.IFNA(VLOOKUP(B43,#REF!,$K$4,0),0) -> #REF! | S42: =_xlfn.IFNA(VLOOKUP(B43,#REF!,$K$4,0),0) -> #REF! | T42: =_xlfn.IFNA(VLOOKUP(B43,#REF!,$K$4,0),0) -> #REF! | U42: =_xlfn.IFNA(VLOOKUP(B43,#REF!,$K$4,0),0) -> #REF! | V42: =_xlfn.IFNA(VLOOKUP(B43,#REF!,$K$4,0),0) -> #REF! | W42: =_xlfn.IFNA(VLOOKUP(B43,#REF!,$K$4,0),0) -> #REF! | X42: =_xlfn.IFNA(VLOOKUP(B43,#REF!,$K$4,0),0) -> #REF! | Y42: =_xlfn.IFNA(VLOOKUP(B43,#REF!,$K$4,0),0) -> #REF! | Z42: =_xlfn.IFNA(VLOOKUP(B43,#REF!,$K$4,0),0) -> #REF! | AA42: =_xlfn.IFNA(VLOOKUP(B43,#REF!,$K$4,0),0) -> #REF! | AB42: =_xlfn.IFNA(VLOOKUP(B43,#REF!,$K$4,0),0) -> #REF! | AC42: =_xlfn.IFNA(VLOOKUP(B43,#REF!,$K$4,0),0) -> #REF! | AD42: =_xlfn.IFNA(VLOOKUP(B43,#REF!,$K$4,0),0) -> #REF! | AE42: =_xlfn.IFNA(VLOOKUP(B43,#REF!,$K$4,0),0) -> #REF! | AF42: =_xlfn.IFNA(VLOOKUP(B43,#REF!,$K$4,0),0) -> #REF! | AG42: =_xlfn.IFNA(VLOOKUP(B43,#REF!,$K$4,0),0) -> #REF! | AH42: =_xlfn.IFNA(VLOOKUP(B43,#REF!,$K$4,0),0) -> #REF! | AI42: =_xlfn.IFNA(VLOOKUP(B43,#REF!,$K$4,0),0) -> #REF!
A43: 27 | B43: =#REF! -> #REF! | C43: =#REF! -> #REF! | D43: =#REF! -> #REF! | E43: =_xlfn.IFNA(VLOOKUP(B43,#REF!,4,0),0)+_xlfn.IFNA(VLOOKUP(B43,#REF!,4,0),0)+_xlfn.IFNA(VLOOKUP(B43,#REF!,4,0),0)+_xlfn.IFNA(VLOOKUP(B43,#REF!,4,0),0)+_xlfn.IFNA(VLOOKUP(B43,#REF!,4,0),0)+_xlfn.IFNA(VLOOKUP(B43,#REF!,4,0),0)+_xlfn.IFNA(VLOOKUP(B43,#REF!,4,0),0)+_xlfn.IFNA(VLOOKUP(B43,#REF!,4,0),0)+_xlfn.IFNA(VLOOKUP(B43,#REF!,4,0),0)+_xlfn.IFNA(VLOOKUP(B43,#REF!,4,0),0)+_xlfn.IFNA(VLOOKUP(B43,#REF!,4,0),0)+_xlfn.IFNA(VLOOKUP(B43,#REF!,4,0),0)+_xlfn.IFNA(VLOOKUP(B43,#REF!,4,0),0)+_xlfn.IFNA(VLOOKUP(B43,#REF!,4,0),0)+_xlfn.IFNA(VLOOKUP(B43,#REF!,4,0),0)+_xlfn.IFNA(VLOOKUP(B43,#REF!,4,0),0)+_xlfn.IFNA(VLOOKUP(B43,#REF!,4,0),0)+_xlfn.IFNA(VLOOKUP(B43,#REF!,4,0),0)+_xlfn.IFNA(VLOOKUP(B43,#REF!,4,0),0)+_xlfn.IFNA(VLOOKUP(B43,#REF!,4,0),0)+_xlfn.IFNA(VLOOKUP(B43,#REF!,4,0),0)+_xlfn.IFNA(VLOOKUP(B43,#REF!,4,0),0)+_xlfn.IFNA(VLOOKUP(B43,#REF!,4,0),0)+_xlfn.IFNA(VLOOKUP(B43,#REF!,4,0),0)+_xlfn.IFNA(VLOOKUP(B43,#REF!,4,0),0) -> #REF! | F43: =#REF! -> #REF! | G43: =ROUND(E43*F43,0) -> #REF! | I43: =SUM(K43:AI43) -> #REF! | J43: =I43=G44 -> #REF! | K43: =_xlfn.IFNA(VLOOKUP(B44,#REF!,$K$4,0),0) -> #REF! | L43: =_xlfn.IFNA(VLOOKUP(B44,#REF!,$K$4,0),0) -> #REF! | M43: =_xlfn.IFNA(VLOOKUP(B44,#REF!,$K$4,0),0) -> #REF! | N43: =_xlfn.IFNA(VLOOKUP(B44,#REF!,$K$4,0),0) -> #REF! | O43: =_xlfn.IFNA(VLOOKUP(B44,#REF!,$K$4,0),0) -> #REF! | P43: =_xlfn.IFNA(VLOOKUP(B44,#REF!,$K$4,0),0) -> #REF! | Q43: =_xlfn.IFNA(VLOOKUP(B44,#REF!,$K$4,0),0) -> #REF! | R43: =_xlfn.IFNA(VLOOKUP(B44,#REF!,$K$4,0),0) -> #REF! | S43: =_xlfn.IFNA(VLOOKUP(B44,#REF!,$K$4,0),0) -> #REF! | T43: =_xlfn.IFNA(VLOOKUP(B44,#REF!,$K$4,0),0) -> #REF! | U43: =_xlfn.IFNA(VLOOKUP(B44,#REF!,$K$4,0),0) -> #REF! | V43: =_xlfn.IFNA(VLOOKUP(B44,#REF!,$K$4,0),0) -> #REF! | W43: =_xlfn.IFNA(VLOOKUP(B44,#REF!,$K$4,0),0) -> #REF! | X43: =_xlfn.IFNA(VLOOKUP(B44,#REF!,$K$4,0),0) -> #REF! | Y43: =_xlfn.IFNA(VLOOKUP(B44,#REF!,$K$4,0),0) -> #REF! | Z43: =_xlfn.IFNA(VLOOKUP(B44,#REF!,$K$4,0),0) -> #REF! | AA43: =_xlfn.IFNA(VLOOKUP(B44,#REF!,$K$4,0),0) -> #REF! | AB43: =_xlfn.IFNA(VLOOKUP(B44,#REF!,$K$4,0),0) -> #REF! | AC43: =_xlfn.IFNA(VLOOKUP(B44,#REF!,$K$4,0),0) -> #REF! | AD43: =_xlfn.IFNA(VLOOKUP(B44,#REF!,$K$4,0),0) -> #REF! | AE43: =_xlfn.IFNA(VLOOKUP(B44,#REF!,$K$4,0),0) -> #REF! | AF43: =_xlfn.IFNA(VLOOKUP(B44,#REF!,$K$4,0),0) -> #REF! | AG43: =_xlfn.IFNA(VLOOKUP(B44,#REF!,$K$4,0),0) -> #REF! | AH43: =_xlfn.IFNA(VLOOKUP(B44,#REF!,$K$4,0),0) -> #REF! | AI43: =_xlfn.IFNA(VLOOKUP(B44,#REF!,$K$4,0),0) -> #REF!
B44: A | C44: SUBTOTAL ACERO | D44: =#REF! -> #REF! | G44: =G43 -> #REF! | I44: =SUM(K44:AI44) -> #REF! | J44: =I44=G45 -> #REF! | K44: =_xlfn.IFNA(VLOOKUP(B45,#REF!,$K$4,0),0) -> #REF! | L44: =_xlfn.IFNA(VLOOKUP(B45,#REF!,$K$4,0),0) -> #REF! | M44: =_xlfn.IFNA(VLOOKUP(B45,#REF!,$K$4,0),0) -> #REF! | N44: =_xlfn.IFNA(VLOOKUP(B45,#REF!,$K$4,0),0) -> #REF! | O44: =_xlfn.IFNA(VLOOKUP(B45,#REF!,$K$4,0),0) -> #REF! | P44: =_xlfn.IFNA(VLOOKUP(B45,#REF!,$K$4,0),0) -> #REF! | Q44: =_xlfn.IFNA(VLOOKUP(B45,#REF!,$K$4,0),0) -> #REF! | R44: =_xlfn.IFNA(VLOOKUP(B45,#REF!,$K$4,0),0) -> #REF! | S44: =_xlfn.IFNA(VLOOKUP(B45,#REF!,$K$4,0),0) -> #REF! | T44: =_xlfn.IFNA(VLOOKUP(B45,#REF!,$K$4,0),0) -> #REF! | U44: =_xlfn.IFNA(VLOOKUP(B45,#REF!,$K$4,0),0) -> #REF! | V44: =_xlfn.IFNA(VLOOKUP(B45,#REF!,$K$4,0),0) -> #REF! | W44: =_xlfn.IFNA(VLOOKUP(B45,#REF!,$K$4,0),0) -> #REF! | X44: =_xlfn.IFNA(VLOOKUP(B45,#REF!,$K$4,0),0) -> #REF! | Y44: =_xlfn.IFNA(VLOOKUP(B45,#REF!,$K$4,0),0) -> #REF! | Z44: =_xlfn.IFNA(VLOOKUP(B45,#REF!,$K$4,0),0) -> #REF! | AA44: =_xlfn.IFNA(VLOOKUP(B45,#REF!,$K$4,0),0) -> #REF! | AB44: =_xlfn.IFNA(VLOOKUP(B45,#REF!,$K$4,0),0) -> #REF! | AC44: =_xlfn.IFNA(VLOOKUP(B45,#REF!,$K$4,0),0) -> #REF! | AD44: =_xlfn.IFNA(VLOOKUP(B45,#REF!,$K$4,0),0) -> #REF! | AE44: =_xlfn.IFNA(VLOOKUP(B45,#REF!,$K$4,0),0) -> #REF! | AF44: =_xlfn.IFNA(VLOOKUP(B45,#REF!,$K$4,0),0) -> #REF! | AG44: =_xlfn.IFNA(VLOOKUP(B45,#REF!,$K$4,0),0) -> #REF! | AH44: =_xlfn.IFNA(VLOOKUP(B45,#REF!,$K$4,0),0) -> #REF! | AI44: =_xlfn.IFNA(VLOOKUP(B45,#REF!,$K$4,0),0) -> #REF!
B45: A | C45: FILTROS Y DRENAJES | D45: =#REF! -> #REF! | I45: =SUM(K45:AI45) -> #REF! | J45: =I45=G46 -> #REF! | K45: =_xlfn.IFNA(VLOOKUP(B46,#REF!,$K$4,0),0) -> #REF! | L45: =_xlfn.IFNA(VLOOKUP(B46,#REF!,$K$4,0),0) -> #REF! | M45: =_xlfn.IFNA(VLOOKUP(B46,#REF!,$K$4,0),0) -> #REF! | N45: =_xlfn.IFNA(VLOOKUP(B46,#REF!,$K$4,0),0) -> #REF! | O45: =_xlfn.IFNA(VLOOKUP(B46,#REF!,$K$4,0),0) -> #REF! | P45: =_xlfn.IFNA(VLOOKUP(B46,#REF!,$K$4,0),0) -> #REF! | Q45: =_xlfn.IFNA(VLOOKUP(B46,#REF!,$K$4,0),0) -> #REF! | R45: =_xlfn.IFNA(VLOOKUP(B46,#REF!,$K$4,0),0) -> #REF! | S45: =_xlfn.IFNA(VLOOKUP(B46,#REF!,$K$4,0),0) -> #REF! | T45: =_xlfn.IFNA(VLOOKUP(B46,#REF!,$K$4,0),0) -> #REF! | U45: =_xlfn.IFNA(VLOOKUP(B46,#REF!,$K$4,0),0) -> #REF! | V45: =_xlfn.IFNA(VLOOKUP(B46,#REF!,$K$4,0),0) -> #REF! | W45: =_xlfn.IFNA(VLOOKUP(B46,#REF!,$K$4,0),0) -> #REF! | X45: =_xlfn.IFNA(VLOOKUP(B46,#REF!,$K$4,0),0) -> #REF! | Y45: =_xlfn.IFNA(VLOOKUP(B46,#REF!,$K$4,0),0) -> #REF! | Z45: =_xlfn.IFNA(VLOOKUP(B46,#REF!,$K$4,0),0) -> #REF! | AA45: =_xlfn.IFNA(VLOOKUP(B46,#REF!,$K$4,0),0) -> #REF! | AB45: =_xlfn.IFNA(VLOOKUP(B46,#REF!,$K$4,0),0) -> #REF! | AC45: =_xlfn.IFNA(VLOOKUP(B46,#REF!,$K$4,0),0) -> #REF! | AD45: =_xlfn.IFNA(VLOOKUP(B46,#REF!,$K$4,0),0) -> #REF! | AE45: =_xlfn.IFNA(VLOOKUP(B46,#REF!,$K$4,0),0) -> #REF! | AF45: =_xlfn.IFNA(VLOOKUP(B46,#REF!,$K$4,0),0) -> #REF! | AG45: =_xlfn.IFNA(VLOOKUP(B46,#REF!,$K$4,0),0) -> #REF! | AH45: =_xlfn.IFNA(VLOOKUP(B46,#REF!,$K$4,0),0) -> #REF! | AI45: =_xlfn.IFNA(VLOOKUP(B46,#REF!,$K$4,0),0) -> #REF!
A46: 28 | B46: =#REF! -> #REF! | C46: =#REF! -> #REF! | D46: =#REF! -> #REF! | E46: =_xlfn.IFNA(VLOOKUP(B46,#REF!,4,0),0)+_xlfn.IFNA(VLOOKUP(B46,#REF!,4,0),0)+_xlfn.IFNA(VLOOKUP(B46,#REF!,4,0),0)+_xlfn.IFNA(VLOOKUP(B46,#REF!,4,0),0)+_xlfn.IFNA(VLOOKUP(B46,#REF!,4,0),0)+_xlfn.IFNA(VLOOKUP(B46,#REF!,4,0),0)+_xlfn.IFNA(VLOOKUP(B46,#REF!,4,0),0)+_xlfn.IFNA(VLOOKUP(B46,#REF!,4,0),0)+_xlfn.IFNA(VLOOKUP(B46,#REF!,4,0),0)+_xlfn.IFNA(VLOOKUP(B46,#REF!,4,0),0)+_xlfn.IFNA(VLOOKUP(B46,#REF!,4,0),0)+_xlfn.IFNA(VLOOKUP(B46,#REF!,4,0),0)+_xlfn.IFNA(VLOOKUP(B46,#REF!,4,0),0)+_xlfn.IFNA(VLOOKUP(B46,#REF!,4,0),0)+_xlfn.IFNA(VLOOKUP(B46,#REF!,4,0),0)+_xlfn.IFNA(VLOOKUP(B46,#REF!,4,0),0)+_xlfn.IFNA(VLOOKUP(B46,#REF!,4,0),0)+_xlfn.IFNA(VLOOKUP(B46,#REF!,4,0),0)+_xlfn.IFNA(VLOOKUP(B46,#REF!,4,0),0)+_xlfn.IFNA(VLOOKUP(B46,#REF!,4,0),0)+_xlfn.IFNA(VLOOKUP(B46,#REF!,4,0),0)+_xlfn.IFNA(VLOOKUP(B46,#REF!,4,0),0)+_xlfn.IFNA(VLOOKUP(B46,#REF!,4,0),0)+_xlfn.IFNA(VLOOKUP(B46,#REF!,4,0),0)+_xlfn.IFNA(VLOOKUP(B46,#REF!,4,0),0) -> #REF! | F46: =#REF! -> #REF! | G46: =ROUND(E46*F46,0) -> #REF! | I46: =SUM(K46:AI46) -> #REF! | J46: =I46=G47 -> #REF! | K46: =_xlfn.IFNA(VLOOKUP(B47,#REF!,$K$4,0),0) -> #REF! | L46: =_xlfn.IFNA(VLOOKUP(B47,#REF!,$K$4,0),0) -> #REF! | M46: =_xlfn.IFNA(VLOOKUP(B47,#REF!,$K$4,0),0) -> #REF! | N46: =_xlfn.IFNA(VLOOKUP(B47,#REF!,$K$4,0),0) -> #REF! | O46: =_xlfn.IFNA(VLOOKUP(B47,#REF!,$K$4,0),0) -> #REF! | P46: =_xlfn.IFNA(VLOOKUP(B47,#REF!,$K$4,0),0) -> #REF! | Q46: =_xlfn.IFNA(VLOOKUP(B47,#REF!,$K$4,0),0) -> #REF! | R46: =_xlfn.IFNA(VLOOKUP(B47,#REF!,$K$4,0),0) -> #REF! | S46: =_xlfn.IFNA(VLOOKUP(B47,#REF!,$K$4,0),0) -> #REF! | T46: =_xlfn.IFNA(VLOOKUP(B47,#REF!,$K$4,0),0) -> #REF! | U46: =_xlfn.IFNA(VLOOKUP(B47,#REF!,$K$4,0),0) -> #REF! | V46: =_xlfn.IFNA(VLOOKUP(B47,#REF!,$K$4,0),0) -> #REF! | W46: =_xlfn.IFNA(VLOOKUP(B47,#REF!,$K$4,0),0) -> #REF! | X46: =_xlfn.IFNA(VLOOKUP(B47,#REF!,$K$4,0),0) -> #REF! | Y46: =_xlfn.IFNA(VLOOKUP(B47,#REF!,$K$4,0),0) -> #REF! | Z46: =_xlfn.IFNA(VLOOKUP(B47,#REF!,$K$4,0),0) -> #REF! | AA46: =_xlfn.IFNA(VLOOKUP(B47,#REF!,$K$4,0),0) -> #REF! | AB46: =_xlfn.IFNA(VLOOKUP(B47,#REF!,$K$4,0),0) -> #REF! | AC46: =_xlfn.IFNA(VLOOKUP(B47,#REF!,$K$4,0),0) -> #REF! | AD46: =_xlfn.IFNA(VLOOKUP(B47,#REF!,$K$4,0),0) -> #REF! | AE46: =_xlfn.IFNA(VLOOKUP(B47,#REF!,$K$4,0),0) -> #REF! | AF46: =_xlfn.IFNA(VLOOKUP(B47,#REF!,$K$4,0),0) -> #REF! | AG46: =_xlfn.IFNA(VLOOKUP(B47,#REF!,$K$4,0),0) -> #REF! | AH46: =_xlfn.IFNA(VLOOKUP(B47,#REF!,$K$4,0),0) -> #REF! | AI46: =_xlfn.IFNA(VLOOKUP(B47,#REF!,$K$4,0),0) -> #REF!
A47: 29 | B47: =#REF! -> #REF! | C47: =#REF! -> #REF! | D47: =#REF! -> #REF! | E47: =_xlfn.IFNA(VLOOKUP(B47,#REF!,4,0),0)+_xlfn.IFNA(VLOOKUP(B47,#REF!,4,0),0)+_xlfn.IFNA(VLOOKUP(B47,#REF!,4,0),0)+_xlfn.IFNA(VLOOKUP(B47,#REF!,4,0),0)+_xlfn.IFNA(VLOOKUP(B47,#REF!,4,0),0)+_xlfn.IFNA(VLOOKUP(B47,#REF!,4,0),0)+_xlfn.IFNA(VLOOKUP(B47,#REF!,4,0),0)+_xlfn.IFNA(VLOOKUP(B47,#REF!,4,0),0)+_xlfn.IFNA(VLOOKUP(B47,#REF!,4,0),0)+_xlfn.IFNA(VLOOKUP(B47,#REF!,4,0),0)+_xlfn.IFNA(VLOOKUP(B47,#REF!,4,0),0)+_xlfn.IFNA(VLOOKUP(B47,#REF!,4,0),0)+_xlfn.IFNA(VLOOKUP(B47,#REF!,4,0),0)+_xlfn.IFNA(VLOOKUP(B47,#REF!,4,0),0)+_xlfn.IFNA(VLOOKUP(B47,#REF!,4,0),0)+_xlfn.IFNA(VLOOKUP(B47,#REF!,4,0),0)+_xlfn.IFNA(VLOOKUP(B47,#REF!,4,0),0)+_xlfn.IFNA(VLOOKUP(B47,#REF!,4,0),0)+_xlfn.IFNA(VLOOKUP(B47,#REF!,4,0),0)+_xlfn.IFNA(VLOOKUP(B47,#REF!,4,0),0)+_xlfn.IFNA(VLOOKUP(B47,#REF!,4,0),0)+_xlfn.IFNA(VLOOKUP(B47,#REF!,4,0),0)+_xlfn.IFNA(VLOOKUP(B47,#REF!,4,0),0)+_xlfn.IFNA(VLOOKUP(B47,#REF!,4,0),0)+_xlfn.IFNA(VLOOKUP(B47,#REF!,4,0),0) -> #REF! | F47: ='673.1.2'!N44 -> #REF! | G47: =ROUND(E47*F47,0) -> #REF! | I47: =SUM(K47:AI47) -> #REF! | J47: =I47=G48 -> #REF! | K47: =_xlfn.IFNA(VLOOKUP(B48,#REF!,$K$4,0),0) -> #REF! | L47: =_xlfn.IFNA(VLOOKUP(B48,#REF!,$K$4,0),0) -> #REF! | M47: =_xlfn.IFNA(VLOOKUP(B48,#REF!,$K$4,0),0) -> #REF! | N47: =_xlfn.IFNA(VLOOKUP(B48,#REF!,$K$4,0),0) -> #REF! | O47: =_xlfn.IFNA(VLOOKUP(B48,#REF!,$K$4,0),0) -> #REF! | P47: =_xlfn.IFNA(VLOOKUP(B48,#REF!,$K$4,0),0) -> #REF! | Q47: =_xlfn.IFNA(VLOOKUP(B48,#REF!,$K$4,0),0) -> #REF! | R47: =_xlfn.IFNA(VLOOKUP(B48,#REF!,$K$4,0),0) -> #REF! | S47: =_xlfn.IFNA(VLOOKUP(B48,#REF!,$K$4,0),0) -> #REF! | T47: =_xlfn.IFNA(VLOOKUP(B48,#REF!,$K$4,0),0) -> #REF! | U47: =_xlfn.IFNA(VLOOKUP(B48,#REF!,$K$4,0),0) -> #REF! | V47: =_xlfn.IFNA(VLOOKUP(B48,#REF!,$K$4,0),0) -> #REF! | W47: =_xlfn.IFNA(VLOOKUP(B48,#REF!,$K$4,0),0) -> #REF! | X47: =_xlfn.IFNA(VLOOKUP(B48,#REF!,$K$4,0),0) -> #REF! | Y47: =_xlfn.IFNA(VLOOKUP(B48,#REF!,$K$4,0),0) -> #REF! | Z47: =_xlfn.IFNA(VLOOKUP(B48,#REF!,$K$4,0),0) -> #REF! | AA47: =_xlfn.IFNA(VLOOKUP(B48,#REF!,$K$4,0),0) -> #REF! | AB47: =_xlfn.IFNA(VLOOKUP(B48,#REF!,$K$4,0),0) -> #REF! | AC47: =_xlfn.IFNA(VLOOKUP(B48,#REF!,$K$4,0),0) -> #REF! | AD47: =_xlfn.IFNA(VLOOKUP(B48,#REF!,$K$4,0),0) -> #REF! | AE47: =_xlfn.IFNA(VLOOKUP(B48,#REF!,$K$4,0),0) -> #REF! | AF47: =_xlfn.IFNA(VLOOKUP(B48,#REF!,$K$4,0),0) -> #REF! | AG47: =_xlfn.IFNA(VLOOKUP(B48,#REF!,$K$4,0),0) -> #REF! | AH47: =_xlfn.IFNA(VLOOKUP(B48,#REF!,$K$4,0),0) -> #REF! | AI47: =_xlfn.IFNA(VLOOKUP(B48,#REF!,$K$4,0),0) -> #REF!
A48: 30 | B48: =#REF! -> #REF! | C48: =#REF! -> #REF! | D48: =#REF! -> #REF! | E48: =_xlfn.IFNA(VLOOKUP(B48,#REF!,4,0),0)+_xlfn.IFNA(VLOOKUP(B48,#REF!,4,0),0)+_xlfn.IFNA(VLOOKUP(B48,#REF!,4,0),0)+_xlfn.IFNA(VLOOKUP(B48,#REF!,4,0),0)+_xlfn.IFNA(VLOOKUP(B48,#REF!,4,0),0)+_xlfn.IFNA(VLOOKUP(B48,#REF!,4,0),0)+_xlfn.IFNA(VLOOKUP(B48,#REF!,4,0),0)+_xlfn.IFNA(VLOOKUP(B48,#REF!,4,0),0)+_xlfn.IFNA(VLOOKUP(B48,#REF!,4,0),0)+_xlfn.IFNA(VLOOKUP(B48,#REF!,4,0),0)+_xlfn.IFNA(VLOOKUP(B48,#REF!,4,0),0)+_xlfn.IFNA(VLOOKUP(B48,#REF!,4,0),0)+_xlfn.IFNA(VLOOKUP(B48,#REF!,4,0),0)+_xlfn.IFNA(VLOOKUP(B48,#REF!,4,0),0)+_xlfn.IFNA(VLOOKUP(B48,#REF!,4,0),0)+_xlfn.IFNA(VLOOKUP(B48,#REF!,4,0),0)+_xlfn.IFNA(VLOOKUP(B48,#REF!,4,0),0)+_xlfn.IFNA(VLOOKUP(B48,#REF!,4,0),0)+_xlfn.IFNA(VLOOKUP(B48,#REF!,4,0),0)+_xlfn.IFNA(VLOOKUP(B48,#REF!,4,0),0)+_xlfn.IFNA(VLOOKUP(B48,#REF!,4,0),0)+_xlfn.IFNA(VLOOKUP(B48,#REF!,4,0),0)+_xlfn.IFNA(VLOOKUP(B48,#REF!,4,0),0)+_xlfn.IFNA(VLOOKUP(B48,#REF!,4,0),0)+_xlfn.IFNA(VLOOKUP(B48,#REF!,4,0),0) -> #REF! | F48: =#REF! -> #REF! | G48: =ROUND(E48*F48,0) -> #REF! | I48: =SUM(K48:AI48) -> #REF! | J48: =I48=G49 -> #REF! | K48: =_xlfn.IFNA(VLOOKUP(B49,#REF!,$K$4,0),0) -> #REF! | L48: =_xlfn.IFNA(VLOOKUP(B49,#REF!,$K$4,0),0) -> #REF! | M48: =_xlfn.IFNA(VLOOKUP(B49,#REF!,$K$4,0),0) -> #REF! | N48: =_xlfn.IFNA(VLOOKUP(B49,#REF!,$K$4,0),0) -> #REF! | O48: =_xlfn.IFNA(VLOOKUP(B49,#REF!,$K$4,0),0) -> #REF! | P48: =_xlfn.IFNA(VLOOKUP(B49,#REF!,$K$4,0),0) -> #REF! | Q48: =_xlfn.IFNA(VLOOKUP(B49,#REF!,$K$4,0),0) -> #REF! | R48: =_xlfn.IFNA(VLOOKUP(B49,#REF!,$K$4,0),0) -> #REF! | S48: =_xlfn.IFNA(VLOOKUP(B49,#REF!,$K$4,0),0) -> #REF! | T48: =_xlfn.IFNA(VLOOKUP(B49,#REF!,$K$4,0),0) -> #REF! | U48: =_xlfn.IFNA(VLOOKUP(B49,#REF!,$K$4,0),0) -> #REF! | V48: =_xlfn.IFNA(VLOOKUP(B49,#REF!,$K$4,0),0) -> #REF! | W48: =_xlfn.IFNA(VLOOKUP(B49,#REF!,$K$4,0),0) -> #REF! | X48: =_xlfn.IFNA(VLOOKUP(B49,#REF!,$K$4,0),0) -> #REF! | Y48: =_xlfn.IFNA(VLOOKUP(B49,#REF!,$K$4,0),0) -> #REF! | Z48: =_xlfn.IFNA(VLOOKUP(B49,#REF!,$K$4,0),0) -> #REF! | AA48: =_xlfn.IFNA(VLOOKUP(B49,#REF!,$K$4,0),0) -> #REF! | AB48: =_xlfn.IFNA(VLOOKUP(B49,#REF!,$K$4,0),0) -> #REF! | AC48: =_xlfn.IFNA(VLOOKUP(B49,#REF!,$K$4,0),0) -> #REF! | AD48: =_xlfn.IFNA(VLOOKUP(B49,#REF!,$K$4,0),0) -> #REF! | AE48: =_xlfn.IFNA(VLOOKUP(B49,#REF!,$K$4,0),0) -> #REF! | AF48: =_xlfn.IFNA(VLOOKUP(B49,#REF!,$K$4,0),0) -> #REF! | AG48: =_xlfn.IFNA(VLOOKUP(B49,#REF!,$K$4,0),0) -> #REF! | AH48: =_xlfn.IFNA(VLOOKUP(B49,#REF!,$K$4,0),0) -> #REF! | AI48: =_xlfn.IFNA(VLOOKUP(B49,#REF!,$K$4,0),0) -> #REF!
